 Dungeon Crawl Stone Soup version 0.29.0-4-gdea44cf6ec (webtiles) character file.

Game seed: 11622227240267730372

700 qw the Grappler (level 7, 67/67 HPs)
             Began as a Troll Cinder Acolyte on Sept 3, 2022.
             Was a High Priest of Ignis.
             Quit the game on level 5 of the Dungeon.
             The game lasted 00:44:31 (18940 turns).

qw the Grappler (Troll Cinder Acolyte)             Turns: 18940, Time: 00:44:31

Health: 67/67      AC:  9    Str: 25    XL:     7   Next: 38%
Magic:  7/7        EV:  9    Int: 10    God:    Ignis [*****.]
Gold:   93         SH:  0    Dex:  5    Spells: 8/8 levels left

rFire   + + .      SeeInvis .     - Unarmed
rCold   . . .      Faith    .   (no shield)
rNeg    . . .      Spirit   .   b - +0 troll leather armour
rPois   .          Reflect  .   (helmet restricted)
rElec   .          Harm     .   k - +2 cloak
rCorr   .          Rampage  .   (gloves unavailable)
Will    .....                   (boots unavailable)
Stlth   +.........              (no amulet)
HPRegen 1.81/turn               a - ring of protection from fire
MPRegen 0.10/turn               (no ring)

@: no status effects
A: large, unfitting armour, claws 3, regeneration 1, shaggy fur 1, tough skin 1
a: Renounce Religion, Fiery Armour, Foxfire Swarm, Rising Flame


You were on level 5 of the Dungeon.
You worshipped Ignis.
Ignis was extremely pleased with you.
You visited 1 branch of the dungeon, and saw 5 of its levels.

You collected 93 gold pieces.


Innate Abilities, Weirdness & Mutations

You are too large for most types of armour.
You have claws for hands.
Your natural rate of healing is unusually fast.
You are covered in fur. (AC +1)
You have tough skin. (AC +1)


   Skills:
 - Level 3.0 Fighting
 - Level 1.0 Throwing
 + Level 8.3 Unarmed Combat
 - Level 1.0 Spellcasting
 - Level 2.1 Fire Magic


You had 8 spell levels left.
You didn't know any spells.
Your spell library contained the following spells:

 Spells                   Type           Power      Damage    Failure   Level
 Scorch                   Fire           8%         2d5       24%         2

Inventory:

Missiles
 i - a boomerang (quivered)
Armour
 b - a +0 troll leather armour (worn)
 k - a +2 cloak (worn)
Jewellery
 a - a ring of protection from fire (left claw)
Scrolls
 f - a scroll of immolation {unknown}
 g - a scroll of identify
Potions
 c - a potion of might
 d - a potion of cancellation
 e - a potion of curing {unknown}
 h - a potion of haste {unknown}
 o - a potion of berserk rage {unknown}
 p - a potion of mutation {unknown}

Dungeon Overview and Level Annotations

Branches:
Dungeon (5/15)             Temple (0/1) D:5

Altars:
Nemelex Xobeh
Qazlal
Wu Jian

Shops:
D:3 (   D:4 [   D:5 (

Annotations:
D:5 3 runed translucent doors


Message History

18858 ||| Stepping ~*~*~tactically~*~*~ (outnumbered).
18860 ||| Stepping ~*~*~tactically~*~*~ (outnumbered).
18862 ||| Stepping ~*~*~tactically~*~*~ (outnumbered).
18864 ||| Stepping ~*~*~tactically~*~*~ (outnumbered).
18876 ||| Stepping ~*~*~tactically~*~*~ (outnumbered).
18878 ||| Stepping ~*~*~tactically~*~*~ (outnumbered).
18880 ||| Stepping ~*~*~tactically~*~*~ (outnumbered).
18882 ||| Stepping ~*~*~tactically~*~*~ (outnumbered).
18884 ||| Stepping ~*~*~tactically~*~*~ (outnumbered).
18896 ||| Stepping ~*~*~tactically~*~*~ (outnumbered).
18898 ||| Stepping ~*~*~tactically~*~*~ (outnumbered).
18900 ||| Stepping ~*~*~tactically~*~*~ (outnumbered).
18902 ||| Stepping ~*~*~tactically~*~*~ (outnumbered).
18904 ||| Stepping ~*~*~tactically~*~*~ (outnumbered).
18916 ||| Stepping ~*~*~tactically~*~*~ (outnumbered).
18918 ||| Stepping ~*~*~tactically~*~*~ (outnumbered).
18920 ||| Stepping ~*~*~tactically~*~*~ (outnumbered).
18922 ||| Stepping ~*~*~tactically~*~*~ (outnumbered).
18924 ||| Stepping ~*~*~tactically~*~*~ (outnumbered).
18936 ||| Stepping ~*~*~tactically~*~*~ (outnumbered).
18938 ||| Stepping ~*~*~tactically~*~*~ (outnumbered).
18940 ||| Stepping ~*~*~tactically~*~*~ (outnumbered).
Level annotation: 3 runed translucent doors Welcome back, qw the Troll Cinder Acolyte.
The flames of Ignis gently warm you.
Press ? for a list of commands and other information.
Existing waypoints: (1) D:5 (2) D:4 Assign waypoint to what number? (0-9, D - delete waypoint) Waypoint 2 re-assigned from D:4 to D:5.
Enter note:
Enter note:
Enter note:
Enter note:
Enter note:
Enter note:
Enter note:
Enter note:
18940 ||| PLANNING D:1-11 Are you sure you want to abandon this character and quit the game? (Confirm with "yes".)

.###..).#########.##
##....l...
#.#.###.........).#
#.##.#### ##.##
##########))## ##.# #
#.# ##########...##
##.## #.#
#...........#.###.##
##.#
.#####..#####...##
...# #.##888##.## .###
#.##...##.# .#
#..#@..##.# .# #
#..#(((#..# .# .#
#..#...#.## .# ###.#
#%.#(..#.
)####)..#####..##\##.#
)).)))#..............#
.####)..##>.......####
.###...........##.#
.##..###+++###..#...


You could see 3 training dummies.

Vanquished Creatures
  Menkaure (D:4)
  An ice beast (D:5)
  A hound (D:5)
  5 orc priests (D:5)
  2 iguanas
  Terence (D:2)
  An orc wizard (D:3)
  4 gnolls (D:5)
  5 adders
  3 worms
  5 dart slugs
  18 orcs
  8 ball pythons
  3 endoplasms
  3 giant cockroaches
  5 goblins
  4 hobgoblins
  13 jackals
  2 quokkas (D:1)
  3 bats
  4 frilled lizards
  2 kobolds
  A rat (D:2)
95 creatures vanquished.

Vanquished Creatures (others)
  34 plants (D:3)
34 creatures vanquished.

Grand Total: 129 creatures vanquished

Notes
Turn   | Place    | Note
-------+----------+-------------------------------------------
     0 | D:1      | qw the Troll Cinder Acolyte began the quest for the Orb.
     0 | D:1      | Reached XP level 1. HP: 22/22 MP: 1/1
     0 | D:1      | 0 ||| qw: Version: 0.1-a-102-g441f92d
     0 | D:1      | 0 ||| qw: Game counter: 5245
     0 | D:1      | 0 ||| qw: Always use a shield: true
     0 | D:1      | 0 ||| qw: God list: Okawaru
     0 | D:1      | 0 ||| qw: Allow faded altars: false
     0 | D:1      | 0 ||| qw: Do Orc after D:15 true
     0 | D:1      | 0 ||| qw: Do second Lair branch before Depths: true
     0 | D:1      | 0 ||| qw: Lair rune preference: random
     0 | D:1      | 0 ||| qw: Plans: Normal
     0 | D:1      | 0 ||| PLANNING D:1-11
   113 | D:1      | 113 ||| INVOKING Fiery Armour.
   117 | D:1      | 117 ||| Stepping ~*~*~tactically~*~*~ (outnumbered).
   118 | D:1      | 118 ||| Stepping ~*~*~tactically~*~*~ (outnumbered).
   120 | D:1      | Reached XP level 2. HP: 29/29 MP: 2/2
   121 | D:1      | 121 ||| Stepping ~*~*~tactically~*~*~ (outnumbered).
   294 | D:1      | 294 ||| Stepping ~*~*~tactically~*~*~ (hiding).
   306 | D:1      | Reached skill level 4 in Unarmed Combat
   339 | D:1      | Found a faded altar of an unknown god.
   598 | D:1      | 598 ||| UPGRADING to +0 troll leather armour.
   608 | D:1      | 608 ||| DROPPING +0 robe.
   609 | D:1      | 609 ||| DROPPING ring of magical power.
   610 | D:1      | 610 ||| DRINKING 2 metallic yellow potions.
   780 | D:2      | Reached XP level 3. HP: 36/36 MP: 3/3
   796 | D:2      | 796 ||| Stepping ~*~*~tactically~*~*~ (stealth).
   797 | D:2      | 797 ||| Stepping ~*~*~tactically~*~*~ (stealth).
   804 | D:2      | Reached skill level 1 in Throwing
  1061 | D:2      | Noticed Terence
  1072 | D:2      | Killed Terence
  1073 | D:2      | Reached XP level 4. HP: 43/44 MP: 4/4
  1095 | D:2      | You fall into a shaft and drop 2 floors!
  1095 | D:4      | Found Zekyoq's Antique Armour Boutique.
  1107 | D:4      | 1107 ||| Stepping ~*~*~tactically~*~*~ (stealth).
  1112 | D:4      | 1112 ||| SHOPLISTING cloak (153 gold, have 25).
  1112 | D:4      | 1112 ||| SHOPLISTING shiny storm dragon scales (2822 gold,
                  | have 25).
  1147 | D:4      | Reached skill level 5 in Unarmed Combat
  1237 | D:4      | Noticed Menkaure
  1238 | D:4      | 1238 ||| Stepping ~*~*~tactically~*~*~ (hiding).
  1239 | D:4      | 1239 ||| Stepping ~*~*~tactically~*~*~ (hiding).
  1248 | D:4      | Killed Menkaure
  1249 | D:4      | Reached skill level 6 in Unarmed Combat
  1249 | D:4      | Reached XP level 5. HP: 50/50 MP: 5/5
  1302 | D:4      | 1302 ||| UPGRADING to ring of protection from fire.
  1303 | D:4      | 1303 ||| READING 2 scrolls labelled YTREDUA AZXO.
  1304 | D:4      | 1304 ||| DRINKING 2 blue potions.
  1305 | D:4      | 1305 ||| DROPPING potion of flight.
  1715 | D:2      | 1715 ||| READING scroll labelled KEZAKKIOFICH.
  1820 | D:3      | Found Xoth's Weapon Boutique.
  1882 | D:3      | Found a stormy altar of Qazlal.
  1952 | D:3      | 1952 ||| Stepping ~*~*~tactically~*~*~ (outnumbered).
  1957 | D:3      | 1957 ||| Stepping ~*~*~tactically~*~*~ (outnumbered).
  1958 | D:3      | 1958 ||| Stepping ~*~*~tactically~*~*~ (outnumbered).
  1959 | D:3      | 1959 ||| Stepping ~*~*~tactically~*~*~ (outnumbered).
  1961 | D:3      | 1961 ||| Stepping ~*~*~tactically~*~*~ (outnumbered).
  1962 | D:3      | 1962 ||| Stepping ~*~*~tactically~*~*~ (outnumbered).
  1965 | D:3      | 1965 ||| Stepping ~*~*~tactically~*~*~ (outnumbered).
  2092 | D:3      | 2092 ||| Stepping ~*~*~tactically~*~*~ (stealth).
  2119 | D:3      | Reached XP level 6. HP: 59/59 MP: 6/6
  2160 | D:3      | Found an ornate altar of the Wu Jian Council.
  2242 | D:3      | 2242 ||| Stepping ~*~*~tactically~*~*~ (hiding).
  2516 | D:3      | 2516 ||| UPGRADING to +2 cloak.
  2521 | D:3      | 2521 ||| READING scroll labelled XYIROPNUYR.
  2522 | D:3      | 2522 ||| READING scroll labelled TAGATEO VUUWO.
  2527 | D:3      | 2527 ||| DRINKING 2 pink potions.
  2608 | D:4      | Found a sparkling altar of Nemelex Xobeh.
  2698 | D:4      | Reached skill level 7 in Unarmed Combat
  2785 | D:4      | 2785 ||| Stepping ~*~*~tactically~*~*~ (stealth).
  3246 | D:4      | 3246 ||| READING 3 scrolls labelled OXEGRU OCHE.
  3247 | D:4      | 3247 ||| READING scroll labelled IHOOTO VEOPURPH.
  3248 | D:4      | 3248 ||| READING scroll labelled SOBBUI UTEAD.
  3349 | D:4      | 3349 ||| READING scroll labelled QEGREPHAIFUI.
  3350 | D:4      | 3350 ||| DROPPING 2 scrolls of blinking.
  3351 | D:4      | 3351 ||| Stepping randomly (stuck).
  3352 | D:4      | 3352 ||| Stepping ~*~*~tactically~*~*~ (cloud).
  3403 | D:5      | Entered Level 5 of the Dungeon
  3403 | D:5      | Noticed an ice beast
  3410 | D:5      | Killed an ice beast
  3411 | D:5      | 3411 ||| STAIRDANCE
  3434 | D:5      | Found a staircase to the Ecumenical Temple.
  3472 | D:5      | Found a runed translucent gate.
  3472 | D:5      | Found a runed translucent gate.
  3472 | D:5      | Found a runed translucent gate.
  3481 | D:5      | 3481 ||| Stepping ~*~*~tactically~*~*~ (hiding).
  3488 | D:5      | 3488 ||| INVOKING Fiery Armour.
  3490 | D:5      | 3490 ||| Stepping ~*~*~tactically~*~*~ (hiding).
  3501 | D:5      | 3501 ||| Stepping ~*~*~tactically~*~*~ (stealth).
  3507 | D:5      | Reached XP level 7. HP: 66/66 MP: 7/7
  3508 | D:5      | Reached skill level 8 in Unarmed Combat
  3521 | D:5      | 3521 ||| Stepping ~*~*~tactically~*~*~ (stealth).
  3594 | D:5      | 3594 ||| Stepping ~*~*~tactically~*~*~ (hiding).
  3602 | D:5      | Reached skill level 3 in Fighting
  3604 | D:5      | 3604 ||| FLEEEEING.
  3605 | D:5      | 3605 ||| FLEEEEING.
  3606 | D:5      | 3606 ||| FLEEEEING.
  3610 | D:5      | 3610 ||| FLEEEEING.
  3611 | D:5      | 3611 ||| FLEEEEING.
  3612 | D:5      | 3612 ||| FLEEEEING.
  3613 | D:5      | 3613 ||| FLEEEEING.
  3614 | D:5      | 3614 ||| FLEEEEING.
  3615 | D:5      | 3615 ||| FLEEEEING.
  3616 | D:5      | 3616 ||| FLEEEEING.
  3653 | D:5      | 3653 ||| Stepping ~*~*~tactically~*~*~ (stealth).
  3654 | D:5      | 3654 ||| Stepping ~*~*~tactically~*~*~ (stealth).
  3662 | D:5      | 3662 ||| Stepping ~*~*~tactically~*~*~ (hiding).
  3663 | D:5      | 3663 ||| Stepping ~*~*~tactically~*~*~ (stealth).
  3665 | D:5      | 3665 ||| Stepping ~*~*~tactically~*~*~ (stealth).
  3672 | D:5      | 3672 ||| Stepping ~*~*~tactically~*~*~ (stealth).
  3692 | D:5      | Found Etufimny's Firing Range.
  3712 | D:5      | 3712 ||| Stepping ~*~*~tactically~*~*~ (outnumbered).
  3714 | D:5      | 3714 ||| Stepping ~*~*~tactically~*~*~ (outnumbered).
  3726 | D:5      | 3726 ||| Stepping ~*~*~tactically~*~*~ (outnumbered).
  3728 | D:5      | 3728 ||| Stepping ~*~*~tactically~*~*~ (outnumbered).
  3730 | D:5      | 3730 ||| Stepping ~*~*~tactically~*~*~ (outnumbered).
  3732 | D:5      | 3732 ||| Stepping ~*~*~tactically~*~*~ (outnumbered).
  3734 | D:5      | 3734 ||| Stepping ~*~*~tactically~*~*~ (outnumbered).
  3746 | D:5      | 3746 ||| Stepping ~*~*~tactically~*~*~ (outnumbered).
  3748 | D:5      | 3748 ||| Stepping ~*~*~tactically~*~*~ (outnumbered).
  3750 | D:5      | 3750 ||| Stepping ~*~*~tactically~*~*~ (outnumbered).
  3752 | D:5      | 3752 ||| Stepping ~*~*~tactically~*~*~ (outnumbered).
  3754 | D:5      | 3754 ||| Stepping ~*~*~tactically~*~*~ (outnumbered).
  3766 | D:5      | 3766 ||| Stepping ~*~*~tactically~*~*~ (outnumbered).
  3768 | D:5      | 3768 ||| Stepping ~*~*~tactically~*~*~ (outnumbered).
  3770 | D:5      | 3770 ||| Stepping ~*~*~tactically~*~*~ (outnumbered).
  3772 | D:5      | 3772 ||| Stepping ~*~*~tactically~*~*~ (outnumbered).
  3774 | D:5      | 3774 ||| Stepping ~*~*~tactically~*~*~ (outnumbered).
  3786 | D:5      | 3786 ||| Stepping ~*~*~tactically~*~*~ (outnumbered).
  3788 | D:5      | 3788 ||| Stepping ~*~*~tactically~*~*~ (outnumbered).
  3790 | D:5      | 3790 ||| Stepping ~*~*~tactically~*~*~ (outnumbered).
  3792 | D:5      | 3792 ||| Stepping ~*~*~tactically~*~*~ (outnumbered).
  3794 | D:5      | 3794 ||| Stepping ~*~*~tactically~*~*~ (outnumbered).
  3806 | D:5      | 3806 ||| Stepping ~*~*~tactically~*~*~ (outnumbered).
  3808 | D:5      | 3808 ||| Stepping ~*~*~tactically~*~*~ (outnumbered).
  3810 | D:5      | 3810 ||| Stepping ~*~*~tactically~*~*~ (outnumbered).
  3812 | D:5      | 3812 ||| Stepping ~*~*~tactically~*~*~ (outnumbered).
  3814 | D:5      | 3814 ||| Stepping ~*~*~tactically~*~*~ (outnumbered).
  3826 | D:5      | 3826 ||| Stepping ~*~*~tactically~*~*~ (outnumbered).
  3828 | D:5      | 3828 ||| Stepping ~*~*~tactically~*~*~ (outnumbered).
  3830 | D:5      | 3830 ||| Stepping ~*~*~tactically~*~*~ (outnumbered).
  3832 | D:5      | 3832 ||| Stepping ~*~*~tactically~*~*~ (outnumbered).
  3834 | D:5      | 3834 ||| Stepping ~*~*~tactically~*~*~ (outnumbered).
  3846 | D:5      | 3846 ||| Stepping ~*~*~tactically~*~*~ (outnumbered).
  3848 | D:5      | 3848 ||| Stepping ~*~*~tactically~*~*~ (outnumbered).
  3850 | D:5      | 3850 ||| Stepping ~*~*~tactically~*~*~ (outnumbered).
  3852 | D:5      | 3852 ||| Stepping ~*~*~tactically~*~*~ (outnumbered).
  3854 | D:5      | 3854 ||| Stepping ~*~*~tactically~*~*~ (outnumbered).
  3866 | D:5      | 3866 ||| Stepping ~*~*~tactically~*~*~ (outnumbered).
  3868 | D:5      | 3868 ||| Stepping ~*~*~tactically~*~*~ (outnumbered).
  3870 | D:5      | 3870 ||| Stepping ~*~*~tactically~*~*~ (outnumbered).
  3872 | D:5      | 3872 ||| Stepping ~*~*~tactically~*~*~ (outnumbered).
  3874 | D:5      | 3874 ||| Stepping ~*~*~tactically~*~*~ (outnumbered).
  3886 | D:5      | 3886 ||| Stepping ~*~*~tactically~*~*~ (outnumbered).
  3888 | D:5      | 3888 ||| Stepping ~*~*~tactically~*~*~ (outnumbered).
  3890 | D:5      | 3890 ||| Stepping ~*~*~tactically~*~*~ (outnumbered).
  3892 | D:5      | 3892 ||| Stepping ~*~*~tactically~*~*~ (outnumbered).
  3894 | D:5      | 3894 ||| Stepping ~*~*~tactically~*~*~ (outnumbered).
  3906 | D:5      | 3906 ||| Stepping ~*~*~tactically~*~*~ (outnumbered).
  3908 | D:5      | 3908 ||| Stepping ~*~*~tactically~*~*~ (outnumbered).
  3910 | D:5      | 3910 ||| Stepping ~*~*~tactically~*~*~ (outnumbered).
  3912 | D:5      | 3912 ||| Stepping ~*~*~tactically~*~*~ (outnumbered).
  3914 | D:5      | 3914 ||| Stepping ~*~*~tactically~*~*~ (outnumbered).
  3926 | D:5      | 3926 ||| Stepping ~*~*~tactically~*~*~ (outnumbered).
  3928 | D:5      | 3928 ||| Stepping ~*~*~tactically~*~*~ (outnumbered).
  3930 | D:5      | 3930 ||| Stepping ~*~*~tactically~*~*~ (outnumbered).
  3932 | D:5      | 3932 ||| Stepping ~*~*~tactically~*~*~ (outnumbered).
  3934 | D:5      | 3934 ||| Stepping ~*~*~tactically~*~*~ (outnumbered).
  3946 | D:5      | 3946 ||| Stepping ~*~*~tactically~*~*~ (outnumbered).
  3948 | D:5      | 3948 ||| Stepping ~*~*~tactically~*~*~ (outnumbered).
  3950 | D:5      | 3950 ||| Stepping ~*~*~tactically~*~*~ (outnumbered).
  3952 | D:5      | 3952 ||| Stepping ~*~*~tactically~*~*~ (outnumbered).
  3954 | D:5      | 3954 ||| Stepping ~*~*~tactically~*~*~ (outnumbered).
  3966 | D:5      | 3966 ||| Stepping ~*~*~tactically~*~*~ (outnumbered).
  3968 | D:5      | 3968 ||| Stepping ~*~*~tactically~*~*~ (outnumbered).
  3970 | D:5      | 3970 ||| Stepping ~*~*~tactically~*~*~ (outnumbered).
  3972 | D:5      | 3972 ||| Stepping ~*~*~tactically~*~*~ (outnumbered).
  3974 | D:5      | 3974 ||| Stepping ~*~*~tactically~*~*~ (outnumbered).
  3986 | D:5      | 3986 ||| Stepping ~*~*~tactically~*~*~ (outnumbered).
  3988 | D:5      | 3988 ||| Stepping ~*~*~tactically~*~*~ (outnumbered).
  3990 | D:5      | 3990 ||| Stepping ~*~*~tactically~*~*~ (outnumbered).
  3992 | D:5      | 3992 ||| Stepping ~*~*~tactically~*~*~ (outnumbered).
  3994 | D:5      | 3994 ||| Stepping ~*~*~tactically~*~*~ (outnumbered).
  4006 | D:5      | 4006 ||| Stepping ~*~*~tactically~*~*~ (outnumbered).
  4008 | D:5      | 4008 ||| Stepping ~*~*~tactically~*~*~ (outnumbered).
  4010 | D:5      | 4010 ||| Stepping ~*~*~tactically~*~*~ (outnumbered).
  4012 | D:5      | 4012 ||| Stepping ~*~*~tactically~*~*~ (outnumbered).
  4014 | D:5      | 4014 ||| Stepping ~*~*~tactically~*~*~ (outnumbered).
  4026 | D:5      | 4026 ||| Stepping ~*~*~tactically~*~*~ (outnumbered).
  4028 | D:5      | 4028 ||| Stepping ~*~*~tactically~*~*~ (outnumbered).
  4030 | D:5      | 4030 ||| Stepping ~*~*~tactically~*~*~ (outnumbered).
  4032 | D:5      | 4032 ||| Stepping ~*~*~tactically~*~*~ (outnumbered).
  4034 | D:5      | 4034 ||| Stepping ~*~*~tactically~*~*~ (outnumbered).
  4046 | D:5      | 4046 ||| Stepping ~*~*~tactically~*~*~ (outnumbered).
  4048 | D:5      | 4048 ||| Stepping ~*~*~tactically~*~*~ (outnumbered).
  4050 | D:5      | 4050 ||| Stepping ~*~*~tactically~*~*~ (outnumbered).
  4052 | D:5      | 4052 ||| Stepping ~*~*~tactically~*~*~ (outnumbered).
  4054 | D:5      | 4054 ||| Stepping ~*~*~tactically~*~*~ (outnumbered).
  4066 | D:5      | 4066 ||| Stepping ~*~*~tactically~*~*~ (outnumbered).
  4068 | D:5      | 4068 ||| Stepping ~*~*~tactically~*~*~ (outnumbered).
  4070 | D:5      | 4070 ||| Stepping ~*~*~tactically~*~*~ (outnumbered).
  4072 | D:5      | 4072 ||| Stepping ~*~*~tactically~*~*~ (outnumbered).
  4074 | D:5      | 4074 ||| Stepping ~*~*~tactically~*~*~ (outnumbered).
  4086 | D:5      | 4086 ||| Stepping ~*~*~tactically~*~*~ (outnumbered).
  4088 | D:5      | 4088 ||| Stepping ~*~*~tactically~*~*~ (outnumbered).
  4090 | D:5      | 4090 ||| Stepping ~*~*~tactically~*~*~ (outnumbered).
  4092 | D:5      | 4092 ||| Stepping ~*~*~tactically~*~*~ (outnumbered).
  4094 | D:5      | 4094 ||| Stepping ~*~*~tactically~*~*~ (outnumbered).
  4106 | D:5      | 4106 ||| Stepping ~*~*~tactically~*~*~ (outnumbered).
  4108 | D:5      | 4108 ||| Stepping ~*~*~tactically~*~*~ (outnumbered).
  4110 | D:5      | 4110 ||| Stepping ~*~*~tactically~*~*~ (outnumbered).
  4112 | D:5      | 4112 ||| Stepping ~*~*~tactically~*~*~ (outnumbered).
  4114 | D:5      | 4114 ||| Stepping ~*~*~tactically~*~*~ (outnumbered).
  4126 | D:5      | 4126 ||| Stepping ~*~*~tactically~*~*~ (outnumbered).
  4128 | D:5      | 4128 ||| Stepping ~*~*~tactically~*~*~ (outnumbered).
  4130 | D:5      | 4130 ||| Stepping ~*~*~tactically~*~*~ (outnumbered).
  4132 | D:5      | 4132 ||| Stepping ~*~*~tactically~*~*~ (outnumbered).
  4134 | D:5      | 4134 ||| Stepping ~*~*~tactically~*~*~ (outnumbered).
  4146 | D:5      | 4146 ||| Stepping ~*~*~tactically~*~*~ (outnumbered).
  4148 | D:5      | 4148 ||| Stepping ~*~*~tactically~*~*~ (outnumbered).
  4150 | D:5      | 4150 ||| Stepping ~*~*~tactically~*~*~ (outnumbered).
  4152 | D:5      | 4152 ||| Stepping ~*~*~tactically~*~*~ (outnumbered).
  4154 | D:5      | 4154 ||| Stepping ~*~*~tactically~*~*~ (outnumbered).
  4166 | D:5      | 4166 ||| Stepping ~*~*~tactically~*~*~ (outnumbered).
  4168 | D:5      | 4168 ||| Stepping ~*~*~tactically~*~*~ (outnumbered).
  4170 | D:5      | 4170 ||| Stepping ~*~*~tactically~*~*~ (outnumbered).
  4172 | D:5      | 4172 ||| Stepping ~*~*~tactically~*~*~ (outnumbered).
  4174 | D:5      | 4174 ||| Stepping ~*~*~tactically~*~*~ (outnumbered).
  4186 | D:5      | 4186 ||| Stepping ~*~*~tactically~*~*~ (outnumbered).
  4188 | D:5      | 4188 ||| Stepping ~*~*~tactically~*~*~ (outnumbered).
  4190 | D:5      | 4190 ||| Stepping ~*~*~tactically~*~*~ (outnumbered).
  4192 | D:5      | 4192 ||| Stepping ~*~*~tactically~*~*~ (outnumbered).
  4194 | D:5      | 4194 ||| Stepping ~*~*~tactically~*~*~ (outnumbered).
  4206 | D:5      | 4206 ||| Stepping ~*~*~tactically~*~*~ (outnumbered).
  4208 | D:5      | 4208 ||| Stepping ~*~*~tactically~*~*~ (outnumbered).
  4210 | D:5      | 4210 ||| Stepping ~*~*~tactically~*~*~ (outnumbered).
  4212 | D:5      | 4212 ||| Stepping ~*~*~tactically~*~*~ (outnumbered).
  4214 | D:5      | 4214 ||| Stepping ~*~*~tactically~*~*~ (outnumbered).
  4226 | D:5      | 4226 ||| Stepping ~*~*~tactically~*~*~ (outnumbered).
  4228 | D:5      | 4228 ||| Stepping ~*~*~tactically~*~*~ (outnumbered).
  4230 | D:5      | 4230 ||| Stepping ~*~*~tactically~*~*~ (outnumbered).
  4232 | D:5      | 4232 ||| Stepping ~*~*~tactically~*~*~ (outnumbered).
  4234 | D:5      | 4234 ||| Stepping ~*~*~tactically~*~*~ (outnumbered).
  4246 | D:5      | 4246 ||| Stepping ~*~*~tactically~*~*~ (outnumbered).
  4248 | D:5      | 4248 ||| Stepping ~*~*~tactically~*~*~ (outnumbered).
  4250 | D:5      | 4250 ||| Stepping ~*~*~tactically~*~*~ (outnumbered).
  4252 | D:5      | 4252 ||| Stepping ~*~*~tactically~*~*~ (outnumbered).
  4254 | D:5      | 4254 ||| Stepping ~*~*~tactically~*~*~ (outnumbered).
  4266 | D:5      | 4266 ||| Stepping ~*~*~tactically~*~*~ (outnumbered).
  4268 | D:5      | 4268 ||| Stepping ~*~*~tactically~*~*~ (outnumbered).
  4270 | D:5      | 4270 ||| Stepping ~*~*~tactically~*~*~ (outnumbered).
  4272 | D:5      | 4272 ||| Stepping ~*~*~tactically~*~*~ (outnumbered).
  4274 | D:5      | 4274 ||| Stepping ~*~*~tactically~*~*~ (outnumbered).
  4286 | D:5      | 4286 ||| Stepping ~*~*~tactically~*~*~ (outnumbered).
  4288 | D:5      | 4288 ||| Stepping ~*~*~tactically~*~*~ (outnumbered).
  4290 | D:5      | 4290 ||| Stepping ~*~*~tactically~*~*~ (outnumbered).
  4292 | D:5      | 4292 ||| Stepping ~*~*~tactically~*~*~ (outnumbered).
  4294 | D:5      | 4294 ||| Stepping ~*~*~tactically~*~*~ (outnumbered).
  4306 | D:5      | 4306 ||| Stepping ~*~*~tactically~*~*~ (outnumbered).
  4308 | D:5      | 4308 ||| Stepping ~*~*~tactically~*~*~ (outnumbered).
  4310 | D:5      | 4310 ||| Stepping ~*~*~tactically~*~*~ (outnumbered).
  4312 | D:5      | 4312 ||| Stepping ~*~*~tactically~*~*~ (outnumbered).
  4314 | D:5      | 4314 ||| Stepping ~*~*~tactically~*~*~ (outnumbered).
  4326 | D:5      | 4326 ||| Stepping ~*~*~tactically~*~*~ (outnumbered).
  4328 | D:5      | 4328 ||| Stepping ~*~*~tactically~*~*~ (outnumbered).
  4330 | D:5      | 4330 ||| Stepping ~*~*~tactically~*~*~ (outnumbered).
  4332 | D:5      | 4332 ||| Stepping ~*~*~tactically~*~*~ (outnumbered).
  4334 | D:5      | 4334 ||| Stepping ~*~*~tactically~*~*~ (outnumbered).
  4346 | D:5      | 4346 ||| Stepping ~*~*~tactically~*~*~ (outnumbered).
  4348 | D:5      | 4348 ||| Stepping ~*~*~tactically~*~*~ (outnumbered).
  4350 | D:5      | 4350 ||| Stepping ~*~*~tactically~*~*~ (outnumbered).
  4352 | D:5      | 4352 ||| Stepping ~*~*~tactically~*~*~ (outnumbered).
  4354 | D:5      | 4354 ||| Stepping ~*~*~tactically~*~*~ (outnumbered).
  4366 | D:5      | 4366 ||| Stepping ~*~*~tactically~*~*~ (outnumbered).
  4368 | D:5      | 4368 ||| Stepping ~*~*~tactically~*~*~ (outnumbered).
  4370 | D:5      | 4370 ||| Stepping ~*~*~tactically~*~*~ (outnumbered).
  4372 | D:5      | 4372 ||| Stepping ~*~*~tactically~*~*~ (outnumbered).
  4374 | D:5      | 4374 ||| Stepping ~*~*~tactically~*~*~ (outnumbered).
  4386 | D:5      | 4386 ||| Stepping ~*~*~tactically~*~*~ (outnumbered).
  4388 | D:5      | 4388 ||| Stepping ~*~*~tactically~*~*~ (outnumbered).
  4390 | D:5      | 4390 ||| Stepping ~*~*~tactically~*~*~ (outnumbered).
  4392 | D:5      | 4392 ||| Stepping ~*~*~tactically~*~*~ (outnumbered).
  4394 | D:5      | 4394 ||| Stepping ~*~*~tactically~*~*~ (outnumbered).
  4406 | D:5      | 4406 ||| Stepping ~*~*~tactically~*~*~ (outnumbered).
  4408 | D:5      | 4408 ||| Stepping ~*~*~tactically~*~*~ (outnumbered).
  4410 | D:5      | 4410 ||| Stepping ~*~*~tactically~*~*~ (outnumbered).
  4412 | D:5      | 4412 ||| Stepping ~*~*~tactically~*~*~ (outnumbered).
  4414 | D:5      | 4414 ||| Stepping ~*~*~tactically~*~*~ (outnumbered).
  4426 | D:5      | 4426 ||| Stepping ~*~*~tactically~*~*~ (outnumbered).
  4428 | D:5      | 4428 ||| Stepping ~*~*~tactically~*~*~ (outnumbered).
  4430 | D:5      | 4430 ||| Stepping ~*~*~tactically~*~*~ (outnumbered).
  4432 | D:5      | 4432 ||| Stepping ~*~*~tactically~*~*~ (outnumbered).
  4434 | D:5      | 4434 ||| Stepping ~*~*~tactically~*~*~ (outnumbered).
  4446 | D:5      | 4446 ||| Stepping ~*~*~tactically~*~*~ (outnumbered).
  4448 | D:5      | 4448 ||| Stepping ~*~*~tactically~*~*~ (outnumbered).
  4450 | D:5      | 4450 ||| Stepping ~*~*~tactically~*~*~ (outnumbered).
  4452 | D:5      | 4452 ||| Stepping ~*~*~tactically~*~*~ (outnumbered).
  4454 | D:5      | 4454 ||| Stepping ~*~*~tactically~*~*~ (outnumbered).
  4466 | D:5      | 4466 ||| Stepping ~*~*~tactically~*~*~ (outnumbered).
  4468 | D:5      | 4468 ||| Stepping ~*~*~tactically~*~*~ (outnumbered).
  4470 | D:5      | 4470 ||| Stepping ~*~*~tactically~*~*~ (outnumbered).
  4472 | D:5      | 4472 ||| Stepping ~*~*~tactically~*~*~ (outnumbered).
  4474 | D:5      | 4474 ||| Stepping ~*~*~tactically~*~*~ (outnumbered).
  4486 | D:5      | 4486 ||| Stepping ~*~*~tactically~*~*~ (outnumbered).
  4488 | D:5      | 4488 ||| Stepping ~*~*~tactically~*~*~ (outnumbered).
  4490 | D:5      | 4490 ||| Stepping ~*~*~tactically~*~*~ (outnumbered).
  4492 | D:5      | 4492 ||| Stepping ~*~*~tactically~*~*~ (outnumbered).
  4494 | D:5      | 4494 ||| Stepping ~*~*~tactically~*~*~ (outnumbered).
  4506 | D:5      | 4506 ||| Stepping ~*~*~tactically~*~*~ (outnumbered).
  4508 | D:5      | 4508 ||| Stepping ~*~*~tactically~*~*~ (outnumbered).
  4510 | D:5      | 4510 ||| Stepping ~*~*~tactically~*~*~ (outnumbered).
  4512 | D:5      | 4512 ||| Stepping ~*~*~tactically~*~*~ (outnumbered).
  4514 | D:5      | 4514 ||| Stepping ~*~*~tactically~*~*~ (outnumbered).
  4526 | D:5      | 4526 ||| Stepping ~*~*~tactically~*~*~ (outnumbered).
  4528 | D:5      | 4528 ||| Stepping ~*~*~tactically~*~*~ (outnumbered).
  4530 | D:5      | 4530 ||| Stepping ~*~*~tactically~*~*~ (outnumbered).
  4532 | D:5      | 4532 ||| Stepping ~*~*~tactically~*~*~ (outnumbered).
  4534 | D:5      | 4534 ||| Stepping ~*~*~tactically~*~*~ (outnumbered).
  4546 | D:5      | 4546 ||| Stepping ~*~*~tactically~*~*~ (outnumbered).
  4548 | D:5      | 4548 ||| Stepping ~*~*~tactically~*~*~ (outnumbered).
  4550 | D:5      | 4550 ||| Stepping ~*~*~tactically~*~*~ (outnumbered).
  4552 | D:5      | 4552 ||| Stepping ~*~*~tactically~*~*~ (outnumbered).
  4554 | D:5      | 4554 ||| Stepping ~*~*~tactically~*~*~ (outnumbered).
  4566 | D:5      | 4566 ||| Stepping ~*~*~tactically~*~*~ (outnumbered).
  4568 | D:5      | 4568 ||| Stepping ~*~*~tactically~*~*~ (outnumbered).
  4570 | D:5      | 4570 ||| Stepping ~*~*~tactically~*~*~ (outnumbered).
  4572 | D:5      | 4572 ||| Stepping ~*~*~tactically~*~*~ (outnumbered).
  4574 | D:5      | 4574 ||| Stepping ~*~*~tactically~*~*~ (outnumbered).
  4586 | D:5      | 4586 ||| Stepping ~*~*~tactically~*~*~ (outnumbered).
  4588 | D:5      | 4588 ||| Stepping ~*~*~tactically~*~*~ (outnumbered).
  4590 | D:5      | 4590 ||| Stepping ~*~*~tactically~*~*~ (outnumbered).
  4592 | D:5      | 4592 ||| Stepping ~*~*~tactically~*~*~ (outnumbered).
  4594 | D:5      | 4594 ||| Stepping ~*~*~tactically~*~*~ (outnumbered).
  4606 | D:5      | 4606 ||| Stepping ~*~*~tactically~*~*~ (outnumbered).
  4608 | D:5      | 4608 ||| Stepping ~*~*~tactically~*~*~ (outnumbered).
  4610 | D:5      | 4610 ||| Stepping ~*~*~tactically~*~*~ (outnumbered).
  4612 | D:5      | 4612 ||| Stepping ~*~*~tactically~*~*~ (outnumbered).
  4614 | D:5      | 4614 ||| Stepping ~*~*~tactically~*~*~ (outnumbered).
  4626 | D:5      | 4626 ||| Stepping ~*~*~tactically~*~*~ (outnumbered).
  4628 | D:5      | 4628 ||| Stepping ~*~*~tactically~*~*~ (outnumbered).
  4630 | D:5      | 4630 ||| Stepping ~*~*~tactically~*~*~ (outnumbered).
  4632 | D:5      | 4632 ||| Stepping ~*~*~tactically~*~*~ (outnumbered).
  4634 | D:5      | 4634 ||| Stepping ~*~*~tactically~*~*~ (outnumbered).
  4646 | D:5      | 4646 ||| Stepping ~*~*~tactically~*~*~ (outnumbered).
  4648 | D:5      | 4648 ||| Stepping ~*~*~tactically~*~*~ (outnumbered).
  4650 | D:5      | 4650 ||| Stepping ~*~*~tactically~*~*~ (outnumbered).
  4652 | D:5      | 4652 ||| Stepping ~*~*~tactically~*~*~ (outnumbered).
  4654 | D:5      | 4654 ||| Stepping ~*~*~tactically~*~*~ (outnumbered).
  4666 | D:5      | 4666 ||| Stepping ~*~*~tactically~*~*~ (outnumbered).
  4668 | D:5      | 4668 ||| Stepping ~*~*~tactically~*~*~ (outnumbered).
  4670 | D:5      | 4670 ||| Stepping ~*~*~tactically~*~*~ (outnumbered).
  4672 | D:5      | 4672 ||| Stepping ~*~*~tactically~*~*~ (outnumbered).
  4674 | D:5      | 4674 ||| Stepping ~*~*~tactically~*~*~ (outnumbered).
  4686 | D:5      | 4686 ||| Stepping ~*~*~tactically~*~*~ (outnumbered).
  4688 | D:5      | 4688 ||| Stepping ~*~*~tactically~*~*~ (outnumbered).
  4690 | D:5      | 4690 ||| Stepping ~*~*~tactically~*~*~ (outnumbered).
  4692 | D:5      | 4692 ||| Stepping ~*~*~tactically~*~*~ (outnumbered).
  4694 | D:5      | 4694 ||| Stepping ~*~*~tactically~*~*~ (outnumbered).
  4706 | D:5      | 4706 ||| Stepping ~*~*~tactically~*~*~ (outnumbered).
  4708 | D:5      | 4708 ||| Stepping ~*~*~tactically~*~*~ (outnumbered).
  4710 | D:5      | 4710 ||| Stepping ~*~*~tactically~*~*~ (outnumbered).
  4712 | D:5      | 4712 ||| Stepping ~*~*~tactically~*~*~ (outnumbered).
  4714 | D:5      | 4714 ||| Stepping ~*~*~tactically~*~*~ (outnumbered).
  4726 | D:5      | 4726 ||| Stepping ~*~*~tactically~*~*~ (outnumbered).
  4728 | D:5      | 4728 ||| Stepping ~*~*~tactically~*~*~ (outnumbered).
  4730 | D:5      | 4730 ||| Stepping ~*~*~tactically~*~*~ (outnumbered).
  4732 | D:5      | 4732 ||| Stepping ~*~*~tactically~*~*~ (outnumbered).
  4734 | D:5      | 4734 ||| Stepping ~*~*~tactically~*~*~ (outnumbered).
  4746 | D:5      | 4746 ||| Stepping ~*~*~tactically~*~*~ (outnumbered).
  4748 | D:5      | 4748 ||| Stepping ~*~*~tactically~*~*~ (outnumbered).
  4750 | D:5      | 4750 ||| Stepping ~*~*~tactically~*~*~ (outnumbered).
  4752 | D:5      | 4752 ||| Stepping ~*~*~tactically~*~*~ (outnumbered).
  4754 | D:5      | 4754 ||| Stepping ~*~*~tactically~*~*~ (outnumbered).
  4766 | D:5      | 4766 ||| Stepping ~*~*~tactically~*~*~ (outnumbered).
  4768 | D:5      | 4768 ||| Stepping ~*~*~tactically~*~*~ (outnumbered).
  4770 | D:5      | 4770 ||| Stepping ~*~*~tactically~*~*~ (outnumbered).
  4772 | D:5      | 4772 ||| Stepping ~*~*~tactically~*~*~ (outnumbered).
  4774 | D:5      | 4774 ||| Stepping ~*~*~tactically~*~*~ (outnumbered).
  4786 | D:5      | 4786 ||| Stepping ~*~*~tactically~*~*~ (outnumbered).
  4788 | D:5      | 4788 ||| Stepping ~*~*~tactically~*~*~ (outnumbered).
  4790 | D:5      | 4790 ||| Stepping ~*~*~tactically~*~*~ (outnumbered).
  4792 | D:5      | 4792 ||| Stepping ~*~*~tactically~*~*~ (outnumbered).
  4794 | D:5      | 4794 ||| Stepping ~*~*~tactically~*~*~ (outnumbered).
  4806 | D:5      | 4806 ||| Stepping ~*~*~tactically~*~*~ (outnumbered).
  4808 | D:5      | 4808 ||| Stepping ~*~*~tactically~*~*~ (outnumbered).
  4810 | D:5      | 4810 ||| Stepping ~*~*~tactically~*~*~ (outnumbered).
  4812 | D:5      | 4812 ||| Stepping ~*~*~tactically~*~*~ (outnumbered).
  4814 | D:5      | 4814 ||| Stepping ~*~*~tactically~*~*~ (outnumbered).
  4826 | D:5      | 4826 ||| Stepping ~*~*~tactically~*~*~ (outnumbered).
  4828 | D:5      | 4828 ||| Stepping ~*~*~tactically~*~*~ (outnumbered).
  4830 | D:5      | 4830 ||| Stepping ~*~*~tactically~*~*~ (outnumbered).
  4832 | D:5      | 4832 ||| Stepping ~*~*~tactically~*~*~ (outnumbered).
  4834 | D:5      | 4834 ||| Stepping ~*~*~tactically~*~*~ (outnumbered).
  4846 | D:5      | 4846 ||| Stepping ~*~*~tactically~*~*~ (outnumbered).
  4848 | D:5      | 4848 ||| Stepping ~*~*~tactically~*~*~ (outnumbered).
  4850 | D:5      | 4850 ||| Stepping ~*~*~tactically~*~*~ (outnumbered).
  4852 | D:5      | 4852 ||| Stepping ~*~*~tactically~*~*~ (outnumbered).
  4854 | D:5      | 4854 ||| Stepping ~*~*~tactically~*~*~ (outnumbered).
  4866 | D:5      | 4866 ||| Stepping ~*~*~tactically~*~*~ (outnumbered).
  4868 | D:5      | 4868 ||| Stepping ~*~*~tactically~*~*~ (outnumbered).
  4870 | D:5      | 4870 ||| Stepping ~*~*~tactically~*~*~ (outnumbered).
  4872 | D:5      | 4872 ||| Stepping ~*~*~tactically~*~*~ (outnumbered).
  4874 | D:5      | 4874 ||| Stepping ~*~*~tactically~*~*~ (outnumbered).
  4886 | D:5      | 4886 ||| Stepping ~*~*~tactically~*~*~ (outnumbered).
  4888 | D:5      | 4888 ||| Stepping ~*~*~tactically~*~*~ (outnumbered).
  4890 | D:5      | 4890 ||| Stepping ~*~*~tactically~*~*~ (outnumbered).
  4892 | D:5      | 4892 ||| Stepping ~*~*~tactically~*~*~ (outnumbered).
  4894 | D:5      | 4894 ||| Stepping ~*~*~tactically~*~*~ (outnumbered).
  4906 | D:5      | 4906 ||| Stepping ~*~*~tactically~*~*~ (outnumbered).
  4908 | D:5      | 4908 ||| Stepping ~*~*~tactically~*~*~ (outnumbered).
  4910 | D:5      | 4910 ||| Stepping ~*~*~tactically~*~*~ (outnumbered).
  4912 | D:5      | 4912 ||| Stepping ~*~*~tactically~*~*~ (outnumbered).
  4914 | D:5      | 4914 ||| Stepping ~*~*~tactically~*~*~ (outnumbered).
  4926 | D:5      | 4926 ||| Stepping ~*~*~tactically~*~*~ (outnumbered).
  4928 | D:5      | 4928 ||| Stepping ~*~*~tactically~*~*~ (outnumbered).
  4930 | D:5      | 4930 ||| Stepping ~*~*~tactically~*~*~ (outnumbered).
  4932 | D:5      | 4932 ||| Stepping ~*~*~tactically~*~*~ (outnumbered).
  4934 | D:5      | 4934 ||| Stepping ~*~*~tactically~*~*~ (outnumbered).
  4946 | D:5      | 4946 ||| Stepping ~*~*~tactically~*~*~ (outnumbered).
  4948 | D:5      | 4948 ||| Stepping ~*~*~tactically~*~*~ (outnumbered).
  4950 | D:5      | 4950 ||| Stepping ~*~*~tactically~*~*~ (outnumbered).
  4952 | D:5      | 4952 ||| Stepping ~*~*~tactically~*~*~ (outnumbered).
  4954 | D:5      | 4954 ||| Stepping ~*~*~tactically~*~*~ (outnumbered).
  4966 | D:5      | 4966 ||| Stepping ~*~*~tactically~*~*~ (outnumbered).
  4968 | D:5      | 4968 ||| Stepping ~*~*~tactically~*~*~ (outnumbered).
  4970 | D:5      | 4970 ||| Stepping ~*~*~tactically~*~*~ (outnumbered).
  4972 | D:5      | 4972 ||| Stepping ~*~*~tactically~*~*~ (outnumbered).
  4974 | D:5      | 4974 ||| Stepping ~*~*~tactically~*~*~ (outnumbered).
  4986 | D:5      | 4986 ||| Stepping ~*~*~tactically~*~*~ (outnumbered).
  4988 | D:5      | 4988 ||| Stepping ~*~*~tactically~*~*~ (outnumbered).
  4990 | D:5      | 4990 ||| Stepping ~*~*~tactically~*~*~ (outnumbered).
  4992 | D:5      | 4992 ||| Stepping ~*~*~tactically~*~*~ (outnumbered).
  4994 | D:5      | 4994 ||| Stepping ~*~*~tactically~*~*~ (outnumbered).
  5006 | D:5      | 5006 ||| Stepping ~*~*~tactically~*~*~ (outnumbered).
  5008 | D:5      | 5008 ||| Stepping ~*~*~tactically~*~*~ (outnumbered).
  5010 | D:5      | 5010 ||| Stepping ~*~*~tactically~*~*~ (outnumbered).
  5012 | D:5      | 5012 ||| Stepping ~*~*~tactically~*~*~ (outnumbered).
  5014 | D:5      | 5014 ||| Stepping ~*~*~tactically~*~*~ (outnumbered).
  5026 | D:5      | 5026 ||| Stepping ~*~*~tactically~*~*~ (outnumbered).
  5028 | D:5      | 5028 ||| Stepping ~*~*~tactically~*~*~ (outnumbered).
  5030 | D:5      | 5030 ||| Stepping ~*~*~tactically~*~*~ (outnumbered).
  5032 | D:5      | 5032 ||| Stepping ~*~*~tactically~*~*~ (outnumbered).
  5034 | D:5      | 5034 ||| Stepping ~*~*~tactically~*~*~ (outnumbered).
  5046 | D:5      | 5046 ||| Stepping ~*~*~tactically~*~*~ (outnumbered).
  5048 | D:5      | 5048 ||| Stepping ~*~*~tactically~*~*~ (outnumbered).
  5050 | D:5      | 5050 ||| Stepping ~*~*~tactically~*~*~ (outnumbered).
  5052 | D:5      | 5052 ||| Stepping ~*~*~tactically~*~*~ (outnumbered).
  5054 | D:5      | 5054 ||| Stepping ~*~*~tactically~*~*~ (outnumbered).
  5066 | D:5      | 5066 ||| Stepping ~*~*~tactically~*~*~ (outnumbered).
  5068 | D:5      | 5068 ||| Stepping ~*~*~tactically~*~*~ (outnumbered).
  5070 | D:5      | 5070 ||| Stepping ~*~*~tactically~*~*~ (outnumbered).
  5072 | D:5      | 5072 ||| Stepping ~*~*~tactically~*~*~ (outnumbered).
  5074 | D:5      | 5074 ||| Stepping ~*~*~tactically~*~*~ (outnumbered).
  5086 | D:5      | 5086 ||| Stepping ~*~*~tactically~*~*~ (outnumbered).
  5088 | D:5      | 5088 ||| Stepping ~*~*~tactically~*~*~ (outnumbered).
  5090 | D:5      | 5090 ||| Stepping ~*~*~tactically~*~*~ (outnumbered).
  5092 | D:5      | 5092 ||| Stepping ~*~*~tactically~*~*~ (outnumbered).
  5094 | D:5      | 5094 ||| Stepping ~*~*~tactically~*~*~ (outnumbered).
  5106 | D:5      | 5106 ||| Stepping ~*~*~tactically~*~*~ (outnumbered).
  5108 | D:5      | 5108 ||| Stepping ~*~*~tactically~*~*~ (outnumbered).
  5110 | D:5      | 5110 ||| Stepping ~*~*~tactically~*~*~ (outnumbered).
  5112 | D:5      | 5112 ||| Stepping ~*~*~tactically~*~*~ (outnumbered).
  5114 | D:5      | 5114 ||| Stepping ~*~*~tactically~*~*~ (outnumbered).
  5126 | D:5      | 5126 ||| Stepping ~*~*~tactically~*~*~ (outnumbered).
  5128 | D:5      | 5128 ||| Stepping ~*~*~tactically~*~*~ (outnumbered).
  5130 | D:5      | 5130 ||| Stepping ~*~*~tactically~*~*~ (outnumbered).
  5132 | D:5      | 5132 ||| Stepping ~*~*~tactically~*~*~ (outnumbered).
  5134 | D:5      | 5134 ||| Stepping ~*~*~tactically~*~*~ (outnumbered).
  5146 | D:5      | 5146 ||| Stepping ~*~*~tactically~*~*~ (outnumbered).
  5148 | D:5      | 5148 ||| Stepping ~*~*~tactically~*~*~ (outnumbered).
  5150 | D:5      | 5150 ||| Stepping ~*~*~tactically~*~*~ (outnumbered).
  5152 | D:5      | 5152 ||| Stepping ~*~*~tactically~*~*~ (outnumbered).
  5154 | D:5      | 5154 ||| Stepping ~*~*~tactically~*~*~ (outnumbered).
  5166 | D:5      | 5166 ||| Stepping ~*~*~tactically~*~*~ (outnumbered).
  5168 | D:5      | 5168 ||| Stepping ~*~*~tactically~*~*~ (outnumbered).
  5170 | D:5      | 5170 ||| Stepping ~*~*~tactically~*~*~ (outnumbered).
  5172 | D:5      | 5172 ||| Stepping ~*~*~tactically~*~*~ (outnumbered).
  5174 | D:5      | 5174 ||| Stepping ~*~*~tactically~*~*~ (outnumbered).
  5186 | D:5      | 5186 ||| Stepping ~*~*~tactically~*~*~ (outnumbered).
  5188 | D:5      | 5188 ||| Stepping ~*~*~tactically~*~*~ (outnumbered).
  5190 | D:5      | 5190 ||| Stepping ~*~*~tactically~*~*~ (outnumbered).
  5192 | D:5      | 5192 ||| Stepping ~*~*~tactically~*~*~ (outnumbered).
  5194 | D:5      | 5194 ||| Stepping ~*~*~tactically~*~*~ (outnumbered).
  5206 | D:5      | 5206 ||| Stepping ~*~*~tactically~*~*~ (outnumbered).
  5208 | D:5      | 5208 ||| Stepping ~*~*~tactically~*~*~ (outnumbered).
  5210 | D:5      | 5210 ||| Stepping ~*~*~tactically~*~*~ (outnumbered).
  5212 | D:5      | 5212 ||| Stepping ~*~*~tactically~*~*~ (outnumbered).
  5214 | D:5      | 5214 ||| Stepping ~*~*~tactically~*~*~ (outnumbered).
  5226 | D:5      | 5226 ||| Stepping ~*~*~tactically~*~*~ (outnumbered).
  5228 | D:5      | 5228 ||| Stepping ~*~*~tactically~*~*~ (outnumbered).
  5230 | D:5      | 5230 ||| Stepping ~*~*~tactically~*~*~ (outnumbered).
  5232 | D:5      | 5232 ||| Stepping ~*~*~tactically~*~*~ (outnumbered).
  5234 | D:5      | 5234 ||| Stepping ~*~*~tactically~*~*~ (outnumbered).
  5246 | D:5      | 5246 ||| Stepping ~*~*~tactically~*~*~ (outnumbered).
  5248 | D:5      | 5248 ||| Stepping ~*~*~tactically~*~*~ (outnumbered).
  5250 | D:5      | 5250 ||| Stepping ~*~*~tactically~*~*~ (outnumbered).
  5252 | D:5      | 5252 ||| Stepping ~*~*~tactically~*~*~ (outnumbered).
  5254 | D:5      | 5254 ||| Stepping ~*~*~tactically~*~*~ (outnumbered).
  5266 | D:5      | 5266 ||| Stepping ~*~*~tactically~*~*~ (outnumbered).
  5268 | D:5      | 5268 ||| Stepping ~*~*~tactically~*~*~ (outnumbered).
  5270 | D:5      | 5270 ||| Stepping ~*~*~tactically~*~*~ (outnumbered).
  5272 | D:5      | 5272 ||| Stepping ~*~*~tactically~*~*~ (outnumbered).
  5274 | D:5      | 5274 ||| Stepping ~*~*~tactically~*~*~ (outnumbered).
  5286 | D:5      | 5286 ||| Stepping ~*~*~tactically~*~*~ (outnumbered).
  5288 | D:5      | 5288 ||| Stepping ~*~*~tactically~*~*~ (outnumbered).
  5290 | D:5      | 5290 ||| Stepping ~*~*~tactically~*~*~ (outnumbered).
  5292 | D:5      | 5292 ||| Stepping ~*~*~tactically~*~*~ (outnumbered).
  5294 | D:5      | 5294 ||| Stepping ~*~*~tactically~*~*~ (outnumbered).
  5306 | D:5      | 5306 ||| Stepping ~*~*~tactically~*~*~ (outnumbered).
  5308 | D:5      | 5308 ||| Stepping ~*~*~tactically~*~*~ (outnumbered).
  5310 | D:5      | 5310 ||| Stepping ~*~*~tactically~*~*~ (outnumbered).
  5312 | D:5      | 5312 ||| Stepping ~*~*~tactically~*~*~ (outnumbered).
  5314 | D:5      | 5314 ||| Stepping ~*~*~tactically~*~*~ (outnumbered).
  5326 | D:5      | 5326 ||| Stepping ~*~*~tactically~*~*~ (outnumbered).
  5328 | D:5      | 5328 ||| Stepping ~*~*~tactically~*~*~ (outnumbered).
  5330 | D:5      | 5330 ||| Stepping ~*~*~tactically~*~*~ (outnumbered).
  5332 | D:5      | 5332 ||| Stepping ~*~*~tactically~*~*~ (outnumbered).
  5334 | D:5      | 5334 ||| Stepping ~*~*~tactically~*~*~ (outnumbered).
  5346 | D:5      | 5346 ||| Stepping ~*~*~tactically~*~*~ (outnumbered).
  5348 | D:5      | 5348 ||| Stepping ~*~*~tactically~*~*~ (outnumbered).
  5350 | D:5      | 5350 ||| Stepping ~*~*~tactically~*~*~ (outnumbered).
  5352 | D:5      | 5352 ||| Stepping ~*~*~tactically~*~*~ (outnumbered).
  5354 | D:5      | 5354 ||| Stepping ~*~*~tactically~*~*~ (outnumbered).
  5366 | D:5      | 5366 ||| Stepping ~*~*~tactically~*~*~ (outnumbered).
  5368 | D:5      | 5368 ||| Stepping ~*~*~tactically~*~*~ (outnumbered).
  5370 | D:5      | 5370 ||| Stepping ~*~*~tactically~*~*~ (outnumbered).
  5372 | D:5      | 5372 ||| Stepping ~*~*~tactically~*~*~ (outnumbered).
  5374 | D:5      | 5374 ||| Stepping ~*~*~tactically~*~*~ (outnumbered).
  5386 | D:5      | 5386 ||| Stepping ~*~*~tactically~*~*~ (outnumbered).
  5388 | D:5      | 5388 ||| Stepping ~*~*~tactically~*~*~ (outnumbered).
  5390 | D:5      | 5390 ||| Stepping ~*~*~tactically~*~*~ (outnumbered).
  5392 | D:5      | 5392 ||| Stepping ~*~*~tactically~*~*~ (outnumbered).
  5394 | D:5      | 5394 ||| Stepping ~*~*~tactically~*~*~ (outnumbered).
  5406 | D:5      | 5406 ||| Stepping ~*~*~tactically~*~*~ (outnumbered).
  5408 | D:5      | 5408 ||| Stepping ~*~*~tactically~*~*~ (outnumbered).
  5410 | D:5      | 5410 ||| Stepping ~*~*~tactically~*~*~ (outnumbered).
  5412 | D:5      | 5412 ||| Stepping ~*~*~tactically~*~*~ (outnumbered).
  5414 | D:5      | 5414 ||| Stepping ~*~*~tactically~*~*~ (outnumbered).
  5426 | D:5      | 5426 ||| Stepping ~*~*~tactically~*~*~ (outnumbered).
  5428 | D:5      | 5428 ||| Stepping ~*~*~tactically~*~*~ (outnumbered).
  5430 | D:5      | 5430 ||| Stepping ~*~*~tactically~*~*~ (outnumbered).
  5432 | D:5      | 5432 ||| Stepping ~*~*~tactically~*~*~ (outnumbered).
  5434 | D:5      | 5434 ||| Stepping ~*~*~tactically~*~*~ (outnumbered).
  5446 | D:5      | 5446 ||| Stepping ~*~*~tactically~*~*~ (outnumbered).
  5448 | D:5      | 5448 ||| Stepping ~*~*~tactically~*~*~ (outnumbered).
  5450 | D:5      | 5450 ||| Stepping ~*~*~tactically~*~*~ (outnumbered).
  5452 | D:5      | 5452 ||| Stepping ~*~*~tactically~*~*~ (outnumbered).
  5454 | D:5      | 5454 ||| Stepping ~*~*~tactically~*~*~ (outnumbered).
  5466 | D:5      | 5466 ||| Stepping ~*~*~tactically~*~*~ (outnumbered).
  5468 | D:5      | 5468 ||| Stepping ~*~*~tactically~*~*~ (outnumbered).
  5470 | D:5      | 5470 ||| Stepping ~*~*~tactically~*~*~ (outnumbered).
  5472 | D:5      | 5472 ||| Stepping ~*~*~tactically~*~*~ (outnumbered).
  5474 | D:5      | 5474 ||| Stepping ~*~*~tactically~*~*~ (outnumbered).
  5486 | D:5      | 5486 ||| Stepping ~*~*~tactically~*~*~ (outnumbered).
  5488 | D:5      | 5488 ||| Stepping ~*~*~tactically~*~*~ (outnumbered).
  5490 | D:5      | 5490 ||| Stepping ~*~*~tactically~*~*~ (outnumbered).
  5492 | D:5      | 5492 ||| Stepping ~*~*~tactically~*~*~ (outnumbered).
  5494 | D:5      | 5494 ||| Stepping ~*~*~tactically~*~*~ (outnumbered).
  5506 | D:5      | 5506 ||| Stepping ~*~*~tactically~*~*~ (outnumbered).
  5508 | D:5      | 5508 ||| Stepping ~*~*~tactically~*~*~ (outnumbered).
  5510 | D:5      | 5510 ||| Stepping ~*~*~tactically~*~*~ (outnumbered).
  5512 | D:5      | 5512 ||| Stepping ~*~*~tactically~*~*~ (outnumbered).
  5514 | D:5      | 5514 ||| Stepping ~*~*~tactically~*~*~ (outnumbered).
  5526 | D:5      | 5526 ||| Stepping ~*~*~tactically~*~*~ (outnumbered).
  5528 | D:5      | 5528 ||| Stepping ~*~*~tactically~*~*~ (outnumbered).
  5530 | D:5      | 5530 ||| Stepping ~*~*~tactically~*~*~ (outnumbered).
  5532 | D:5      | 5532 ||| Stepping ~*~*~tactically~*~*~ (outnumbered).
  5534 | D:5      | 5534 ||| Stepping ~*~*~tactically~*~*~ (outnumbered).
  5546 | D:5      | 5546 ||| Stepping ~*~*~tactically~*~*~ (outnumbered).
  5548 | D:5      | 5548 ||| Stepping ~*~*~tactically~*~*~ (outnumbered).
  5550 | D:5      | 5550 ||| Stepping ~*~*~tactically~*~*~ (outnumbered).
  5552 | D:5      | 5552 ||| Stepping ~*~*~tactically~*~*~ (outnumbered).
  5554 | D:5      | 5554 ||| Stepping ~*~*~tactically~*~*~ (outnumbered).
  5566 | D:5      | 5566 ||| Stepping ~*~*~tactically~*~*~ (outnumbered).
  5568 | D:5      | 5568 ||| Stepping ~*~*~tactically~*~*~ (outnumbered).
  5570 | D:5      | 5570 ||| Stepping ~*~*~tactically~*~*~ (outnumbered).
  5572 | D:5      | 5572 ||| Stepping ~*~*~tactically~*~*~ (outnumbered).
  5574 | D:5      | 5574 ||| Stepping ~*~*~tactically~*~*~ (outnumbered).
  5586 | D:5      | 5586 ||| Stepping ~*~*~tactically~*~*~ (outnumbered).
  5588 | D:5      | 5588 ||| Stepping ~*~*~tactically~*~*~ (outnumbered).
  5590 | D:5      | 5590 ||| Stepping ~*~*~tactically~*~*~ (outnumbered).
  5592 | D:5      | 5592 ||| Stepping ~*~*~tactically~*~*~ (outnumbered).
  5594 | D:5      | 5594 ||| Stepping ~*~*~tactically~*~*~ (outnumbered).
  5606 | D:5      | 5606 ||| Stepping ~*~*~tactically~*~*~ (outnumbered).
  5608 | D:5      | 5608 ||| Stepping ~*~*~tactically~*~*~ (outnumbered).
  5610 | D:5      | 5610 ||| Stepping ~*~*~tactically~*~*~ (outnumbered).
  5612 | D:5      | 5612 ||| Stepping ~*~*~tactically~*~*~ (outnumbered).
  5614 | D:5      | 5614 ||| Stepping ~*~*~tactically~*~*~ (outnumbered).
  5626 | D:5      | 5626 ||| Stepping ~*~*~tactically~*~*~ (outnumbered).
  5628 | D:5      | 5628 ||| Stepping ~*~*~tactically~*~*~ (outnumbered).
  5630 | D:5      | 5630 ||| Stepping ~*~*~tactically~*~*~ (outnumbered).
  5632 | D:5      | 5632 ||| Stepping ~*~*~tactically~*~*~ (outnumbered).
  5634 | D:5      | 5634 ||| Stepping ~*~*~tactically~*~*~ (outnumbered).
  5646 | D:5      | 5646 ||| Stepping ~*~*~tactically~*~*~ (outnumbered).
  5648 | D:5      | 5648 ||| Stepping ~*~*~tactically~*~*~ (outnumbered).
  5650 | D:5      | 5650 ||| Stepping ~*~*~tactically~*~*~ (outnumbered).
  5652 | D:5      | 5652 ||| Stepping ~*~*~tactically~*~*~ (outnumbered).
  5654 | D:5      | 5654 ||| Stepping ~*~*~tactically~*~*~ (outnumbered).
  5666 | D:5      | 5666 ||| Stepping ~*~*~tactically~*~*~ (outnumbered).
  5668 | D:5      | 5668 ||| Stepping ~*~*~tactically~*~*~ (outnumbered).
  5670 | D:5      | 5670 ||| Stepping ~*~*~tactically~*~*~ (outnumbered).
  5672 | D:5      | 5672 ||| Stepping ~*~*~tactically~*~*~ (outnumbered).
  5674 | D:5      | 5674 ||| Stepping ~*~*~tactically~*~*~ (outnumbered).
  5686 | D:5      | 5686 ||| Stepping ~*~*~tactically~*~*~ (outnumbered).
  5688 | D:5      | 5688 ||| Stepping ~*~*~tactically~*~*~ (outnumbered).
  5690 | D:5      | 5690 ||| Stepping ~*~*~tactically~*~*~ (outnumbered).
  5692 | D:5      | 5692 ||| Stepping ~*~*~tactically~*~*~ (outnumbered).
  5694 | D:5      | 5694 ||| Stepping ~*~*~tactically~*~*~ (outnumbered).
  5706 | D:5      | 5706 ||| Stepping ~*~*~tactically~*~*~ (outnumbered).
  5708 | D:5      | 5708 ||| Stepping ~*~*~tactically~*~*~ (outnumbered).
  5710 | D:5      | 5710 ||| Stepping ~*~*~tactically~*~*~ (outnumbered).
  5712 | D:5      | 5712 ||| Stepping ~*~*~tactically~*~*~ (outnumbered).
  5714 | D:5      | 5714 ||| Stepping ~*~*~tactically~*~*~ (outnumbered).
  5726 | D:5      | 5726 ||| Stepping ~*~*~tactically~*~*~ (outnumbered).
  5728 | D:5      | 5728 ||| Stepping ~*~*~tactically~*~*~ (outnumbered).
  5730 | D:5      | 5730 ||| Stepping ~*~*~tactically~*~*~ (outnumbered).
  5732 | D:5      | 5732 ||| Stepping ~*~*~tactically~*~*~ (outnumbered).
  5734 | D:5      | 5734 ||| Stepping ~*~*~tactically~*~*~ (outnumbered).
  5746 | D:5      | 5746 ||| Stepping ~*~*~tactically~*~*~ (outnumbered).
  5748 | D:5      | 5748 ||| Stepping ~*~*~tactically~*~*~ (outnumbered).
  5750 | D:5      | 5750 ||| Stepping ~*~*~tactically~*~*~ (outnumbered).
  5752 | D:5      | 5752 ||| Stepping ~*~*~tactically~*~*~ (outnumbered).
  5754 | D:5      | 5754 ||| Stepping ~*~*~tactically~*~*~ (outnumbered).
  5766 | D:5      | 5766 ||| Stepping ~*~*~tactically~*~*~ (outnumbered).
  5768 | D:5      | 5768 ||| Stepping ~*~*~tactically~*~*~ (outnumbered).
  5770 | D:5      | 5770 ||| Stepping ~*~*~tactically~*~*~ (outnumbered).
  5772 | D:5      | 5772 ||| Stepping ~*~*~tactically~*~*~ (outnumbered).
  5774 | D:5      | 5774 ||| Stepping ~*~*~tactically~*~*~ (outnumbered).
  5786 | D:5      | 5786 ||| Stepping ~*~*~tactically~*~*~ (outnumbered).
  5788 | D:5      | 5788 ||| Stepping ~*~*~tactically~*~*~ (outnumbered).
  5790 | D:5      | 5790 ||| Stepping ~*~*~tactically~*~*~ (outnumbered).
  5792 | D:5      | 5792 ||| Stepping ~*~*~tactically~*~*~ (outnumbered).
  5794 | D:5      | 5794 ||| Stepping ~*~*~tactically~*~*~ (outnumbered).
  5806 | D:5      | 5806 ||| Stepping ~*~*~tactically~*~*~ (outnumbered).
  5808 | D:5      | 5808 ||| Stepping ~*~*~tactically~*~*~ (outnumbered).
  5810 | D:5      | 5810 ||| Stepping ~*~*~tactically~*~*~ (outnumbered).
  5812 | D:5      | 5812 ||| Stepping ~*~*~tactically~*~*~ (outnumbered).
  5814 | D:5      | 5814 ||| Stepping ~*~*~tactically~*~*~ (outnumbered).
  5826 | D:5      | 5826 ||| Stepping ~*~*~tactically~*~*~ (outnumbered).
  5828 | D:5      | 5828 ||| Stepping ~*~*~tactically~*~*~ (outnumbered).
  5830 | D:5      | 5830 ||| Stepping ~*~*~tactically~*~*~ (outnumbered).
  5832 | D:5      | 5832 ||| Stepping ~*~*~tactically~*~*~ (outnumbered).
  5834 | D:5      | 5834 ||| Stepping ~*~*~tactically~*~*~ (outnumbered).
  5846 | D:5      | 5846 ||| Stepping ~*~*~tactically~*~*~ (outnumbered).
  5848 | D:5      | 5848 ||| Stepping ~*~*~tactically~*~*~ (outnumbered).
  5850 | D:5      | 5850 ||| Stepping ~*~*~tactically~*~*~ (outnumbered).
  5852 | D:5      | 5852 ||| Stepping ~*~*~tactically~*~*~ (outnumbered).
  5854 | D:5      | 5854 ||| Stepping ~*~*~tactically~*~*~ (outnumbered).
  5866 | D:5      | 5866 ||| Stepping ~*~*~tactically~*~*~ (outnumbered).
  5868 | D:5      | 5868 ||| Stepping ~*~*~tactically~*~*~ (outnumbered).
  5870 | D:5      | 5870 ||| Stepping ~*~*~tactically~*~*~ (outnumbered).
  5872 | D:5      | 5872 ||| Stepping ~*~*~tactically~*~*~ (outnumbered).
  5874 | D:5      | 5874 ||| Stepping ~*~*~tactically~*~*~ (outnumbered).
  5886 | D:5      | 5886 ||| Stepping ~*~*~tactically~*~*~ (outnumbered).
  5888 | D:5      | 5888 ||| Stepping ~*~*~tactically~*~*~ (outnumbered).
  5890 | D:5      | 5890 ||| Stepping ~*~*~tactically~*~*~ (outnumbered).
  5892 | D:5      | 5892 ||| Stepping ~*~*~tactically~*~*~ (outnumbered).
  5894 | D:5      | 5894 ||| Stepping ~*~*~tactically~*~*~ (outnumbered).
  5906 | D:5      | 5906 ||| Stepping ~*~*~tactically~*~*~ (outnumbered).
  5908 | D:5      | 5908 ||| Stepping ~*~*~tactically~*~*~ (outnumbered).
  5910 | D:5      | 5910 ||| Stepping ~*~*~tactically~*~*~ (outnumbered).
  5912 | D:5      | 5912 ||| Stepping ~*~*~tactically~*~*~ (outnumbered).
  5914 | D:5      | 5914 ||| Stepping ~*~*~tactically~*~*~ (outnumbered).
  5926 | D:5      | 5926 ||| Stepping ~*~*~tactically~*~*~ (outnumbered).
  5928 | D:5      | 5928 ||| Stepping ~*~*~tactically~*~*~ (outnumbered).
  5930 | D:5      | 5930 ||| Stepping ~*~*~tactically~*~*~ (outnumbered).
  5932 | D:5      | 5932 ||| Stepping ~*~*~tactically~*~*~ (outnumbered).
  5934 | D:5      | 5934 ||| Stepping ~*~*~tactically~*~*~ (outnumbered).
  5946 | D:5      | 5946 ||| Stepping ~*~*~tactically~*~*~ (outnumbered).
  5948 | D:5      | 5948 ||| Stepping ~*~*~tactically~*~*~ (outnumbered).
  5950 | D:5      | 5950 ||| Stepping ~*~*~tactically~*~*~ (outnumbered).
  5952 | D:5      | 5952 ||| Stepping ~*~*~tactically~*~*~ (outnumbered).
  5954 | D:5      | 5954 ||| Stepping ~*~*~tactically~*~*~ (outnumbered).
  5966 | D:5      | 5966 ||| Stepping ~*~*~tactically~*~*~ (outnumbered).
  5968 | D:5      | 5968 ||| Stepping ~*~*~tactically~*~*~ (outnumbered).
  5970 | D:5      | 5970 ||| Stepping ~*~*~tactically~*~*~ (outnumbered).
  5972 | D:5      | 5972 ||| Stepping ~*~*~tactically~*~*~ (outnumbered).
  5974 | D:5      | 5974 ||| Stepping ~*~*~tactically~*~*~ (outnumbered).
  5996 | D:5      | 5996 ||| Stepping ~*~*~tactically~*~*~ (outnumbered).
  5998 | D:5      | 5998 ||| Stepping ~*~*~tactically~*~*~ (outnumbered).
  6000 | D:5      | 6000 ||| Stepping ~*~*~tactically~*~*~ (outnumbered).
  6002 | D:5      | 6002 ||| Stepping ~*~*~tactically~*~*~ (outnumbered).
  6004 | D:5      | 6004 ||| Stepping ~*~*~tactically~*~*~ (outnumbered).
  6016 | D:5      | 6016 ||| Stepping ~*~*~tactically~*~*~ (outnumbered).
  6018 | D:5      | 6018 ||| Stepping ~*~*~tactically~*~*~ (outnumbered).
  6020 | D:5      | 6020 ||| Stepping ~*~*~tactically~*~*~ (outnumbered).
  6022 | D:5      | 6022 ||| Stepping ~*~*~tactically~*~*~ (outnumbered).
  6024 | D:5      | 6024 ||| Stepping ~*~*~tactically~*~*~ (outnumbered).
  6036 | D:5      | 6036 ||| Stepping ~*~*~tactically~*~*~ (outnumbered).
  6038 | D:5      | 6038 ||| Stepping ~*~*~tactically~*~*~ (outnumbered).
  6040 | D:5      | 6040 ||| Stepping ~*~*~tactically~*~*~ (outnumbered).
  6042 | D:5      | 6042 ||| Stepping ~*~*~tactically~*~*~ (outnumbered).
  6044 | D:5      | 6044 ||| Stepping ~*~*~tactically~*~*~ (outnumbered).
  6056 | D:5      | 6056 ||| Stepping ~*~*~tactically~*~*~ (outnumbered).
  6058 | D:5      | 6058 ||| Stepping ~*~*~tactically~*~*~ (outnumbered).
  6060 | D:5      | 6060 ||| Stepping ~*~*~tactically~*~*~ (outnumbered).
  6062 | D:5      | 6062 ||| Stepping ~*~*~tactically~*~*~ (outnumbered).
  6064 | D:5      | 6064 ||| Stepping ~*~*~tactically~*~*~ (outnumbered).
  6076 | D:5      | 6076 ||| Stepping ~*~*~tactically~*~*~ (outnumbered).
  6078 | D:5      | 6078 ||| Stepping ~*~*~tactically~*~*~ (outnumbered).
  6080 | D:5      | 6080 ||| Stepping ~*~*~tactically~*~*~ (outnumbered).
  6082 | D:5      | 6082 ||| Stepping ~*~*~tactically~*~*~ (outnumbered).
  6084 | D:5      | 6084 ||| Stepping ~*~*~tactically~*~*~ (outnumbered).
  6096 | D:5      | 6096 ||| Stepping ~*~*~tactically~*~*~ (outnumbered).
  6098 | D:5      | 6098 ||| Stepping ~*~*~tactically~*~*~ (outnumbered).
  6100 | D:5      | 6100 ||| Stepping ~*~*~tactically~*~*~ (outnumbered).
  6102 | D:5      | 6102 ||| Stepping ~*~*~tactically~*~*~ (outnumbered).
  6104 | D:5      | 6104 ||| Stepping ~*~*~tactically~*~*~ (outnumbered).
  6116 | D:5      | 6116 ||| Stepping ~*~*~tactically~*~*~ (outnumbered).
  6118 | D:5      | 6118 ||| Stepping ~*~*~tactically~*~*~ (outnumbered).
  6120 | D:5      | 6120 ||| Stepping ~*~*~tactically~*~*~ (outnumbered).
  6122 | D:5      | 6122 ||| Stepping ~*~*~tactically~*~*~ (outnumbered).
  6124 | D:5      | 6124 ||| Stepping ~*~*~tactically~*~*~ (outnumbered).
  6136 | D:5      | 6136 ||| Stepping ~*~*~tactically~*~*~ (outnumbered).
  6138 | D:5      | 6138 ||| Stepping ~*~*~tactically~*~*~ (outnumbered).
  6140 | D:5      | 6140 ||| Stepping ~*~*~tactically~*~*~ (outnumbered).
  6142 | D:5      | 6142 ||| Stepping ~*~*~tactically~*~*~ (outnumbered).
  6144 | D:5      | 6144 ||| Stepping ~*~*~tactically~*~*~ (outnumbered).
  6156 | D:5      | 6156 ||| Stepping ~*~*~tactically~*~*~ (outnumbered).
  6158 | D:5      | 6158 ||| Stepping ~*~*~tactically~*~*~ (outnumbered).
  6160 | D:5      | 6160 ||| Stepping ~*~*~tactically~*~*~ (outnumbered).
  6162 | D:5      | 6162 ||| Stepping ~*~*~tactically~*~*~ (outnumbered).
  6164 | D:5      | 6164 ||| Stepping ~*~*~tactically~*~*~ (outnumbered).
  6176 | D:5      | 6176 ||| Stepping ~*~*~tactically~*~*~ (outnumbered).
  6178 | D:5      | 6178 ||| Stepping ~*~*~tactically~*~*~ (outnumbered).
  6180 | D:5      | 6180 ||| Stepping ~*~*~tactically~*~*~ (outnumbered).
  6182 | D:5      | 6182 ||| Stepping ~*~*~tactically~*~*~ (outnumbered).
  6184 | D:5      | 6184 ||| Stepping ~*~*~tactically~*~*~ (outnumbered).
  6196 | D:5      | 6196 ||| Stepping ~*~*~tactically~*~*~ (outnumbered).
  6198 | D:5      | 6198 ||| Stepping ~*~*~tactically~*~*~ (outnumbered).
  6200 | D:5      | 6200 ||| Stepping ~*~*~tactically~*~*~ (outnumbered).
  6202 | D:5      | 6202 ||| Stepping ~*~*~tactically~*~*~ (outnumbered).
  6204 | D:5      | 6204 ||| Stepping ~*~*~tactically~*~*~ (outnumbered).
  6216 | D:5      | 6216 ||| Stepping ~*~*~tactically~*~*~ (outnumbered).
  6218 | D:5      | 6218 ||| Stepping ~*~*~tactically~*~*~ (outnumbered).
  6220 | D:5      | 6220 ||| Stepping ~*~*~tactically~*~*~ (outnumbered).
  6222 | D:5      | 6222 ||| Stepping ~*~*~tactically~*~*~ (outnumbered).
  6224 | D:5      | 6224 ||| Stepping ~*~*~tactically~*~*~ (outnumbered).
  6236 | D:5      | 6236 ||| Stepping ~*~*~tactically~*~*~ (outnumbered).
  6238 | D:5      | 6238 ||| Stepping ~*~*~tactically~*~*~ (outnumbered).
  6240 | D:5      | 6240 ||| Stepping ~*~*~tactically~*~*~ (outnumbered).
  6242 | D:5      | 6242 ||| Stepping ~*~*~tactically~*~*~ (outnumbered).
  6244 | D:5      | 6244 ||| Stepping ~*~*~tactically~*~*~ (outnumbered).
  6256 | D:5      | 6256 ||| Stepping ~*~*~tactically~*~*~ (outnumbered).
  6258 | D:5      | 6258 ||| Stepping ~*~*~tactically~*~*~ (outnumbered).
  6260 | D:5      | 6260 ||| Stepping ~*~*~tactically~*~*~ (outnumbered).
  6262 | D:5      | 6262 ||| Stepping ~*~*~tactically~*~*~ (outnumbered).
  6264 | D:5      | 6264 ||| Stepping ~*~*~tactically~*~*~ (outnumbered).
  6276 | D:5      | 6276 ||| Stepping ~*~*~tactically~*~*~ (outnumbered).
  6278 | D:5      | 6278 ||| Stepping ~*~*~tactically~*~*~ (outnumbered).
  6280 | D:5      | 6280 ||| Stepping ~*~*~tactically~*~*~ (outnumbered).
  6282 | D:5      | 6282 ||| Stepping ~*~*~tactically~*~*~ (outnumbered).
  6284 | D:5      | 6284 ||| Stepping ~*~*~tactically~*~*~ (outnumbered).
  6296 | D:5      | 6296 ||| Stepping ~*~*~tactically~*~*~ (outnumbered).
  6298 | D:5      | 6298 ||| Stepping ~*~*~tactically~*~*~ (outnumbered).
  6300 | D:5      | 6300 ||| Stepping ~*~*~tactically~*~*~ (outnumbered).
  6302 | D:5      | 6302 ||| Stepping ~*~*~tactically~*~*~ (outnumbered).
  6304 | D:5      | 6304 ||| Stepping ~*~*~tactically~*~*~ (outnumbered).
  6316 | D:5      | 6316 ||| Stepping ~*~*~tactically~*~*~ (outnumbered).
  6318 | D:5      | 6318 ||| Stepping ~*~*~tactically~*~*~ (outnumbered).
  6320 | D:5      | 6320 ||| Stepping ~*~*~tactically~*~*~ (outnumbered).
  6322 | D:5      | 6322 ||| Stepping ~*~*~tactically~*~*~ (outnumbered).
  6324 | D:5      | 6324 ||| Stepping ~*~*~tactically~*~*~ (outnumbered).
  6336 | D:5      | 6336 ||| Stepping ~*~*~tactically~*~*~ (outnumbered).
  6338 | D:5      | 6338 ||| Stepping ~*~*~tactically~*~*~ (outnumbered).
  6340 | D:5      | 6340 ||| Stepping ~*~*~tactically~*~*~ (outnumbered).
  6342 | D:5      | 6342 ||| Stepping ~*~*~tactically~*~*~ (outnumbered).
  6344 | D:5      | 6344 ||| Stepping ~*~*~tactically~*~*~ (outnumbered).
  6356 | D:5      | 6356 ||| Stepping ~*~*~tactically~*~*~ (outnumbered).
  6358 | D:5      | 6358 ||| Stepping ~*~*~tactically~*~*~ (outnumbered).
  6360 | D:5      | 6360 ||| Stepping ~*~*~tactically~*~*~ (outnumbered).
  6362 | D:5      | 6362 ||| Stepping ~*~*~tactically~*~*~ (outnumbered).
  6364 | D:5      | 6364 ||| Stepping ~*~*~tactically~*~*~ (outnumbered).
  6376 | D:5      | 6376 ||| Stepping ~*~*~tactically~*~*~ (outnumbered).
  6378 | D:5      | 6378 ||| Stepping ~*~*~tactically~*~*~ (outnumbered).
  6380 | D:5      | 6380 ||| Stepping ~*~*~tactically~*~*~ (outnumbered).
  6382 | D:5      | 6382 ||| Stepping ~*~*~tactically~*~*~ (outnumbered).
  6384 | D:5      | 6384 ||| Stepping ~*~*~tactically~*~*~ (outnumbered).
  6396 | D:5      | 6396 ||| Stepping ~*~*~tactically~*~*~ (outnumbered).
  6398 | D:5      | 6398 ||| Stepping ~*~*~tactically~*~*~ (outnumbered).
  6400 | D:5      | 6400 ||| Stepping ~*~*~tactically~*~*~ (outnumbered).
  6402 | D:5      | 6402 ||| Stepping ~*~*~tactically~*~*~ (outnumbered).
  6404 | D:5      | 6404 ||| Stepping ~*~*~tactically~*~*~ (outnumbered).
  6416 | D:5      | 6416 ||| Stepping ~*~*~tactically~*~*~ (outnumbered).
  6418 | D:5      | 6418 ||| Stepping ~*~*~tactically~*~*~ (outnumbered).
  6420 | D:5      | 6420 ||| Stepping ~*~*~tactically~*~*~ (outnumbered).
  6422 | D:5      | 6422 ||| Stepping ~*~*~tactically~*~*~ (outnumbered).
  6424 | D:5      | 6424 ||| Stepping ~*~*~tactically~*~*~ (outnumbered).
  6436 | D:5      | 6436 ||| Stepping ~*~*~tactically~*~*~ (outnumbered).
  6438 | D:5      | 6438 ||| Stepping ~*~*~tactically~*~*~ (outnumbered).
  6440 | D:5      | 6440 ||| Stepping ~*~*~tactically~*~*~ (outnumbered).
  6442 | D:5      | 6442 ||| Stepping ~*~*~tactically~*~*~ (outnumbered).
  6444 | D:5      | 6444 ||| Stepping ~*~*~tactically~*~*~ (outnumbered).
  6456 | D:5      | 6456 ||| Stepping ~*~*~tactically~*~*~ (outnumbered).
  6458 | D:5      | 6458 ||| Stepping ~*~*~tactically~*~*~ (outnumbered).
  6460 | D:5      | 6460 ||| Stepping ~*~*~tactically~*~*~ (outnumbered).
  6462 | D:5      | 6462 ||| Stepping ~*~*~tactically~*~*~ (outnumbered).
  6464 | D:5      | 6464 ||| Stepping ~*~*~tactically~*~*~ (outnumbered).
  6476 | D:5      | 6476 ||| Stepping ~*~*~tactically~*~*~ (outnumbered).
  6478 | D:5      | 6478 ||| Stepping ~*~*~tactically~*~*~ (outnumbered).
  6480 | D:5      | 6480 ||| Stepping ~*~*~tactically~*~*~ (outnumbered).
  6482 | D:5      | 6482 ||| Stepping ~*~*~tactically~*~*~ (outnumbered).
  6484 | D:5      | 6484 ||| Stepping ~*~*~tactically~*~*~ (outnumbered).
  6496 | D:5      | 6496 ||| Stepping ~*~*~tactically~*~*~ (outnumbered).
  6498 | D:5      | 6498 ||| Stepping ~*~*~tactically~*~*~ (outnumbered).
  6500 | D:5      | 6500 ||| Stepping ~*~*~tactically~*~*~ (outnumbered).
  6502 | D:5      | 6502 ||| Stepping ~*~*~tactically~*~*~ (outnumbered).
  6504 | D:5      | 6504 ||| Stepping ~*~*~tactically~*~*~ (outnumbered).
  6516 | D:5      | 6516 ||| Stepping ~*~*~tactically~*~*~ (outnumbered).
  6518 | D:5      | 6518 ||| Stepping ~*~*~tactically~*~*~ (outnumbered).
  6520 | D:5      | 6520 ||| Stepping ~*~*~tactically~*~*~ (outnumbered).
  6522 | D:5      | 6522 ||| Stepping ~*~*~tactically~*~*~ (outnumbered).
  6524 | D:5      | 6524 ||| Stepping ~*~*~tactically~*~*~ (outnumbered).
  6536 | D:5      | 6536 ||| Stepping ~*~*~tactically~*~*~ (outnumbered).
  6538 | D:5      | 6538 ||| Stepping ~*~*~tactically~*~*~ (outnumbered).
  6540 | D:5      | 6540 ||| Stepping ~*~*~tactically~*~*~ (outnumbered).
  6542 | D:5      | 6542 ||| Stepping ~*~*~tactically~*~*~ (outnumbered).
  6544 | D:5      | 6544 ||| Stepping ~*~*~tactically~*~*~ (outnumbered).
  6556 | D:5      | 6556 ||| Stepping ~*~*~tactically~*~*~ (outnumbered).
  6558 | D:5      | 6558 ||| Stepping ~*~*~tactically~*~*~ (outnumbered).
  6560 | D:5      | 6560 ||| Stepping ~*~*~tactically~*~*~ (outnumbered).
  6562 | D:5      | 6562 ||| Stepping ~*~*~tactically~*~*~ (outnumbered).
  6564 | D:5      | 6564 ||| Stepping ~*~*~tactically~*~*~ (outnumbered).
  6576 | D:5      | 6576 ||| Stepping ~*~*~tactically~*~*~ (outnumbered).
  6578 | D:5      | 6578 ||| Stepping ~*~*~tactically~*~*~ (outnumbered).
  6580 | D:5      | 6580 ||| Stepping ~*~*~tactically~*~*~ (outnumbered).
  6582 | D:5      | 6582 ||| Stepping ~*~*~tactically~*~*~ (outnumbered).
  6584 | D:5      | 6584 ||| Stepping ~*~*~tactically~*~*~ (outnumbered).
  6596 | D:5      | 6596 ||| Stepping ~*~*~tactically~*~*~ (outnumbered).
  6598 | D:5      | 6598 ||| Stepping ~*~*~tactically~*~*~ (outnumbered).
  6600 | D:5      | 6600 ||| Stepping ~*~*~tactically~*~*~ (outnumbered).
  6602 | D:5      | 6602 ||| Stepping ~*~*~tactically~*~*~ (outnumbered).
  6604 | D:5      | 6604 ||| Stepping ~*~*~tactically~*~*~ (outnumbered).
  6616 | D:5      | 6616 ||| Stepping ~*~*~tactically~*~*~ (outnumbered).
  6618 | D:5      | 6618 ||| Stepping ~*~*~tactically~*~*~ (outnumbered).
  6620 | D:5      | 6620 ||| Stepping ~*~*~tactically~*~*~ (outnumbered).
  6622 | D:5      | 6622 ||| Stepping ~*~*~tactically~*~*~ (outnumbered).
  6624 | D:5      | 6624 ||| Stepping ~*~*~tactically~*~*~ (outnumbered).
  6636 | D:5      | 6636 ||| Stepping ~*~*~tactically~*~*~ (outnumbered).
  6638 | D:5      | 6638 ||| Stepping ~*~*~tactically~*~*~ (outnumbered).
  6640 | D:5      | 6640 ||| Stepping ~*~*~tactically~*~*~ (outnumbered).
  6642 | D:5      | 6642 ||| Stepping ~*~*~tactically~*~*~ (outnumbered).
  6644 | D:5      | 6644 ||| Stepping ~*~*~tactically~*~*~ (outnumbered).
  6656 | D:5      | 6656 ||| Stepping ~*~*~tactically~*~*~ (outnumbered).
  6658 | D:5      | 6658 ||| Stepping ~*~*~tactically~*~*~ (outnumbered).
  6660 | D:5      | 6660 ||| Stepping ~*~*~tactically~*~*~ (outnumbered).
  6662 | D:5      | 6662 ||| Stepping ~*~*~tactically~*~*~ (outnumbered).
  6664 | D:5      | 6664 ||| Stepping ~*~*~tactically~*~*~ (outnumbered).
  6676 | D:5      | 6676 ||| Stepping ~*~*~tactically~*~*~ (outnumbered).
  6678 | D:5      | 6678 ||| Stepping ~*~*~tactically~*~*~ (outnumbered).
  6680 | D:5      | 6680 ||| Stepping ~*~*~tactically~*~*~ (outnumbered).
  6682 | D:5      | 6682 ||| Stepping ~*~*~tactically~*~*~ (outnumbered).
  6684 | D:5      | 6684 ||| Stepping ~*~*~tactically~*~*~ (outnumbered).
  6696 | D:5      | 6696 ||| Stepping ~*~*~tactically~*~*~ (outnumbered).
  6698 | D:5      | 6698 ||| Stepping ~*~*~tactically~*~*~ (outnumbered).
  6700 | D:5      | 6700 ||| Stepping ~*~*~tactically~*~*~ (outnumbered).
  6702 | D:5      | 6702 ||| Stepping ~*~*~tactically~*~*~ (outnumbered).
  6704 | D:5      | 6704 ||| Stepping ~*~*~tactically~*~*~ (outnumbered).
  6716 | D:5      | 6716 ||| Stepping ~*~*~tactically~*~*~ (outnumbered).
  6718 | D:5      | 6718 ||| Stepping ~*~*~tactically~*~*~ (outnumbered).
  6720 | D:5      | 6720 ||| Stepping ~*~*~tactically~*~*~ (outnumbered).
  6722 | D:5      | 6722 ||| Stepping ~*~*~tactically~*~*~ (outnumbered).
  6724 | D:5      | 6724 ||| Stepping ~*~*~tactically~*~*~ (outnumbered).
  6736 | D:5      | 6736 ||| Stepping ~*~*~tactically~*~*~ (outnumbered).
  6738 | D:5      | 6738 ||| Stepping ~*~*~tactically~*~*~ (outnumbered).
  6740 | D:5      | 6740 ||| Stepping ~*~*~tactically~*~*~ (outnumbered).
  6742 | D:5      | 6742 ||| Stepping ~*~*~tactically~*~*~ (outnumbered).
  6744 | D:5      | 6744 ||| Stepping ~*~*~tactically~*~*~ (outnumbered).
  6756 | D:5      | 6756 ||| Stepping ~*~*~tactically~*~*~ (outnumbered).
  6758 | D:5      | 6758 ||| Stepping ~*~*~tactically~*~*~ (outnumbered).
  6760 | D:5      | 6760 ||| Stepping ~*~*~tactically~*~*~ (outnumbered).
  6762 | D:5      | 6762 ||| Stepping ~*~*~tactically~*~*~ (outnumbered).
  6764 | D:5      | 6764 ||| Stepping ~*~*~tactically~*~*~ (outnumbered).
  6776 | D:5      | 6776 ||| Stepping ~*~*~tactically~*~*~ (outnumbered).
  6778 | D:5      | 6778 ||| Stepping ~*~*~tactically~*~*~ (outnumbered).
  6780 | D:5      | 6780 ||| Stepping ~*~*~tactically~*~*~ (outnumbered).
  6782 | D:5      | 6782 ||| Stepping ~*~*~tactically~*~*~ (outnumbered).
  6784 | D:5      | 6784 ||| Stepping ~*~*~tactically~*~*~ (outnumbered).
  6796 | D:5      | 6796 ||| Stepping ~*~*~tactically~*~*~ (outnumbered).
  6798 | D:5      | 6798 ||| Stepping ~*~*~tactically~*~*~ (outnumbered).
  6800 | D:5      | 6800 ||| Stepping ~*~*~tactically~*~*~ (outnumbered).
  6802 | D:5      | 6802 ||| Stepping ~*~*~tactically~*~*~ (outnumbered).
  6804 | D:5      | 6804 ||| Stepping ~*~*~tactically~*~*~ (outnumbered).
  6816 | D:5      | 6816 ||| Stepping ~*~*~tactically~*~*~ (outnumbered).
  6818 | D:5      | 6818 ||| Stepping ~*~*~tactically~*~*~ (outnumbered).
  6820 | D:5      | 6820 ||| Stepping ~*~*~tactically~*~*~ (outnumbered).
  6822 | D:5      | 6822 ||| Stepping ~*~*~tactically~*~*~ (outnumbered).
  6824 | D:5      | 6824 ||| Stepping ~*~*~tactically~*~*~ (outnumbered).
  6836 | D:5      | 6836 ||| Stepping ~*~*~tactically~*~*~ (outnumbered).
  6838 | D:5      | 6838 ||| Stepping ~*~*~tactically~*~*~ (outnumbered).
  6840 | D:5      | 6840 ||| Stepping ~*~*~tactically~*~*~ (outnumbered).
  6842 | D:5      | 6842 ||| Stepping ~*~*~tactically~*~*~ (outnumbered).
  6844 | D:5      | 6844 ||| Stepping ~*~*~tactically~*~*~ (outnumbered).
  6856 | D:5      | 6856 ||| Stepping ~*~*~tactically~*~*~ (outnumbered).
  6858 | D:5      | 6858 ||| Stepping ~*~*~tactically~*~*~ (outnumbered).
  6860 | D:5      | 6860 ||| Stepping ~*~*~tactically~*~*~ (outnumbered).
  6862 | D:5      | 6862 ||| Stepping ~*~*~tactically~*~*~ (outnumbered).
  6864 | D:5      | 6864 ||| Stepping ~*~*~tactically~*~*~ (outnumbered).
  6876 | D:5      | 6876 ||| Stepping ~*~*~tactically~*~*~ (outnumbered).
  6878 | D:5      | 6878 ||| Stepping ~*~*~tactically~*~*~ (outnumbered).
  6880 | D:5      | 6880 ||| Stepping ~*~*~tactically~*~*~ (outnumbered).
  6882 | D:5      | 6882 ||| Stepping ~*~*~tactically~*~*~ (outnumbered).
  6884 | D:5      | 6884 ||| Stepping ~*~*~tactically~*~*~ (outnumbered).
  6896 | D:5      | 6896 ||| Stepping ~*~*~tactically~*~*~ (outnumbered).
  6898 | D:5      | 6898 ||| Stepping ~*~*~tactically~*~*~ (outnumbered).
  6900 | D:5      | 6900 ||| Stepping ~*~*~tactically~*~*~ (outnumbered).
  6902 | D:5      | 6902 ||| Stepping ~*~*~tactically~*~*~ (outnumbered).
  6904 | D:5      | 6904 ||| Stepping ~*~*~tactically~*~*~ (outnumbered).
  6916 | D:5      | 6916 ||| Stepping ~*~*~tactically~*~*~ (outnumbered).
  6918 | D:5      | 6918 ||| Stepping ~*~*~tactically~*~*~ (outnumbered).
  6920 | D:5      | 6920 ||| Stepping ~*~*~tactically~*~*~ (outnumbered).
  6922 | D:5      | 6922 ||| Stepping ~*~*~tactically~*~*~ (outnumbered).
  6924 | D:5      | 6924 ||| Stepping ~*~*~tactically~*~*~ (outnumbered).
  6936 | D:5      | 6936 ||| Stepping ~*~*~tactically~*~*~ (outnumbered).
  6938 | D:5      | 6938 ||| Stepping ~*~*~tactically~*~*~ (outnumbered).
  6940 | D:5      | 6940 ||| Stepping ~*~*~tactically~*~*~ (outnumbered).
  6942 | D:5      | 6942 ||| Stepping ~*~*~tactically~*~*~ (outnumbered).
  6944 | D:5      | 6944 ||| Stepping ~*~*~tactically~*~*~ (outnumbered).
  6956 | D:5      | 6956 ||| Stepping ~*~*~tactically~*~*~ (outnumbered).
  6958 | D:5      | 6958 ||| Stepping ~*~*~tactically~*~*~ (outnumbered).
  6960 | D:5      | 6960 ||| Stepping ~*~*~tactically~*~*~ (outnumbered).
  6962 | D:5      | 6962 ||| Stepping ~*~*~tactically~*~*~ (outnumbered).
  6964 | D:5      | 6964 ||| Stepping ~*~*~tactically~*~*~ (outnumbered).
  6976 | D:5      | 6976 ||| Stepping ~*~*~tactically~*~*~ (outnumbered).
  6978 | D:5      | 6978 ||| Stepping ~*~*~tactically~*~*~ (outnumbered).
  6980 | D:5      | 6980 ||| Stepping ~*~*~tactically~*~*~ (outnumbered).
  6982 | D:5      | 6982 ||| Stepping ~*~*~tactically~*~*~ (outnumbered).
  6984 | D:5      | 6984 ||| Stepping ~*~*~tactically~*~*~ (outnumbered).
  6996 | D:5      | 6996 ||| Stepping ~*~*~tactically~*~*~ (outnumbered).
  6998 | D:5      | 6998 ||| Stepping ~*~*~tactically~*~*~ (outnumbered).
  7000 | D:5      | 7000 ||| Stepping ~*~*~tactically~*~*~ (outnumbered).
  7002 | D:5      | 7002 ||| Stepping ~*~*~tactically~*~*~ (outnumbered).
  7004 | D:5      | 7004 ||| Stepping ~*~*~tactically~*~*~ (outnumbered).
  7016 | D:5      | 7016 ||| Stepping ~*~*~tactically~*~*~ (outnumbered).
  7018 | D:5      | 7018 ||| Stepping ~*~*~tactically~*~*~ (outnumbered).
  7020 | D:5      | 7020 ||| Stepping ~*~*~tactically~*~*~ (outnumbered).
  7022 | D:5      | 7022 ||| Stepping ~*~*~tactically~*~*~ (outnumbered).
  7024 | D:5      | 7024 ||| Stepping ~*~*~tactically~*~*~ (outnumbered).
  7036 | D:5      | 7036 ||| Stepping ~*~*~tactically~*~*~ (outnumbered).
  7038 | D:5      | 7038 ||| Stepping ~*~*~tactically~*~*~ (outnumbered).
  7040 | D:5      | 7040 ||| Stepping ~*~*~tactically~*~*~ (outnumbered).
  7042 | D:5      | 7042 ||| Stepping ~*~*~tactically~*~*~ (outnumbered).
  7044 | D:5      | 7044 ||| Stepping ~*~*~tactically~*~*~ (outnumbered).
  7056 | D:5      | 7056 ||| Stepping ~*~*~tactically~*~*~ (outnumbered).
  7058 | D:5      | 7058 ||| Stepping ~*~*~tactically~*~*~ (outnumbered).
  7060 | D:5      | 7060 ||| Stepping ~*~*~tactically~*~*~ (outnumbered).
  7062 | D:5      | 7062 ||| Stepping ~*~*~tactically~*~*~ (outnumbered).
  7064 | D:5      | 7064 ||| Stepping ~*~*~tactically~*~*~ (outnumbered).
  7076 | D:5      | 7076 ||| Stepping ~*~*~tactically~*~*~ (outnumbered).
  7078 | D:5      | 7078 ||| Stepping ~*~*~tactically~*~*~ (outnumbered).
  7080 | D:5      | 7080 ||| Stepping ~*~*~tactically~*~*~ (outnumbered).
  7082 | D:5      | 7082 ||| Stepping ~*~*~tactically~*~*~ (outnumbered).
  7084 | D:5      | 7084 ||| Stepping ~*~*~tactically~*~*~ (outnumbered).
  7096 | D:5      | 7096 ||| Stepping ~*~*~tactically~*~*~ (outnumbered).
  7098 | D:5      | 7098 ||| Stepping ~*~*~tactically~*~*~ (outnumbered).
  7100 | D:5      | 7100 ||| Stepping ~*~*~tactically~*~*~ (outnumbered).
  7102 | D:5      | 7102 ||| Stepping ~*~*~tactically~*~*~ (outnumbered).
  7104 | D:5      | 7104 ||| Stepping ~*~*~tactically~*~*~ (outnumbered).
  7116 | D:5      | 7116 ||| Stepping ~*~*~tactically~*~*~ (outnumbered).
  7118 | D:5      | 7118 ||| Stepping ~*~*~tactically~*~*~ (outnumbered).
  7120 | D:5      | 7120 ||| Stepping ~*~*~tactically~*~*~ (outnumbered).
  7122 | D:5      | 7122 ||| Stepping ~*~*~tactically~*~*~ (outnumbered).
  7124 | D:5      | 7124 ||| Stepping ~*~*~tactically~*~*~ (outnumbered).
  7136 | D:5      | 7136 ||| Stepping ~*~*~tactically~*~*~ (outnumbered).
  7138 | D:5      | 7138 ||| Stepping ~*~*~tactically~*~*~ (outnumbered).
  7140 | D:5      | 7140 ||| Stepping ~*~*~tactically~*~*~ (outnumbered).
  7142 | D:5      | 7142 ||| Stepping ~*~*~tactically~*~*~ (outnumbered).
  7144 | D:5      | 7144 ||| Stepping ~*~*~tactically~*~*~ (outnumbered).
  7156 | D:5      | 7156 ||| Stepping ~*~*~tactically~*~*~ (outnumbered).
  7158 | D:5      | 7158 ||| Stepping ~*~*~tactically~*~*~ (outnumbered).
  7160 | D:5      | 7160 ||| Stepping ~*~*~tactically~*~*~ (outnumbered).
  7162 | D:5      | 7162 ||| Stepping ~*~*~tactically~*~*~ (outnumbered).
  7164 | D:5      | 7164 ||| Stepping ~*~*~tactically~*~*~ (outnumbered).
  7176 | D:5      | 7176 ||| Stepping ~*~*~tactically~*~*~ (outnumbered).
  7178 | D:5      | 7178 ||| Stepping ~*~*~tactically~*~*~ (outnumbered).
  7180 | D:5      | 7180 ||| Stepping ~*~*~tactically~*~*~ (outnumbered).
  7182 | D:5      | 7182 ||| Stepping ~*~*~tactically~*~*~ (outnumbered).
  7184 | D:5      | 7184 ||| Stepping ~*~*~tactically~*~*~ (outnumbered).
  7196 | D:5      | 7196 ||| Stepping ~*~*~tactically~*~*~ (outnumbered).
  7198 | D:5      | 7198 ||| Stepping ~*~*~tactically~*~*~ (outnumbered).
  7200 | D:5      | 7200 ||| Stepping ~*~*~tactically~*~*~ (outnumbered).
  7202 | D:5      | 7202 ||| Stepping ~*~*~tactically~*~*~ (outnumbered).
  7204 | D:5      | 7204 ||| Stepping ~*~*~tactically~*~*~ (outnumbered).
  7216 | D:5      | 7216 ||| Stepping ~*~*~tactically~*~*~ (outnumbered).
  7218 | D:5      | 7218 ||| Stepping ~*~*~tactically~*~*~ (outnumbered).
  7220 | D:5      | 7220 ||| Stepping ~*~*~tactically~*~*~ (outnumbered).
  7222 | D:5      | 7222 ||| Stepping ~*~*~tactically~*~*~ (outnumbered).
  7224 | D:5      | 7224 ||| Stepping ~*~*~tactically~*~*~ (outnumbered).
  7236 | D:5      | 7236 ||| Stepping ~*~*~tactically~*~*~ (outnumbered).
  7238 | D:5      | 7238 ||| Stepping ~*~*~tactically~*~*~ (outnumbered).
  7240 | D:5      | 7240 ||| Stepping ~*~*~tactically~*~*~ (outnumbered).
  7242 | D:5      | 7242 ||| Stepping ~*~*~tactically~*~*~ (outnumbered).
  7244 | D:5      | 7244 ||| Stepping ~*~*~tactically~*~*~ (outnumbered).
  7256 | D:5      | 7256 ||| Stepping ~*~*~tactically~*~*~ (outnumbered).
  7258 | D:5      | 7258 ||| Stepping ~*~*~tactically~*~*~ (outnumbered).
  7260 | D:5      | 7260 ||| Stepping ~*~*~tactically~*~*~ (outnumbered).
  7262 | D:5      | 7262 ||| Stepping ~*~*~tactically~*~*~ (outnumbered).
  7264 | D:5      | 7264 ||| Stepping ~*~*~tactically~*~*~ (outnumbered).
  7276 | D:5      | 7276 ||| Stepping ~*~*~tactically~*~*~ (outnumbered).
  7278 | D:5      | 7278 ||| Stepping ~*~*~tactically~*~*~ (outnumbered).
  7280 | D:5      | 7280 ||| Stepping ~*~*~tactically~*~*~ (outnumbered).
  7282 | D:5      | 7282 ||| Stepping ~*~*~tactically~*~*~ (outnumbered).
  7284 | D:5      | 7284 ||| Stepping ~*~*~tactically~*~*~ (outnumbered).
  7296 | D:5      | 7296 ||| Stepping ~*~*~tactically~*~*~ (outnumbered).
  7298 | D:5      | 7298 ||| Stepping ~*~*~tactically~*~*~ (outnumbered).
  7300 | D:5      | 7300 ||| Stepping ~*~*~tactically~*~*~ (outnumbered).
  7302 | D:5      | 7302 ||| Stepping ~*~*~tactically~*~*~ (outnumbered).
  7304 | D:5      | 7304 ||| Stepping ~*~*~tactically~*~*~ (outnumbered).
  7316 | D:5      | 7316 ||| Stepping ~*~*~tactically~*~*~ (outnumbered).
  7318 | D:5      | 7318 ||| Stepping ~*~*~tactically~*~*~ (outnumbered).
  7320 | D:5      | 7320 ||| Stepping ~*~*~tactically~*~*~ (outnumbered).
  7322 | D:5      | 7322 ||| Stepping ~*~*~tactically~*~*~ (outnumbered).
  7324 | D:5      | 7324 ||| Stepping ~*~*~tactically~*~*~ (outnumbered).
  7336 | D:5      | 7336 ||| Stepping ~*~*~tactically~*~*~ (outnumbered).
  7338 | D:5      | 7338 ||| Stepping ~*~*~tactically~*~*~ (outnumbered).
  7340 | D:5      | 7340 ||| Stepping ~*~*~tactically~*~*~ (outnumbered).
  7342 | D:5      | 7342 ||| Stepping ~*~*~tactically~*~*~ (outnumbered).
  7344 | D:5      | 7344 ||| Stepping ~*~*~tactically~*~*~ (outnumbered).
  7356 | D:5      | 7356 ||| Stepping ~*~*~tactically~*~*~ (outnumbered).
  7358 | D:5      | 7358 ||| Stepping ~*~*~tactically~*~*~ (outnumbered).
  7360 | D:5      | 7360 ||| Stepping ~*~*~tactically~*~*~ (outnumbered).
  7362 | D:5      | 7362 ||| Stepping ~*~*~tactically~*~*~ (outnumbered).
  7364 | D:5      | 7364 ||| Stepping ~*~*~tactically~*~*~ (outnumbered).
  7376 | D:5      | 7376 ||| Stepping ~*~*~tactically~*~*~ (outnumbered).
  7378 | D:5      | 7378 ||| Stepping ~*~*~tactically~*~*~ (outnumbered).
  7380 | D:5      | 7380 ||| Stepping ~*~*~tactically~*~*~ (outnumbered).
  7382 | D:5      | 7382 ||| Stepping ~*~*~tactically~*~*~ (outnumbered).
  7384 | D:5      | 7384 ||| Stepping ~*~*~tactically~*~*~ (outnumbered).
  7396 | D:5      | 7396 ||| Stepping ~*~*~tactically~*~*~ (outnumbered).
  7398 | D:5      | 7398 ||| Stepping ~*~*~tactically~*~*~ (outnumbered).
  7400 | D:5      | 7400 ||| Stepping ~*~*~tactically~*~*~ (outnumbered).
  7402 | D:5      | 7402 ||| Stepping ~*~*~tactically~*~*~ (outnumbered).
  7404 | D:5      | 7404 ||| Stepping ~*~*~tactically~*~*~ (outnumbered).
  7416 | D:5      | 7416 ||| Stepping ~*~*~tactically~*~*~ (outnumbered).
  7418 | D:5      | 7418 ||| Stepping ~*~*~tactically~*~*~ (outnumbered).
  7420 | D:5      | 7420 ||| Stepping ~*~*~tactically~*~*~ (outnumbered).
  7422 | D:5      | 7422 ||| Stepping ~*~*~tactically~*~*~ (outnumbered).
  7424 | D:5      | 7424 ||| Stepping ~*~*~tactically~*~*~ (outnumbered).
  7436 | D:5      | 7436 ||| Stepping ~*~*~tactically~*~*~ (outnumbered).
  7438 | D:5      | 7438 ||| Stepping ~*~*~tactically~*~*~ (outnumbered).
  7440 | D:5      | 7440 ||| Stepping ~*~*~tactically~*~*~ (outnumbered).
  7442 | D:5      | 7442 ||| Stepping ~*~*~tactically~*~*~ (outnumbered).
  7444 | D:5      | 7444 ||| Stepping ~*~*~tactically~*~*~ (outnumbered).
  7456 | D:5      | 7456 ||| Stepping ~*~*~tactically~*~*~ (outnumbered).
  7458 | D:5      | 7458 ||| Stepping ~*~*~tactically~*~*~ (outnumbered).
  7460 | D:5      | 7460 ||| Stepping ~*~*~tactically~*~*~ (outnumbered).
  7462 | D:5      | 7462 ||| Stepping ~*~*~tactically~*~*~ (outnumbered).
  7464 | D:5      | 7464 ||| Stepping ~*~*~tactically~*~*~ (outnumbered).
  7476 | D:5      | 7476 ||| Stepping ~*~*~tactically~*~*~ (outnumbered).
  7478 | D:5      | 7478 ||| Stepping ~*~*~tactically~*~*~ (outnumbered).
  7480 | D:5      | 7480 ||| Stepping ~*~*~tactically~*~*~ (outnumbered).
  7482 | D:5      | 7482 ||| Stepping ~*~*~tactically~*~*~ (outnumbered).
  7484 | D:5      | 7484 ||| Stepping ~*~*~tactically~*~*~ (outnumbered).
  7496 | D:5      | 7496 ||| Stepping ~*~*~tactically~*~*~ (outnumbered).
  7498 | D:5      | 7498 ||| Stepping ~*~*~tactically~*~*~ (outnumbered).
  7500 | D:5      | 7500 ||| Stepping ~*~*~tactically~*~*~ (outnumbered).
  7502 | D:5      | 7502 ||| Stepping ~*~*~tactically~*~*~ (outnumbered).
  7504 | D:5      | 7504 ||| Stepping ~*~*~tactically~*~*~ (outnumbered).
  7516 | D:5      | 7516 ||| Stepping ~*~*~tactically~*~*~ (outnumbered).
  7518 | D:5      | 7518 ||| Stepping ~*~*~tactically~*~*~ (outnumbered).
  7520 | D:5      | 7520 ||| Stepping ~*~*~tactically~*~*~ (outnumbered).
  7522 | D:5      | 7522 ||| Stepping ~*~*~tactically~*~*~ (outnumbered).
  7524 | D:5      | 7524 ||| Stepping ~*~*~tactically~*~*~ (outnumbered).
  7536 | D:5      | 7536 ||| Stepping ~*~*~tactically~*~*~ (outnumbered).
  7538 | D:5      | 7538 ||| Stepping ~*~*~tactically~*~*~ (outnumbered).
  7540 | D:5      | 7540 ||| Stepping ~*~*~tactically~*~*~ (outnumbered).
  7542 | D:5      | 7542 ||| Stepping ~*~*~tactically~*~*~ (outnumbered).
  7544 | D:5      | 7544 ||| Stepping ~*~*~tactically~*~*~ (outnumbered).
  7556 | D:5      | 7556 ||| Stepping ~*~*~tactically~*~*~ (outnumbered).
  7558 | D:5      | 7558 ||| Stepping ~*~*~tactically~*~*~ (outnumbered).
  7560 | D:5      | 7560 ||| Stepping ~*~*~tactically~*~*~ (outnumbered).
  7562 | D:5      | 7562 ||| Stepping ~*~*~tactically~*~*~ (outnumbered).
  7564 | D:5      | 7564 ||| Stepping ~*~*~tactically~*~*~ (outnumbered).
  7576 | D:5      | 7576 ||| Stepping ~*~*~tactically~*~*~ (outnumbered).
  7578 | D:5      | 7578 ||| Stepping ~*~*~tactically~*~*~ (outnumbered).
  7580 | D:5      | 7580 ||| Stepping ~*~*~tactically~*~*~ (outnumbered).
  7582 | D:5      | 7582 ||| Stepping ~*~*~tactically~*~*~ (outnumbered).
  7584 | D:5      | 7584 ||| Stepping ~*~*~tactically~*~*~ (outnumbered).
  7596 | D:5      | 7596 ||| Stepping ~*~*~tactically~*~*~ (outnumbered).
  7598 | D:5      | 7598 ||| Stepping ~*~*~tactically~*~*~ (outnumbered).
  7600 | D:5      | 7600 ||| Stepping ~*~*~tactically~*~*~ (outnumbered).
  7602 | D:5      | 7602 ||| Stepping ~*~*~tactically~*~*~ (outnumbered).
  7604 | D:5      | 7604 ||| Stepping ~*~*~tactically~*~*~ (outnumbered).
  7616 | D:5      | 7616 ||| Stepping ~*~*~tactically~*~*~ (outnumbered).
  7618 | D:5      | 7618 ||| Stepping ~*~*~tactically~*~*~ (outnumbered).
  7620 | D:5      | 7620 ||| Stepping ~*~*~tactically~*~*~ (outnumbered).
  7622 | D:5      | 7622 ||| Stepping ~*~*~tactically~*~*~ (outnumbered).
  7624 | D:5      | 7624 ||| Stepping ~*~*~tactically~*~*~ (outnumbered).
  7636 | D:5      | 7636 ||| Stepping ~*~*~tactically~*~*~ (outnumbered).
  7638 | D:5      | 7638 ||| Stepping ~*~*~tactically~*~*~ (outnumbered).
  7640 | D:5      | 7640 ||| Stepping ~*~*~tactically~*~*~ (outnumbered).
  7642 | D:5      | 7642 ||| Stepping ~*~*~tactically~*~*~ (outnumbered).
  7644 | D:5      | 7644 ||| Stepping ~*~*~tactically~*~*~ (outnumbered).
  7656 | D:5      | 7656 ||| Stepping ~*~*~tactically~*~*~ (outnumbered).
  7658 | D:5      | 7658 ||| Stepping ~*~*~tactically~*~*~ (outnumbered).
  7660 | D:5      | 7660 ||| Stepping ~*~*~tactically~*~*~ (outnumbered).
  7662 | D:5      | 7662 ||| Stepping ~*~*~tactically~*~*~ (outnumbered).
  7664 | D:5      | 7664 ||| Stepping ~*~*~tactically~*~*~ (outnumbered).
  7676 | D:5      | 7676 ||| Stepping ~*~*~tactically~*~*~ (outnumbered).
  7678 | D:5      | 7678 ||| Stepping ~*~*~tactically~*~*~ (outnumbered).
  7680 | D:5      | 7680 ||| Stepping ~*~*~tactically~*~*~ (outnumbered).
  7682 | D:5      | 7682 ||| Stepping ~*~*~tactically~*~*~ (outnumbered).
  7684 | D:5      | 7684 ||| Stepping ~*~*~tactically~*~*~ (outnumbered).
  7696 | D:5      | 7696 ||| Stepping ~*~*~tactically~*~*~ (outnumbered).
  7698 | D:5      | 7698 ||| Stepping ~*~*~tactically~*~*~ (outnumbered).
  7700 | D:5      | 7700 ||| Stepping ~*~*~tactically~*~*~ (outnumbered).
  7702 | D:5      | 7702 ||| Stepping ~*~*~tactically~*~*~ (outnumbered).
  7704 | D:5      | 7704 ||| Stepping ~*~*~tactically~*~*~ (outnumbered).
  7716 | D:5      | 7716 ||| Stepping ~*~*~tactically~*~*~ (outnumbered).
  7718 | D:5      | 7718 ||| Stepping ~*~*~tactically~*~*~ (outnumbered).
  7720 | D:5      | 7720 ||| Stepping ~*~*~tactically~*~*~ (outnumbered).
  7722 | D:5      | 7722 ||| Stepping ~*~*~tactically~*~*~ (outnumbered).
  7724 | D:5      | 7724 ||| Stepping ~*~*~tactically~*~*~ (outnumbered).
  7736 | D:5      | 7736 ||| Stepping ~*~*~tactically~*~*~ (outnumbered).
  7738 | D:5      | 7738 ||| Stepping ~*~*~tactically~*~*~ (outnumbered).
  7740 | D:5      | 7740 ||| Stepping ~*~*~tactically~*~*~ (outnumbered).
  7742 | D:5      | 7742 ||| Stepping ~*~*~tactically~*~*~ (outnumbered).
  7744 | D:5      | 7744 ||| Stepping ~*~*~tactically~*~*~ (outnumbered).
  7756 | D:5      | 7756 ||| Stepping ~*~*~tactically~*~*~ (outnumbered).
  7758 | D:5      | 7758 ||| Stepping ~*~*~tactically~*~*~ (outnumbered).
  7760 | D:5      | 7760 ||| Stepping ~*~*~tactically~*~*~ (outnumbered).
  7762 | D:5      | 7762 ||| Stepping ~*~*~tactically~*~*~ (outnumbered).
  7764 | D:5      | 7764 ||| Stepping ~*~*~tactically~*~*~ (outnumbered).
  7776 | D:5      | 7776 ||| Stepping ~*~*~tactically~*~*~ (outnumbered).
  7778 | D:5      | 7778 ||| Stepping ~*~*~tactically~*~*~ (outnumbered).
  7780 | D:5      | 7780 ||| Stepping ~*~*~tactically~*~*~ (outnumbered).
  7782 | D:5      | 7782 ||| Stepping ~*~*~tactically~*~*~ (outnumbered).
  7784 | D:5      | 7784 ||| Stepping ~*~*~tactically~*~*~ (outnumbered).
  7796 | D:5      | 7796 ||| Stepping ~*~*~tactically~*~*~ (outnumbered).
  7798 | D:5      | 7798 ||| Stepping ~*~*~tactically~*~*~ (outnumbered).
  7800 | D:5      | 7800 ||| Stepping ~*~*~tactically~*~*~ (outnumbered).
  7802 | D:5      | 7802 ||| Stepping ~*~*~tactically~*~*~ (outnumbered).
  7804 | D:5      | 7804 ||| Stepping ~*~*~tactically~*~*~ (outnumbered).
  7816 | D:5      | 7816 ||| Stepping ~*~*~tactically~*~*~ (outnumbered).
  7818 | D:5      | 7818 ||| Stepping ~*~*~tactically~*~*~ (outnumbered).
  7820 | D:5      | 7820 ||| Stepping ~*~*~tactically~*~*~ (outnumbered).
  7822 | D:5      | 7822 ||| Stepping ~*~*~tactically~*~*~ (outnumbered).
  7824 | D:5      | 7824 ||| Stepping ~*~*~tactically~*~*~ (outnumbered).
  7836 | D:5      | 7836 ||| Stepping ~*~*~tactically~*~*~ (outnumbered).
  7838 | D:5      | 7838 ||| Stepping ~*~*~tactically~*~*~ (outnumbered).
  7840 | D:5      | 7840 ||| Stepping ~*~*~tactically~*~*~ (outnumbered).
  7842 | D:5      | 7842 ||| Stepping ~*~*~tactically~*~*~ (outnumbered).
  7844 | D:5      | 7844 ||| Stepping ~*~*~tactically~*~*~ (outnumbered).
  7856 | D:5      | 7856 ||| Stepping ~*~*~tactically~*~*~ (outnumbered).
  7858 | D:5      | 7858 ||| Stepping ~*~*~tactically~*~*~ (outnumbered).
  7860 | D:5      | 7860 ||| Stepping ~*~*~tactically~*~*~ (outnumbered).
  7862 | D:5      | 7862 ||| Stepping ~*~*~tactically~*~*~ (outnumbered).
  7864 | D:5      | 7864 ||| Stepping ~*~*~tactically~*~*~ (outnumbered).
  7876 | D:5      | 7876 ||| Stepping ~*~*~tactically~*~*~ (outnumbered).
  7878 | D:5      | 7878 ||| Stepping ~*~*~tactically~*~*~ (outnumbered).
  7880 | D:5      | 7880 ||| Stepping ~*~*~tactically~*~*~ (outnumbered).
  7882 | D:5      | 7882 ||| Stepping ~*~*~tactically~*~*~ (outnumbered).
  7884 | D:5      | 7884 ||| Stepping ~*~*~tactically~*~*~ (outnumbered).
  7896 | D:5      | 7896 ||| Stepping ~*~*~tactically~*~*~ (outnumbered).
  7898 | D:5      | 7898 ||| Stepping ~*~*~tactically~*~*~ (outnumbered).
  7900 | D:5      | 7900 ||| Stepping ~*~*~tactically~*~*~ (outnumbered).
  7902 | D:5      | 7902 ||| Stepping ~*~*~tactically~*~*~ (outnumbered).
  7904 | D:5      | 7904 ||| Stepping ~*~*~tactically~*~*~ (outnumbered).
  7916 | D:5      | 7916 ||| Stepping ~*~*~tactically~*~*~ (outnumbered).
  7918 | D:5      | 7918 ||| Stepping ~*~*~tactically~*~*~ (outnumbered).
  7920 | D:5      | 7920 ||| Stepping ~*~*~tactically~*~*~ (outnumbered).
  7922 | D:5      | 7922 ||| Stepping ~*~*~tactically~*~*~ (outnumbered).
  7924 | D:5      | 7924 ||| Stepping ~*~*~tactically~*~*~ (outnumbered).
  7936 | D:5      | 7936 ||| Stepping ~*~*~tactically~*~*~ (outnumbered).
  7938 | D:5      | 7938 ||| Stepping ~*~*~tactically~*~*~ (outnumbered).
  7940 | D:5      | 7940 ||| Stepping ~*~*~tactically~*~*~ (outnumbered).
  7942 | D:5      | 7942 ||| Stepping ~*~*~tactically~*~*~ (outnumbered).
  7944 | D:5      | 7944 ||| Stepping ~*~*~tactically~*~*~ (outnumbered).
  7956 | D:5      | 7956 ||| Stepping ~*~*~tactically~*~*~ (outnumbered).
  7958 | D:5      | 7958 ||| Stepping ~*~*~tactically~*~*~ (outnumbered).
  7960 | D:5      | 7960 ||| Stepping ~*~*~tactically~*~*~ (outnumbered).
  7962 | D:5      | 7962 ||| Stepping ~*~*~tactically~*~*~ (outnumbered).
  7964 | D:5      | 7964 ||| Stepping ~*~*~tactically~*~*~ (outnumbered).
  7976 | D:5      | 7976 ||| Stepping ~*~*~tactically~*~*~ (outnumbered).
  7978 | D:5      | 7978 ||| Stepping ~*~*~tactically~*~*~ (outnumbered).
  7980 | D:5      | 7980 ||| Stepping ~*~*~tactically~*~*~ (outnumbered).
  7982 | D:5      | 7982 ||| Stepping ~*~*~tactically~*~*~ (outnumbered).
  7984 | D:5      | 7984 ||| Stepping ~*~*~tactically~*~*~ (outnumbered).
  7996 | D:5      | 7996 ||| Stepping ~*~*~tactically~*~*~ (outnumbered).
  7998 | D:5      | 7998 ||| Stepping ~*~*~tactically~*~*~ (outnumbered).
  8000 | D:5      | 8000 ||| Stepping ~*~*~tactically~*~*~ (outnumbered).
  8002 | D:5      | 8002 ||| Stepping ~*~*~tactically~*~*~ (outnumbered).
  8004 | D:5      | 8004 ||| Stepping ~*~*~tactically~*~*~ (outnumbered).
  8016 | D:5      | 8016 ||| Stepping ~*~*~tactically~*~*~ (outnumbered).
  8018 | D:5      | 8018 ||| Stepping ~*~*~tactically~*~*~ (outnumbered).
  8020 | D:5      | 8020 ||| Stepping ~*~*~tactically~*~*~ (outnumbered).
  8022 | D:5      | 8022 ||| Stepping ~*~*~tactically~*~*~ (outnumbered).
  8024 | D:5      | 8024 ||| Stepping ~*~*~tactically~*~*~ (outnumbered).
  8036 | D:5      | 8036 ||| Stepping ~*~*~tactically~*~*~ (outnumbered).
  8038 | D:5      | 8038 ||| Stepping ~*~*~tactically~*~*~ (outnumbered).
  8040 | D:5      | 8040 ||| Stepping ~*~*~tactically~*~*~ (outnumbered).
  8042 | D:5      | 8042 ||| Stepping ~*~*~tactically~*~*~ (outnumbered).
  8044 | D:5      | 8044 ||| Stepping ~*~*~tactically~*~*~ (outnumbered).
  8056 | D:5      | 8056 ||| Stepping ~*~*~tactically~*~*~ (outnumbered).
  8058 | D:5      | 8058 ||| Stepping ~*~*~tactically~*~*~ (outnumbered).
  8060 | D:5      | 8060 ||| Stepping ~*~*~tactically~*~*~ (outnumbered).
  8062 | D:5      | 8062 ||| Stepping ~*~*~tactically~*~*~ (outnumbered).
  8064 | D:5      | 8064 ||| Stepping ~*~*~tactically~*~*~ (outnumbered).
  8076 | D:5      | 8076 ||| Stepping ~*~*~tactically~*~*~ (outnumbered).
  8078 | D:5      | 8078 ||| Stepping ~*~*~tactically~*~*~ (outnumbered).
  8080 | D:5      | 8080 ||| Stepping ~*~*~tactically~*~*~ (outnumbered).
  8082 | D:5      | 8082 ||| Stepping ~*~*~tactically~*~*~ (outnumbered).
  8084 | D:5      | 8084 ||| Stepping ~*~*~tactically~*~*~ (outnumbered).
  8096 | D:5      | 8096 ||| Stepping ~*~*~tactically~*~*~ (outnumbered).
  8098 | D:5      | 8098 ||| Stepping ~*~*~tactically~*~*~ (outnumbered).
  8100 | D:5      | 8100 ||| Stepping ~*~*~tactically~*~*~ (outnumbered).
  8102 | D:5      | 8102 ||| Stepping ~*~*~tactically~*~*~ (outnumbered).
  8104 | D:5      | 8104 ||| Stepping ~*~*~tactically~*~*~ (outnumbered).
  8116 | D:5      | 8116 ||| Stepping ~*~*~tactically~*~*~ (outnumbered).
  8118 | D:5      | 8118 ||| Stepping ~*~*~tactically~*~*~ (outnumbered).
  8120 | D:5      | 8120 ||| Stepping ~*~*~tactically~*~*~ (outnumbered).
  8122 | D:5      | 8122 ||| Stepping ~*~*~tactically~*~*~ (outnumbered).
  8124 | D:5      | 8124 ||| Stepping ~*~*~tactically~*~*~ (outnumbered).
  8136 | D:5      | 8136 ||| Stepping ~*~*~tactically~*~*~ (outnumbered).
  8138 | D:5      | 8138 ||| Stepping ~*~*~tactically~*~*~ (outnumbered).
  8140 | D:5      | 8140 ||| Stepping ~*~*~tactically~*~*~ (outnumbered).
  8142 | D:5      | 8142 ||| Stepping ~*~*~tactically~*~*~ (outnumbered).
  8144 | D:5      | 8144 ||| Stepping ~*~*~tactically~*~*~ (outnumbered).
  8156 | D:5      | 8156 ||| Stepping ~*~*~tactically~*~*~ (outnumbered).
  8158 | D:5      | 8158 ||| Stepping ~*~*~tactically~*~*~ (outnumbered).
  8160 | D:5      | 8160 ||| Stepping ~*~*~tactically~*~*~ (outnumbered).
  8162 | D:5      | 8162 ||| Stepping ~*~*~tactically~*~*~ (outnumbered).
  8164 | D:5      | 8164 ||| Stepping ~*~*~tactically~*~*~ (outnumbered).
  8176 | D:5      | 8176 ||| Stepping ~*~*~tactically~*~*~ (outnumbered).
  8178 | D:5      | 8178 ||| Stepping ~*~*~tactically~*~*~ (outnumbered).
  8180 | D:5      | 8180 ||| Stepping ~*~*~tactically~*~*~ (outnumbered).
  8182 | D:5      | 8182 ||| Stepping ~*~*~tactically~*~*~ (outnumbered).
  8184 | D:5      | 8184 ||| Stepping ~*~*~tactically~*~*~ (outnumbered).
  8196 | D:5      | 8196 ||| Stepping ~*~*~tactically~*~*~ (outnumbered).
  8198 | D:5      | 8198 ||| Stepping ~*~*~tactically~*~*~ (outnumbered).
  8200 | D:5      | 8200 ||| Stepping ~*~*~tactically~*~*~ (outnumbered).
  8202 | D:5      | 8202 ||| Stepping ~*~*~tactically~*~*~ (outnumbered).
  8204 | D:5      | 8204 ||| Stepping ~*~*~tactically~*~*~ (outnumbered).
  8216 | D:5      | 8216 ||| Stepping ~*~*~tactically~*~*~ (outnumbered).
  8218 | D:5      | 8218 ||| Stepping ~*~*~tactically~*~*~ (outnumbered).
  8220 | D:5      | 8220 ||| Stepping ~*~*~tactically~*~*~ (outnumbered).
  8222 | D:5      | 8222 ||| Stepping ~*~*~tactically~*~*~ (outnumbered).
  8224 | D:5      | 8224 ||| Stepping ~*~*~tactically~*~*~ (outnumbered).
  8236 | D:5      | 8236 ||| Stepping ~*~*~tactically~*~*~ (outnumbered).
  8238 | D:5      | 8238 ||| Stepping ~*~*~tactically~*~*~ (outnumbered).
  8240 | D:5      | 8240 ||| Stepping ~*~*~tactically~*~*~ (outnumbered).
  8242 | D:5      | 8242 ||| Stepping ~*~*~tactically~*~*~ (outnumbered).
  8244 | D:5      | 8244 ||| Stepping ~*~*~tactically~*~*~ (outnumbered).
  8256 | D:5      | 8256 ||| Stepping ~*~*~tactically~*~*~ (outnumbered).
  8258 | D:5      | 8258 ||| Stepping ~*~*~tactically~*~*~ (outnumbered).
  8260 | D:5      | 8260 ||| Stepping ~*~*~tactically~*~*~ (outnumbered).
  8262 | D:5      | 8262 ||| Stepping ~*~*~tactically~*~*~ (outnumbered).
  8264 | D:5      | 8264 ||| Stepping ~*~*~tactically~*~*~ (outnumbered).
  8276 | D:5      | 8276 ||| Stepping ~*~*~tactically~*~*~ (outnumbered).
  8278 | D:5      | 8278 ||| Stepping ~*~*~tactically~*~*~ (outnumbered).
  8280 | D:5      | 8280 ||| Stepping ~*~*~tactically~*~*~ (outnumbered).
  8282 | D:5      | 8282 ||| Stepping ~*~*~tactically~*~*~ (outnumbered).
  8284 | D:5      | 8284 ||| Stepping ~*~*~tactically~*~*~ (outnumbered).
  8296 | D:5      | 8296 ||| Stepping ~*~*~tactically~*~*~ (outnumbered).
  8298 | D:5      | 8298 ||| Stepping ~*~*~tactically~*~*~ (outnumbered).
  8300 | D:5      | 8300 ||| Stepping ~*~*~tactically~*~*~ (outnumbered).
  8302 | D:5      | 8302 ||| Stepping ~*~*~tactically~*~*~ (outnumbered).
  8304 | D:5      | 8304 ||| Stepping ~*~*~tactically~*~*~ (outnumbered).
  8316 | D:5      | 8316 ||| Stepping ~*~*~tactically~*~*~ (outnumbered).
  8318 | D:5      | 8318 ||| Stepping ~*~*~tactically~*~*~ (outnumbered).
  8320 | D:5      | 8320 ||| Stepping ~*~*~tactically~*~*~ (outnumbered).
  8322 | D:5      | 8322 ||| Stepping ~*~*~tactically~*~*~ (outnumbered).
  8324 | D:5      | 8324 ||| Stepping ~*~*~tactically~*~*~ (outnumbered).
  8336 | D:5      | 8336 ||| Stepping ~*~*~tactically~*~*~ (outnumbered).
  8338 | D:5      | 8338 ||| Stepping ~*~*~tactically~*~*~ (outnumbered).
  8340 | D:5      | 8340 ||| Stepping ~*~*~tactically~*~*~ (outnumbered).
  8342 | D:5      | 8342 ||| Stepping ~*~*~tactically~*~*~ (outnumbered).
  8344 | D:5      | 8344 ||| Stepping ~*~*~tactically~*~*~ (outnumbered).
  8356 | D:5      | 8356 ||| Stepping ~*~*~tactically~*~*~ (outnumbered).
  8358 | D:5      | 8358 ||| Stepping ~*~*~tactically~*~*~ (outnumbered).
  8360 | D:5      | 8360 ||| Stepping ~*~*~tactically~*~*~ (outnumbered).
  8362 | D:5      | 8362 ||| Stepping ~*~*~tactically~*~*~ (outnumbered).
  8364 | D:5      | 8364 ||| Stepping ~*~*~tactically~*~*~ (outnumbered).
  8376 | D:5      | 8376 ||| Stepping ~*~*~tactically~*~*~ (outnumbered).
  8378 | D:5      | 8378 ||| Stepping ~*~*~tactically~*~*~ (outnumbered).
  8380 | D:5      | 8380 ||| Stepping ~*~*~tactically~*~*~ (outnumbered).
  8382 | D:5      | 8382 ||| Stepping ~*~*~tactically~*~*~ (outnumbered).
  8384 | D:5      | 8384 ||| Stepping ~*~*~tactically~*~*~ (outnumbered).
  8396 | D:5      | 8396 ||| Stepping ~*~*~tactically~*~*~ (outnumbered).
  8398 | D:5      | 8398 ||| Stepping ~*~*~tactically~*~*~ (outnumbered).
  8400 | D:5      | 8400 ||| Stepping ~*~*~tactically~*~*~ (outnumbered).
  8402 | D:5      | 8402 ||| Stepping ~*~*~tactically~*~*~ (outnumbered).
  8404 | D:5      | 8404 ||| Stepping ~*~*~tactically~*~*~ (outnumbered).
  8416 | D:5      | 8416 ||| Stepping ~*~*~tactically~*~*~ (outnumbered).
  8418 | D:5      | 8418 ||| Stepping ~*~*~tactically~*~*~ (outnumbered).
  8420 | D:5      | 8420 ||| Stepping ~*~*~tactically~*~*~ (outnumbered).
  8422 | D:5      | 8422 ||| Stepping ~*~*~tactically~*~*~ (outnumbered).
  8424 | D:5      | 8424 ||| Stepping ~*~*~tactically~*~*~ (outnumbered).
  8436 | D:5      | 8436 ||| Stepping ~*~*~tactically~*~*~ (outnumbered).
  8438 | D:5      | 8438 ||| Stepping ~*~*~tactically~*~*~ (outnumbered).
  8440 | D:5      | 8440 ||| Stepping ~*~*~tactically~*~*~ (outnumbered).
  8442 | D:5      | 8442 ||| Stepping ~*~*~tactically~*~*~ (outnumbered).
  8444 | D:5      | 8444 ||| Stepping ~*~*~tactically~*~*~ (outnumbered).
  8456 | D:5      | 8456 ||| Stepping ~*~*~tactically~*~*~ (outnumbered).
  8458 | D:5      | 8458 ||| Stepping ~*~*~tactically~*~*~ (outnumbered).
  8460 | D:5      | 8460 ||| Stepping ~*~*~tactically~*~*~ (outnumbered).
  8462 | D:5      | 8462 ||| Stepping ~*~*~tactically~*~*~ (outnumbered).
  8464 | D:5      | 8464 ||| Stepping ~*~*~tactically~*~*~ (outnumbered).
  8476 | D:5      | 8476 ||| Stepping ~*~*~tactically~*~*~ (outnumbered).
  8478 | D:5      | 8478 ||| Stepping ~*~*~tactically~*~*~ (outnumbered).
  8480 | D:5      | 8480 ||| Stepping ~*~*~tactically~*~*~ (outnumbered).
  8482 | D:5      | 8482 ||| Stepping ~*~*~tactically~*~*~ (outnumbered).
  8484 | D:5      | 8484 ||| Stepping ~*~*~tactically~*~*~ (outnumbered).
  8496 | D:5      | 8496 ||| Stepping ~*~*~tactically~*~*~ (outnumbered).
  8498 | D:5      | 8498 ||| Stepping ~*~*~tactically~*~*~ (outnumbered).
  8500 | D:5      | 8500 ||| Stepping ~*~*~tactically~*~*~ (outnumbered).
  8502 | D:5      | 8502 ||| Stepping ~*~*~tactically~*~*~ (outnumbered).
  8504 | D:5      | 8504 ||| Stepping ~*~*~tactically~*~*~ (outnumbered).
  8516 | D:5      | 8516 ||| Stepping ~*~*~tactically~*~*~ (outnumbered).
  8518 | D:5      | 8518 ||| Stepping ~*~*~tactically~*~*~ (outnumbered).
  8520 | D:5      | 8520 ||| Stepping ~*~*~tactically~*~*~ (outnumbered).
  8522 | D:5      | 8522 ||| Stepping ~*~*~tactically~*~*~ (outnumbered).
  8524 | D:5      | 8524 ||| Stepping ~*~*~tactically~*~*~ (outnumbered).
  8536 | D:5      | 8536 ||| Stepping ~*~*~tactically~*~*~ (outnumbered).
  8538 | D:5      | 8538 ||| Stepping ~*~*~tactically~*~*~ (outnumbered).
  8540 | D:5      | 8540 ||| Stepping ~*~*~tactically~*~*~ (outnumbered).
  8542 | D:5      | 8542 ||| Stepping ~*~*~tactically~*~*~ (outnumbered).
  8544 | D:5      | 8544 ||| Stepping ~*~*~tactically~*~*~ (outnumbered).
  8556 | D:5      | 8556 ||| Stepping ~*~*~tactically~*~*~ (outnumbered).
  8558 | D:5      | 8558 ||| Stepping ~*~*~tactically~*~*~ (outnumbered).
  8560 | D:5      | 8560 ||| Stepping ~*~*~tactically~*~*~ (outnumbered).
  8562 | D:5      | 8562 ||| Stepping ~*~*~tactically~*~*~ (outnumbered).
  8564 | D:5      | 8564 ||| Stepping ~*~*~tactically~*~*~ (outnumbered).
  8576 | D:5      | 8576 ||| Stepping ~*~*~tactically~*~*~ (outnumbered).
  8578 | D:5      | 8578 ||| Stepping ~*~*~tactically~*~*~ (outnumbered).
  8580 | D:5      | 8580 ||| Stepping ~*~*~tactically~*~*~ (outnumbered).
  8582 | D:5      | 8582 ||| Stepping ~*~*~tactically~*~*~ (outnumbered).
  8584 | D:5      | 8584 ||| Stepping ~*~*~tactically~*~*~ (outnumbered).
  8596 | D:5      | 8596 ||| Stepping ~*~*~tactically~*~*~ (outnumbered).
  8598 | D:5      | 8598 ||| Stepping ~*~*~tactically~*~*~ (outnumbered).
  8600 | D:5      | 8600 ||| Stepping ~*~*~tactically~*~*~ (outnumbered).
  8602 | D:5      | 8602 ||| Stepping ~*~*~tactically~*~*~ (outnumbered).
  8604 | D:5      | 8604 ||| Stepping ~*~*~tactically~*~*~ (outnumbered).
  8616 | D:5      | 8616 ||| Stepping ~*~*~tactically~*~*~ (outnumbered).
  8618 | D:5      | 8618 ||| Stepping ~*~*~tactically~*~*~ (outnumbered).
  8620 | D:5      | 8620 ||| Stepping ~*~*~tactically~*~*~ (outnumbered).
  8622 | D:5      | 8622 ||| Stepping ~*~*~tactically~*~*~ (outnumbered).
  8624 | D:5      | 8624 ||| Stepping ~*~*~tactically~*~*~ (outnumbered).
  8636 | D:5      | 8636 ||| Stepping ~*~*~tactically~*~*~ (outnumbered).
  8638 | D:5      | 8638 ||| Stepping ~*~*~tactically~*~*~ (outnumbered).
  8640 | D:5      | 8640 ||| Stepping ~*~*~tactically~*~*~ (outnumbered).
  8642 | D:5      | 8642 ||| Stepping ~*~*~tactically~*~*~ (outnumbered).
  8644 | D:5      | 8644 ||| Stepping ~*~*~tactically~*~*~ (outnumbered).
  8656 | D:5      | 8656 ||| Stepping ~*~*~tactically~*~*~ (outnumbered).
  8658 | D:5      | 8658 ||| Stepping ~*~*~tactically~*~*~ (outnumbered).
  8660 | D:5      | 8660 ||| Stepping ~*~*~tactically~*~*~ (outnumbered).
  8662 | D:5      | 8662 ||| Stepping ~*~*~tactically~*~*~ (outnumbered).
  8664 | D:5      | 8664 ||| Stepping ~*~*~tactically~*~*~ (outnumbered).
  8676 | D:5      | 8676 ||| Stepping ~*~*~tactically~*~*~ (outnumbered).
  8678 | D:5      | 8678 ||| Stepping ~*~*~tactically~*~*~ (outnumbered).
  8680 | D:5      | 8680 ||| Stepping ~*~*~tactically~*~*~ (outnumbered).
  8682 | D:5      | 8682 ||| Stepping ~*~*~tactically~*~*~ (outnumbered).
  8684 | D:5      | 8684 ||| Stepping ~*~*~tactically~*~*~ (outnumbered).
  8696 | D:5      | 8696 ||| Stepping ~*~*~tactically~*~*~ (outnumbered).
  8698 | D:5      | 8698 ||| Stepping ~*~*~tactically~*~*~ (outnumbered).
  8700 | D:5      | 8700 ||| Stepping ~*~*~tactically~*~*~ (outnumbered).
  8702 | D:5      | 8702 ||| Stepping ~*~*~tactically~*~*~ (outnumbered).
  8704 | D:5      | 8704 ||| Stepping ~*~*~tactically~*~*~ (outnumbered).
  8716 | D:5      | 8716 ||| Stepping ~*~*~tactically~*~*~ (outnumbered).
  8718 | D:5      | 8718 ||| Stepping ~*~*~tactically~*~*~ (outnumbered).
  8720 | D:5      | 8720 ||| Stepping ~*~*~tactically~*~*~ (outnumbered).
  8722 | D:5      | 8722 ||| Stepping ~*~*~tactically~*~*~ (outnumbered).
  8724 | D:5      | 8724 ||| Stepping ~*~*~tactically~*~*~ (outnumbered).
  8736 | D:5      | 8736 ||| Stepping ~*~*~tactically~*~*~ (outnumbered).
  8738 | D:5      | 8738 ||| Stepping ~*~*~tactically~*~*~ (outnumbered).
  8740 | D:5      | 8740 ||| Stepping ~*~*~tactically~*~*~ (outnumbered).
  8742 | D:5      | 8742 ||| Stepping ~*~*~tactically~*~*~ (outnumbered).
  8744 | D:5      | 8744 ||| Stepping ~*~*~tactically~*~*~ (outnumbered).
  8756 | D:5      | 8756 ||| Stepping ~*~*~tactically~*~*~ (outnumbered).
  8758 | D:5      | 8758 ||| Stepping ~*~*~tactically~*~*~ (outnumbered).
  8760 | D:5      | 8760 ||| Stepping ~*~*~tactically~*~*~ (outnumbered).
  8762 | D:5      | 8762 ||| Stepping ~*~*~tactically~*~*~ (outnumbered).
  8764 | D:5      | 8764 ||| Stepping ~*~*~tactically~*~*~ (outnumbered).
  8776 | D:5      | 8776 ||| Stepping ~*~*~tactically~*~*~ (outnumbered).
  8778 | D:5      | 8778 ||| Stepping ~*~*~tactically~*~*~ (outnumbered).
  8780 | D:5      | 8780 ||| Stepping ~*~*~tactically~*~*~ (outnumbered).
  8782 | D:5      | 8782 ||| Stepping ~*~*~tactically~*~*~ (outnumbered).
  8784 | D:5      | 8784 ||| Stepping ~*~*~tactically~*~*~ (outnumbered).
  8796 | D:5      | 8796 ||| Stepping ~*~*~tactically~*~*~ (outnumbered).
  8798 | D:5      | 8798 ||| Stepping ~*~*~tactically~*~*~ (outnumbered).
  8800 | D:5      | 8800 ||| Stepping ~*~*~tactically~*~*~ (outnumbered).
  8802 | D:5      | 8802 ||| Stepping ~*~*~tactically~*~*~ (outnumbered).
  8804 | D:5      | 8804 ||| Stepping ~*~*~tactically~*~*~ (outnumbered).
  8816 | D:5      | 8816 ||| Stepping ~*~*~tactically~*~*~ (outnumbered).
  8818 | D:5      | 8818 ||| Stepping ~*~*~tactically~*~*~ (outnumbered).
  8820 | D:5      | 8820 ||| Stepping ~*~*~tactically~*~*~ (outnumbered).
  8822 | D:5      | 8822 ||| Stepping ~*~*~tactically~*~*~ (outnumbered).
  8824 | D:5      | 8824 ||| Stepping ~*~*~tactically~*~*~ (outnumbered).
  8836 | D:5      | 8836 ||| Stepping ~*~*~tactically~*~*~ (outnumbered).
  8838 | D:5      | 8838 ||| Stepping ~*~*~tactically~*~*~ (outnumbered).
  8840 | D:5      | 8840 ||| Stepping ~*~*~tactically~*~*~ (outnumbered).
  8842 | D:5      | 8842 ||| Stepping ~*~*~tactically~*~*~ (outnumbered).
  8844 | D:5      | 8844 ||| Stepping ~*~*~tactically~*~*~ (outnumbered).
  8856 | D:5      | 8856 ||| Stepping ~*~*~tactically~*~*~ (outnumbered).
  8858 | D:5      | 8858 ||| Stepping ~*~*~tactically~*~*~ (outnumbered).
  8860 | D:5      | 8860 ||| Stepping ~*~*~tactically~*~*~ (outnumbered).
  8862 | D:5      | 8862 ||| Stepping ~*~*~tactically~*~*~ (outnumbered).
  8864 | D:5      | 8864 ||| Stepping ~*~*~tactically~*~*~ (outnumbered).
  8876 | D:5      | 8876 ||| Stepping ~*~*~tactically~*~*~ (outnumbered).
  8878 | D:5      | 8878 ||| Stepping ~*~*~tactically~*~*~ (outnumbered).
  8880 | D:5      | 8880 ||| Stepping ~*~*~tactically~*~*~ (outnumbered).
  8882 | D:5      | 8882 ||| Stepping ~*~*~tactically~*~*~ (outnumbered).
  8884 | D:5      | 8884 ||| Stepping ~*~*~tactically~*~*~ (outnumbered).
  8896 | D:5      | 8896 ||| Stepping ~*~*~tactically~*~*~ (outnumbered).
  8898 | D:5      | 8898 ||| Stepping ~*~*~tactically~*~*~ (outnumbered).
  8900 | D:5      | 8900 ||| Stepping ~*~*~tactically~*~*~ (outnumbered).
  8902 | D:5      | 8902 ||| Stepping ~*~*~tactically~*~*~ (outnumbered).
  8904 | D:5      | 8904 ||| Stepping ~*~*~tactically~*~*~ (outnumbered).
  8916 | D:5      | 8916 ||| Stepping ~*~*~tactically~*~*~ (outnumbered).
  8918 | D:5      | 8918 ||| Stepping ~*~*~tactically~*~*~ (outnumbered).
  8920 | D:5      | 8920 ||| Stepping ~*~*~tactically~*~*~ (outnumbered).
  8922 | D:5      | 8922 ||| Stepping ~*~*~tactically~*~*~ (outnumbered).
  8924 | D:5      | 8924 ||| Stepping ~*~*~tactically~*~*~ (outnumbered).
  8936 | D:5      | 8936 ||| Stepping ~*~*~tactically~*~*~ (outnumbered).
  8938 | D:5      | 8938 ||| Stepping ~*~*~tactically~*~*~ (outnumbered).
  8940 | D:5      | 8940 ||| Stepping ~*~*~tactically~*~*~ (outnumbered).
  8942 | D:5      | 8942 ||| Stepping ~*~*~tactically~*~*~ (outnumbered).
  8944 | D:5      | 8944 ||| Stepping ~*~*~tactically~*~*~ (outnumbered).
  8956 | D:5      | 8956 ||| Stepping ~*~*~tactically~*~*~ (outnumbered).
  8958 | D:5      | 8958 ||| Stepping ~*~*~tactically~*~*~ (outnumbered).
  8960 | D:5      | 8960 ||| Stepping ~*~*~tactically~*~*~ (outnumbered).
  8962 | D:5      | 8962 ||| Stepping ~*~*~tactically~*~*~ (outnumbered).
  8964 | D:5      | 8964 ||| Stepping ~*~*~tactically~*~*~ (outnumbered).
  8976 | D:5      | 8976 ||| Stepping ~*~*~tactically~*~*~ (outnumbered).
  8978 | D:5      | 8978 ||| Stepping ~*~*~tactically~*~*~ (outnumbered).
  8980 | D:5      | 8980 ||| Stepping ~*~*~tactically~*~*~ (outnumbered).
  8982 | D:5      | 8982 ||| Stepping ~*~*~tactically~*~*~ (outnumbered).
  8984 | D:5      | 8984 ||| Stepping ~*~*~tactically~*~*~ (outnumbered).
  8996 | D:5      | 8996 ||| Stepping ~*~*~tactically~*~*~ (outnumbered).
  8998 | D:5      | 8998 ||| Stepping ~*~*~tactically~*~*~ (outnumbered).
  9000 | D:5      | 9000 ||| Stepping ~*~*~tactically~*~*~ (outnumbered).
  9002 | D:5      | 9002 ||| Stepping ~*~*~tactically~*~*~ (outnumbered).
  9004 | D:5      | 9004 ||| Stepping ~*~*~tactically~*~*~ (outnumbered).
  9016 | D:5      | 9016 ||| Stepping ~*~*~tactically~*~*~ (outnumbered).
  9018 | D:5      | 9018 ||| Stepping ~*~*~tactically~*~*~ (outnumbered).
  9020 | D:5      | 9020 ||| Stepping ~*~*~tactically~*~*~ (outnumbered).
  9022 | D:5      | 9022 ||| Stepping ~*~*~tactically~*~*~ (outnumbered).
  9024 | D:5      | 9024 ||| Stepping ~*~*~tactically~*~*~ (outnumbered).
  9036 | D:5      | 9036 ||| Stepping ~*~*~tactically~*~*~ (outnumbered).
  9038 | D:5      | 9038 ||| Stepping ~*~*~tactically~*~*~ (outnumbered).
  9040 | D:5      | 9040 ||| Stepping ~*~*~tactically~*~*~ (outnumbered).
  9042 | D:5      | 9042 ||| Stepping ~*~*~tactically~*~*~ (outnumbered).
  9044 | D:5      | 9044 ||| Stepping ~*~*~tactically~*~*~ (outnumbered).
  9056 | D:5      | 9056 ||| Stepping ~*~*~tactically~*~*~ (outnumbered).
  9058 | D:5      | 9058 ||| Stepping ~*~*~tactically~*~*~ (outnumbered).
  9060 | D:5      | 9060 ||| Stepping ~*~*~tactically~*~*~ (outnumbered).
  9062 | D:5      | 9062 ||| Stepping ~*~*~tactically~*~*~ (outnumbered).
  9064 | D:5      | 9064 ||| Stepping ~*~*~tactically~*~*~ (outnumbered).
  9076 | D:5      | 9076 ||| Stepping ~*~*~tactically~*~*~ (outnumbered).
  9078 | D:5      | 9078 ||| Stepping ~*~*~tactically~*~*~ (outnumbered).
  9080 | D:5      | 9080 ||| Stepping ~*~*~tactically~*~*~ (outnumbered).
  9082 | D:5      | 9082 ||| Stepping ~*~*~tactically~*~*~ (outnumbered).
  9084 | D:5      | 9084 ||| Stepping ~*~*~tactically~*~*~ (outnumbered).
  9096 | D:5      | 9096 ||| Stepping ~*~*~tactically~*~*~ (outnumbered).
  9098 | D:5      | 9098 ||| Stepping ~*~*~tactically~*~*~ (outnumbered).
  9100 | D:5      | 9100 ||| Stepping ~*~*~tactically~*~*~ (outnumbered).
  9102 | D:5      | 9102 ||| Stepping ~*~*~tactically~*~*~ (outnumbered).
  9104 | D:5      | 9104 ||| Stepping ~*~*~tactically~*~*~ (outnumbered).
  9116 | D:5      | 9116 ||| Stepping ~*~*~tactically~*~*~ (outnumbered).
  9118 | D:5      | 9118 ||| Stepping ~*~*~tactically~*~*~ (outnumbered).
  9120 | D:5      | 9120 ||| Stepping ~*~*~tactically~*~*~ (outnumbered).
  9122 | D:5      | 9122 ||| Stepping ~*~*~tactically~*~*~ (outnumbered).
  9124 | D:5      | 9124 ||| Stepping ~*~*~tactically~*~*~ (outnumbered).
  9136 | D:5      | 9136 ||| Stepping ~*~*~tactically~*~*~ (outnumbered).
  9138 | D:5      | 9138 ||| Stepping ~*~*~tactically~*~*~ (outnumbered).
  9140 | D:5      | 9140 ||| Stepping ~*~*~tactically~*~*~ (outnumbered).
  9142 | D:5      | 9142 ||| Stepping ~*~*~tactically~*~*~ (outnumbered).
  9144 | D:5      | 9144 ||| Stepping ~*~*~tactically~*~*~ (outnumbered).
  9156 | D:5      | 9156 ||| Stepping ~*~*~tactically~*~*~ (outnumbered).
  9158 | D:5      | 9158 ||| Stepping ~*~*~tactically~*~*~ (outnumbered).
  9160 | D:5      | 9160 ||| Stepping ~*~*~tactically~*~*~ (outnumbered).
  9162 | D:5      | 9162 ||| Stepping ~*~*~tactically~*~*~ (outnumbered).
  9164 | D:5      | 9164 ||| Stepping ~*~*~tactically~*~*~ (outnumbered).
  9176 | D:5      | 9176 ||| Stepping ~*~*~tactically~*~*~ (outnumbered).
  9178 | D:5      | 9178 ||| Stepping ~*~*~tactically~*~*~ (outnumbered).
  9180 | D:5      | 9180 ||| Stepping ~*~*~tactically~*~*~ (outnumbered).
  9182 | D:5      | 9182 ||| Stepping ~*~*~tactically~*~*~ (outnumbered).
  9184 | D:5      | 9184 ||| Stepping ~*~*~tactically~*~*~ (outnumbered).
  9196 | D:5      | 9196 ||| Stepping ~*~*~tactically~*~*~ (outnumbered).
  9198 | D:5      | 9198 ||| Stepping ~*~*~tactically~*~*~ (outnumbered).
  9200 | D:5      | 9200 ||| Stepping ~*~*~tactically~*~*~ (outnumbered).
  9202 | D:5      | 9202 ||| Stepping ~*~*~tactically~*~*~ (outnumbered).
  9204 | D:5      | 9204 ||| Stepping ~*~*~tactically~*~*~ (outnumbered).
  9216 | D:5      | 9216 ||| Stepping ~*~*~tactically~*~*~ (outnumbered).
  9218 | D:5      | 9218 ||| Stepping ~*~*~tactically~*~*~ (outnumbered).
  9220 | D:5      | 9220 ||| Stepping ~*~*~tactically~*~*~ (outnumbered).
  9222 | D:5      | 9222 ||| Stepping ~*~*~tactically~*~*~ (outnumbered).
  9224 | D:5      | 9224 ||| Stepping ~*~*~tactically~*~*~ (outnumbered).
  9236 | D:5      | 9236 ||| Stepping ~*~*~tactically~*~*~ (outnumbered).
  9238 | D:5      | 9238 ||| Stepping ~*~*~tactically~*~*~ (outnumbered).
  9240 | D:5      | 9240 ||| Stepping ~*~*~tactically~*~*~ (outnumbered).
  9242 | D:5      | 9242 ||| Stepping ~*~*~tactically~*~*~ (outnumbered).
  9244 | D:5      | 9244 ||| Stepping ~*~*~tactically~*~*~ (outnumbered).
  9256 | D:5      | 9256 ||| Stepping ~*~*~tactically~*~*~ (outnumbered).
  9258 | D:5      | 9258 ||| Stepping ~*~*~tactically~*~*~ (outnumbered).
  9260 | D:5      | 9260 ||| Stepping ~*~*~tactically~*~*~ (outnumbered).
  9262 | D:5      | 9262 ||| Stepping ~*~*~tactically~*~*~ (outnumbered).
  9264 | D:5      | 9264 ||| Stepping ~*~*~tactically~*~*~ (outnumbered).
  9276 | D:5      | 9276 ||| Stepping ~*~*~tactically~*~*~ (outnumbered).
  9278 | D:5      | 9278 ||| Stepping ~*~*~tactically~*~*~ (outnumbered).
  9280 | D:5      | 9280 ||| Stepping ~*~*~tactically~*~*~ (outnumbered).
  9282 | D:5      | 9282 ||| Stepping ~*~*~tactically~*~*~ (outnumbered).
  9284 | D:5      | 9284 ||| Stepping ~*~*~tactically~*~*~ (outnumbered).
  9296 | D:5      | 9296 ||| Stepping ~*~*~tactically~*~*~ (outnumbered).
  9298 | D:5      | 9298 ||| Stepping ~*~*~tactically~*~*~ (outnumbered).
  9300 | D:5      | 9300 ||| Stepping ~*~*~tactically~*~*~ (outnumbered).
  9302 | D:5      | 9302 ||| Stepping ~*~*~tactically~*~*~ (outnumbered).
  9304 | D:5      | 9304 ||| Stepping ~*~*~tactically~*~*~ (outnumbered).
  9316 | D:5      | 9316 ||| Stepping ~*~*~tactically~*~*~ (outnumbered).
  9318 | D:5      | 9318 ||| Stepping ~*~*~tactically~*~*~ (outnumbered).
  9320 | D:5      | 9320 ||| Stepping ~*~*~tactically~*~*~ (outnumbered).
  9322 | D:5      | 9322 ||| Stepping ~*~*~tactically~*~*~ (outnumbered).
  9324 | D:5      | 9324 ||| Stepping ~*~*~tactically~*~*~ (outnumbered).
  9336 | D:5      | 9336 ||| Stepping ~*~*~tactically~*~*~ (outnumbered).
  9338 | D:5      | 9338 ||| Stepping ~*~*~tactically~*~*~ (outnumbered).
  9340 | D:5      | 9340 ||| Stepping ~*~*~tactically~*~*~ (outnumbered).
  9342 | D:5      | 9342 ||| Stepping ~*~*~tactically~*~*~ (outnumbered).
  9344 | D:5      | 9344 ||| Stepping ~*~*~tactically~*~*~ (outnumbered).
  9356 | D:5      | 9356 ||| Stepping ~*~*~tactically~*~*~ (outnumbered).
  9358 | D:5      | 9358 ||| Stepping ~*~*~tactically~*~*~ (outnumbered).
  9360 | D:5      | 9360 ||| Stepping ~*~*~tactically~*~*~ (outnumbered).
  9362 | D:5      | 9362 ||| Stepping ~*~*~tactically~*~*~ (outnumbered).
  9364 | D:5      | 9364 ||| Stepping ~*~*~tactically~*~*~ (outnumbered).
  9376 | D:5      | 9376 ||| Stepping ~*~*~tactically~*~*~ (outnumbered).
  9378 | D:5      | 9378 ||| Stepping ~*~*~tactically~*~*~ (outnumbered).
  9380 | D:5      | 9380 ||| Stepping ~*~*~tactically~*~*~ (outnumbered).
  9382 | D:5      | 9382 ||| Stepping ~*~*~tactically~*~*~ (outnumbered).
  9384 | D:5      | 9384 ||| Stepping ~*~*~tactically~*~*~ (outnumbered).
  9396 | D:5      | 9396 ||| Stepping ~*~*~tactically~*~*~ (outnumbered).
  9398 | D:5      | 9398 ||| Stepping ~*~*~tactically~*~*~ (outnumbered).
  9400 | D:5      | 9400 ||| Stepping ~*~*~tactically~*~*~ (outnumbered).
  9402 | D:5      | 9402 ||| Stepping ~*~*~tactically~*~*~ (outnumbered).
  9404 | D:5      | 9404 ||| Stepping ~*~*~tactically~*~*~ (outnumbered).
  9416 | D:5      | 9416 ||| Stepping ~*~*~tactically~*~*~ (outnumbered).
  9418 | D:5      | 9418 ||| Stepping ~*~*~tactically~*~*~ (outnumbered).
  9420 | D:5      | 9420 ||| Stepping ~*~*~tactically~*~*~ (outnumbered).
  9422 | D:5      | 9422 ||| Stepping ~*~*~tactically~*~*~ (outnumbered).
  9424 | D:5      | 9424 ||| Stepping ~*~*~tactically~*~*~ (outnumbered).
  9436 | D:5      | 9436 ||| Stepping ~*~*~tactically~*~*~ (outnumbered).
  9438 | D:5      | 9438 ||| Stepping ~*~*~tactically~*~*~ (outnumbered).
  9440 | D:5      | 9440 ||| Stepping ~*~*~tactically~*~*~ (outnumbered).
  9442 | D:5      | 9442 ||| Stepping ~*~*~tactically~*~*~ (outnumbered).
  9444 | D:5      | 9444 ||| Stepping ~*~*~tactically~*~*~ (outnumbered).
  9456 | D:5      | 9456 ||| Stepping ~*~*~tactically~*~*~ (outnumbered).
  9458 | D:5      | 9458 ||| Stepping ~*~*~tactically~*~*~ (outnumbered).
  9460 | D:5      | 9460 ||| Stepping ~*~*~tactically~*~*~ (outnumbered).
  9462 | D:5      | 9462 ||| Stepping ~*~*~tactically~*~*~ (outnumbered).
  9464 | D:5      | 9464 ||| Stepping ~*~*~tactically~*~*~ (outnumbered).
  9476 | D:5      | 9476 ||| Stepping ~*~*~tactically~*~*~ (outnumbered).
  9478 | D:5      | 9478 ||| Stepping ~*~*~tactically~*~*~ (outnumbered).
  9480 | D:5      | 9480 ||| Stepping ~*~*~tactically~*~*~ (outnumbered).
  9482 | D:5      | 9482 ||| Stepping ~*~*~tactically~*~*~ (outnumbered).
  9484 | D:5      | 9484 ||| Stepping ~*~*~tactically~*~*~ (outnumbered).
  9496 | D:5      | 9496 ||| Stepping ~*~*~tactically~*~*~ (outnumbered).
  9498 | D:5      | 9498 ||| Stepping ~*~*~tactically~*~*~ (outnumbered).
  9500 | D:5      | 9500 ||| Stepping ~*~*~tactically~*~*~ (outnumbered).
  9502 | D:5      | 9502 ||| Stepping ~*~*~tactically~*~*~ (outnumbered).
  9504 | D:5      | 9504 ||| Stepping ~*~*~tactically~*~*~ (outnumbered).
  9516 | D:5      | 9516 ||| Stepping ~*~*~tactically~*~*~ (outnumbered).
  9518 | D:5      | 9518 ||| Stepping ~*~*~tactically~*~*~ (outnumbered).
  9520 | D:5      | 9520 ||| Stepping ~*~*~tactically~*~*~ (outnumbered).
  9522 | D:5      | 9522 ||| Stepping ~*~*~tactically~*~*~ (outnumbered).
  9524 | D:5      | 9524 ||| Stepping ~*~*~tactically~*~*~ (outnumbered).
  9536 | D:5      | 9536 ||| Stepping ~*~*~tactically~*~*~ (outnumbered).
  9538 | D:5      | 9538 ||| Stepping ~*~*~tactically~*~*~ (outnumbered).
  9540 | D:5      | 9540 ||| Stepping ~*~*~tactically~*~*~ (outnumbered).
  9542 | D:5      | 9542 ||| Stepping ~*~*~tactically~*~*~ (outnumbered).
  9544 | D:5      | 9544 ||| Stepping ~*~*~tactically~*~*~ (outnumbered).
  9556 | D:5      | 9556 ||| Stepping ~*~*~tactically~*~*~ (outnumbered).
  9558 | D:5      | 9558 ||| Stepping ~*~*~tactically~*~*~ (outnumbered).
  9560 | D:5      | 9560 ||| Stepping ~*~*~tactically~*~*~ (outnumbered).
  9562 | D:5      | 9562 ||| Stepping ~*~*~tactically~*~*~ (outnumbered).
  9564 | D:5      | 9564 ||| Stepping ~*~*~tactically~*~*~ (outnumbered).
  9576 | D:5      | 9576 ||| Stepping ~*~*~tactically~*~*~ (outnumbered).
  9578 | D:5      | 9578 ||| Stepping ~*~*~tactically~*~*~ (outnumbered).
  9580 | D:5      | 9580 ||| Stepping ~*~*~tactically~*~*~ (outnumbered).
  9582 | D:5      | 9582 ||| Stepping ~*~*~tactically~*~*~ (outnumbered).
  9584 | D:5      | 9584 ||| Stepping ~*~*~tactically~*~*~ (outnumbered).
  9596 | D:5      | 9596 ||| Stepping ~*~*~tactically~*~*~ (outnumbered).
  9598 | D:5      | 9598 ||| Stepping ~*~*~tactically~*~*~ (outnumbered).
  9600 | D:5      | 9600 ||| Stepping ~*~*~tactically~*~*~ (outnumbered).
  9602 | D:5      | 9602 ||| Stepping ~*~*~tactically~*~*~ (outnumbered).
  9604 | D:5      | 9604 ||| Stepping ~*~*~tactically~*~*~ (outnumbered).
  9616 | D:5      | 9616 ||| Stepping ~*~*~tactically~*~*~ (outnumbered).
  9618 | D:5      | 9618 ||| Stepping ~*~*~tactically~*~*~ (outnumbered).
  9620 | D:5      | 9620 ||| Stepping ~*~*~tactically~*~*~ (outnumbered).
  9622 | D:5      | 9622 ||| Stepping ~*~*~tactically~*~*~ (outnumbered).
  9624 | D:5      | 9624 ||| Stepping ~*~*~tactically~*~*~ (outnumbered).
  9636 | D:5      | 9636 ||| Stepping ~*~*~tactically~*~*~ (outnumbered).
  9638 | D:5      | 9638 ||| Stepping ~*~*~tactically~*~*~ (outnumbered).
  9640 | D:5      | 9640 ||| Stepping ~*~*~tactically~*~*~ (outnumbered).
  9642 | D:5      | 9642 ||| Stepping ~*~*~tactically~*~*~ (outnumbered).
  9644 | D:5      | 9644 ||| Stepping ~*~*~tactically~*~*~ (outnumbered).
  9656 | D:5      | 9656 ||| Stepping ~*~*~tactically~*~*~ (outnumbered).
  9658 | D:5      | 9658 ||| Stepping ~*~*~tactically~*~*~ (outnumbered).
  9660 | D:5      | 9660 ||| Stepping ~*~*~tactically~*~*~ (outnumbered).
  9662 | D:5      | 9662 ||| Stepping ~*~*~tactically~*~*~ (outnumbered).
  9664 | D:5      | 9664 ||| Stepping ~*~*~tactically~*~*~ (outnumbered).
  9676 | D:5      | 9676 ||| Stepping ~*~*~tactically~*~*~ (outnumbered).
  9678 | D:5      | 9678 ||| Stepping ~*~*~tactically~*~*~ (outnumbered).
  9680 | D:5      | 9680 ||| Stepping ~*~*~tactically~*~*~ (outnumbered).
  9682 | D:5      | 9682 ||| Stepping ~*~*~tactically~*~*~ (outnumbered).
  9684 | D:5      | 9684 ||| Stepping ~*~*~tactically~*~*~ (outnumbered).
  9696 | D:5      | 9696 ||| Stepping ~*~*~tactically~*~*~ (outnumbered).
  9698 | D:5      | 9698 ||| Stepping ~*~*~tactically~*~*~ (outnumbered).
  9700 | D:5      | 9700 ||| Stepping ~*~*~tactically~*~*~ (outnumbered).
  9702 | D:5      | 9702 ||| Stepping ~*~*~tactically~*~*~ (outnumbered).
  9704 | D:5      | 9704 ||| Stepping ~*~*~tactically~*~*~ (outnumbered).
  9716 | D:5      | 9716 ||| Stepping ~*~*~tactically~*~*~ (outnumbered).
  9718 | D:5      | 9718 ||| Stepping ~*~*~tactically~*~*~ (outnumbered).
  9720 | D:5      | 9720 ||| Stepping ~*~*~tactically~*~*~ (outnumbered).
  9722 | D:5      | 9722 ||| Stepping ~*~*~tactically~*~*~ (outnumbered).
  9724 | D:5      | 9724 ||| Stepping ~*~*~tactically~*~*~ (outnumbered).
  9736 | D:5      | 9736 ||| Stepping ~*~*~tactically~*~*~ (outnumbered).
  9738 | D:5      | 9738 ||| Stepping ~*~*~tactically~*~*~ (outnumbered).
  9740 | D:5      | 9740 ||| Stepping ~*~*~tactically~*~*~ (outnumbered).
  9742 | D:5      | 9742 ||| Stepping ~*~*~tactically~*~*~ (outnumbered).
  9744 | D:5      | 9744 ||| Stepping ~*~*~tactically~*~*~ (outnumbered).
  9756 | D:5      | 9756 ||| Stepping ~*~*~tactically~*~*~ (outnumbered).
  9758 | D:5      | 9758 ||| Stepping ~*~*~tactically~*~*~ (outnumbered).
  9760 | D:5      | 9760 ||| Stepping ~*~*~tactically~*~*~ (outnumbered).
  9762 | D:5      | 9762 ||| Stepping ~*~*~tactically~*~*~ (outnumbered).
  9764 | D:5      | 9764 ||| Stepping ~*~*~tactically~*~*~ (outnumbered).
  9776 | D:5      | 9776 ||| Stepping ~*~*~tactically~*~*~ (outnumbered).
  9778 | D:5      | 9778 ||| Stepping ~*~*~tactically~*~*~ (outnumbered).
  9780 | D:5      | 9780 ||| Stepping ~*~*~tactically~*~*~ (outnumbered).
  9782 | D:5      | 9782 ||| Stepping ~*~*~tactically~*~*~ (outnumbered).
  9784 | D:5      | 9784 ||| Stepping ~*~*~tactically~*~*~ (outnumbered).
  9796 | D:5      | 9796 ||| Stepping ~*~*~tactically~*~*~ (outnumbered).
  9798 | D:5      | 9798 ||| Stepping ~*~*~tactically~*~*~ (outnumbered).
  9800 | D:5      | 9800 ||| Stepping ~*~*~tactically~*~*~ (outnumbered).
  9802 | D:5      | 9802 ||| Stepping ~*~*~tactically~*~*~ (outnumbered).
  9804 | D:5      | 9804 ||| Stepping ~*~*~tactically~*~*~ (outnumbered).
  9816 | D:5      | 9816 ||| Stepping ~*~*~tactically~*~*~ (outnumbered).
  9818 | D:5      | 9818 ||| Stepping ~*~*~tactically~*~*~ (outnumbered).
  9820 | D:5      | 9820 ||| Stepping ~*~*~tactically~*~*~ (outnumbered).
  9822 | D:5      | 9822 ||| Stepping ~*~*~tactically~*~*~ (outnumbered).
  9824 | D:5      | 9824 ||| Stepping ~*~*~tactically~*~*~ (outnumbered).
  9836 | D:5      | 9836 ||| Stepping ~*~*~tactically~*~*~ (outnumbered).
  9838 | D:5      | 9838 ||| Stepping ~*~*~tactically~*~*~ (outnumbered).
  9840 | D:5      | 9840 ||| Stepping ~*~*~tactically~*~*~ (outnumbered).
  9842 | D:5      | 9842 ||| Stepping ~*~*~tactically~*~*~ (outnumbered).
  9844 | D:5      | 9844 ||| Stepping ~*~*~tactically~*~*~ (outnumbered).
  9856 | D:5      | 9856 ||| Stepping ~*~*~tactically~*~*~ (outnumbered).
  9858 | D:5      | 9858 ||| Stepping ~*~*~tactically~*~*~ (outnumbered).
  9860 | D:5      | 9860 ||| Stepping ~*~*~tactically~*~*~ (outnumbered).
  9862 | D:5      | 9862 ||| Stepping ~*~*~tactically~*~*~ (outnumbered).
  9864 | D:5      | 9864 ||| Stepping ~*~*~tactically~*~*~ (outnumbered).
  9876 | D:5      | 9876 ||| Stepping ~*~*~tactically~*~*~ (outnumbered).
  9878 | D:5      | 9878 ||| Stepping ~*~*~tactically~*~*~ (outnumbered).
  9880 | D:5      | 9880 ||| Stepping ~*~*~tactically~*~*~ (outnumbered).
  9882 | D:5      | 9882 ||| Stepping ~*~*~tactically~*~*~ (outnumbered).
  9884 | D:5      | 9884 ||| Stepping ~*~*~tactically~*~*~ (outnumbered).
  9896 | D:5      | 9896 ||| Stepping ~*~*~tactically~*~*~ (outnumbered).
  9898 | D:5      | 9898 ||| Stepping ~*~*~tactically~*~*~ (outnumbered).
  9900 | D:5      | 9900 ||| Stepping ~*~*~tactically~*~*~ (outnumbered).
  9902 | D:5      | 9902 ||| Stepping ~*~*~tactically~*~*~ (outnumbered).
  9904 | D:5      | 9904 ||| Stepping ~*~*~tactically~*~*~ (outnumbered).
  9916 | D:5      | 9916 ||| Stepping ~*~*~tactically~*~*~ (outnumbered).
  9918 | D:5      | 9918 ||| Stepping ~*~*~tactically~*~*~ (outnumbered).
  9920 | D:5      | 9920 ||| Stepping ~*~*~tactically~*~*~ (outnumbered).
  9922 | D:5      | 9922 ||| Stepping ~*~*~tactically~*~*~ (outnumbered).
  9924 | D:5      | 9924 ||| Stepping ~*~*~tactically~*~*~ (outnumbered).
  9936 | D:5      | 9936 ||| Stepping ~*~*~tactically~*~*~ (outnumbered).
  9938 | D:5      | 9938 ||| Stepping ~*~*~tactically~*~*~ (outnumbered).
  9940 | D:5      | 9940 ||| Stepping ~*~*~tactically~*~*~ (outnumbered).
  9942 | D:5      | 9942 ||| Stepping ~*~*~tactically~*~*~ (outnumbered).
  9944 | D:5      | 9944 ||| Stepping ~*~*~tactically~*~*~ (outnumbered).
  9956 | D:5      | 9956 ||| Stepping ~*~*~tactically~*~*~ (outnumbered).
  9958 | D:5      | 9958 ||| Stepping ~*~*~tactically~*~*~ (outnumbered).
  9960 | D:5      | 9960 ||| Stepping ~*~*~tactically~*~*~ (outnumbered).
  9962 | D:5      | 9962 ||| Stepping ~*~*~tactically~*~*~ (outnumbered).
  9964 | D:5      | 9964 ||| Stepping ~*~*~tactically~*~*~ (outnumbered).
  9976 | D:5      | 9976 ||| Stepping ~*~*~tactically~*~*~ (outnumbered).
  9978 | D:5      | 9978 ||| Stepping ~*~*~tactically~*~*~ (outnumbered).
  9980 | D:5      | 9980 ||| Stepping ~*~*~tactically~*~*~ (outnumbered).
  9982 | D:5      | 9982 ||| Stepping ~*~*~tactically~*~*~ (outnumbered).
  9984 | D:5      | 9984 ||| Stepping ~*~*~tactically~*~*~ (outnumbered).
  9996 | D:5      | 9996 ||| Stepping ~*~*~tactically~*~*~ (outnumbered).
  9998 | D:5      | 9998 ||| Stepping ~*~*~tactically~*~*~ (outnumbered).
 10000 | D:5      | 10000 ||| Stepping ~*~*~tactically~*~*~ (outnumbered).
 10002 | D:5      | 10002 ||| Stepping ~*~*~tactically~*~*~ (outnumbered).
 10004 | D:5      | 10004 ||| Stepping ~*~*~tactically~*~*~ (outnumbered).
 10016 | D:5      | 10016 ||| Stepping ~*~*~tactically~*~*~ (outnumbered).
 10018 | D:5      | 10018 ||| Stepping ~*~*~tactically~*~*~ (outnumbered).
 10020 | D:5      | 10020 ||| Stepping ~*~*~tactically~*~*~ (outnumbered).
 10022 | D:5      | 10022 ||| Stepping ~*~*~tactically~*~*~ (outnumbered).
 10024 | D:5      | 10024 ||| Stepping ~*~*~tactically~*~*~ (outnumbered).
 10036 | D:5      | 10036 ||| Stepping ~*~*~tactically~*~*~ (outnumbered).
 10038 | D:5      | 10038 ||| Stepping ~*~*~tactically~*~*~ (outnumbered).
 10040 | D:5      | 10040 ||| Stepping ~*~*~tactically~*~*~ (outnumbered).
 10042 | D:5      | 10042 ||| Stepping ~*~*~tactically~*~*~ (outnumbered).
 10044 | D:5      | 10044 ||| Stepping ~*~*~tactically~*~*~ (outnumbered).
 10056 | D:5      | 10056 ||| Stepping ~*~*~tactically~*~*~ (outnumbered).
 10058 | D:5      | 10058 ||| Stepping ~*~*~tactically~*~*~ (outnumbered).
 10060 | D:5      | 10060 ||| Stepping ~*~*~tactically~*~*~ (outnumbered).
 10062 | D:5      | 10062 ||| Stepping ~*~*~tactically~*~*~ (outnumbered).
 10064 | D:5      | 10064 ||| Stepping ~*~*~tactically~*~*~ (outnumbered).
 10076 | D:5      | 10076 ||| Stepping ~*~*~tactically~*~*~ (outnumbered).
 10078 | D:5      | 10078 ||| Stepping ~*~*~tactically~*~*~ (outnumbered).
 10080 | D:5      | 10080 ||| Stepping ~*~*~tactically~*~*~ (outnumbered).
 10082 | D:5      | 10082 ||| Stepping ~*~*~tactically~*~*~ (outnumbered).
 10084 | D:5      | 10084 ||| Stepping ~*~*~tactically~*~*~ (outnumbered).
 10096 | D:5      | 10096 ||| Stepping ~*~*~tactically~*~*~ (outnumbered).
 10098 | D:5      | 10098 ||| Stepping ~*~*~tactically~*~*~ (outnumbered).
 10100 | D:5      | 10100 ||| Stepping ~*~*~tactically~*~*~ (outnumbered).
 10102 | D:5      | 10102 ||| Stepping ~*~*~tactically~*~*~ (outnumbered).
 10104 | D:5      | 10104 ||| Stepping ~*~*~tactically~*~*~ (outnumbered).
 10116 | D:5      | 10116 ||| Stepping ~*~*~tactically~*~*~ (outnumbered).
 10118 | D:5      | 10118 ||| Stepping ~*~*~tactically~*~*~ (outnumbered).
 10120 | D:5      | 10120 ||| Stepping ~*~*~tactically~*~*~ (outnumbered).
 10122 | D:5      | 10122 ||| Stepping ~*~*~tactically~*~*~ (outnumbered).
 10124 | D:5      | 10124 ||| Stepping ~*~*~tactically~*~*~ (outnumbered).
 10136 | D:5      | 10136 ||| Stepping ~*~*~tactically~*~*~ (outnumbered).
 10138 | D:5      | 10138 ||| Stepping ~*~*~tactically~*~*~ (outnumbered).
 10140 | D:5      | 10140 ||| Stepping ~*~*~tactically~*~*~ (outnumbered).
 10142 | D:5      | 10142 ||| Stepping ~*~*~tactically~*~*~ (outnumbered).
 10144 | D:5      | 10144 ||| Stepping ~*~*~tactically~*~*~ (outnumbered).
 10156 | D:5      | 10156 ||| Stepping ~*~*~tactically~*~*~ (outnumbered).
 10158 | D:5      | 10158 ||| Stepping ~*~*~tactically~*~*~ (outnumbered).
 10160 | D:5      | 10160 ||| Stepping ~*~*~tactically~*~*~ (outnumbered).
 10162 | D:5      | 10162 ||| Stepping ~*~*~tactically~*~*~ (outnumbered).
 10164 | D:5      | 10164 ||| Stepping ~*~*~tactically~*~*~ (outnumbered).
 10176 | D:5      | 10176 ||| Stepping ~*~*~tactically~*~*~ (outnumbered).
 10178 | D:5      | 10178 ||| Stepping ~*~*~tactically~*~*~ (outnumbered).
 10180 | D:5      | 10180 ||| Stepping ~*~*~tactically~*~*~ (outnumbered).
 10182 | D:5      | 10182 ||| Stepping ~*~*~tactically~*~*~ (outnumbered).
 10184 | D:5      | 10184 ||| Stepping ~*~*~tactically~*~*~ (outnumbered).
 10196 | D:5      | 10196 ||| Stepping ~*~*~tactically~*~*~ (outnumbered).
 10198 | D:5      | 10198 ||| Stepping ~*~*~tactically~*~*~ (outnumbered).
 10200 | D:5      | 10200 ||| Stepping ~*~*~tactically~*~*~ (outnumbered).
 10202 | D:5      | 10202 ||| Stepping ~*~*~tactically~*~*~ (outnumbered).
 10204 | D:5      | 10204 ||| Stepping ~*~*~tactically~*~*~ (outnumbered).
 10216 | D:5      | 10216 ||| Stepping ~*~*~tactically~*~*~ (outnumbered).
 10218 | D:5      | 10218 ||| Stepping ~*~*~tactically~*~*~ (outnumbered).
 10220 | D:5      | 10220 ||| Stepping ~*~*~tactically~*~*~ (outnumbered).
 10222 | D:5      | 10222 ||| Stepping ~*~*~tactically~*~*~ (outnumbered).
 10224 | D:5      | 10224 ||| Stepping ~*~*~tactically~*~*~ (outnumbered).
 10236 | D:5      | 10236 ||| Stepping ~*~*~tactically~*~*~ (outnumbered).
 10238 | D:5      | 10238 ||| Stepping ~*~*~tactically~*~*~ (outnumbered).
 10240 | D:5      | 10240 ||| Stepping ~*~*~tactically~*~*~ (outnumbered).
 10242 | D:5      | 10242 ||| Stepping ~*~*~tactically~*~*~ (outnumbered).
 10244 | D:5      | 10244 ||| Stepping ~*~*~tactically~*~*~ (outnumbered).
 10256 | D:5      | 10256 ||| Stepping ~*~*~tactically~*~*~ (outnumbered).
 10258 | D:5      | 10258 ||| Stepping ~*~*~tactically~*~*~ (outnumbered).
 10260 | D:5      | 10260 ||| Stepping ~*~*~tactically~*~*~ (outnumbered).
 10262 | D:5      | 10262 ||| Stepping ~*~*~tactically~*~*~ (outnumbered).
 10264 | D:5      | 10264 ||| Stepping ~*~*~tactically~*~*~ (outnumbered).
 10276 | D:5      | 10276 ||| Stepping ~*~*~tactically~*~*~ (outnumbered).
 10278 | D:5      | 10278 ||| Stepping ~*~*~tactically~*~*~ (outnumbered).
 10280 | D:5      | 10280 ||| Stepping ~*~*~tactically~*~*~ (outnumbered).
 10282 | D:5      | 10282 ||| Stepping ~*~*~tactically~*~*~ (outnumbered).
 10284 | D:5      | 10284 ||| Stepping ~*~*~tactically~*~*~ (outnumbered).
 10296 | D:5      | 10296 ||| Stepping ~*~*~tactically~*~*~ (outnumbered).
 10298 | D:5      | 10298 ||| Stepping ~*~*~tactically~*~*~ (outnumbered).
 10300 | D:5      | 10300 ||| Stepping ~*~*~tactically~*~*~ (outnumbered).
 10302 | D:5      | 10302 ||| Stepping ~*~*~tactically~*~*~ (outnumbered).
 10304 | D:5      | 10304 ||| Stepping ~*~*~tactically~*~*~ (outnumbered).
 10316 | D:5      | 10316 ||| Stepping ~*~*~tactically~*~*~ (outnumbered).
 10318 | D:5      | 10318 ||| Stepping ~*~*~tactically~*~*~ (outnumbered).
 10320 | D:5      | 10320 ||| Stepping ~*~*~tactically~*~*~ (outnumbered).
 10322 | D:5      | 10322 ||| Stepping ~*~*~tactically~*~*~ (outnumbered).
 10324 | D:5      | 10324 ||| Stepping ~*~*~tactically~*~*~ (outnumbered).
 10336 | D:5      | 10336 ||| Stepping ~*~*~tactically~*~*~ (outnumbered).
 10338 | D:5      | 10338 ||| Stepping ~*~*~tactically~*~*~ (outnumbered).
 10340 | D:5      | 10340 ||| Stepping ~*~*~tactically~*~*~ (outnumbered).
 10342 | D:5      | 10342 ||| Stepping ~*~*~tactically~*~*~ (outnumbered).
 10344 | D:5      | 10344 ||| Stepping ~*~*~tactically~*~*~ (outnumbered).
 10356 | D:5      | 10356 ||| Stepping ~*~*~tactically~*~*~ (outnumbered).
 10358 | D:5      | 10358 ||| Stepping ~*~*~tactically~*~*~ (outnumbered).
 10360 | D:5      | 10360 ||| Stepping ~*~*~tactically~*~*~ (outnumbered).
 10362 | D:5      | 10362 ||| Stepping ~*~*~tactically~*~*~ (outnumbered).
 10364 | D:5      | 10364 ||| Stepping ~*~*~tactically~*~*~ (outnumbered).
 10376 | D:5      | 10376 ||| Stepping ~*~*~tactically~*~*~ (outnumbered).
 10378 | D:5      | 10378 ||| Stepping ~*~*~tactically~*~*~ (outnumbered).
 10380 | D:5      | 10380 ||| Stepping ~*~*~tactically~*~*~ (outnumbered).
 10382 | D:5      | 10382 ||| Stepping ~*~*~tactically~*~*~ (outnumbered).
 10384 | D:5      | 10384 ||| Stepping ~*~*~tactically~*~*~ (outnumbered).
 10396 | D:5      | 10396 ||| Stepping ~*~*~tactically~*~*~ (outnumbered).
 10398 | D:5      | 10398 ||| Stepping ~*~*~tactically~*~*~ (outnumbered).
 10400 | D:5      | 10400 ||| Stepping ~*~*~tactically~*~*~ (outnumbered).
 10402 | D:5      | 10402 ||| Stepping ~*~*~tactically~*~*~ (outnumbered).
 10404 | D:5      | 10404 ||| Stepping ~*~*~tactically~*~*~ (outnumbered).
 10416 | D:5      | 10416 ||| Stepping ~*~*~tactically~*~*~ (outnumbered).
 10418 | D:5      | 10418 ||| Stepping ~*~*~tactically~*~*~ (outnumbered).
 10420 | D:5      | 10420 ||| Stepping ~*~*~tactically~*~*~ (outnumbered).
 10422 | D:5      | 10422 ||| Stepping ~*~*~tactically~*~*~ (outnumbered).
 10424 | D:5      | 10424 ||| Stepping ~*~*~tactically~*~*~ (outnumbered).
 10436 | D:5      | 10436 ||| Stepping ~*~*~tactically~*~*~ (outnumbered).
 10438 | D:5      | 10438 ||| Stepping ~*~*~tactically~*~*~ (outnumbered).
 10440 | D:5      | 10440 ||| Stepping ~*~*~tactically~*~*~ (outnumbered).
 10442 | D:5      | 10442 ||| Stepping ~*~*~tactically~*~*~ (outnumbered).
 10444 | D:5      | 10444 ||| Stepping ~*~*~tactically~*~*~ (outnumbered).
 10456 | D:5      | 10456 ||| Stepping ~*~*~tactically~*~*~ (outnumbered).
 10458 | D:5      | 10458 ||| Stepping ~*~*~tactically~*~*~ (outnumbered).
 10460 | D:5      | 10460 ||| Stepping ~*~*~tactically~*~*~ (outnumbered).
 10462 | D:5      | 10462 ||| Stepping ~*~*~tactically~*~*~ (outnumbered).
 10464 | D:5      | 10464 ||| Stepping ~*~*~tactically~*~*~ (outnumbered).
 10476 | D:5      | 10476 ||| Stepping ~*~*~tactically~*~*~ (outnumbered).
 10478 | D:5      | 10478 ||| Stepping ~*~*~tactically~*~*~ (outnumbered).
 10480 | D:5      | 10480 ||| Stepping ~*~*~tactically~*~*~ (outnumbered).
 10482 | D:5      | 10482 ||| Stepping ~*~*~tactically~*~*~ (outnumbered).
 10484 | D:5      | 10484 ||| Stepping ~*~*~tactically~*~*~ (outnumbered).
 10496 | D:5      | 10496 ||| Stepping ~*~*~tactically~*~*~ (outnumbered).
 10498 | D:5      | 10498 ||| Stepping ~*~*~tactically~*~*~ (outnumbered).
 10500 | D:5      | 10500 ||| Stepping ~*~*~tactically~*~*~ (outnumbered).
 10502 | D:5      | 10502 ||| Stepping ~*~*~tactically~*~*~ (outnumbered).
 10504 | D:5      | 10504 ||| Stepping ~*~*~tactically~*~*~ (outnumbered).
 10516 | D:5      | 10516 ||| Stepping ~*~*~tactically~*~*~ (outnumbered).
 10518 | D:5      | 10518 ||| Stepping ~*~*~tactically~*~*~ (outnumbered).
 10520 | D:5      | 10520 ||| Stepping ~*~*~tactically~*~*~ (outnumbered).
 10522 | D:5      | 10522 ||| Stepping ~*~*~tactically~*~*~ (outnumbered).
 10524 | D:5      | 10524 ||| Stepping ~*~*~tactically~*~*~ (outnumbered).
 10536 | D:5      | 10536 ||| Stepping ~*~*~tactically~*~*~ (outnumbered).
 10538 | D:5      | 10538 ||| Stepping ~*~*~tactically~*~*~ (outnumbered).
 10540 | D:5      | 10540 ||| Stepping ~*~*~tactically~*~*~ (outnumbered).
 10542 | D:5      | 10542 ||| Stepping ~*~*~tactically~*~*~ (outnumbered).
 10544 | D:5      | 10544 ||| Stepping ~*~*~tactically~*~*~ (outnumbered).
 10556 | D:5      | 10556 ||| Stepping ~*~*~tactically~*~*~ (outnumbered).
 10558 | D:5      | 10558 ||| Stepping ~*~*~tactically~*~*~ (outnumbered).
 10560 | D:5      | 10560 ||| Stepping ~*~*~tactically~*~*~ (outnumbered).
 10562 | D:5      | 10562 ||| Stepping ~*~*~tactically~*~*~ (outnumbered).
 10564 | D:5      | 10564 ||| Stepping ~*~*~tactically~*~*~ (outnumbered).
 10576 | D:5      | 10576 ||| Stepping ~*~*~tactically~*~*~ (outnumbered).
 10578 | D:5      | 10578 ||| Stepping ~*~*~tactically~*~*~ (outnumbered).
 10580 | D:5      | 10580 ||| Stepping ~*~*~tactically~*~*~ (outnumbered).
 10582 | D:5      | 10582 ||| Stepping ~*~*~tactically~*~*~ (outnumbered).
 10584 | D:5      | 10584 ||| Stepping ~*~*~tactically~*~*~ (outnumbered).
 10596 | D:5      | 10596 ||| Stepping ~*~*~tactically~*~*~ (outnumbered).
 10598 | D:5      | 10598 ||| Stepping ~*~*~tactically~*~*~ (outnumbered).
 10600 | D:5      | 10600 ||| Stepping ~*~*~tactically~*~*~ (outnumbered).
 10602 | D:5      | 10602 ||| Stepping ~*~*~tactically~*~*~ (outnumbered).
 10604 | D:5      | 10604 ||| Stepping ~*~*~tactically~*~*~ (outnumbered).
 10616 | D:5      | 10616 ||| Stepping ~*~*~tactically~*~*~ (outnumbered).
 10618 | D:5      | 10618 ||| Stepping ~*~*~tactically~*~*~ (outnumbered).
 10620 | D:5      | 10620 ||| Stepping ~*~*~tactically~*~*~ (outnumbered).
 10622 | D:5      | 10622 ||| Stepping ~*~*~tactically~*~*~ (outnumbered).
 10624 | D:5      | 10624 ||| Stepping ~*~*~tactically~*~*~ (outnumbered).
 10636 | D:5      | 10636 ||| Stepping ~*~*~tactically~*~*~ (outnumbered).
 10638 | D:5      | 10638 ||| Stepping ~*~*~tactically~*~*~ (outnumbered).
 10640 | D:5      | 10640 ||| Stepping ~*~*~tactically~*~*~ (outnumbered).
 10642 | D:5      | 10642 ||| Stepping ~*~*~tactically~*~*~ (outnumbered).
 10644 | D:5      | 10644 ||| Stepping ~*~*~tactically~*~*~ (outnumbered).
 10656 | D:5      | 10656 ||| Stepping ~*~*~tactically~*~*~ (outnumbered).
 10658 | D:5      | 10658 ||| Stepping ~*~*~tactically~*~*~ (outnumbered).
 10660 | D:5      | 10660 ||| Stepping ~*~*~tactically~*~*~ (outnumbered).
 10662 | D:5      | 10662 ||| Stepping ~*~*~tactically~*~*~ (outnumbered).
 10664 | D:5      | 10664 ||| Stepping ~*~*~tactically~*~*~ (outnumbered).
 10676 | D:5      | 10676 ||| Stepping ~*~*~tactically~*~*~ (outnumbered).
 10678 | D:5      | 10678 ||| Stepping ~*~*~tactically~*~*~ (outnumbered).
 10680 | D:5      | 10680 ||| Stepping ~*~*~tactically~*~*~ (outnumbered).
 10682 | D:5      | 10682 ||| Stepping ~*~*~tactically~*~*~ (outnumbered).
 10684 | D:5      | 10684 ||| Stepping ~*~*~tactically~*~*~ (outnumbered).
 10696 | D:5      | 10696 ||| Stepping ~*~*~tactically~*~*~ (outnumbered).
 10698 | D:5      | 10698 ||| Stepping ~*~*~tactically~*~*~ (outnumbered).
 10700 | D:5      | 10700 ||| Stepping ~*~*~tactically~*~*~ (outnumbered).
 10702 | D:5      | 10702 ||| Stepping ~*~*~tactically~*~*~ (outnumbered).
 10704 | D:5      | 10704 ||| Stepping ~*~*~tactically~*~*~ (outnumbered).
 10716 | D:5      | 10716 ||| Stepping ~*~*~tactically~*~*~ (outnumbered).
 10718 | D:5      | 10718 ||| Stepping ~*~*~tactically~*~*~ (outnumbered).
 10720 | D:5      | 10720 ||| Stepping ~*~*~tactically~*~*~ (outnumbered).
 10722 | D:5      | 10722 ||| Stepping ~*~*~tactically~*~*~ (outnumbered).
 10724 | D:5      | 10724 ||| Stepping ~*~*~tactically~*~*~ (outnumbered).
 10736 | D:5      | 10736 ||| Stepping ~*~*~tactically~*~*~ (outnumbered).
 10738 | D:5      | 10738 ||| Stepping ~*~*~tactically~*~*~ (outnumbered).
 10740 | D:5      | 10740 ||| Stepping ~*~*~tactically~*~*~ (outnumbered).
 10742 | D:5      | 10742 ||| Stepping ~*~*~tactically~*~*~ (outnumbered).
 10744 | D:5      | 10744 ||| Stepping ~*~*~tactically~*~*~ (outnumbered).
 10756 | D:5      | 10756 ||| Stepping ~*~*~tactically~*~*~ (outnumbered).
 10758 | D:5      | 10758 ||| Stepping ~*~*~tactically~*~*~ (outnumbered).
 10760 | D:5      | 10760 ||| Stepping ~*~*~tactically~*~*~ (outnumbered).
 10762 | D:5      | 10762 ||| Stepping ~*~*~tactically~*~*~ (outnumbered).
 10764 | D:5      | 10764 ||| Stepping ~*~*~tactically~*~*~ (outnumbered).
 10776 | D:5      | 10776 ||| Stepping ~*~*~tactically~*~*~ (outnumbered).
 10778 | D:5      | 10778 ||| Stepping ~*~*~tactically~*~*~ (outnumbered).
 10780 | D:5      | 10780 ||| Stepping ~*~*~tactically~*~*~ (outnumbered).
 10782 | D:5      | 10782 ||| Stepping ~*~*~tactically~*~*~ (outnumbered).
 10784 | D:5      | 10784 ||| Stepping ~*~*~tactically~*~*~ (outnumbered).
 10796 | D:5      | 10796 ||| Stepping ~*~*~tactically~*~*~ (outnumbered).
 10798 | D:5      | 10798 ||| Stepping ~*~*~tactically~*~*~ (outnumbered).
 10800 | D:5      | 10800 ||| Stepping ~*~*~tactically~*~*~ (outnumbered).
 10802 | D:5      | 10802 ||| Stepping ~*~*~tactically~*~*~ (outnumbered).
 10804 | D:5      | 10804 ||| Stepping ~*~*~tactically~*~*~ (outnumbered).
 10816 | D:5      | 10816 ||| Stepping ~*~*~tactically~*~*~ (outnumbered).
 10818 | D:5      | 10818 ||| Stepping ~*~*~tactically~*~*~ (outnumbered).
 10820 | D:5      | 10820 ||| Stepping ~*~*~tactically~*~*~ (outnumbered).
 10822 | D:5      | 10822 ||| Stepping ~*~*~tactically~*~*~ (outnumbered).
 10824 | D:5      | 10824 ||| Stepping ~*~*~tactically~*~*~ (outnumbered).
 10836 | D:5      | 10836 ||| Stepping ~*~*~tactically~*~*~ (outnumbered).
 10838 | D:5      | 10838 ||| Stepping ~*~*~tactically~*~*~ (outnumbered).
 10840 | D:5      | 10840 ||| Stepping ~*~*~tactically~*~*~ (outnumbered).
 10842 | D:5      | 10842 ||| Stepping ~*~*~tactically~*~*~ (outnumbered).
 10844 | D:5      | 10844 ||| Stepping ~*~*~tactically~*~*~ (outnumbered).
 10856 | D:5      | 10856 ||| Stepping ~*~*~tactically~*~*~ (outnumbered).
 10858 | D:5      | 10858 ||| Stepping ~*~*~tactically~*~*~ (outnumbered).
 10860 | D:5      | 10860 ||| Stepping ~*~*~tactically~*~*~ (outnumbered).
 10862 | D:5      | 10862 ||| Stepping ~*~*~tactically~*~*~ (outnumbered).
 10864 | D:5      | 10864 ||| Stepping ~*~*~tactically~*~*~ (outnumbered).
 10876 | D:5      | 10876 ||| Stepping ~*~*~tactically~*~*~ (outnumbered).
 10878 | D:5      | 10878 ||| Stepping ~*~*~tactically~*~*~ (outnumbered).
 10880 | D:5      | 10880 ||| Stepping ~*~*~tactically~*~*~ (outnumbered).
 10882 | D:5      | 10882 ||| Stepping ~*~*~tactically~*~*~ (outnumbered).
 10884 | D:5      | 10884 ||| Stepping ~*~*~tactically~*~*~ (outnumbered).
 10896 | D:5      | 10896 ||| Stepping ~*~*~tactically~*~*~ (outnumbered).
 10898 | D:5      | 10898 ||| Stepping ~*~*~tactically~*~*~ (outnumbered).
 10900 | D:5      | 10900 ||| Stepping ~*~*~tactically~*~*~ (outnumbered).
 10902 | D:5      | 10902 ||| Stepping ~*~*~tactically~*~*~ (outnumbered).
 10904 | D:5      | 10904 ||| Stepping ~*~*~tactically~*~*~ (outnumbered).
 10916 | D:5      | 10916 ||| Stepping ~*~*~tactically~*~*~ (outnumbered).
 10918 | D:5      | 10918 ||| Stepping ~*~*~tactically~*~*~ (outnumbered).
 10920 | D:5      | 10920 ||| Stepping ~*~*~tactically~*~*~ (outnumbered).
 10922 | D:5      | 10922 ||| Stepping ~*~*~tactically~*~*~ (outnumbered).
 10924 | D:5      | 10924 ||| Stepping ~*~*~tactically~*~*~ (outnumbered).
 10936 | D:5      | 10936 ||| Stepping ~*~*~tactically~*~*~ (outnumbered).
 10938 | D:5      | 10938 ||| Stepping ~*~*~tactically~*~*~ (outnumbered).
 10940 | D:5      | 10940 ||| Stepping ~*~*~tactically~*~*~ (outnumbered).
 10942 | D:5      | 10942 ||| Stepping ~*~*~tactically~*~*~ (outnumbered).
 10944 | D:5      | 10944 ||| Stepping ~*~*~tactically~*~*~ (outnumbered).
 10956 | D:5      | 10956 ||| Stepping ~*~*~tactically~*~*~ (outnumbered).
 10958 | D:5      | 10958 ||| Stepping ~*~*~tactically~*~*~ (outnumbered).
 10960 | D:5      | 10960 ||| Stepping ~*~*~tactically~*~*~ (outnumbered).
 10962 | D:5      | 10962 ||| Stepping ~*~*~tactically~*~*~ (outnumbered).
 10964 | D:5      | 10964 ||| Stepping ~*~*~tactically~*~*~ (outnumbered).
 10976 | D:5      | 10976 ||| Stepping ~*~*~tactically~*~*~ (outnumbered).
 10978 | D:5      | 10978 ||| Stepping ~*~*~tactically~*~*~ (outnumbered).
 10980 | D:5      | 10980 ||| Stepping ~*~*~tactically~*~*~ (outnumbered).
 10982 | D:5      | 10982 ||| Stepping ~*~*~tactically~*~*~ (outnumbered).
 10984 | D:5      | 10984 ||| Stepping ~*~*~tactically~*~*~ (outnumbered).
 10996 | D:5      | 10996 ||| Stepping ~*~*~tactically~*~*~ (outnumbered).
 10998 | D:5      | 10998 ||| Stepping ~*~*~tactically~*~*~ (outnumbered).
 11000 | D:5      | 11000 ||| Stepping ~*~*~tactically~*~*~ (outnumbered).
 11002 | D:5      | 11002 ||| Stepping ~*~*~tactically~*~*~ (outnumbered).
 11004 | D:5      | 11004 ||| Stepping ~*~*~tactically~*~*~ (outnumbered).
 11016 | D:5      | 11016 ||| Stepping ~*~*~tactically~*~*~ (outnumbered).
 11018 | D:5      | 11018 ||| Stepping ~*~*~tactically~*~*~ (outnumbered).
 11020 | D:5      | 11020 ||| Stepping ~*~*~tactically~*~*~ (outnumbered).
 11022 | D:5      | 11022 ||| Stepping ~*~*~tactically~*~*~ (outnumbered).
 11024 | D:5      | 11024 ||| Stepping ~*~*~tactically~*~*~ (outnumbered).
 11036 | D:5      | 11036 ||| Stepping ~*~*~tactically~*~*~ (outnumbered).
 11038 | D:5      | 11038 ||| Stepping ~*~*~tactically~*~*~ (outnumbered).
 11040 | D:5      | 11040 ||| Stepping ~*~*~tactically~*~*~ (outnumbered).
 11042 | D:5      | 11042 ||| Stepping ~*~*~tactically~*~*~ (outnumbered).
 11044 | D:5      | 11044 ||| Stepping ~*~*~tactically~*~*~ (outnumbered).
 11056 | D:5      | 11056 ||| Stepping ~*~*~tactically~*~*~ (outnumbered).
 11058 | D:5      | 11058 ||| Stepping ~*~*~tactically~*~*~ (outnumbered).
 11060 | D:5      | 11060 ||| Stepping ~*~*~tactically~*~*~ (outnumbered).
 11062 | D:5      | 11062 ||| Stepping ~*~*~tactically~*~*~ (outnumbered).
 11064 | D:5      | 11064 ||| Stepping ~*~*~tactically~*~*~ (outnumbered).
 11076 | D:5      | 11076 ||| Stepping ~*~*~tactically~*~*~ (outnumbered).
 11078 | D:5      | 11078 ||| Stepping ~*~*~tactically~*~*~ (outnumbered).
 11080 | D:5      | 11080 ||| Stepping ~*~*~tactically~*~*~ (outnumbered).
 11082 | D:5      | 11082 ||| Stepping ~*~*~tactically~*~*~ (outnumbered).
 11084 | D:5      | 11084 ||| Stepping ~*~*~tactically~*~*~ (outnumbered).
 11096 | D:5      | 11096 ||| Stepping ~*~*~tactically~*~*~ (outnumbered).
 11098 | D:5      | 11098 ||| Stepping ~*~*~tactically~*~*~ (outnumbered).
 11100 | D:5      | 11100 ||| Stepping ~*~*~tactically~*~*~ (outnumbered).
 11102 | D:5      | 11102 ||| Stepping ~*~*~tactically~*~*~ (outnumbered).
 11104 | D:5      | 11104 ||| Stepping ~*~*~tactically~*~*~ (outnumbered).
 11116 | D:5      | 11116 ||| Stepping ~*~*~tactically~*~*~ (outnumbered).
 11118 | D:5      | 11118 ||| Stepping ~*~*~tactically~*~*~ (outnumbered).
 11120 | D:5      | 11120 ||| Stepping ~*~*~tactically~*~*~ (outnumbered).
 11122 | D:5      | 11122 ||| Stepping ~*~*~tactically~*~*~ (outnumbered).
 11124 | D:5      | 11124 ||| Stepping ~*~*~tactically~*~*~ (outnumbered).
 11136 | D:5      | 11136 ||| Stepping ~*~*~tactically~*~*~ (outnumbered).
 11138 | D:5      | 11138 ||| Stepping ~*~*~tactically~*~*~ (outnumbered).
 11140 | D:5      | 11140 ||| Stepping ~*~*~tactically~*~*~ (outnumbered).
 11142 | D:5      | 11142 ||| Stepping ~*~*~tactically~*~*~ (outnumbered).
 11144 | D:5      | 11144 ||| Stepping ~*~*~tactically~*~*~ (outnumbered).
 11156 | D:5      | 11156 ||| Stepping ~*~*~tactically~*~*~ (outnumbered).
 11158 | D:5      | 11158 ||| Stepping ~*~*~tactically~*~*~ (outnumbered).
 11160 | D:5      | 11160 ||| Stepping ~*~*~tactically~*~*~ (outnumbered).
 11162 | D:5      | 11162 ||| Stepping ~*~*~tactically~*~*~ (outnumbered).
 11164 | D:5      | 11164 ||| Stepping ~*~*~tactically~*~*~ (outnumbered).
 11176 | D:5      | 11176 ||| Stepping ~*~*~tactically~*~*~ (outnumbered).
 11178 | D:5      | 11178 ||| Stepping ~*~*~tactically~*~*~ (outnumbered).
 11180 | D:5      | 11180 ||| Stepping ~*~*~tactically~*~*~ (outnumbered).
 11182 | D:5      | 11182 ||| Stepping ~*~*~tactically~*~*~ (outnumbered).
 11184 | D:5      | 11184 ||| Stepping ~*~*~tactically~*~*~ (outnumbered).
 11196 | D:5      | 11196 ||| Stepping ~*~*~tactically~*~*~ (outnumbered).
 11198 | D:5      | 11198 ||| Stepping ~*~*~tactically~*~*~ (outnumbered).
 11200 | D:5      | 11200 ||| Stepping ~*~*~tactically~*~*~ (outnumbered).
 11202 | D:5      | 11202 ||| Stepping ~*~*~tactically~*~*~ (outnumbered).
 11204 | D:5      | 11204 ||| Stepping ~*~*~tactically~*~*~ (outnumbered).
 11216 | D:5      | 11216 ||| Stepping ~*~*~tactically~*~*~ (outnumbered).
 11218 | D:5      | 11218 ||| Stepping ~*~*~tactically~*~*~ (outnumbered).
 11220 | D:5      | 11220 ||| Stepping ~*~*~tactically~*~*~ (outnumbered).
 11222 | D:5      | 11222 ||| Stepping ~*~*~tactically~*~*~ (outnumbered).
 11224 | D:5      | 11224 ||| Stepping ~*~*~tactically~*~*~ (outnumbered).
 11236 | D:5      | 11236 ||| Stepping ~*~*~tactically~*~*~ (outnumbered).
 11238 | D:5      | 11238 ||| Stepping ~*~*~tactically~*~*~ (outnumbered).
 11240 | D:5      | 11240 ||| Stepping ~*~*~tactically~*~*~ (outnumbered).
 11242 | D:5      | 11242 ||| Stepping ~*~*~tactically~*~*~ (outnumbered).
 11244 | D:5      | 11244 ||| Stepping ~*~*~tactically~*~*~ (outnumbered).
 11256 | D:5      | 11256 ||| Stepping ~*~*~tactically~*~*~ (outnumbered).
 11258 | D:5      | 11258 ||| Stepping ~*~*~tactically~*~*~ (outnumbered).
 11260 | D:5      | 11260 ||| Stepping ~*~*~tactically~*~*~ (outnumbered).
 11262 | D:5      | 11262 ||| Stepping ~*~*~tactically~*~*~ (outnumbered).
 11264 | D:5      | 11264 ||| Stepping ~*~*~tactically~*~*~ (outnumbered).
 11276 | D:5      | 11276 ||| Stepping ~*~*~tactically~*~*~ (outnumbered).
 11278 | D:5      | 11278 ||| Stepping ~*~*~tactically~*~*~ (outnumbered).
 11280 | D:5      | 11280 ||| Stepping ~*~*~tactically~*~*~ (outnumbered).
 11282 | D:5      | 11282 ||| Stepping ~*~*~tactically~*~*~ (outnumbered).
 11284 | D:5      | 11284 ||| Stepping ~*~*~tactically~*~*~ (outnumbered).
 11296 | D:5      | 11296 ||| Stepping ~*~*~tactically~*~*~ (outnumbered).
 11298 | D:5      | 11298 ||| Stepping ~*~*~tactically~*~*~ (outnumbered).
 11300 | D:5      | 11300 ||| Stepping ~*~*~tactically~*~*~ (outnumbered).
 11302 | D:5      | 11302 ||| Stepping ~*~*~tactically~*~*~ (outnumbered).
 11304 | D:5      | 11304 ||| Stepping ~*~*~tactically~*~*~ (outnumbered).
 11316 | D:5      | 11316 ||| Stepping ~*~*~tactically~*~*~ (outnumbered).
 11318 | D:5      | 11318 ||| Stepping ~*~*~tactically~*~*~ (outnumbered).
 11320 | D:5      | 11320 ||| Stepping ~*~*~tactically~*~*~ (outnumbered).
 11322 | D:5      | 11322 ||| Stepping ~*~*~tactically~*~*~ (outnumbered).
 11324 | D:5      | 11324 ||| Stepping ~*~*~tactically~*~*~ (outnumbered).
 11336 | D:5      | 11336 ||| Stepping ~*~*~tactically~*~*~ (outnumbered).
 11338 | D:5      | 11338 ||| Stepping ~*~*~tactically~*~*~ (outnumbered).
 11340 | D:5      | 11340 ||| Stepping ~*~*~tactically~*~*~ (outnumbered).
 11342 | D:5      | 11342 ||| Stepping ~*~*~tactically~*~*~ (outnumbered).
 11344 | D:5      | 11344 ||| Stepping ~*~*~tactically~*~*~ (outnumbered).
 11356 | D:5      | 11356 ||| Stepping ~*~*~tactically~*~*~ (outnumbered).
 11358 | D:5      | 11358 ||| Stepping ~*~*~tactically~*~*~ (outnumbered).
 11360 | D:5      | 11360 ||| Stepping ~*~*~tactically~*~*~ (outnumbered).
 11362 | D:5      | 11362 ||| Stepping ~*~*~tactically~*~*~ (outnumbered).
 11364 | D:5      | 11364 ||| Stepping ~*~*~tactically~*~*~ (outnumbered).
 11376 | D:5      | 11376 ||| Stepping ~*~*~tactically~*~*~ (outnumbered).
 11378 | D:5      | 11378 ||| Stepping ~*~*~tactically~*~*~ (outnumbered).
 11380 | D:5      | 11380 ||| Stepping ~*~*~tactically~*~*~ (outnumbered).
 11382 | D:5      | 11382 ||| Stepping ~*~*~tactically~*~*~ (outnumbered).
 11384 | D:5      | 11384 ||| Stepping ~*~*~tactically~*~*~ (outnumbered).
 11396 | D:5      | 11396 ||| Stepping ~*~*~tactically~*~*~ (outnumbered).
 11398 | D:5      | 11398 ||| Stepping ~*~*~tactically~*~*~ (outnumbered).
 11400 | D:5      | 11400 ||| Stepping ~*~*~tactically~*~*~ (outnumbered).
 11402 | D:5      | 11402 ||| Stepping ~*~*~tactically~*~*~ (outnumbered).
 11404 | D:5      | 11404 ||| Stepping ~*~*~tactically~*~*~ (outnumbered).
 11416 | D:5      | 11416 ||| Stepping ~*~*~tactically~*~*~ (outnumbered).
 11418 | D:5      | 11418 ||| Stepping ~*~*~tactically~*~*~ (outnumbered).
 11420 | D:5      | 11420 ||| Stepping ~*~*~tactically~*~*~ (outnumbered).
 11422 | D:5      | 11422 ||| Stepping ~*~*~tactically~*~*~ (outnumbered).
 11424 | D:5      | 11424 ||| Stepping ~*~*~tactically~*~*~ (outnumbered).
 11436 | D:5      | 11436 ||| Stepping ~*~*~tactically~*~*~ (outnumbered).
 11438 | D:5      | 11438 ||| Stepping ~*~*~tactically~*~*~ (outnumbered).
 11440 | D:5      | 11440 ||| Stepping ~*~*~tactically~*~*~ (outnumbered).
 11442 | D:5      | 11442 ||| Stepping ~*~*~tactically~*~*~ (outnumbered).
 11444 | D:5      | 11444 ||| Stepping ~*~*~tactically~*~*~ (outnumbered).
 11456 | D:5      | 11456 ||| Stepping ~*~*~tactically~*~*~ (outnumbered).
 11458 | D:5      | 11458 ||| Stepping ~*~*~tactically~*~*~ (outnumbered).
 11460 | D:5      | 11460 ||| Stepping ~*~*~tactically~*~*~ (outnumbered).
 11462 | D:5      | 11462 ||| Stepping ~*~*~tactically~*~*~ (outnumbered).
 11464 | D:5      | 11464 ||| Stepping ~*~*~tactically~*~*~ (outnumbered).
 11476 | D:5      | 11476 ||| Stepping ~*~*~tactically~*~*~ (outnumbered).
 11478 | D:5      | 11478 ||| Stepping ~*~*~tactically~*~*~ (outnumbered).
 11480 | D:5      | 11480 ||| Stepping ~*~*~tactically~*~*~ (outnumbered).
 11482 | D:5      | 11482 ||| Stepping ~*~*~tactically~*~*~ (outnumbered).
 11484 | D:5      | 11484 ||| Stepping ~*~*~tactically~*~*~ (outnumbered).
 11496 | D:5      | 11496 ||| Stepping ~*~*~tactically~*~*~ (outnumbered).
 11498 | D:5      | 11498 ||| Stepping ~*~*~tactically~*~*~ (outnumbered).
 11500 | D:5      | 11500 ||| Stepping ~*~*~tactically~*~*~ (outnumbered).
 11502 | D:5      | 11502 ||| Stepping ~*~*~tactically~*~*~ (outnumbered).
 11504 | D:5      | 11504 ||| Stepping ~*~*~tactically~*~*~ (outnumbered).
 11516 | D:5      | 11516 ||| Stepping ~*~*~tactically~*~*~ (outnumbered).
 11518 | D:5      | 11518 ||| Stepping ~*~*~tactically~*~*~ (outnumbered).
 11520 | D:5      | 11520 ||| Stepping ~*~*~tactically~*~*~ (outnumbered).
 11522 | D:5      | 11522 ||| Stepping ~*~*~tactically~*~*~ (outnumbered).
 11524 | D:5      | 11524 ||| Stepping ~*~*~tactically~*~*~ (outnumbered).
 11536 | D:5      | 11536 ||| Stepping ~*~*~tactically~*~*~ (outnumbered).
 11538 | D:5      | 11538 ||| Stepping ~*~*~tactically~*~*~ (outnumbered).
 11540 | D:5      | 11540 ||| Stepping ~*~*~tactically~*~*~ (outnumbered).
 11542 | D:5      | 11542 ||| Stepping ~*~*~tactically~*~*~ (outnumbered).
 11544 | D:5      | 11544 ||| Stepping ~*~*~tactically~*~*~ (outnumbered).
 11556 | D:5      | 11556 ||| Stepping ~*~*~tactically~*~*~ (outnumbered).
 11558 | D:5      | 11558 ||| Stepping ~*~*~tactically~*~*~ (outnumbered).
 11560 | D:5      | 11560 ||| Stepping ~*~*~tactically~*~*~ (outnumbered).
 11562 | D:5      | 11562 ||| Stepping ~*~*~tactically~*~*~ (outnumbered).
 11564 | D:5      | 11564 ||| Stepping ~*~*~tactically~*~*~ (outnumbered).
 11576 | D:5      | 11576 ||| Stepping ~*~*~tactically~*~*~ (outnumbered).
 11578 | D:5      | 11578 ||| Stepping ~*~*~tactically~*~*~ (outnumbered).
 11580 | D:5      | 11580 ||| Stepping ~*~*~tactically~*~*~ (outnumbered).
 11582 | D:5      | 11582 ||| Stepping ~*~*~tactically~*~*~ (outnumbered).
 11584 | D:5      | 11584 ||| Stepping ~*~*~tactically~*~*~ (outnumbered).
 11596 | D:5      | 11596 ||| Stepping ~*~*~tactically~*~*~ (outnumbered).
 11598 | D:5      | 11598 ||| Stepping ~*~*~tactically~*~*~ (outnumbered).
 11600 | D:5      | 11600 ||| Stepping ~*~*~tactically~*~*~ (outnumbered).
 11602 | D:5      | 11602 ||| Stepping ~*~*~tactically~*~*~ (outnumbered).
 11604 | D:5      | 11604 ||| Stepping ~*~*~tactically~*~*~ (outnumbered).
 11616 | D:5      | 11616 ||| Stepping ~*~*~tactically~*~*~ (outnumbered).
 11618 | D:5      | 11618 ||| Stepping ~*~*~tactically~*~*~ (outnumbered).
 11620 | D:5      | 11620 ||| Stepping ~*~*~tactically~*~*~ (outnumbered).
 11622 | D:5      | 11622 ||| Stepping ~*~*~tactically~*~*~ (outnumbered).
 11624 | D:5      | 11624 ||| Stepping ~*~*~tactically~*~*~ (outnumbered).
 11636 | D:5      | 11636 ||| Stepping ~*~*~tactically~*~*~ (outnumbered).
 11638 | D:5      | 11638 ||| Stepping ~*~*~tactically~*~*~ (outnumbered).
 11640 | D:5      | 11640 ||| Stepping ~*~*~tactically~*~*~ (outnumbered).
 11642 | D:5      | 11642 ||| Stepping ~*~*~tactically~*~*~ (outnumbered).
 11644 | D:5      | 11644 ||| Stepping ~*~*~tactically~*~*~ (outnumbered).
 11656 | D:5      | 11656 ||| Stepping ~*~*~tactically~*~*~ (outnumbered).
 11658 | D:5      | 11658 ||| Stepping ~*~*~tactically~*~*~ (outnumbered).
 11660 | D:5      | 11660 ||| Stepping ~*~*~tactically~*~*~ (outnumbered).
 11662 | D:5      | 11662 ||| Stepping ~*~*~tactically~*~*~ (outnumbered).
 11664 | D:5      | 11664 ||| Stepping ~*~*~tactically~*~*~ (outnumbered).
 11676 | D:5      | 11676 ||| Stepping ~*~*~tactically~*~*~ (outnumbered).
 11678 | D:5      | 11678 ||| Stepping ~*~*~tactically~*~*~ (outnumbered).
 11680 | D:5      | 11680 ||| Stepping ~*~*~tactically~*~*~ (outnumbered).
 11682 | D:5      | 11682 ||| Stepping ~*~*~tactically~*~*~ (outnumbered).
 11684 | D:5      | 11684 ||| Stepping ~*~*~tactically~*~*~ (outnumbered).
 11696 | D:5      | 11696 ||| Stepping ~*~*~tactically~*~*~ (outnumbered).
 11698 | D:5      | 11698 ||| Stepping ~*~*~tactically~*~*~ (outnumbered).
 11700 | D:5      | 11700 ||| Stepping ~*~*~tactically~*~*~ (outnumbered).
 11702 | D:5      | 11702 ||| Stepping ~*~*~tactically~*~*~ (outnumbered).
 11704 | D:5      | 11704 ||| Stepping ~*~*~tactically~*~*~ (outnumbered).
 11716 | D:5      | 11716 ||| Stepping ~*~*~tactically~*~*~ (outnumbered).
 11718 | D:5      | 11718 ||| Stepping ~*~*~tactically~*~*~ (outnumbered).
 11720 | D:5      | 11720 ||| Stepping ~*~*~tactically~*~*~ (outnumbered).
 11722 | D:5      | 11722 ||| Stepping ~*~*~tactically~*~*~ (outnumbered).
 11724 | D:5      | 11724 ||| Stepping ~*~*~tactically~*~*~ (outnumbered).
 11736 | D:5      | 11736 ||| Stepping ~*~*~tactically~*~*~ (outnumbered).
 11738 | D:5      | 11738 ||| Stepping ~*~*~tactically~*~*~ (outnumbered).
 11740 | D:5      | 11740 ||| Stepping ~*~*~tactically~*~*~ (outnumbered).
 11742 | D:5      | 11742 ||| Stepping ~*~*~tactically~*~*~ (outnumbered).
 11744 | D:5      | 11744 ||| Stepping ~*~*~tactically~*~*~ (outnumbered).
 11756 | D:5      | 11756 ||| Stepping ~*~*~tactically~*~*~ (outnumbered).
 11758 | D:5      | 11758 ||| Stepping ~*~*~tactically~*~*~ (outnumbered).
 11760 | D:5      | 11760 ||| Stepping ~*~*~tactically~*~*~ (outnumbered).
 11762 | D:5      | 11762 ||| Stepping ~*~*~tactically~*~*~ (outnumbered).
 11764 | D:5      | 11764 ||| Stepping ~*~*~tactically~*~*~ (outnumbered).
 11776 | D:5      | 11776 ||| Stepping ~*~*~tactically~*~*~ (outnumbered).
 11778 | D:5      | 11778 ||| Stepping ~*~*~tactically~*~*~ (outnumbered).
 11780 | D:5      | 11780 ||| Stepping ~*~*~tactically~*~*~ (outnumbered).
 11782 | D:5      | 11782 ||| Stepping ~*~*~tactically~*~*~ (outnumbered).
 11784 | D:5      | 11784 ||| Stepping ~*~*~tactically~*~*~ (outnumbered).
 11796 | D:5      | 11796 ||| Stepping ~*~*~tactically~*~*~ (outnumbered).
 11798 | D:5      | 11798 ||| Stepping ~*~*~tactically~*~*~ (outnumbered).
 11800 | D:5      | 11800 ||| Stepping ~*~*~tactically~*~*~ (outnumbered).
 11802 | D:5      | 11802 ||| Stepping ~*~*~tactically~*~*~ (outnumbered).
 11804 | D:5      | 11804 ||| Stepping ~*~*~tactically~*~*~ (outnumbered).
 11816 | D:5      | 11816 ||| Stepping ~*~*~tactically~*~*~ (outnumbered).
 11818 | D:5      | 11818 ||| Stepping ~*~*~tactically~*~*~ (outnumbered).
 11820 | D:5      | 11820 ||| Stepping ~*~*~tactically~*~*~ (outnumbered).
 11822 | D:5      | 11822 ||| Stepping ~*~*~tactically~*~*~ (outnumbered).
 11824 | D:5      | 11824 ||| Stepping ~*~*~tactically~*~*~ (outnumbered).
 11836 | D:5      | 11836 ||| Stepping ~*~*~tactically~*~*~ (outnumbered).
 11838 | D:5      | 11838 ||| Stepping ~*~*~tactically~*~*~ (outnumbered).
 11840 | D:5      | 11840 ||| Stepping ~*~*~tactically~*~*~ (outnumbered).
 11842 | D:5      | 11842 ||| Stepping ~*~*~tactically~*~*~ (outnumbered).
 11844 | D:5      | 11844 ||| Stepping ~*~*~tactically~*~*~ (outnumbered).
 11856 | D:5      | 11856 ||| Stepping ~*~*~tactically~*~*~ (outnumbered).
 11858 | D:5      | 11858 ||| Stepping ~*~*~tactically~*~*~ (outnumbered).
 11860 | D:5      | 11860 ||| Stepping ~*~*~tactically~*~*~ (outnumbered).
 11862 | D:5      | 11862 ||| Stepping ~*~*~tactically~*~*~ (outnumbered).
 11864 | D:5      | 11864 ||| Stepping ~*~*~tactically~*~*~ (outnumbered).
 11876 | D:5      | 11876 ||| Stepping ~*~*~tactically~*~*~ (outnumbered).
 11878 | D:5      | 11878 ||| Stepping ~*~*~tactically~*~*~ (outnumbered).
 11880 | D:5      | 11880 ||| Stepping ~*~*~tactically~*~*~ (outnumbered).
 11882 | D:5      | 11882 ||| Stepping ~*~*~tactically~*~*~ (outnumbered).
 11884 | D:5      | 11884 ||| Stepping ~*~*~tactically~*~*~ (outnumbered).
 11896 | D:5      | 11896 ||| Stepping ~*~*~tactically~*~*~ (outnumbered).
 11898 | D:5      | 11898 ||| Stepping ~*~*~tactically~*~*~ (outnumbered).
 11900 | D:5      | 11900 ||| Stepping ~*~*~tactically~*~*~ (outnumbered).
 11902 | D:5      | 11902 ||| Stepping ~*~*~tactically~*~*~ (outnumbered).
 11904 | D:5      | 11904 ||| Stepping ~*~*~tactically~*~*~ (outnumbered).
 11916 | D:5      | 11916 ||| Stepping ~*~*~tactically~*~*~ (outnumbered).
 11918 | D:5      | 11918 ||| Stepping ~*~*~tactically~*~*~ (outnumbered).
 11920 | D:5      | 11920 ||| Stepping ~*~*~tactically~*~*~ (outnumbered).
 11922 | D:5      | 11922 ||| Stepping ~*~*~tactically~*~*~ (outnumbered).
 11924 | D:5      | 11924 ||| Stepping ~*~*~tactically~*~*~ (outnumbered).
 11936 | D:5      | 11936 ||| Stepping ~*~*~tactically~*~*~ (outnumbered).
 11938 | D:5      | 11938 ||| Stepping ~*~*~tactically~*~*~ (outnumbered).
 11940 | D:5      | 11940 ||| Stepping ~*~*~tactically~*~*~ (outnumbered).
 11942 | D:5      | 11942 ||| Stepping ~*~*~tactically~*~*~ (outnumbered).
 11944 | D:5      | 11944 ||| Stepping ~*~*~tactically~*~*~ (outnumbered).
 11956 | D:5      | 11956 ||| Stepping ~*~*~tactically~*~*~ (outnumbered).
 11958 | D:5      | 11958 ||| Stepping ~*~*~tactically~*~*~ (outnumbered).
 11960 | D:5      | 11960 ||| Stepping ~*~*~tactically~*~*~ (outnumbered).
 11962 | D:5      | 11962 ||| Stepping ~*~*~tactically~*~*~ (outnumbered).
 11964 | D:5      | 11964 ||| Stepping ~*~*~tactically~*~*~ (outnumbered).
 11976 | D:5      | 11976 ||| Stepping ~*~*~tactically~*~*~ (outnumbered).
 11978 | D:5      | 11978 ||| Stepping ~*~*~tactically~*~*~ (outnumbered).
 11980 | D:5      | 11980 ||| Stepping ~*~*~tactically~*~*~ (outnumbered).
 11982 | D:5      | 11982 ||| Stepping ~*~*~tactically~*~*~ (outnumbered).
 11984 | D:5      | 11984 ||| Stepping ~*~*~tactically~*~*~ (outnumbered).
 11996 | D:5      | 11996 ||| Stepping ~*~*~tactically~*~*~ (outnumbered).
 11998 | D:5      | 11998 ||| Stepping ~*~*~tactically~*~*~ (outnumbered).
 12000 | D:5      | 12000 ||| Stepping ~*~*~tactically~*~*~ (outnumbered).
 12002 | D:5      | 12002 ||| Stepping ~*~*~tactically~*~*~ (outnumbered).
 12004 | D:5      | 12004 ||| Stepping ~*~*~tactically~*~*~ (outnumbered).
 12016 | D:5      | 12016 ||| Stepping ~*~*~tactically~*~*~ (outnumbered).
 12018 | D:5      | 12018 ||| Stepping ~*~*~tactically~*~*~ (outnumbered).
 12020 | D:5      | 12020 ||| Stepping ~*~*~tactically~*~*~ (outnumbered).
 12022 | D:5      | 12022 ||| Stepping ~*~*~tactically~*~*~ (outnumbered).
 12024 | D:5      | 12024 ||| Stepping ~*~*~tactically~*~*~ (outnumbered).
 12036 | D:5      | 12036 ||| Stepping ~*~*~tactically~*~*~ (outnumbered).
 12038 | D:5      | 12038 ||| Stepping ~*~*~tactically~*~*~ (outnumbered).
 12040 | D:5      | 12040 ||| Stepping ~*~*~tactically~*~*~ (outnumbered).
 12042 | D:5      | 12042 ||| Stepping ~*~*~tactically~*~*~ (outnumbered).
 12044 | D:5      | 12044 ||| Stepping ~*~*~tactically~*~*~ (outnumbered).
 12056 | D:5      | 12056 ||| Stepping ~*~*~tactically~*~*~ (outnumbered).
 12058 | D:5      | 12058 ||| Stepping ~*~*~tactically~*~*~ (outnumbered).
 12060 | D:5      | 12060 ||| Stepping ~*~*~tactically~*~*~ (outnumbered).
 12062 | D:5      | 12062 ||| Stepping ~*~*~tactically~*~*~ (outnumbered).
 12064 | D:5      | 12064 ||| Stepping ~*~*~tactically~*~*~ (outnumbered).
 12076 | D:5      | 12076 ||| Stepping ~*~*~tactically~*~*~ (outnumbered).
 12078 | D:5      | 12078 ||| Stepping ~*~*~tactically~*~*~ (outnumbered).
 12080 | D:5      | 12080 ||| Stepping ~*~*~tactically~*~*~ (outnumbered).
 12082 | D:5      | 12082 ||| Stepping ~*~*~tactically~*~*~ (outnumbered).
 12084 | D:5      | 12084 ||| Stepping ~*~*~tactically~*~*~ (outnumbered).
 12096 | D:5      | 12096 ||| Stepping ~*~*~tactically~*~*~ (outnumbered).
 12098 | D:5      | 12098 ||| Stepping ~*~*~tactically~*~*~ (outnumbered).
 12100 | D:5      | 12100 ||| Stepping ~*~*~tactically~*~*~ (outnumbered).
 12102 | D:5      | 12102 ||| Stepping ~*~*~tactically~*~*~ (outnumbered).
 12104 | D:5      | 12104 ||| Stepping ~*~*~tactically~*~*~ (outnumbered).
 12116 | D:5      | 12116 ||| Stepping ~*~*~tactically~*~*~ (outnumbered).
 12118 | D:5      | 12118 ||| Stepping ~*~*~tactically~*~*~ (outnumbered).
 12120 | D:5      | 12120 ||| Stepping ~*~*~tactically~*~*~ (outnumbered).
 12122 | D:5      | 12122 ||| Stepping ~*~*~tactically~*~*~ (outnumbered).
 12124 | D:5      | 12124 ||| Stepping ~*~*~tactically~*~*~ (outnumbered).
 12136 | D:5      | 12136 ||| Stepping ~*~*~tactically~*~*~ (outnumbered).
 12138 | D:5      | 12138 ||| Stepping ~*~*~tactically~*~*~ (outnumbered).
 12140 | D:5      | 12140 ||| Stepping ~*~*~tactically~*~*~ (outnumbered).
 12142 | D:5      | 12142 ||| Stepping ~*~*~tactically~*~*~ (outnumbered).
 12144 | D:5      | 12144 ||| Stepping ~*~*~tactically~*~*~ (outnumbered).
 12156 | D:5      | 12156 ||| Stepping ~*~*~tactically~*~*~ (outnumbered).
 12158 | D:5      | 12158 ||| Stepping ~*~*~tactically~*~*~ (outnumbered).
 12160 | D:5      | 12160 ||| Stepping ~*~*~tactically~*~*~ (outnumbered).
 12162 | D:5      | 12162 ||| Stepping ~*~*~tactically~*~*~ (outnumbered).
 12164 | D:5      | 12164 ||| Stepping ~*~*~tactically~*~*~ (outnumbered).
 12176 | D:5      | 12176 ||| Stepping ~*~*~tactically~*~*~ (outnumbered).
 12178 | D:5      | 12178 ||| Stepping ~*~*~tactically~*~*~ (outnumbered).
 12180 | D:5      | 12180 ||| Stepping ~*~*~tactically~*~*~ (outnumbered).
 12182 | D:5      | 12182 ||| Stepping ~*~*~tactically~*~*~ (outnumbered).
 12184 | D:5      | 12184 ||| Stepping ~*~*~tactically~*~*~ (outnumbered).
 12196 | D:5      | 12196 ||| Stepping ~*~*~tactically~*~*~ (outnumbered).
 12198 | D:5      | 12198 ||| Stepping ~*~*~tactically~*~*~ (outnumbered).
 12200 | D:5      | 12200 ||| Stepping ~*~*~tactically~*~*~ (outnumbered).
 12202 | D:5      | 12202 ||| Stepping ~*~*~tactically~*~*~ (outnumbered).
 12204 | D:5      | 12204 ||| Stepping ~*~*~tactically~*~*~ (outnumbered).
 12216 | D:5      | 12216 ||| Stepping ~*~*~tactically~*~*~ (outnumbered).
 12218 | D:5      | 12218 ||| Stepping ~*~*~tactically~*~*~ (outnumbered).
 12220 | D:5      | 12220 ||| Stepping ~*~*~tactically~*~*~ (outnumbered).
 12222 | D:5      | 12222 ||| Stepping ~*~*~tactically~*~*~ (outnumbered).
 12224 | D:5      | 12224 ||| Stepping ~*~*~tactically~*~*~ (outnumbered).
 12236 | D:5      | 12236 ||| Stepping ~*~*~tactically~*~*~ (outnumbered).
 12238 | D:5      | 12238 ||| Stepping ~*~*~tactically~*~*~ (outnumbered).
 12240 | D:5      | 12240 ||| Stepping ~*~*~tactically~*~*~ (outnumbered).
 12242 | D:5      | 12242 ||| Stepping ~*~*~tactically~*~*~ (outnumbered).
 12244 | D:5      | 12244 ||| Stepping ~*~*~tactically~*~*~ (outnumbered).
 12256 | D:5      | 12256 ||| Stepping ~*~*~tactically~*~*~ (outnumbered).
 12258 | D:5      | 12258 ||| Stepping ~*~*~tactically~*~*~ (outnumbered).
 12260 | D:5      | 12260 ||| Stepping ~*~*~tactically~*~*~ (outnumbered).
 12262 | D:5      | 12262 ||| Stepping ~*~*~tactically~*~*~ (outnumbered).
 12264 | D:5      | 12264 ||| Stepping ~*~*~tactically~*~*~ (outnumbered).
 12276 | D:5      | 12276 ||| Stepping ~*~*~tactically~*~*~ (outnumbered).
 12278 | D:5      | 12278 ||| Stepping ~*~*~tactically~*~*~ (outnumbered).
 12280 | D:5      | 12280 ||| Stepping ~*~*~tactically~*~*~ (outnumbered).
 12282 | D:5      | 12282 ||| Stepping ~*~*~tactically~*~*~ (outnumbered).
 12284 | D:5      | 12284 ||| Stepping ~*~*~tactically~*~*~ (outnumbered).
 12296 | D:5      | 12296 ||| Stepping ~*~*~tactically~*~*~ (outnumbered).
 12298 | D:5      | 12298 ||| Stepping ~*~*~tactically~*~*~ (outnumbered).
 12300 | D:5      | 12300 ||| Stepping ~*~*~tactically~*~*~ (outnumbered).
 12302 | D:5      | 12302 ||| Stepping ~*~*~tactically~*~*~ (outnumbered).
 12304 | D:5      | 12304 ||| Stepping ~*~*~tactically~*~*~ (outnumbered).
 12316 | D:5      | 12316 ||| Stepping ~*~*~tactically~*~*~ (outnumbered).
 12318 | D:5      | 12318 ||| Stepping ~*~*~tactically~*~*~ (outnumbered).
 12320 | D:5      | 12320 ||| Stepping ~*~*~tactically~*~*~ (outnumbered).
 12322 | D:5      | 12322 ||| Stepping ~*~*~tactically~*~*~ (outnumbered).
 12324 | D:5      | 12324 ||| Stepping ~*~*~tactically~*~*~ (outnumbered).
 12336 | D:5      | 12336 ||| Stepping ~*~*~tactically~*~*~ (outnumbered).
 12338 | D:5      | 12338 ||| Stepping ~*~*~tactically~*~*~ (outnumbered).
 12340 | D:5      | 12340 ||| Stepping ~*~*~tactically~*~*~ (outnumbered).
 12342 | D:5      | 12342 ||| Stepping ~*~*~tactically~*~*~ (outnumbered).
 12344 | D:5      | 12344 ||| Stepping ~*~*~tactically~*~*~ (outnumbered).
 12356 | D:5      | 12356 ||| Stepping ~*~*~tactically~*~*~ (outnumbered).
 12358 | D:5      | 12358 ||| Stepping ~*~*~tactically~*~*~ (outnumbered).
 12360 | D:5      | 12360 ||| Stepping ~*~*~tactically~*~*~ (outnumbered).
 12362 | D:5      | 12362 ||| Stepping ~*~*~tactically~*~*~ (outnumbered).
 12364 | D:5      | 12364 ||| Stepping ~*~*~tactically~*~*~ (outnumbered).
 12376 | D:5      | 12376 ||| Stepping ~*~*~tactically~*~*~ (outnumbered).
 12378 | D:5      | 12378 ||| Stepping ~*~*~tactically~*~*~ (outnumbered).
 12380 | D:5      | 12380 ||| Stepping ~*~*~tactically~*~*~ (outnumbered).
 12382 | D:5      | 12382 ||| Stepping ~*~*~tactically~*~*~ (outnumbered).
 12384 | D:5      | 12384 ||| Stepping ~*~*~tactically~*~*~ (outnumbered).
 12396 | D:5      | 12396 ||| Stepping ~*~*~tactically~*~*~ (outnumbered).
 12398 | D:5      | 12398 ||| Stepping ~*~*~tactically~*~*~ (outnumbered).
 12400 | D:5      | 12400 ||| Stepping ~*~*~tactically~*~*~ (outnumbered).
 12402 | D:5      | 12402 ||| Stepping ~*~*~tactically~*~*~ (outnumbered).
 12404 | D:5      | 12404 ||| Stepping ~*~*~tactically~*~*~ (outnumbered).
 12416 | D:5      | 12416 ||| Stepping ~*~*~tactically~*~*~ (outnumbered).
 12418 | D:5      | 12418 ||| Stepping ~*~*~tactically~*~*~ (outnumbered).
 12420 | D:5      | 12420 ||| Stepping ~*~*~tactically~*~*~ (outnumbered).
 12422 | D:5      | 12422 ||| Stepping ~*~*~tactically~*~*~ (outnumbered).
 12424 | D:5      | 12424 ||| Stepping ~*~*~tactically~*~*~ (outnumbered).
 12436 | D:5      | 12436 ||| Stepping ~*~*~tactically~*~*~ (outnumbered).
 12438 | D:5      | 12438 ||| Stepping ~*~*~tactically~*~*~ (outnumbered).
 12440 | D:5      | 12440 ||| Stepping ~*~*~tactically~*~*~ (outnumbered).
 12442 | D:5      | 12442 ||| Stepping ~*~*~tactically~*~*~ (outnumbered).
 12444 | D:5      | 12444 ||| Stepping ~*~*~tactically~*~*~ (outnumbered).
 12456 | D:5      | 12456 ||| Stepping ~*~*~tactically~*~*~ (outnumbered).
 12458 | D:5      | 12458 ||| Stepping ~*~*~tactically~*~*~ (outnumbered).
 12460 | D:5      | 12460 ||| Stepping ~*~*~tactically~*~*~ (outnumbered).
 12462 | D:5      | 12462 ||| Stepping ~*~*~tactically~*~*~ (outnumbered).
 12464 | D:5      | 12464 ||| Stepping ~*~*~tactically~*~*~ (outnumbered).
 12476 | D:5      | 12476 ||| Stepping ~*~*~tactically~*~*~ (outnumbered).
 12478 | D:5      | 12478 ||| Stepping ~*~*~tactically~*~*~ (outnumbered).
 12480 | D:5      | 12480 ||| Stepping ~*~*~tactically~*~*~ (outnumbered).
 12482 | D:5      | 12482 ||| Stepping ~*~*~tactically~*~*~ (outnumbered).
 12484 | D:5      | 12484 ||| Stepping ~*~*~tactically~*~*~ (outnumbered).
 12496 | D:5      | 12496 ||| Stepping ~*~*~tactically~*~*~ (outnumbered).
 12498 | D:5      | 12498 ||| Stepping ~*~*~tactically~*~*~ (outnumbered).
 12500 | D:5      | 12500 ||| Stepping ~*~*~tactically~*~*~ (outnumbered).
 12502 | D:5      | 12502 ||| Stepping ~*~*~tactically~*~*~ (outnumbered).
 12504 | D:5      | 12504 ||| Stepping ~*~*~tactically~*~*~ (outnumbered).
 12516 | D:5      | 12516 ||| Stepping ~*~*~tactically~*~*~ (outnumbered).
 12518 | D:5      | 12518 ||| Stepping ~*~*~tactically~*~*~ (outnumbered).
 12520 | D:5      | 12520 ||| Stepping ~*~*~tactically~*~*~ (outnumbered).
 12522 | D:5      | 12522 ||| Stepping ~*~*~tactically~*~*~ (outnumbered).
 12524 | D:5      | 12524 ||| Stepping ~*~*~tactically~*~*~ (outnumbered).
 12536 | D:5      | 12536 ||| Stepping ~*~*~tactically~*~*~ (outnumbered).
 12538 | D:5      | 12538 ||| Stepping ~*~*~tactically~*~*~ (outnumbered).
 12540 | D:5      | 12540 ||| Stepping ~*~*~tactically~*~*~ (outnumbered).
 12542 | D:5      | 12542 ||| Stepping ~*~*~tactically~*~*~ (outnumbered).
 12544 | D:5      | 12544 ||| Stepping ~*~*~tactically~*~*~ (outnumbered).
 12556 | D:5      | 12556 ||| Stepping ~*~*~tactically~*~*~ (outnumbered).
 12558 | D:5      | 12558 ||| Stepping ~*~*~tactically~*~*~ (outnumbered).
 12560 | D:5      | 12560 ||| Stepping ~*~*~tactically~*~*~ (outnumbered).
 12562 | D:5      | 12562 ||| Stepping ~*~*~tactically~*~*~ (outnumbered).
 12564 | D:5      | 12564 ||| Stepping ~*~*~tactically~*~*~ (outnumbered).
 12576 | D:5      | 12576 ||| Stepping ~*~*~tactically~*~*~ (outnumbered).
 12578 | D:5      | 12578 ||| Stepping ~*~*~tactically~*~*~ (outnumbered).
 12580 | D:5      | 12580 ||| Stepping ~*~*~tactically~*~*~ (outnumbered).
 12582 | D:5      | 12582 ||| Stepping ~*~*~tactically~*~*~ (outnumbered).
 12584 | D:5      | 12584 ||| Stepping ~*~*~tactically~*~*~ (outnumbered).
 12596 | D:5      | 12596 ||| Stepping ~*~*~tactically~*~*~ (outnumbered).
 12598 | D:5      | 12598 ||| Stepping ~*~*~tactically~*~*~ (outnumbered).
 12600 | D:5      | 12600 ||| Stepping ~*~*~tactically~*~*~ (outnumbered).
 12602 | D:5      | 12602 ||| Stepping ~*~*~tactically~*~*~ (outnumbered).
 12604 | D:5      | 12604 ||| Stepping ~*~*~tactically~*~*~ (outnumbered).
 12616 | D:5      | 12616 ||| Stepping ~*~*~tactically~*~*~ (outnumbered).
 12618 | D:5      | 12618 ||| Stepping ~*~*~tactically~*~*~ (outnumbered).
 12620 | D:5      | 12620 ||| Stepping ~*~*~tactically~*~*~ (outnumbered).
 12622 | D:5      | 12622 ||| Stepping ~*~*~tactically~*~*~ (outnumbered).
 12624 | D:5      | 12624 ||| Stepping ~*~*~tactically~*~*~ (outnumbered).
 12636 | D:5      | 12636 ||| Stepping ~*~*~tactically~*~*~ (outnumbered).
 12638 | D:5      | 12638 ||| Stepping ~*~*~tactically~*~*~ (outnumbered).
 12640 | D:5      | 12640 ||| Stepping ~*~*~tactically~*~*~ (outnumbered).
 12642 | D:5      | 12642 ||| Stepping ~*~*~tactically~*~*~ (outnumbered).
 12644 | D:5      | 12644 ||| Stepping ~*~*~tactically~*~*~ (outnumbered).
 12656 | D:5      | 12656 ||| Stepping ~*~*~tactically~*~*~ (outnumbered).
 12658 | D:5      | 12658 ||| Stepping ~*~*~tactically~*~*~ (outnumbered).
 12660 | D:5      | 12660 ||| Stepping ~*~*~tactically~*~*~ (outnumbered).
 12662 | D:5      | 12662 ||| Stepping ~*~*~tactically~*~*~ (outnumbered).
 12664 | D:5      | 12664 ||| Stepping ~*~*~tactically~*~*~ (outnumbered).
 12676 | D:5      | 12676 ||| Stepping ~*~*~tactically~*~*~ (outnumbered).
 12678 | D:5      | 12678 ||| Stepping ~*~*~tactically~*~*~ (outnumbered).
 12680 | D:5      | 12680 ||| Stepping ~*~*~tactically~*~*~ (outnumbered).
 12682 | D:5      | 12682 ||| Stepping ~*~*~tactically~*~*~ (outnumbered).
 12684 | D:5      | 12684 ||| Stepping ~*~*~tactically~*~*~ (outnumbered).
 12696 | D:5      | 12696 ||| Stepping ~*~*~tactically~*~*~ (outnumbered).
 12698 | D:5      | 12698 ||| Stepping ~*~*~tactically~*~*~ (outnumbered).
 12700 | D:5      | 12700 ||| Stepping ~*~*~tactically~*~*~ (outnumbered).
 12702 | D:5      | 12702 ||| Stepping ~*~*~tactically~*~*~ (outnumbered).
 12704 | D:5      | 12704 ||| Stepping ~*~*~tactically~*~*~ (outnumbered).
 12716 | D:5      | 12716 ||| Stepping ~*~*~tactically~*~*~ (outnumbered).
 12718 | D:5      | 12718 ||| Stepping ~*~*~tactically~*~*~ (outnumbered).
 12720 | D:5      | 12720 ||| Stepping ~*~*~tactically~*~*~ (outnumbered).
 12722 | D:5      | 12722 ||| Stepping ~*~*~tactically~*~*~ (outnumbered).
 12724 | D:5      | 12724 ||| Stepping ~*~*~tactically~*~*~ (outnumbered).
 12736 | D:5      | 12736 ||| Stepping ~*~*~tactically~*~*~ (outnumbered).
 12738 | D:5      | 12738 ||| Stepping ~*~*~tactically~*~*~ (outnumbered).
 12740 | D:5      | 12740 ||| Stepping ~*~*~tactically~*~*~ (outnumbered).
 12742 | D:5      | 12742 ||| Stepping ~*~*~tactically~*~*~ (outnumbered).
 12744 | D:5      | 12744 ||| Stepping ~*~*~tactically~*~*~ (outnumbered).
 12756 | D:5      | 12756 ||| Stepping ~*~*~tactically~*~*~ (outnumbered).
 12758 | D:5      | 12758 ||| Stepping ~*~*~tactically~*~*~ (outnumbered).
 12760 | D:5      | 12760 ||| Stepping ~*~*~tactically~*~*~ (outnumbered).
 12762 | D:5      | 12762 ||| Stepping ~*~*~tactically~*~*~ (outnumbered).
 12764 | D:5      | 12764 ||| Stepping ~*~*~tactically~*~*~ (outnumbered).
 12776 | D:5      | 12776 ||| Stepping ~*~*~tactically~*~*~ (outnumbered).
 12778 | D:5      | 12778 ||| Stepping ~*~*~tactically~*~*~ (outnumbered).
 12780 | D:5      | 12780 ||| Stepping ~*~*~tactically~*~*~ (outnumbered).
 12782 | D:5      | 12782 ||| Stepping ~*~*~tactically~*~*~ (outnumbered).
 12784 | D:5      | 12784 ||| Stepping ~*~*~tactically~*~*~ (outnumbered).
 12796 | D:5      | 12796 ||| Stepping ~*~*~tactically~*~*~ (outnumbered).
 12798 | D:5      | 12798 ||| Stepping ~*~*~tactically~*~*~ (outnumbered).
 12800 | D:5      | 12800 ||| Stepping ~*~*~tactically~*~*~ (outnumbered).
 12802 | D:5      | 12802 ||| Stepping ~*~*~tactically~*~*~ (outnumbered).
 12804 | D:5      | 12804 ||| Stepping ~*~*~tactically~*~*~ (outnumbered).
 12816 | D:5      | 12816 ||| Stepping ~*~*~tactically~*~*~ (outnumbered).
 12818 | D:5      | 12818 ||| Stepping ~*~*~tactically~*~*~ (outnumbered).
 12820 | D:5      | 12820 ||| Stepping ~*~*~tactically~*~*~ (outnumbered).
 12822 | D:5      | 12822 ||| Stepping ~*~*~tactically~*~*~ (outnumbered).
 12824 | D:5      | 12824 ||| Stepping ~*~*~tactically~*~*~ (outnumbered).
 12836 | D:5      | 12836 ||| Stepping ~*~*~tactically~*~*~ (outnumbered).
 12838 | D:5      | 12838 ||| Stepping ~*~*~tactically~*~*~ (outnumbered).
 12840 | D:5      | 12840 ||| Stepping ~*~*~tactically~*~*~ (outnumbered).
 12842 | D:5      | 12842 ||| Stepping ~*~*~tactically~*~*~ (outnumbered).
 12844 | D:5      | 12844 ||| Stepping ~*~*~tactically~*~*~ (outnumbered).
 12856 | D:5      | 12856 ||| Stepping ~*~*~tactically~*~*~ (outnumbered).
 12858 | D:5      | 12858 ||| Stepping ~*~*~tactically~*~*~ (outnumbered).
 12860 | D:5      | 12860 ||| Stepping ~*~*~tactically~*~*~ (outnumbered).
 12862 | D:5      | 12862 ||| Stepping ~*~*~tactically~*~*~ (outnumbered).
 12864 | D:5      | 12864 ||| Stepping ~*~*~tactically~*~*~ (outnumbered).
 12876 | D:5      | 12876 ||| Stepping ~*~*~tactically~*~*~ (outnumbered).
 12878 | D:5      | 12878 ||| Stepping ~*~*~tactically~*~*~ (outnumbered).
 12880 | D:5      | 12880 ||| Stepping ~*~*~tactically~*~*~ (outnumbered).
 12882 | D:5      | 12882 ||| Stepping ~*~*~tactically~*~*~ (outnumbered).
 12884 | D:5      | 12884 ||| Stepping ~*~*~tactically~*~*~ (outnumbered).
 12896 | D:5      | 12896 ||| Stepping ~*~*~tactically~*~*~ (outnumbered).
 12898 | D:5      | 12898 ||| Stepping ~*~*~tactically~*~*~ (outnumbered).
 12900 | D:5      | 12900 ||| Stepping ~*~*~tactically~*~*~ (outnumbered).
 12902 | D:5      | 12902 ||| Stepping ~*~*~tactically~*~*~ (outnumbered).
 12904 | D:5      | 12904 ||| Stepping ~*~*~tactically~*~*~ (outnumbered).
 12916 | D:5      | 12916 ||| Stepping ~*~*~tactically~*~*~ (outnumbered).
 12918 | D:5      | 12918 ||| Stepping ~*~*~tactically~*~*~ (outnumbered).
 12920 | D:5      | 12920 ||| Stepping ~*~*~tactically~*~*~ (outnumbered).
 12922 | D:5      | 12922 ||| Stepping ~*~*~tactically~*~*~ (outnumbered).
 12924 | D:5      | 12924 ||| Stepping ~*~*~tactically~*~*~ (outnumbered).
 12936 | D:5      | 12936 ||| Stepping ~*~*~tactically~*~*~ (outnumbered).
 12938 | D:5      | 12938 ||| Stepping ~*~*~tactically~*~*~ (outnumbered).
 12940 | D:5      | 12940 ||| Stepping ~*~*~tactically~*~*~ (outnumbered).
 12942 | D:5      | 12942 ||| Stepping ~*~*~tactically~*~*~ (outnumbered).
 12944 | D:5      | 12944 ||| Stepping ~*~*~tactically~*~*~ (outnumbered).
 12956 | D:5      | 12956 ||| Stepping ~*~*~tactically~*~*~ (outnumbered).
 12958 | D:5      | 12958 ||| Stepping ~*~*~tactically~*~*~ (outnumbered).
 12960 | D:5      | 12960 ||| Stepping ~*~*~tactically~*~*~ (outnumbered).
 12962 | D:5      | 12962 ||| Stepping ~*~*~tactically~*~*~ (outnumbered).
 12964 | D:5      | 12964 ||| Stepping ~*~*~tactically~*~*~ (outnumbered).
 12976 | D:5      | 12976 ||| Stepping ~*~*~tactically~*~*~ (outnumbered).
 12978 | D:5      | 12978 ||| Stepping ~*~*~tactically~*~*~ (outnumbered).
 12980 | D:5      | 12980 ||| Stepping ~*~*~tactically~*~*~ (outnumbered).
 12982 | D:5      | 12982 ||| Stepping ~*~*~tactically~*~*~ (outnumbered).
 12984 | D:5      | 12984 ||| Stepping ~*~*~tactically~*~*~ (outnumbered).
 12996 | D:5      | 12996 ||| Stepping ~*~*~tactically~*~*~ (outnumbered).
 12998 | D:5      | 12998 ||| Stepping ~*~*~tactically~*~*~ (outnumbered).
 13000 | D:5      | 13000 ||| Stepping ~*~*~tactically~*~*~ (outnumbered).
 13002 | D:5      | 13002 ||| Stepping ~*~*~tactically~*~*~ (outnumbered).
 13004 | D:5      | 13004 ||| Stepping ~*~*~tactically~*~*~ (outnumbered).
 13016 | D:5      | 13016 ||| Stepping ~*~*~tactically~*~*~ (outnumbered).
 13018 | D:5      | 13018 ||| Stepping ~*~*~tactically~*~*~ (outnumbered).
 13020 | D:5      | 13020 ||| Stepping ~*~*~tactically~*~*~ (outnumbered).
 13022 | D:5      | 13022 ||| Stepping ~*~*~tactically~*~*~ (outnumbered).
 13024 | D:5      | 13024 ||| Stepping ~*~*~tactically~*~*~ (outnumbered).
 13036 | D:5      | 13036 ||| Stepping ~*~*~tactically~*~*~ (outnumbered).
 13038 | D:5      | 13038 ||| Stepping ~*~*~tactically~*~*~ (outnumbered).
 13040 | D:5      | 13040 ||| Stepping ~*~*~tactically~*~*~ (outnumbered).
 13042 | D:5      | 13042 ||| Stepping ~*~*~tactically~*~*~ (outnumbered).
 13044 | D:5      | 13044 ||| Stepping ~*~*~tactically~*~*~ (outnumbered).
 13056 | D:5      | 13056 ||| Stepping ~*~*~tactically~*~*~ (outnumbered).
 13058 | D:5      | 13058 ||| Stepping ~*~*~tactically~*~*~ (outnumbered).
 13060 | D:5      | 13060 ||| Stepping ~*~*~tactically~*~*~ (outnumbered).
 13062 | D:5      | 13062 ||| Stepping ~*~*~tactically~*~*~ (outnumbered).
 13064 | D:5      | 13064 ||| Stepping ~*~*~tactically~*~*~ (outnumbered).
 13076 | D:5      | 13076 ||| Stepping ~*~*~tactically~*~*~ (outnumbered).
 13078 | D:5      | 13078 ||| Stepping ~*~*~tactically~*~*~ (outnumbered).
 13080 | D:5      | 13080 ||| Stepping ~*~*~tactically~*~*~ (outnumbered).
 13082 | D:5      | 13082 ||| Stepping ~*~*~tactically~*~*~ (outnumbered).
 13084 | D:5      | 13084 ||| Stepping ~*~*~tactically~*~*~ (outnumbered).
 13096 | D:5      | 13096 ||| Stepping ~*~*~tactically~*~*~ (outnumbered).
 13098 | D:5      | 13098 ||| Stepping ~*~*~tactically~*~*~ (outnumbered).
 13100 | D:5      | 13100 ||| Stepping ~*~*~tactically~*~*~ (outnumbered).
 13102 | D:5      | 13102 ||| Stepping ~*~*~tactically~*~*~ (outnumbered).
 13104 | D:5      | 13104 ||| Stepping ~*~*~tactically~*~*~ (outnumbered).
 13116 | D:5      | 13116 ||| Stepping ~*~*~tactically~*~*~ (outnumbered).
 13118 | D:5      | 13118 ||| Stepping ~*~*~tactically~*~*~ (outnumbered).
 13120 | D:5      | 13120 ||| Stepping ~*~*~tactically~*~*~ (outnumbered).
 13122 | D:5      | 13122 ||| Stepping ~*~*~tactically~*~*~ (outnumbered).
 13124 | D:5      | 13124 ||| Stepping ~*~*~tactically~*~*~ (outnumbered).
 13136 | D:5      | 13136 ||| Stepping ~*~*~tactically~*~*~ (outnumbered).
 13138 | D:5      | 13138 ||| Stepping ~*~*~tactically~*~*~ (outnumbered).
 13140 | D:5      | 13140 ||| Stepping ~*~*~tactically~*~*~ (outnumbered).
 13142 | D:5      | 13142 ||| Stepping ~*~*~tactically~*~*~ (outnumbered).
 13144 | D:5      | 13144 ||| Stepping ~*~*~tactically~*~*~ (outnumbered).
 13156 | D:5      | 13156 ||| Stepping ~*~*~tactically~*~*~ (outnumbered).
 13158 | D:5      | 13158 ||| Stepping ~*~*~tactically~*~*~ (outnumbered).
 13160 | D:5      | 13160 ||| Stepping ~*~*~tactically~*~*~ (outnumbered).
 13162 | D:5      | 13162 ||| Stepping ~*~*~tactically~*~*~ (outnumbered).
 13164 | D:5      | 13164 ||| Stepping ~*~*~tactically~*~*~ (outnumbered).
 13176 | D:5      | 13176 ||| Stepping ~*~*~tactically~*~*~ (outnumbered).
 13178 | D:5      | 13178 ||| Stepping ~*~*~tactically~*~*~ (outnumbered).
 13180 | D:5      | 13180 ||| Stepping ~*~*~tactically~*~*~ (outnumbered).
 13182 | D:5      | 13182 ||| Stepping ~*~*~tactically~*~*~ (outnumbered).
 13184 | D:5      | 13184 ||| Stepping ~*~*~tactically~*~*~ (outnumbered).
 13196 | D:5      | 13196 ||| Stepping ~*~*~tactically~*~*~ (outnumbered).
 13198 | D:5      | 13198 ||| Stepping ~*~*~tactically~*~*~ (outnumbered).
 13200 | D:5      | 13200 ||| Stepping ~*~*~tactically~*~*~ (outnumbered).
 13202 | D:5      | 13202 ||| Stepping ~*~*~tactically~*~*~ (outnumbered).
 13204 | D:5      | 13204 ||| Stepping ~*~*~tactically~*~*~ (outnumbered).
 13216 | D:5      | 13216 ||| Stepping ~*~*~tactically~*~*~ (outnumbered).
 13218 | D:5      | 13218 ||| Stepping ~*~*~tactically~*~*~ (outnumbered).
 13220 | D:5      | 13220 ||| Stepping ~*~*~tactically~*~*~ (outnumbered).
 13222 | D:5      | 13222 ||| Stepping ~*~*~tactically~*~*~ (outnumbered).
 13224 | D:5      | 13224 ||| Stepping ~*~*~tactically~*~*~ (outnumbered).
 13236 | D:5      | 13236 ||| Stepping ~*~*~tactically~*~*~ (outnumbered).
 13238 | D:5      | 13238 ||| Stepping ~*~*~tactically~*~*~ (outnumbered).
 13240 | D:5      | 13240 ||| Stepping ~*~*~tactically~*~*~ (outnumbered).
 13242 | D:5      | 13242 ||| Stepping ~*~*~tactically~*~*~ (outnumbered).
 13244 | D:5      | 13244 ||| Stepping ~*~*~tactically~*~*~ (outnumbered).
 13256 | D:5      | 13256 ||| Stepping ~*~*~tactically~*~*~ (outnumbered).
 13258 | D:5      | 13258 ||| Stepping ~*~*~tactically~*~*~ (outnumbered).
 13260 | D:5      | 13260 ||| Stepping ~*~*~tactically~*~*~ (outnumbered).
 13262 | D:5      | 13262 ||| Stepping ~*~*~tactically~*~*~ (outnumbered).
 13264 | D:5      | 13264 ||| Stepping ~*~*~tactically~*~*~ (outnumbered).
 13276 | D:5      | 13276 ||| Stepping ~*~*~tactically~*~*~ (outnumbered).
 13278 | D:5      | 13278 ||| Stepping ~*~*~tactically~*~*~ (outnumbered).
 13280 | D:5      | 13280 ||| Stepping ~*~*~tactically~*~*~ (outnumbered).
 13282 | D:5      | 13282 ||| Stepping ~*~*~tactically~*~*~ (outnumbered).
 13284 | D:5      | 13284 ||| Stepping ~*~*~tactically~*~*~ (outnumbered).
 13296 | D:5      | 13296 ||| Stepping ~*~*~tactically~*~*~ (outnumbered).
 13298 | D:5      | 13298 ||| Stepping ~*~*~tactically~*~*~ (outnumbered).
 13300 | D:5      | 13300 ||| Stepping ~*~*~tactically~*~*~ (outnumbered).
 13302 | D:5      | 13302 ||| Stepping ~*~*~tactically~*~*~ (outnumbered).
 13304 | D:5      | 13304 ||| Stepping ~*~*~tactically~*~*~ (outnumbered).
 13316 | D:5      | 13316 ||| Stepping ~*~*~tactically~*~*~ (outnumbered).
 13318 | D:5      | 13318 ||| Stepping ~*~*~tactically~*~*~ (outnumbered).
 13320 | D:5      | 13320 ||| Stepping ~*~*~tactically~*~*~ (outnumbered).
 13322 | D:5      | 13322 ||| Stepping ~*~*~tactically~*~*~ (outnumbered).
 13324 | D:5      | 13324 ||| Stepping ~*~*~tactically~*~*~ (outnumbered).
 13336 | D:5      | 13336 ||| Stepping ~*~*~tactically~*~*~ (outnumbered).
 13338 | D:5      | 13338 ||| Stepping ~*~*~tactically~*~*~ (outnumbered).
 13340 | D:5      | 13340 ||| Stepping ~*~*~tactically~*~*~ (outnumbered).
 13342 | D:5      | 13342 ||| Stepping ~*~*~tactically~*~*~ (outnumbered).
 13344 | D:5      | 13344 ||| Stepping ~*~*~tactically~*~*~ (outnumbered).
 13356 | D:5      | 13356 ||| Stepping ~*~*~tactically~*~*~ (outnumbered).
 13358 | D:5      | 13358 ||| Stepping ~*~*~tactically~*~*~ (outnumbered).
 13360 | D:5      | 13360 ||| Stepping ~*~*~tactically~*~*~ (outnumbered).
 13362 | D:5      | 13362 ||| Stepping ~*~*~tactically~*~*~ (outnumbered).
 13364 | D:5      | 13364 ||| Stepping ~*~*~tactically~*~*~ (outnumbered).
 13376 | D:5      | 13376 ||| Stepping ~*~*~tactically~*~*~ (outnumbered).
 13378 | D:5      | 13378 ||| Stepping ~*~*~tactically~*~*~ (outnumbered).
 13380 | D:5      | 13380 ||| Stepping ~*~*~tactically~*~*~ (outnumbered).
 13382 | D:5      | 13382 ||| Stepping ~*~*~tactically~*~*~ (outnumbered).
 13384 | D:5      | 13384 ||| Stepping ~*~*~tactically~*~*~ (outnumbered).
 13396 | D:5      | 13396 ||| Stepping ~*~*~tactically~*~*~ (outnumbered).
 13398 | D:5      | 13398 ||| Stepping ~*~*~tactically~*~*~ (outnumbered).
 13400 | D:5      | 13400 ||| Stepping ~*~*~tactically~*~*~ (outnumbered).
 13402 | D:5      | 13402 ||| Stepping ~*~*~tactically~*~*~ (outnumbered).
 13404 | D:5      | 13404 ||| Stepping ~*~*~tactically~*~*~ (outnumbered).
 13416 | D:5      | 13416 ||| Stepping ~*~*~tactically~*~*~ (outnumbered).
 13418 | D:5      | 13418 ||| Stepping ~*~*~tactically~*~*~ (outnumbered).
 13420 | D:5      | 13420 ||| Stepping ~*~*~tactically~*~*~ (outnumbered).
 13422 | D:5      | 13422 ||| Stepping ~*~*~tactically~*~*~ (outnumbered).
 13424 | D:5      | 13424 ||| Stepping ~*~*~tactically~*~*~ (outnumbered).
 13436 | D:5      | 13436 ||| Stepping ~*~*~tactically~*~*~ (outnumbered).
 13438 | D:5      | 13438 ||| Stepping ~*~*~tactically~*~*~ (outnumbered).
 13440 | D:5      | 13440 ||| Stepping ~*~*~tactically~*~*~ (outnumbered).
 13442 | D:5      | 13442 ||| Stepping ~*~*~tactically~*~*~ (outnumbered).
 13444 | D:5      | 13444 ||| Stepping ~*~*~tactically~*~*~ (outnumbered).
 13456 | D:5      | 13456 ||| Stepping ~*~*~tactically~*~*~ (outnumbered).
 13458 | D:5      | 13458 ||| Stepping ~*~*~tactically~*~*~ (outnumbered).
 13460 | D:5      | 13460 ||| Stepping ~*~*~tactically~*~*~ (outnumbered).
 13462 | D:5      | 13462 ||| Stepping ~*~*~tactically~*~*~ (outnumbered).
 13464 | D:5      | 13464 ||| Stepping ~*~*~tactically~*~*~ (outnumbered).
 13476 | D:5      | 13476 ||| Stepping ~*~*~tactically~*~*~ (outnumbered).
 13478 | D:5      | 13478 ||| Stepping ~*~*~tactically~*~*~ (outnumbered).
 13480 | D:5      | 13480 ||| Stepping ~*~*~tactically~*~*~ (outnumbered).
 13482 | D:5      | 13482 ||| Stepping ~*~*~tactically~*~*~ (outnumbered).
 13484 | D:5      | 13484 ||| Stepping ~*~*~tactically~*~*~ (outnumbered).
 13496 | D:5      | 13496 ||| Stepping ~*~*~tactically~*~*~ (outnumbered).
 13498 | D:5      | 13498 ||| Stepping ~*~*~tactically~*~*~ (outnumbered).
 13500 | D:5      | 13500 ||| Stepping ~*~*~tactically~*~*~ (outnumbered).
 13502 | D:5      | 13502 ||| Stepping ~*~*~tactically~*~*~ (outnumbered).
 13504 | D:5      | 13504 ||| Stepping ~*~*~tactically~*~*~ (outnumbered).
 13516 | D:5      | 13516 ||| Stepping ~*~*~tactically~*~*~ (outnumbered).
 13518 | D:5      | 13518 ||| Stepping ~*~*~tactically~*~*~ (outnumbered).
 13520 | D:5      | 13520 ||| Stepping ~*~*~tactically~*~*~ (outnumbered).
 13522 | D:5      | 13522 ||| Stepping ~*~*~tactically~*~*~ (outnumbered).
 13524 | D:5      | 13524 ||| Stepping ~*~*~tactically~*~*~ (outnumbered).
 13536 | D:5      | 13536 ||| Stepping ~*~*~tactically~*~*~ (outnumbered).
 13538 | D:5      | 13538 ||| Stepping ~*~*~tactically~*~*~ (outnumbered).
 13540 | D:5      | 13540 ||| Stepping ~*~*~tactically~*~*~ (outnumbered).
 13542 | D:5      | 13542 ||| Stepping ~*~*~tactically~*~*~ (outnumbered).
 13544 | D:5      | 13544 ||| Stepping ~*~*~tactically~*~*~ (outnumbered).
 13556 | D:5      | 13556 ||| Stepping ~*~*~tactically~*~*~ (outnumbered).
 13558 | D:5      | 13558 ||| Stepping ~*~*~tactically~*~*~ (outnumbered).
 13560 | D:5      | 13560 ||| Stepping ~*~*~tactically~*~*~ (outnumbered).
 13562 | D:5      | 13562 ||| Stepping ~*~*~tactically~*~*~ (outnumbered).
 13564 | D:5      | 13564 ||| Stepping ~*~*~tactically~*~*~ (outnumbered).
 13576 | D:5      | 13576 ||| Stepping ~*~*~tactically~*~*~ (outnumbered).
 13578 | D:5      | 13578 ||| Stepping ~*~*~tactically~*~*~ (outnumbered).
 13580 | D:5      | 13580 ||| Stepping ~*~*~tactically~*~*~ (outnumbered).
 13582 | D:5      | 13582 ||| Stepping ~*~*~tactically~*~*~ (outnumbered).
 13584 | D:5      | 13584 ||| Stepping ~*~*~tactically~*~*~ (outnumbered).
 13596 | D:5      | 13596 ||| Stepping ~*~*~tactically~*~*~ (outnumbered).
 13598 | D:5      | 13598 ||| Stepping ~*~*~tactically~*~*~ (outnumbered).
 13600 | D:5      | 13600 ||| Stepping ~*~*~tactically~*~*~ (outnumbered).
 13602 | D:5      | 13602 ||| Stepping ~*~*~tactically~*~*~ (outnumbered).
 13604 | D:5      | 13604 ||| Stepping ~*~*~tactically~*~*~ (outnumbered).
 13616 | D:5      | 13616 ||| Stepping ~*~*~tactically~*~*~ (outnumbered).
 13618 | D:5      | 13618 ||| Stepping ~*~*~tactically~*~*~ (outnumbered).
 13620 | D:5      | 13620 ||| Stepping ~*~*~tactically~*~*~ (outnumbered).
 13622 | D:5      | 13622 ||| Stepping ~*~*~tactically~*~*~ (outnumbered).
 13624 | D:5      | 13624 ||| Stepping ~*~*~tactically~*~*~ (outnumbered).
 13636 | D:5      | 13636 ||| Stepping ~*~*~tactically~*~*~ (outnumbered).
 13638 | D:5      | 13638 ||| Stepping ~*~*~tactically~*~*~ (outnumbered).
 13640 | D:5      | 13640 ||| Stepping ~*~*~tactically~*~*~ (outnumbered).
 13642 | D:5      | 13642 ||| Stepping ~*~*~tactically~*~*~ (outnumbered).
 13644 | D:5      | 13644 ||| Stepping ~*~*~tactically~*~*~ (outnumbered).
 13656 | D:5      | 13656 ||| Stepping ~*~*~tactically~*~*~ (outnumbered).
 13658 | D:5      | 13658 ||| Stepping ~*~*~tactically~*~*~ (outnumbered).
 13660 | D:5      | 13660 ||| Stepping ~*~*~tactically~*~*~ (outnumbered).
 13662 | D:5      | 13662 ||| Stepping ~*~*~tactically~*~*~ (outnumbered).
 13664 | D:5      | 13664 ||| Stepping ~*~*~tactically~*~*~ (outnumbered).
 13676 | D:5      | 13676 ||| Stepping ~*~*~tactically~*~*~ (outnumbered).
 13678 | D:5      | 13678 ||| Stepping ~*~*~tactically~*~*~ (outnumbered).
 13680 | D:5      | 13680 ||| Stepping ~*~*~tactically~*~*~ (outnumbered).
 13682 | D:5      | 13682 ||| Stepping ~*~*~tactically~*~*~ (outnumbered).
 13684 | D:5      | 13684 ||| Stepping ~*~*~tactically~*~*~ (outnumbered).
 13696 | D:5      | 13696 ||| Stepping ~*~*~tactically~*~*~ (outnumbered).
 13698 | D:5      | 13698 ||| Stepping ~*~*~tactically~*~*~ (outnumbered).
 13700 | D:5      | 13700 ||| Stepping ~*~*~tactically~*~*~ (outnumbered).
 13702 | D:5      | 13702 ||| Stepping ~*~*~tactically~*~*~ (outnumbered).
 13704 | D:5      | 13704 ||| Stepping ~*~*~tactically~*~*~ (outnumbered).
 13716 | D:5      | 13716 ||| Stepping ~*~*~tactically~*~*~ (outnumbered).
 13718 | D:5      | 13718 ||| Stepping ~*~*~tactically~*~*~ (outnumbered).
 13720 | D:5      | 13720 ||| Stepping ~*~*~tactically~*~*~ (outnumbered).
 13722 | D:5      | 13722 ||| Stepping ~*~*~tactically~*~*~ (outnumbered).
 13724 | D:5      | 13724 ||| Stepping ~*~*~tactically~*~*~ (outnumbered).
 13736 | D:5      | 13736 ||| Stepping ~*~*~tactically~*~*~ (outnumbered).
 13738 | D:5      | 13738 ||| Stepping ~*~*~tactically~*~*~ (outnumbered).
 13740 | D:5      | 13740 ||| Stepping ~*~*~tactically~*~*~ (outnumbered).
 13742 | D:5      | 13742 ||| Stepping ~*~*~tactically~*~*~ (outnumbered).
 13744 | D:5      | 13744 ||| Stepping ~*~*~tactically~*~*~ (outnumbered).
 13756 | D:5      | 13756 ||| Stepping ~*~*~tactically~*~*~ (outnumbered).
 13758 | D:5      | 13758 ||| Stepping ~*~*~tactically~*~*~ (outnumbered).
 13760 | D:5      | 13760 ||| Stepping ~*~*~tactically~*~*~ (outnumbered).
 13762 | D:5      | 13762 ||| Stepping ~*~*~tactically~*~*~ (outnumbered).
 13764 | D:5      | 13764 ||| Stepping ~*~*~tactically~*~*~ (outnumbered).
 13776 | D:5      | 13776 ||| Stepping ~*~*~tactically~*~*~ (outnumbered).
 13778 | D:5      | 13778 ||| Stepping ~*~*~tactically~*~*~ (outnumbered).
 13780 | D:5      | 13780 ||| Stepping ~*~*~tactically~*~*~ (outnumbered).
 13782 | D:5      | 13782 ||| Stepping ~*~*~tactically~*~*~ (outnumbered).
 13784 | D:5      | 13784 ||| Stepping ~*~*~tactically~*~*~ (outnumbered).
 13796 | D:5      | 13796 ||| Stepping ~*~*~tactically~*~*~ (outnumbered).
 13798 | D:5      | 13798 ||| Stepping ~*~*~tactically~*~*~ (outnumbered).
 13800 | D:5      | 13800 ||| Stepping ~*~*~tactically~*~*~ (outnumbered).
 13802 | D:5      | 13802 ||| Stepping ~*~*~tactically~*~*~ (outnumbered).
 13804 | D:5      | 13804 ||| Stepping ~*~*~tactically~*~*~ (outnumbered).
 13816 | D:5      | 13816 ||| Stepping ~*~*~tactically~*~*~ (outnumbered).
 13818 | D:5      | 13818 ||| Stepping ~*~*~tactically~*~*~ (outnumbered).
 13820 | D:5      | 13820 ||| Stepping ~*~*~tactically~*~*~ (outnumbered).
 13822 | D:5      | 13822 ||| Stepping ~*~*~tactically~*~*~ (outnumbered).
 13824 | D:5      | 13824 ||| Stepping ~*~*~tactically~*~*~ (outnumbered).
 13836 | D:5      | 13836 ||| Stepping ~*~*~tactically~*~*~ (outnumbered).
 13838 | D:5      | 13838 ||| Stepping ~*~*~tactically~*~*~ (outnumbered).
 13840 | D:5      | 13840 ||| Stepping ~*~*~tactically~*~*~ (outnumbered).
 13842 | D:5      | 13842 ||| Stepping ~*~*~tactically~*~*~ (outnumbered).
 13844 | D:5      | 13844 ||| Stepping ~*~*~tactically~*~*~ (outnumbered).
 13856 | D:5      | 13856 ||| Stepping ~*~*~tactically~*~*~ (outnumbered).
 13858 | D:5      | 13858 ||| Stepping ~*~*~tactically~*~*~ (outnumbered).
 13860 | D:5      | 13860 ||| Stepping ~*~*~tactically~*~*~ (outnumbered).
 13862 | D:5      | 13862 ||| Stepping ~*~*~tactically~*~*~ (outnumbered).
 13864 | D:5      | 13864 ||| Stepping ~*~*~tactically~*~*~ (outnumbered).
 13876 | D:5      | 13876 ||| Stepping ~*~*~tactically~*~*~ (outnumbered).
 13878 | D:5      | 13878 ||| Stepping ~*~*~tactically~*~*~ (outnumbered).
 13880 | D:5      | 13880 ||| Stepping ~*~*~tactically~*~*~ (outnumbered).
 13882 | D:5      | 13882 ||| Stepping ~*~*~tactically~*~*~ (outnumbered).
 13884 | D:5      | 13884 ||| Stepping ~*~*~tactically~*~*~ (outnumbered).
 13896 | D:5      | 13896 ||| Stepping ~*~*~tactically~*~*~ (outnumbered).
 13898 | D:5      | 13898 ||| Stepping ~*~*~tactically~*~*~ (outnumbered).
 13900 | D:5      | 13900 ||| Stepping ~*~*~tactically~*~*~ (outnumbered).
 13902 | D:5      | 13902 ||| Stepping ~*~*~tactically~*~*~ (outnumbered).
 13904 | D:5      | 13904 ||| Stepping ~*~*~tactically~*~*~ (outnumbered).
 13916 | D:5      | 13916 ||| Stepping ~*~*~tactically~*~*~ (outnumbered).
 13918 | D:5      | 13918 ||| Stepping ~*~*~tactically~*~*~ (outnumbered).
 13920 | D:5      | 13920 ||| Stepping ~*~*~tactically~*~*~ (outnumbered).
 13922 | D:5      | 13922 ||| Stepping ~*~*~tactically~*~*~ (outnumbered).
 13924 | D:5      | 13924 ||| Stepping ~*~*~tactically~*~*~ (outnumbered).
 13936 | D:5      | 13936 ||| Stepping ~*~*~tactically~*~*~ (outnumbered).
 13938 | D:5      | 13938 ||| Stepping ~*~*~tactically~*~*~ (outnumbered).
 13940 | D:5      | 13940 ||| Stepping ~*~*~tactically~*~*~ (outnumbered).
 13942 | D:5      | 13942 ||| Stepping ~*~*~tactically~*~*~ (outnumbered).
 13944 | D:5      | 13944 ||| Stepping ~*~*~tactically~*~*~ (outnumbered).
 13956 | D:5      | 13956 ||| Stepping ~*~*~tactically~*~*~ (outnumbered).
 13958 | D:5      | 13958 ||| Stepping ~*~*~tactically~*~*~ (outnumbered).
 13960 | D:5      | 13960 ||| Stepping ~*~*~tactically~*~*~ (outnumbered).
 13962 | D:5      | 13962 ||| Stepping ~*~*~tactically~*~*~ (outnumbered).
 13964 | D:5      | 13964 ||| Stepping ~*~*~tactically~*~*~ (outnumbered).
 13976 | D:5      | 13976 ||| Stepping ~*~*~tactically~*~*~ (outnumbered).
 13978 | D:5      | 13978 ||| Stepping ~*~*~tactically~*~*~ (outnumbered).
 13980 | D:5      | 13980 ||| Stepping ~*~*~tactically~*~*~ (outnumbered).
 13982 | D:5      | 13982 ||| Stepping ~*~*~tactically~*~*~ (outnumbered).
 13984 | D:5      | 13984 ||| Stepping ~*~*~tactically~*~*~ (outnumbered).
 13996 | D:5      | 13996 ||| Stepping ~*~*~tactically~*~*~ (outnumbered).
 13998 | D:5      | 13998 ||| Stepping ~*~*~tactically~*~*~ (outnumbered).
 14000 | D:5      | 14000 ||| Stepping ~*~*~tactically~*~*~ (outnumbered).
 14002 | D:5      | 14002 ||| Stepping ~*~*~tactically~*~*~ (outnumbered).
 14004 | D:5      | 14004 ||| Stepping ~*~*~tactically~*~*~ (outnumbered).
 14016 | D:5      | 14016 ||| Stepping ~*~*~tactically~*~*~ (outnumbered).
 14018 | D:5      | 14018 ||| Stepping ~*~*~tactically~*~*~ (outnumbered).
 14020 | D:5      | 14020 ||| Stepping ~*~*~tactically~*~*~ (outnumbered).
 14022 | D:5      | 14022 ||| Stepping ~*~*~tactically~*~*~ (outnumbered).
 14024 | D:5      | 14024 ||| Stepping ~*~*~tactically~*~*~ (outnumbered).
 14036 | D:5      | 14036 ||| Stepping ~*~*~tactically~*~*~ (outnumbered).
 14038 | D:5      | 14038 ||| Stepping ~*~*~tactically~*~*~ (outnumbered).
 14040 | D:5      | 14040 ||| Stepping ~*~*~tactically~*~*~ (outnumbered).
 14042 | D:5      | 14042 ||| Stepping ~*~*~tactically~*~*~ (outnumbered).
 14044 | D:5      | 14044 ||| Stepping ~*~*~tactically~*~*~ (outnumbered).
 14056 | D:5      | 14056 ||| Stepping ~*~*~tactically~*~*~ (outnumbered).
 14058 | D:5      | 14058 ||| Stepping ~*~*~tactically~*~*~ (outnumbered).
 14060 | D:5      | 14060 ||| Stepping ~*~*~tactically~*~*~ (outnumbered).
 14062 | D:5      | 14062 ||| Stepping ~*~*~tactically~*~*~ (outnumbered).
 14064 | D:5      | 14064 ||| Stepping ~*~*~tactically~*~*~ (outnumbered).
 14076 | D:5      | 14076 ||| Stepping ~*~*~tactically~*~*~ (outnumbered).
 14078 | D:5      | 14078 ||| Stepping ~*~*~tactically~*~*~ (outnumbered).
 14080 | D:5      | 14080 ||| Stepping ~*~*~tactically~*~*~ (outnumbered).
 14082 | D:5      | 14082 ||| Stepping ~*~*~tactically~*~*~ (outnumbered).
 14084 | D:5      | 14084 ||| Stepping ~*~*~tactically~*~*~ (outnumbered).
 14096 | D:5      | 14096 ||| Stepping ~*~*~tactically~*~*~ (outnumbered).
 14098 | D:5      | 14098 ||| Stepping ~*~*~tactically~*~*~ (outnumbered).
 14100 | D:5      | 14100 ||| Stepping ~*~*~tactically~*~*~ (outnumbered).
 14102 | D:5      | 14102 ||| Stepping ~*~*~tactically~*~*~ (outnumbered).
 14104 | D:5      | 14104 ||| Stepping ~*~*~tactically~*~*~ (outnumbered).
 14116 | D:5      | 14116 ||| Stepping ~*~*~tactically~*~*~ (outnumbered).
 14118 | D:5      | 14118 ||| Stepping ~*~*~tactically~*~*~ (outnumbered).
 14120 | D:5      | 14120 ||| Stepping ~*~*~tactically~*~*~ (outnumbered).
 14122 | D:5      | 14122 ||| Stepping ~*~*~tactically~*~*~ (outnumbered).
 14124 | D:5      | 14124 ||| Stepping ~*~*~tactically~*~*~ (outnumbered).
 14136 | D:5      | 14136 ||| Stepping ~*~*~tactically~*~*~ (outnumbered).
 14138 | D:5      | 14138 ||| Stepping ~*~*~tactically~*~*~ (outnumbered).
 14140 | D:5      | 14140 ||| Stepping ~*~*~tactically~*~*~ (outnumbered).
 14142 | D:5      | 14142 ||| Stepping ~*~*~tactically~*~*~ (outnumbered).
 14144 | D:5      | 14144 ||| Stepping ~*~*~tactically~*~*~ (outnumbered).
 14156 | D:5      | 14156 ||| Stepping ~*~*~tactically~*~*~ (outnumbered).
 14158 | D:5      | 14158 ||| Stepping ~*~*~tactically~*~*~ (outnumbered).
 14160 | D:5      | 14160 ||| Stepping ~*~*~tactically~*~*~ (outnumbered).
 14162 | D:5      | 14162 ||| Stepping ~*~*~tactically~*~*~ (outnumbered).
 14164 | D:5      | 14164 ||| Stepping ~*~*~tactically~*~*~ (outnumbered).
 14176 | D:5      | 14176 ||| Stepping ~*~*~tactically~*~*~ (outnumbered).
 14178 | D:5      | 14178 ||| Stepping ~*~*~tactically~*~*~ (outnumbered).
 14180 | D:5      | 14180 ||| Stepping ~*~*~tactically~*~*~ (outnumbered).
 14182 | D:5      | 14182 ||| Stepping ~*~*~tactically~*~*~ (outnumbered).
 14184 | D:5      | 14184 ||| Stepping ~*~*~tactically~*~*~ (outnumbered).
 14196 | D:5      | 14196 ||| Stepping ~*~*~tactically~*~*~ (outnumbered).
 14198 | D:5      | 14198 ||| Stepping ~*~*~tactically~*~*~ (outnumbered).
 14200 | D:5      | 14200 ||| Stepping ~*~*~tactically~*~*~ (outnumbered).
 14202 | D:5      | 14202 ||| Stepping ~*~*~tactically~*~*~ (outnumbered).
 14204 | D:5      | 14204 ||| Stepping ~*~*~tactically~*~*~ (outnumbered).
 14216 | D:5      | 14216 ||| Stepping ~*~*~tactically~*~*~ (outnumbered).
 14218 | D:5      | 14218 ||| Stepping ~*~*~tactically~*~*~ (outnumbered).
 14220 | D:5      | 14220 ||| Stepping ~*~*~tactically~*~*~ (outnumbered).
 14222 | D:5      | 14222 ||| Stepping ~*~*~tactically~*~*~ (outnumbered).
 14224 | D:5      | 14224 ||| Stepping ~*~*~tactically~*~*~ (outnumbered).
 14236 | D:5      | 14236 ||| Stepping ~*~*~tactically~*~*~ (outnumbered).
 14238 | D:5      | 14238 ||| Stepping ~*~*~tactically~*~*~ (outnumbered).
 14240 | D:5      | 14240 ||| Stepping ~*~*~tactically~*~*~ (outnumbered).
 14242 | D:5      | 14242 ||| Stepping ~*~*~tactically~*~*~ (outnumbered).
 14244 | D:5      | 14244 ||| Stepping ~*~*~tactically~*~*~ (outnumbered).
 14256 | D:5      | 14256 ||| Stepping ~*~*~tactically~*~*~ (outnumbered).
 14258 | D:5      | 14258 ||| Stepping ~*~*~tactically~*~*~ (outnumbered).
 14260 | D:5      | 14260 ||| Stepping ~*~*~tactically~*~*~ (outnumbered).
 14262 | D:5      | 14262 ||| Stepping ~*~*~tactically~*~*~ (outnumbered).
 14264 | D:5      | 14264 ||| Stepping ~*~*~tactically~*~*~ (outnumbered).
 14276 | D:5      | 14276 ||| Stepping ~*~*~tactically~*~*~ (outnumbered).
 14278 | D:5      | 14278 ||| Stepping ~*~*~tactically~*~*~ (outnumbered).
 14280 | D:5      | 14280 ||| Stepping ~*~*~tactically~*~*~ (outnumbered).
 14282 | D:5      | 14282 ||| Stepping ~*~*~tactically~*~*~ (outnumbered).
 14284 | D:5      | 14284 ||| Stepping ~*~*~tactically~*~*~ (outnumbered).
 14296 | D:5      | 14296 ||| Stepping ~*~*~tactically~*~*~ (outnumbered).
 14298 | D:5      | 14298 ||| Stepping ~*~*~tactically~*~*~ (outnumbered).
 14300 | D:5      | 14300 ||| Stepping ~*~*~tactically~*~*~ (outnumbered).
 14302 | D:5      | 14302 ||| Stepping ~*~*~tactically~*~*~ (outnumbered).
 14304 | D:5      | 14304 ||| Stepping ~*~*~tactically~*~*~ (outnumbered).
 14316 | D:5      | 14316 ||| Stepping ~*~*~tactically~*~*~ (outnumbered).
 14318 | D:5      | 14318 ||| Stepping ~*~*~tactically~*~*~ (outnumbered).
 14320 | D:5      | 14320 ||| Stepping ~*~*~tactically~*~*~ (outnumbered).
 14322 | D:5      | 14322 ||| Stepping ~*~*~tactically~*~*~ (outnumbered).
 14324 | D:5      | 14324 ||| Stepping ~*~*~tactically~*~*~ (outnumbered).
 14336 | D:5      | 14336 ||| Stepping ~*~*~tactically~*~*~ (outnumbered).
 14338 | D:5      | 14338 ||| Stepping ~*~*~tactically~*~*~ (outnumbered).
 14340 | D:5      | 14340 ||| Stepping ~*~*~tactically~*~*~ (outnumbered).
 14342 | D:5      | 14342 ||| Stepping ~*~*~tactically~*~*~ (outnumbered).
 14344 | D:5      | 14344 ||| Stepping ~*~*~tactically~*~*~ (outnumbered).
 14356 | D:5      | 14356 ||| Stepping ~*~*~tactically~*~*~ (outnumbered).
 14358 | D:5      | 14358 ||| Stepping ~*~*~tactically~*~*~ (outnumbered).
 14360 | D:5      | 14360 ||| Stepping ~*~*~tactically~*~*~ (outnumbered).
 14362 | D:5      | 14362 ||| Stepping ~*~*~tactically~*~*~ (outnumbered).
 14364 | D:5      | 14364 ||| Stepping ~*~*~tactically~*~*~ (outnumbered).
 14376 | D:5      | 14376 ||| Stepping ~*~*~tactically~*~*~ (outnumbered).
 14378 | D:5      | 14378 ||| Stepping ~*~*~tactically~*~*~ (outnumbered).
 14380 | D:5      | 14380 ||| Stepping ~*~*~tactically~*~*~ (outnumbered).
 14382 | D:5      | 14382 ||| Stepping ~*~*~tactically~*~*~ (outnumbered).
 14384 | D:5      | 14384 ||| Stepping ~*~*~tactically~*~*~ (outnumbered).
 14396 | D:5      | 14396 ||| Stepping ~*~*~tactically~*~*~ (outnumbered).
 14398 | D:5      | 14398 ||| Stepping ~*~*~tactically~*~*~ (outnumbered).
 14400 | D:5      | 14400 ||| Stepping ~*~*~tactically~*~*~ (outnumbered).
 14402 | D:5      | 14402 ||| Stepping ~*~*~tactically~*~*~ (outnumbered).
 14404 | D:5      | 14404 ||| Stepping ~*~*~tactically~*~*~ (outnumbered).
 14416 | D:5      | 14416 ||| Stepping ~*~*~tactically~*~*~ (outnumbered).
 14418 | D:5      | 14418 ||| Stepping ~*~*~tactically~*~*~ (outnumbered).
 14420 | D:5      | 14420 ||| Stepping ~*~*~tactically~*~*~ (outnumbered).
 14422 | D:5      | 14422 ||| Stepping ~*~*~tactically~*~*~ (outnumbered).
 14424 | D:5      | 14424 ||| Stepping ~*~*~tactically~*~*~ (outnumbered).
 14436 | D:5      | 14436 ||| Stepping ~*~*~tactically~*~*~ (outnumbered).
 14438 | D:5      | 14438 ||| Stepping ~*~*~tactically~*~*~ (outnumbered).
 14440 | D:5      | 14440 ||| Stepping ~*~*~tactically~*~*~ (outnumbered).
 14442 | D:5      | 14442 ||| Stepping ~*~*~tactically~*~*~ (outnumbered).
 14444 | D:5      | 14444 ||| Stepping ~*~*~tactically~*~*~ (outnumbered).
 14456 | D:5      | 14456 ||| Stepping ~*~*~tactically~*~*~ (outnumbered).
 14458 | D:5      | 14458 ||| Stepping ~*~*~tactically~*~*~ (outnumbered).
 14460 | D:5      | 14460 ||| Stepping ~*~*~tactically~*~*~ (outnumbered).
 14462 | D:5      | 14462 ||| Stepping ~*~*~tactically~*~*~ (outnumbered).
 14464 | D:5      | 14464 ||| Stepping ~*~*~tactically~*~*~ (outnumbered).
 14476 | D:5      | 14476 ||| Stepping ~*~*~tactically~*~*~ (outnumbered).
 14478 | D:5      | 14478 ||| Stepping ~*~*~tactically~*~*~ (outnumbered).
 14480 | D:5      | 14480 ||| Stepping ~*~*~tactically~*~*~ (outnumbered).
 14482 | D:5      | 14482 ||| Stepping ~*~*~tactically~*~*~ (outnumbered).
 14484 | D:5      | 14484 ||| Stepping ~*~*~tactically~*~*~ (outnumbered).
 14496 | D:5      | 14496 ||| Stepping ~*~*~tactically~*~*~ (outnumbered).
 14498 | D:5      | 14498 ||| Stepping ~*~*~tactically~*~*~ (outnumbered).
 14500 | D:5      | 14500 ||| Stepping ~*~*~tactically~*~*~ (outnumbered).
 14502 | D:5      | 14502 ||| Stepping ~*~*~tactically~*~*~ (outnumbered).
 14504 | D:5      | 14504 ||| Stepping ~*~*~tactically~*~*~ (outnumbered).
 14516 | D:5      | 14516 ||| Stepping ~*~*~tactically~*~*~ (outnumbered).
 14518 | D:5      | 14518 ||| Stepping ~*~*~tactically~*~*~ (outnumbered).
 14520 | D:5      | 14520 ||| Stepping ~*~*~tactically~*~*~ (outnumbered).
 14522 | D:5      | 14522 ||| Stepping ~*~*~tactically~*~*~ (outnumbered).
 14524 | D:5      | 14524 ||| Stepping ~*~*~tactically~*~*~ (outnumbered).
 14536 | D:5      | 14536 ||| Stepping ~*~*~tactically~*~*~ (outnumbered).
 14538 | D:5      | 14538 ||| Stepping ~*~*~tactically~*~*~ (outnumbered).
 14540 | D:5      | 14540 ||| Stepping ~*~*~tactically~*~*~ (outnumbered).
 14542 | D:5      | 14542 ||| Stepping ~*~*~tactically~*~*~ (outnumbered).
 14544 | D:5      | 14544 ||| Stepping ~*~*~tactically~*~*~ (outnumbered).
 14556 | D:5      | 14556 ||| Stepping ~*~*~tactically~*~*~ (outnumbered).
 14558 | D:5      | 14558 ||| Stepping ~*~*~tactically~*~*~ (outnumbered).
 14560 | D:5      | 14560 ||| Stepping ~*~*~tactically~*~*~ (outnumbered).
 14562 | D:5      | 14562 ||| Stepping ~*~*~tactically~*~*~ (outnumbered).
 14564 | D:5      | 14564 ||| Stepping ~*~*~tactically~*~*~ (outnumbered).
 14576 | D:5      | 14576 ||| Stepping ~*~*~tactically~*~*~ (outnumbered).
 14578 | D:5      | 14578 ||| Stepping ~*~*~tactically~*~*~ (outnumbered).
 14580 | D:5      | 14580 ||| Stepping ~*~*~tactically~*~*~ (outnumbered).
 14582 | D:5      | 14582 ||| Stepping ~*~*~tactically~*~*~ (outnumbered).
 14584 | D:5      | 14584 ||| Stepping ~*~*~tactically~*~*~ (outnumbered).
 14596 | D:5      | 14596 ||| Stepping ~*~*~tactically~*~*~ (outnumbered).
 14598 | D:5      | 14598 ||| Stepping ~*~*~tactically~*~*~ (outnumbered).
 14600 | D:5      | 14600 ||| Stepping ~*~*~tactically~*~*~ (outnumbered).
 14602 | D:5      | 14602 ||| Stepping ~*~*~tactically~*~*~ (outnumbered).
 14604 | D:5      | 14604 ||| Stepping ~*~*~tactically~*~*~ (outnumbered).
 14616 | D:5      | 14616 ||| Stepping ~*~*~tactically~*~*~ (outnumbered).
 14618 | D:5      | 14618 ||| Stepping ~*~*~tactically~*~*~ (outnumbered).
 14620 | D:5      | 14620 ||| Stepping ~*~*~tactically~*~*~ (outnumbered).
 14622 | D:5      | 14622 ||| Stepping ~*~*~tactically~*~*~ (outnumbered).
 14624 | D:5      | 14624 ||| Stepping ~*~*~tactically~*~*~ (outnumbered).
 14636 | D:5      | 14636 ||| Stepping ~*~*~tactically~*~*~ (outnumbered).
 14638 | D:5      | 14638 ||| Stepping ~*~*~tactically~*~*~ (outnumbered).
 14640 | D:5      | 14640 ||| Stepping ~*~*~tactically~*~*~ (outnumbered).
 14642 | D:5      | 14642 ||| Stepping ~*~*~tactically~*~*~ (outnumbered).
 14644 | D:5      | 14644 ||| Stepping ~*~*~tactically~*~*~ (outnumbered).
 14656 | D:5      | 14656 ||| Stepping ~*~*~tactically~*~*~ (outnumbered).
 14658 | D:5      | 14658 ||| Stepping ~*~*~tactically~*~*~ (outnumbered).
 14660 | D:5      | 14660 ||| Stepping ~*~*~tactically~*~*~ (outnumbered).
 14662 | D:5      | 14662 ||| Stepping ~*~*~tactically~*~*~ (outnumbered).
 14664 | D:5      | 14664 ||| Stepping ~*~*~tactically~*~*~ (outnumbered).
 14676 | D:5      | 14676 ||| Stepping ~*~*~tactically~*~*~ (outnumbered).
 14678 | D:5      | 14678 ||| Stepping ~*~*~tactically~*~*~ (outnumbered).
 14680 | D:5      | 14680 ||| Stepping ~*~*~tactically~*~*~ (outnumbered).
 14682 | D:5      | 14682 ||| Stepping ~*~*~tactically~*~*~ (outnumbered).
 14684 | D:5      | 14684 ||| Stepping ~*~*~tactically~*~*~ (outnumbered).
 14696 | D:5      | 14696 ||| Stepping ~*~*~tactically~*~*~ (outnumbered).
 14698 | D:5      | 14698 ||| Stepping ~*~*~tactically~*~*~ (outnumbered).
 14700 | D:5      | 14700 ||| Stepping ~*~*~tactically~*~*~ (outnumbered).
 14702 | D:5      | 14702 ||| Stepping ~*~*~tactically~*~*~ (outnumbered).
 14704 | D:5      | 14704 ||| Stepping ~*~*~tactically~*~*~ (outnumbered).
 14716 | D:5      | 14716 ||| Stepping ~*~*~tactically~*~*~ (outnumbered).
 14718 | D:5      | 14718 ||| Stepping ~*~*~tactically~*~*~ (outnumbered).
 14720 | D:5      | 14720 ||| Stepping ~*~*~tactically~*~*~ (outnumbered).
 14722 | D:5      | 14722 ||| Stepping ~*~*~tactically~*~*~ (outnumbered).
 14724 | D:5      | 14724 ||| Stepping ~*~*~tactically~*~*~ (outnumbered).
 14736 | D:5      | 14736 ||| Stepping ~*~*~tactically~*~*~ (outnumbered).
 14738 | D:5      | 14738 ||| Stepping ~*~*~tactically~*~*~ (outnumbered).
 14740 | D:5      | 14740 ||| Stepping ~*~*~tactically~*~*~ (outnumbered).
 14742 | D:5      | 14742 ||| Stepping ~*~*~tactically~*~*~ (outnumbered).
 14744 | D:5      | 14744 ||| Stepping ~*~*~tactically~*~*~ (outnumbered).
 14756 | D:5      | 14756 ||| Stepping ~*~*~tactically~*~*~ (outnumbered).
 14758 | D:5      | 14758 ||| Stepping ~*~*~tactically~*~*~ (outnumbered).
 14760 | D:5      | 14760 ||| Stepping ~*~*~tactically~*~*~ (outnumbered).
 14762 | D:5      | 14762 ||| Stepping ~*~*~tactically~*~*~ (outnumbered).
 14764 | D:5      | 14764 ||| Stepping ~*~*~tactically~*~*~ (outnumbered).
 14776 | D:5      | 14776 ||| Stepping ~*~*~tactically~*~*~ (outnumbered).
 14778 | D:5      | 14778 ||| Stepping ~*~*~tactically~*~*~ (outnumbered).
 14780 | D:5      | 14780 ||| Stepping ~*~*~tactically~*~*~ (outnumbered).
 14782 | D:5      | 14782 ||| Stepping ~*~*~tactically~*~*~ (outnumbered).
 14784 | D:5      | 14784 ||| Stepping ~*~*~tactically~*~*~ (outnumbered).
 14796 | D:5      | 14796 ||| Stepping ~*~*~tactically~*~*~ (outnumbered).
 14798 | D:5      | 14798 ||| Stepping ~*~*~tactically~*~*~ (outnumbered).
 14800 | D:5      | 14800 ||| Stepping ~*~*~tactically~*~*~ (outnumbered).
 14802 | D:5      | 14802 ||| Stepping ~*~*~tactically~*~*~ (outnumbered).
 14804 | D:5      | 14804 ||| Stepping ~*~*~tactically~*~*~ (outnumbered).
 14816 | D:5      | 14816 ||| Stepping ~*~*~tactically~*~*~ (outnumbered).
 14818 | D:5      | 14818 ||| Stepping ~*~*~tactically~*~*~ (outnumbered).
 14820 | D:5      | 14820 ||| Stepping ~*~*~tactically~*~*~ (outnumbered).
 14822 | D:5      | 14822 ||| Stepping ~*~*~tactically~*~*~ (outnumbered).
 14824 | D:5      | 14824 ||| Stepping ~*~*~tactically~*~*~ (outnumbered).
 14836 | D:5      | 14836 ||| Stepping ~*~*~tactically~*~*~ (outnumbered).
 14838 | D:5      | 14838 ||| Stepping ~*~*~tactically~*~*~ (outnumbered).
 14840 | D:5      | 14840 ||| Stepping ~*~*~tactically~*~*~ (outnumbered).
 14842 | D:5      | 14842 ||| Stepping ~*~*~tactically~*~*~ (outnumbered).
 14844 | D:5      | 14844 ||| Stepping ~*~*~tactically~*~*~ (outnumbered).
 14856 | D:5      | 14856 ||| Stepping ~*~*~tactically~*~*~ (outnumbered).
 14858 | D:5      | 14858 ||| Stepping ~*~*~tactically~*~*~ (outnumbered).
 14860 | D:5      | 14860 ||| Stepping ~*~*~tactically~*~*~ (outnumbered).
 14862 | D:5      | 14862 ||| Stepping ~*~*~tactically~*~*~ (outnumbered).
 14864 | D:5      | 14864 ||| Stepping ~*~*~tactically~*~*~ (outnumbered).
 14876 | D:5      | 14876 ||| Stepping ~*~*~tactically~*~*~ (outnumbered).
 14878 | D:5      | 14878 ||| Stepping ~*~*~tactically~*~*~ (outnumbered).
 14880 | D:5      | 14880 ||| Stepping ~*~*~tactically~*~*~ (outnumbered).
 14882 | D:5      | 14882 ||| Stepping ~*~*~tactically~*~*~ (outnumbered).
 14884 | D:5      | 14884 ||| Stepping ~*~*~tactically~*~*~ (outnumbered).
 14896 | D:5      | 14896 ||| Stepping ~*~*~tactically~*~*~ (outnumbered).
 14898 | D:5      | 14898 ||| Stepping ~*~*~tactically~*~*~ (outnumbered).
 14900 | D:5      | 14900 ||| Stepping ~*~*~tactically~*~*~ (outnumbered).
 14902 | D:5      | 14902 ||| Stepping ~*~*~tactically~*~*~ (outnumbered).
 14904 | D:5      | 14904 ||| Stepping ~*~*~tactically~*~*~ (outnumbered).
 14916 | D:5      | 14916 ||| Stepping ~*~*~tactically~*~*~ (outnumbered).
 14918 | D:5      | 14918 ||| Stepping ~*~*~tactically~*~*~ (outnumbered).
 14920 | D:5      | 14920 ||| Stepping ~*~*~tactically~*~*~ (outnumbered).
 14922 | D:5      | 14922 ||| Stepping ~*~*~tactically~*~*~ (outnumbered).
 14924 | D:5      | 14924 ||| Stepping ~*~*~tactically~*~*~ (outnumbered).
 14936 | D:5      | 14936 ||| Stepping ~*~*~tactically~*~*~ (outnumbered).
 14938 | D:5      | 14938 ||| Stepping ~*~*~tactically~*~*~ (outnumbered).
 14940 | D:5      | 14940 ||| Stepping ~*~*~tactically~*~*~ (outnumbered).
 14942 | D:5      | 14942 ||| Stepping ~*~*~tactically~*~*~ (outnumbered).
 14944 | D:5      | 14944 ||| Stepping ~*~*~tactically~*~*~ (outnumbered).
 14956 | D:5      | 14956 ||| Stepping ~*~*~tactically~*~*~ (outnumbered).
 14958 | D:5      | 14958 ||| Stepping ~*~*~tactically~*~*~ (outnumbered).
 14960 | D:5      | 14960 ||| Stepping ~*~*~tactically~*~*~ (outnumbered).
 14962 | D:5      | 14962 ||| Stepping ~*~*~tactically~*~*~ (outnumbered).
 14964 | D:5      | 14964 ||| Stepping ~*~*~tactically~*~*~ (outnumbered).
 14976 | D:5      | 14976 ||| Stepping ~*~*~tactically~*~*~ (outnumbered).
 14978 | D:5      | 14978 ||| Stepping ~*~*~tactically~*~*~ (outnumbered).
 14980 | D:5      | 14980 ||| Stepping ~*~*~tactically~*~*~ (outnumbered).
 14982 | D:5      | 14982 ||| Stepping ~*~*~tactically~*~*~ (outnumbered).
 14984 | D:5      | 14984 ||| Stepping ~*~*~tactically~*~*~ (outnumbered).
 14996 | D:5      | 14996 ||| Stepping ~*~*~tactically~*~*~ (outnumbered).
 14998 | D:5      | 14998 ||| Stepping ~*~*~tactically~*~*~ (outnumbered).
 15000 | D:5      | 15000 ||| Stepping ~*~*~tactically~*~*~ (outnumbered).
 15002 | D:5      | 15002 ||| Stepping ~*~*~tactically~*~*~ (outnumbered).
 15004 | D:5      | 15004 ||| Stepping ~*~*~tactically~*~*~ (outnumbered).
 15016 | D:5      | 15016 ||| Stepping ~*~*~tactically~*~*~ (outnumbered).
 15018 | D:5      | 15018 ||| Stepping ~*~*~tactically~*~*~ (outnumbered).
 15020 | D:5      | 15020 ||| Stepping ~*~*~tactically~*~*~ (outnumbered).
 15022 | D:5      | 15022 ||| Stepping ~*~*~tactically~*~*~ (outnumbered).
 15024 | D:5      | 15024 ||| Stepping ~*~*~tactically~*~*~ (outnumbered).
 15036 | D:5      | 15036 ||| Stepping ~*~*~tactically~*~*~ (outnumbered).
 15038 | D:5      | 15038 ||| Stepping ~*~*~tactically~*~*~ (outnumbered).
 15040 | D:5      | 15040 ||| Stepping ~*~*~tactically~*~*~ (outnumbered).
 15042 | D:5      | 15042 ||| Stepping ~*~*~tactically~*~*~ (outnumbered).
 15044 | D:5      | 15044 ||| Stepping ~*~*~tactically~*~*~ (outnumbered).
 15056 | D:5      | 15056 ||| Stepping ~*~*~tactically~*~*~ (outnumbered).
 15058 | D:5      | 15058 ||| Stepping ~*~*~tactically~*~*~ (outnumbered).
 15060 | D:5      | 15060 ||| Stepping ~*~*~tactically~*~*~ (outnumbered).
 15062 | D:5      | 15062 ||| Stepping ~*~*~tactically~*~*~ (outnumbered).
 15064 | D:5      | 15064 ||| Stepping ~*~*~tactically~*~*~ (outnumbered).
 15076 | D:5      | 15076 ||| Stepping ~*~*~tactically~*~*~ (outnumbered).
 15078 | D:5      | 15078 ||| Stepping ~*~*~tactically~*~*~ (outnumbered).
 15080 | D:5      | 15080 ||| Stepping ~*~*~tactically~*~*~ (outnumbered).
 15082 | D:5      | 15082 ||| Stepping ~*~*~tactically~*~*~ (outnumbered).
 15084 | D:5      | 15084 ||| Stepping ~*~*~tactically~*~*~ (outnumbered).
 15096 | D:5      | 15096 ||| Stepping ~*~*~tactically~*~*~ (outnumbered).
 15098 | D:5      | 15098 ||| Stepping ~*~*~tactically~*~*~ (outnumbered).
 15100 | D:5      | 15100 ||| Stepping ~*~*~tactically~*~*~ (outnumbered).
 15102 | D:5      | 15102 ||| Stepping ~*~*~tactically~*~*~ (outnumbered).
 15104 | D:5      | 15104 ||| Stepping ~*~*~tactically~*~*~ (outnumbered).
 15116 | D:5      | 15116 ||| Stepping ~*~*~tactically~*~*~ (outnumbered).
 15118 | D:5      | 15118 ||| Stepping ~*~*~tactically~*~*~ (outnumbered).
 15120 | D:5      | 15120 ||| Stepping ~*~*~tactically~*~*~ (outnumbered).
 15122 | D:5      | 15122 ||| Stepping ~*~*~tactically~*~*~ (outnumbered).
 15124 | D:5      | 15124 ||| Stepping ~*~*~tactically~*~*~ (outnumbered).
 15136 | D:5      | 15136 ||| Stepping ~*~*~tactically~*~*~ (outnumbered).
 15138 | D:5      | 15138 ||| Stepping ~*~*~tactically~*~*~ (outnumbered).
 15140 | D:5      | 15140 ||| Stepping ~*~*~tactically~*~*~ (outnumbered).
 15142 | D:5      | 15142 ||| Stepping ~*~*~tactically~*~*~ (outnumbered).
 15144 | D:5      | 15144 ||| Stepping ~*~*~tactically~*~*~ (outnumbered).
 15156 | D:5      | 15156 ||| Stepping ~*~*~tactically~*~*~ (outnumbered).
 15158 | D:5      | 15158 ||| Stepping ~*~*~tactically~*~*~ (outnumbered).
 15160 | D:5      | 15160 ||| Stepping ~*~*~tactically~*~*~ (outnumbered).
 15162 | D:5      | 15162 ||| Stepping ~*~*~tactically~*~*~ (outnumbered).
 15164 | D:5      | 15164 ||| Stepping ~*~*~tactically~*~*~ (outnumbered).
 15176 | D:5      | 15176 ||| Stepping ~*~*~tactically~*~*~ (outnumbered).
 15178 | D:5      | 15178 ||| Stepping ~*~*~tactically~*~*~ (outnumbered).
 15180 | D:5      | 15180 ||| Stepping ~*~*~tactically~*~*~ (outnumbered).
 15182 | D:5      | 15182 ||| Stepping ~*~*~tactically~*~*~ (outnumbered).
 15184 | D:5      | 15184 ||| Stepping ~*~*~tactically~*~*~ (outnumbered).
 15196 | D:5      | 15196 ||| Stepping ~*~*~tactically~*~*~ (outnumbered).
 15198 | D:5      | 15198 ||| Stepping ~*~*~tactically~*~*~ (outnumbered).
 15200 | D:5      | 15200 ||| Stepping ~*~*~tactically~*~*~ (outnumbered).
 15202 | D:5      | 15202 ||| Stepping ~*~*~tactically~*~*~ (outnumbered).
 15204 | D:5      | 15204 ||| Stepping ~*~*~tactically~*~*~ (outnumbered).
 15216 | D:5      | 15216 ||| Stepping ~*~*~tactically~*~*~ (outnumbered).
 15218 | D:5      | 15218 ||| Stepping ~*~*~tactically~*~*~ (outnumbered).
 15220 | D:5      | 15220 ||| Stepping ~*~*~tactically~*~*~ (outnumbered).
 15222 | D:5      | 15222 ||| Stepping ~*~*~tactically~*~*~ (outnumbered).
 15224 | D:5      | 15224 ||| Stepping ~*~*~tactically~*~*~ (outnumbered).
 15236 | D:5      | 15236 ||| Stepping ~*~*~tactically~*~*~ (outnumbered).
 15238 | D:5      | 15238 ||| Stepping ~*~*~tactically~*~*~ (outnumbered).
 15240 | D:5      | 15240 ||| Stepping ~*~*~tactically~*~*~ (outnumbered).
 15242 | D:5      | 15242 ||| Stepping ~*~*~tactically~*~*~ (outnumbered).
 15244 | D:5      | 15244 ||| Stepping ~*~*~tactically~*~*~ (outnumbered).
 15256 | D:5      | 15256 ||| Stepping ~*~*~tactically~*~*~ (outnumbered).
 15258 | D:5      | 15258 ||| Stepping ~*~*~tactically~*~*~ (outnumbered).
 15260 | D:5      | 15260 ||| Stepping ~*~*~tactically~*~*~ (outnumbered).
 15262 | D:5      | 15262 ||| Stepping ~*~*~tactically~*~*~ (outnumbered).
 15264 | D:5      | 15264 ||| Stepping ~*~*~tactically~*~*~ (outnumbered).
 15276 | D:5      | 15276 ||| Stepping ~*~*~tactically~*~*~ (outnumbered).
 15278 | D:5      | 15278 ||| Stepping ~*~*~tactically~*~*~ (outnumbered).
 15280 | D:5      | 15280 ||| Stepping ~*~*~tactically~*~*~ (outnumbered).
 15282 | D:5      | 15282 ||| Stepping ~*~*~tactically~*~*~ (outnumbered).
 15284 | D:5      | 15284 ||| Stepping ~*~*~tactically~*~*~ (outnumbered).
 15296 | D:5      | 15296 ||| Stepping ~*~*~tactically~*~*~ (outnumbered).
 15298 | D:5      | 15298 ||| Stepping ~*~*~tactically~*~*~ (outnumbered).
 15300 | D:5      | 15300 ||| Stepping ~*~*~tactically~*~*~ (outnumbered).
 15302 | D:5      | 15302 ||| Stepping ~*~*~tactically~*~*~ (outnumbered).
 15304 | D:5      | 15304 ||| Stepping ~*~*~tactically~*~*~ (outnumbered).
 15316 | D:5      | 15316 ||| Stepping ~*~*~tactically~*~*~ (outnumbered).
 15318 | D:5      | 15318 ||| Stepping ~*~*~tactically~*~*~ (outnumbered).
 15320 | D:5      | 15320 ||| Stepping ~*~*~tactically~*~*~ (outnumbered).
 15322 | D:5      | 15322 ||| Stepping ~*~*~tactically~*~*~ (outnumbered).
 15324 | D:5      | 15324 ||| Stepping ~*~*~tactically~*~*~ (outnumbered).
 15336 | D:5      | 15336 ||| Stepping ~*~*~tactically~*~*~ (outnumbered).
 15338 | D:5      | 15338 ||| Stepping ~*~*~tactically~*~*~ (outnumbered).
 15340 | D:5      | 15340 ||| Stepping ~*~*~tactically~*~*~ (outnumbered).
 15342 | D:5      | 15342 ||| Stepping ~*~*~tactically~*~*~ (outnumbered).
 15344 | D:5      | 15344 ||| Stepping ~*~*~tactically~*~*~ (outnumbered).
 15356 | D:5      | 15356 ||| Stepping ~*~*~tactically~*~*~ (outnumbered).
 15358 | D:5      | 15358 ||| Stepping ~*~*~tactically~*~*~ (outnumbered).
 15360 | D:5      | 15360 ||| Stepping ~*~*~tactically~*~*~ (outnumbered).
 15362 | D:5      | 15362 ||| Stepping ~*~*~tactically~*~*~ (outnumbered).
 15364 | D:5      | 15364 ||| Stepping ~*~*~tactically~*~*~ (outnumbered).
 15376 | D:5      | 15376 ||| Stepping ~*~*~tactically~*~*~ (outnumbered).
 15378 | D:5      | 15378 ||| Stepping ~*~*~tactically~*~*~ (outnumbered).
 15380 | D:5      | 15380 ||| Stepping ~*~*~tactically~*~*~ (outnumbered).
 15382 | D:5      | 15382 ||| Stepping ~*~*~tactically~*~*~ (outnumbered).
 15384 | D:5      | 15384 ||| Stepping ~*~*~tactically~*~*~ (outnumbered).
 15396 | D:5      | 15396 ||| Stepping ~*~*~tactically~*~*~ (outnumbered).
 15398 | D:5      | 15398 ||| Stepping ~*~*~tactically~*~*~ (outnumbered).
 15400 | D:5      | 15400 ||| Stepping ~*~*~tactically~*~*~ (outnumbered).
 15402 | D:5      | 15402 ||| Stepping ~*~*~tactically~*~*~ (outnumbered).
 15404 | D:5      | 15404 ||| Stepping ~*~*~tactically~*~*~ (outnumbered).
 15416 | D:5      | 15416 ||| Stepping ~*~*~tactically~*~*~ (outnumbered).
 15418 | D:5      | 15418 ||| Stepping ~*~*~tactically~*~*~ (outnumbered).
 15420 | D:5      | 15420 ||| Stepping ~*~*~tactically~*~*~ (outnumbered).
 15422 | D:5      | 15422 ||| Stepping ~*~*~tactically~*~*~ (outnumbered).
 15424 | D:5      | 15424 ||| Stepping ~*~*~tactically~*~*~ (outnumbered).
 15436 | D:5      | 15436 ||| Stepping ~*~*~tactically~*~*~ (outnumbered).
 15438 | D:5      | 15438 ||| Stepping ~*~*~tactically~*~*~ (outnumbered).
 15440 | D:5      | 15440 ||| Stepping ~*~*~tactically~*~*~ (outnumbered).
 15442 | D:5      | 15442 ||| Stepping ~*~*~tactically~*~*~ (outnumbered).
 15444 | D:5      | 15444 ||| Stepping ~*~*~tactically~*~*~ (outnumbered).
 15456 | D:5      | 15456 ||| Stepping ~*~*~tactically~*~*~ (outnumbered).
 15458 | D:5      | 15458 ||| Stepping ~*~*~tactically~*~*~ (outnumbered).
 15460 | D:5      | 15460 ||| Stepping ~*~*~tactically~*~*~ (outnumbered).
 15462 | D:5      | 15462 ||| Stepping ~*~*~tactically~*~*~ (outnumbered).
 15464 | D:5      | 15464 ||| Stepping ~*~*~tactically~*~*~ (outnumbered).
 15476 | D:5      | 15476 ||| Stepping ~*~*~tactically~*~*~ (outnumbered).
 15478 | D:5      | 15478 ||| Stepping ~*~*~tactically~*~*~ (outnumbered).
 15480 | D:5      | 15480 ||| Stepping ~*~*~tactically~*~*~ (outnumbered).
 15482 | D:5      | 15482 ||| Stepping ~*~*~tactically~*~*~ (outnumbered).
 15484 | D:5      | 15484 ||| Stepping ~*~*~tactically~*~*~ (outnumbered).
 15496 | D:5      | 15496 ||| Stepping ~*~*~tactically~*~*~ (outnumbered).
 15498 | D:5      | 15498 ||| Stepping ~*~*~tactically~*~*~ (outnumbered).
 15500 | D:5      | 15500 ||| Stepping ~*~*~tactically~*~*~ (outnumbered).
 15502 | D:5      | 15502 ||| Stepping ~*~*~tactically~*~*~ (outnumbered).
 15504 | D:5      | 15504 ||| Stepping ~*~*~tactically~*~*~ (outnumbered).
 15516 | D:5      | 15516 ||| Stepping ~*~*~tactically~*~*~ (outnumbered).
 15518 | D:5      | 15518 ||| Stepping ~*~*~tactically~*~*~ (outnumbered).
 15520 | D:5      | 15520 ||| Stepping ~*~*~tactically~*~*~ (outnumbered).
 15522 | D:5      | 15522 ||| Stepping ~*~*~tactically~*~*~ (outnumbered).
 15524 | D:5      | 15524 ||| Stepping ~*~*~tactically~*~*~ (outnumbered).
 15536 | D:5      | 15536 ||| Stepping ~*~*~tactically~*~*~ (outnumbered).
 15538 | D:5      | 15538 ||| Stepping ~*~*~tactically~*~*~ (outnumbered).
 15540 | D:5      | 15540 ||| Stepping ~*~*~tactically~*~*~ (outnumbered).
 15542 | D:5      | 15542 ||| Stepping ~*~*~tactically~*~*~ (outnumbered).
 15544 | D:5      | 15544 ||| Stepping ~*~*~tactically~*~*~ (outnumbered).
 15556 | D:5      | 15556 ||| Stepping ~*~*~tactically~*~*~ (outnumbered).
 15558 | D:5      | 15558 ||| Stepping ~*~*~tactically~*~*~ (outnumbered).
 15560 | D:5      | 15560 ||| Stepping ~*~*~tactically~*~*~ (outnumbered).
 15562 | D:5      | 15562 ||| Stepping ~*~*~tactically~*~*~ (outnumbered).
 15564 | D:5      | 15564 ||| Stepping ~*~*~tactically~*~*~ (outnumbered).
 15576 | D:5      | 15576 ||| Stepping ~*~*~tactically~*~*~ (outnumbered).
 15578 | D:5      | 15578 ||| Stepping ~*~*~tactically~*~*~ (outnumbered).
 15580 | D:5      | 15580 ||| Stepping ~*~*~tactically~*~*~ (outnumbered).
 15582 | D:5      | 15582 ||| Stepping ~*~*~tactically~*~*~ (outnumbered).
 15584 | D:5      | 15584 ||| Stepping ~*~*~tactically~*~*~ (outnumbered).
 15596 | D:5      | 15596 ||| Stepping ~*~*~tactically~*~*~ (outnumbered).
 15598 | D:5      | 15598 ||| Stepping ~*~*~tactically~*~*~ (outnumbered).
 15600 | D:5      | 15600 ||| Stepping ~*~*~tactically~*~*~ (outnumbered).
 15602 | D:5      | 15602 ||| Stepping ~*~*~tactically~*~*~ (outnumbered).
 15604 | D:5      | 15604 ||| Stepping ~*~*~tactically~*~*~ (outnumbered).
 15616 | D:5      | 15616 ||| Stepping ~*~*~tactically~*~*~ (outnumbered).
 15618 | D:5      | 15618 ||| Stepping ~*~*~tactically~*~*~ (outnumbered).
 15620 | D:5      | 15620 ||| Stepping ~*~*~tactically~*~*~ (outnumbered).
 15622 | D:5      | 15622 ||| Stepping ~*~*~tactically~*~*~ (outnumbered).
 15624 | D:5      | 15624 ||| Stepping ~*~*~tactically~*~*~ (outnumbered).
 15636 | D:5      | 15636 ||| Stepping ~*~*~tactically~*~*~ (outnumbered).
 15638 | D:5      | 15638 ||| Stepping ~*~*~tactically~*~*~ (outnumbered).
 15640 | D:5      | 15640 ||| Stepping ~*~*~tactically~*~*~ (outnumbered).
 15642 | D:5      | 15642 ||| Stepping ~*~*~tactically~*~*~ (outnumbered).
 15644 | D:5      | 15644 ||| Stepping ~*~*~tactically~*~*~ (outnumbered).
 15656 | D:5      | 15656 ||| Stepping ~*~*~tactically~*~*~ (outnumbered).
 15658 | D:5      | 15658 ||| Stepping ~*~*~tactically~*~*~ (outnumbered).
 15660 | D:5      | 15660 ||| Stepping ~*~*~tactically~*~*~ (outnumbered).
 15662 | D:5      | 15662 ||| Stepping ~*~*~tactically~*~*~ (outnumbered).
 15664 | D:5      | 15664 ||| Stepping ~*~*~tactically~*~*~ (outnumbered).
 15676 | D:5      | 15676 ||| Stepping ~*~*~tactically~*~*~ (outnumbered).
 15678 | D:5      | 15678 ||| Stepping ~*~*~tactically~*~*~ (outnumbered).
 15680 | D:5      | 15680 ||| Stepping ~*~*~tactically~*~*~ (outnumbered).
 15682 | D:5      | 15682 ||| Stepping ~*~*~tactically~*~*~ (outnumbered).
 15684 | D:5      | 15684 ||| Stepping ~*~*~tactically~*~*~ (outnumbered).
 15696 | D:5      | 15696 ||| Stepping ~*~*~tactically~*~*~ (outnumbered).
 15698 | D:5      | 15698 ||| Stepping ~*~*~tactically~*~*~ (outnumbered).
 15700 | D:5      | 15700 ||| Stepping ~*~*~tactically~*~*~ (outnumbered).
 15702 | D:5      | 15702 ||| Stepping ~*~*~tactically~*~*~ (outnumbered).
 15704 | D:5      | 15704 ||| Stepping ~*~*~tactically~*~*~ (outnumbered).
 15716 | D:5      | 15716 ||| Stepping ~*~*~tactically~*~*~ (outnumbered).
 15718 | D:5      | 15718 ||| Stepping ~*~*~tactically~*~*~ (outnumbered).
 15720 | D:5      | 15720 ||| Stepping ~*~*~tactically~*~*~ (outnumbered).
 15722 | D:5      | 15722 ||| Stepping ~*~*~tactically~*~*~ (outnumbered).
 15724 | D:5      | 15724 ||| Stepping ~*~*~tactically~*~*~ (outnumbered).
 15736 | D:5      | 15736 ||| Stepping ~*~*~tactically~*~*~ (outnumbered).
 15738 | D:5      | 15738 ||| Stepping ~*~*~tactically~*~*~ (outnumbered).
 15740 | D:5      | 15740 ||| Stepping ~*~*~tactically~*~*~ (outnumbered).
 15742 | D:5      | 15742 ||| Stepping ~*~*~tactically~*~*~ (outnumbered).
 15744 | D:5      | 15744 ||| Stepping ~*~*~tactically~*~*~ (outnumbered).
 15756 | D:5      | 15756 ||| Stepping ~*~*~tactically~*~*~ (outnumbered).
 15758 | D:5      | 15758 ||| Stepping ~*~*~tactically~*~*~ (outnumbered).
 15760 | D:5      | 15760 ||| Stepping ~*~*~tactically~*~*~ (outnumbered).
 15762 | D:5      | 15762 ||| Stepping ~*~*~tactically~*~*~ (outnumbered).
 15764 | D:5      | 15764 ||| Stepping ~*~*~tactically~*~*~ (outnumbered).
 15776 | D:5      | 15776 ||| Stepping ~*~*~tactically~*~*~ (outnumbered).
 15778 | D:5      | 15778 ||| Stepping ~*~*~tactically~*~*~ (outnumbered).
 15780 | D:5      | 15780 ||| Stepping ~*~*~tactically~*~*~ (outnumbered).
 15782 | D:5      | 15782 ||| Stepping ~*~*~tactically~*~*~ (outnumbered).
 15784 | D:5      | 15784 ||| Stepping ~*~*~tactically~*~*~ (outnumbered).
 15796 | D:5      | 15796 ||| Stepping ~*~*~tactically~*~*~ (outnumbered).
 15798 | D:5      | 15798 ||| Stepping ~*~*~tactically~*~*~ (outnumbered).
 15800 | D:5      | 15800 ||| Stepping ~*~*~tactically~*~*~ (outnumbered).
 15802 | D:5      | 15802 ||| Stepping ~*~*~tactically~*~*~ (outnumbered).
 15804 | D:5      | 15804 ||| Stepping ~*~*~tactically~*~*~ (outnumbered).
 15816 | D:5      | 15816 ||| Stepping ~*~*~tactically~*~*~ (outnumbered).
 15818 | D:5      | 15818 ||| Stepping ~*~*~tactically~*~*~ (outnumbered).
 15820 | D:5      | 15820 ||| Stepping ~*~*~tactically~*~*~ (outnumbered).
 15822 | D:5      | 15822 ||| Stepping ~*~*~tactically~*~*~ (outnumbered).
 15824 | D:5      | 15824 ||| Stepping ~*~*~tactically~*~*~ (outnumbered).
 15836 | D:5      | 15836 ||| Stepping ~*~*~tactically~*~*~ (outnumbered).
 15838 | D:5      | 15838 ||| Stepping ~*~*~tactically~*~*~ (outnumbered).
 15840 | D:5      | 15840 ||| Stepping ~*~*~tactically~*~*~ (outnumbered).
 15842 | D:5      | 15842 ||| Stepping ~*~*~tactically~*~*~ (outnumbered).
 15844 | D:5      | 15844 ||| Stepping ~*~*~tactically~*~*~ (outnumbered).
 15856 | D:5      | 15856 ||| Stepping ~*~*~tactically~*~*~ (outnumbered).
 15858 | D:5      | 15858 ||| Stepping ~*~*~tactically~*~*~ (outnumbered).
 15860 | D:5      | 15860 ||| Stepping ~*~*~tactically~*~*~ (outnumbered).
 15862 | D:5      | 15862 ||| Stepping ~*~*~tactically~*~*~ (outnumbered).
 15864 | D:5      | 15864 ||| Stepping ~*~*~tactically~*~*~ (outnumbered).
 15876 | D:5      | 15876 ||| Stepping ~*~*~tactically~*~*~ (outnumbered).
 15878 | D:5      | 15878 ||| Stepping ~*~*~tactically~*~*~ (outnumbered).
 15880 | D:5      | 15880 ||| Stepping ~*~*~tactically~*~*~ (outnumbered).
 15882 | D:5      | 15882 ||| Stepping ~*~*~tactically~*~*~ (outnumbered).
 15884 | D:5      | 15884 ||| Stepping ~*~*~tactically~*~*~ (outnumbered).
 15896 | D:5      | 15896 ||| Stepping ~*~*~tactically~*~*~ (outnumbered).
 15898 | D:5      | 15898 ||| Stepping ~*~*~tactically~*~*~ (outnumbered).
 15900 | D:5      | 15900 ||| Stepping ~*~*~tactically~*~*~ (outnumbered).
 15902 | D:5      | 15902 ||| Stepping ~*~*~tactically~*~*~ (outnumbered).
 15904 | D:5      | 15904 ||| Stepping ~*~*~tactically~*~*~ (outnumbered).
 15916 | D:5      | 15916 ||| Stepping ~*~*~tactically~*~*~ (outnumbered).
 15918 | D:5      | 15918 ||| Stepping ~*~*~tactically~*~*~ (outnumbered).
 15920 | D:5      | 15920 ||| Stepping ~*~*~tactically~*~*~ (outnumbered).
 15922 | D:5      | 15922 ||| Stepping ~*~*~tactically~*~*~ (outnumbered).
 15924 | D:5      | 15924 ||| Stepping ~*~*~tactically~*~*~ (outnumbered).
 15936 | D:5      | 15936 ||| Stepping ~*~*~tactically~*~*~ (outnumbered).
 15938 | D:5      | 15938 ||| Stepping ~*~*~tactically~*~*~ (outnumbered).
 15940 | D:5      | 15940 ||| Stepping ~*~*~tactically~*~*~ (outnumbered).
 15942 | D:5      | 15942 ||| Stepping ~*~*~tactically~*~*~ (outnumbered).
 15944 | D:5      | 15944 ||| Stepping ~*~*~tactically~*~*~ (outnumbered).
 15956 | D:5      | 15956 ||| Stepping ~*~*~tactically~*~*~ (outnumbered).
 15958 | D:5      | 15958 ||| Stepping ~*~*~tactically~*~*~ (outnumbered).
 15960 | D:5      | 15960 ||| Stepping ~*~*~tactically~*~*~ (outnumbered).
 15962 | D:5      | 15962 ||| Stepping ~*~*~tactically~*~*~ (outnumbered).
 15964 | D:5      | 15964 ||| Stepping ~*~*~tactically~*~*~ (outnumbered).
 15976 | D:5      | 15976 ||| Stepping ~*~*~tactically~*~*~ (outnumbered).
 15978 | D:5      | 15978 ||| Stepping ~*~*~tactically~*~*~ (outnumbered).
 15980 | D:5      | 15980 ||| Stepping ~*~*~tactically~*~*~ (outnumbered).
 15982 | D:5      | 15982 ||| Stepping ~*~*~tactically~*~*~ (outnumbered).
 15984 | D:5      | 15984 ||| Stepping ~*~*~tactically~*~*~ (outnumbered).
 15996 | D:5      | 15996 ||| Stepping ~*~*~tactically~*~*~ (outnumbered).
 15998 | D:5      | 15998 ||| Stepping ~*~*~tactically~*~*~ (outnumbered).
 16000 | D:5      | 16000 ||| Stepping ~*~*~tactically~*~*~ (outnumbered).
 16002 | D:5      | 16002 ||| Stepping ~*~*~tactically~*~*~ (outnumbered).
 16004 | D:5      | 16004 ||| Stepping ~*~*~tactically~*~*~ (outnumbered).
 16016 | D:5      | 16016 ||| Stepping ~*~*~tactically~*~*~ (outnumbered).
 16018 | D:5      | 16018 ||| Stepping ~*~*~tactically~*~*~ (outnumbered).
 16020 | D:5      | 16020 ||| Stepping ~*~*~tactically~*~*~ (outnumbered).
 16022 | D:5      | 16022 ||| Stepping ~*~*~tactically~*~*~ (outnumbered).
 16024 | D:5      | 16024 ||| Stepping ~*~*~tactically~*~*~ (outnumbered).
 16036 | D:5      | 16036 ||| Stepping ~*~*~tactically~*~*~ (outnumbered).
 16038 | D:5      | 16038 ||| Stepping ~*~*~tactically~*~*~ (outnumbered).
 16040 | D:5      | 16040 ||| Stepping ~*~*~tactically~*~*~ (outnumbered).
 16042 | D:5      | 16042 ||| Stepping ~*~*~tactically~*~*~ (outnumbered).
 16044 | D:5      | 16044 ||| Stepping ~*~*~tactically~*~*~ (outnumbered).
 16056 | D:5      | 16056 ||| Stepping ~*~*~tactically~*~*~ (outnumbered).
 16058 | D:5      | 16058 ||| Stepping ~*~*~tactically~*~*~ (outnumbered).
 16060 | D:5      | 16060 ||| Stepping ~*~*~tactically~*~*~ (outnumbered).
 16062 | D:5      | 16062 ||| Stepping ~*~*~tactically~*~*~ (outnumbered).
 16064 | D:5      | 16064 ||| Stepping ~*~*~tactically~*~*~ (outnumbered).
 16076 | D:5      | 16076 ||| Stepping ~*~*~tactically~*~*~ (outnumbered).
 16078 | D:5      | 16078 ||| Stepping ~*~*~tactically~*~*~ (outnumbered).
 16080 | D:5      | 16080 ||| Stepping ~*~*~tactically~*~*~ (outnumbered).
 16082 | D:5      | 16082 ||| Stepping ~*~*~tactically~*~*~ (outnumbered).
 16084 | D:5      | 16084 ||| Stepping ~*~*~tactically~*~*~ (outnumbered).
 16096 | D:5      | 16096 ||| Stepping ~*~*~tactically~*~*~ (outnumbered).
 16098 | D:5      | 16098 ||| Stepping ~*~*~tactically~*~*~ (outnumbered).
 16100 | D:5      | 16100 ||| Stepping ~*~*~tactically~*~*~ (outnumbered).
 16102 | D:5      | 16102 ||| Stepping ~*~*~tactically~*~*~ (outnumbered).
 16104 | D:5      | 16104 ||| Stepping ~*~*~tactically~*~*~ (outnumbered).
 16116 | D:5      | 16116 ||| Stepping ~*~*~tactically~*~*~ (outnumbered).
 16118 | D:5      | 16118 ||| Stepping ~*~*~tactically~*~*~ (outnumbered).
 16120 | D:5      | 16120 ||| Stepping ~*~*~tactically~*~*~ (outnumbered).
 16122 | D:5      | 16122 ||| Stepping ~*~*~tactically~*~*~ (outnumbered).
 16124 | D:5      | 16124 ||| Stepping ~*~*~tactically~*~*~ (outnumbered).
 16136 | D:5      | 16136 ||| Stepping ~*~*~tactically~*~*~ (outnumbered).
 16138 | D:5      | 16138 ||| Stepping ~*~*~tactically~*~*~ (outnumbered).
 16140 | D:5      | 16140 ||| Stepping ~*~*~tactically~*~*~ (outnumbered).
 16142 | D:5      | 16142 ||| Stepping ~*~*~tactically~*~*~ (outnumbered).
 16144 | D:5      | 16144 ||| Stepping ~*~*~tactically~*~*~ (outnumbered).
 16156 | D:5      | 16156 ||| Stepping ~*~*~tactically~*~*~ (outnumbered).
 16158 | D:5      | 16158 ||| Stepping ~*~*~tactically~*~*~ (outnumbered).
 16160 | D:5      | 16160 ||| Stepping ~*~*~tactically~*~*~ (outnumbered).
 16162 | D:5      | 16162 ||| Stepping ~*~*~tactically~*~*~ (outnumbered).
 16164 | D:5      | 16164 ||| Stepping ~*~*~tactically~*~*~ (outnumbered).
 16176 | D:5      | 16176 ||| Stepping ~*~*~tactically~*~*~ (outnumbered).
 16178 | D:5      | 16178 ||| Stepping ~*~*~tactically~*~*~ (outnumbered).
 16180 | D:5      | 16180 ||| Stepping ~*~*~tactically~*~*~ (outnumbered).
 16182 | D:5      | 16182 ||| Stepping ~*~*~tactically~*~*~ (outnumbered).
 16184 | D:5      | 16184 ||| Stepping ~*~*~tactically~*~*~ (outnumbered).
 16196 | D:5      | 16196 ||| Stepping ~*~*~tactically~*~*~ (outnumbered).
 16198 | D:5      | 16198 ||| Stepping ~*~*~tactically~*~*~ (outnumbered).
 16200 | D:5      | 16200 ||| Stepping ~*~*~tactically~*~*~ (outnumbered).
 16202 | D:5      | 16202 ||| Stepping ~*~*~tactically~*~*~ (outnumbered).
 16204 | D:5      | 16204 ||| Stepping ~*~*~tactically~*~*~ (outnumbered).
 16216 | D:5      | 16216 ||| Stepping ~*~*~tactically~*~*~ (outnumbered).
 16218 | D:5      | 16218 ||| Stepping ~*~*~tactically~*~*~ (outnumbered).
 16220 | D:5      | 16220 ||| Stepping ~*~*~tactically~*~*~ (outnumbered).
 16222 | D:5      | 16222 ||| Stepping ~*~*~tactically~*~*~ (outnumbered).
 16224 | D:5      | 16224 ||| Stepping ~*~*~tactically~*~*~ (outnumbered).
 16236 | D:5      | 16236 ||| Stepping ~*~*~tactically~*~*~ (outnumbered).
 16238 | D:5      | 16238 ||| Stepping ~*~*~tactically~*~*~ (outnumbered).
 16240 | D:5      | 16240 ||| Stepping ~*~*~tactically~*~*~ (outnumbered).
 16242 | D:5      | 16242 ||| Stepping ~*~*~tactically~*~*~ (outnumbered).
 16244 | D:5      | 16244 ||| Stepping ~*~*~tactically~*~*~ (outnumbered).
 16256 | D:5      | 16256 ||| Stepping ~*~*~tactically~*~*~ (outnumbered).
 16258 | D:5      | 16258 ||| Stepping ~*~*~tactically~*~*~ (outnumbered).
 16260 | D:5      | 16260 ||| Stepping ~*~*~tactically~*~*~ (outnumbered).
 16262 | D:5      | 16262 ||| Stepping ~*~*~tactically~*~*~ (outnumbered).
 16264 | D:5      | 16264 ||| Stepping ~*~*~tactically~*~*~ (outnumbered).
 16276 | D:5      | 16276 ||| Stepping ~*~*~tactically~*~*~ (outnumbered).
 16278 | D:5      | 16278 ||| Stepping ~*~*~tactically~*~*~ (outnumbered).
 16280 | D:5      | 16280 ||| Stepping ~*~*~tactically~*~*~ (outnumbered).
 16282 | D:5      | 16282 ||| Stepping ~*~*~tactically~*~*~ (outnumbered).
 16284 | D:5      | 16284 ||| Stepping ~*~*~tactically~*~*~ (outnumbered).
 16296 | D:5      | 16296 ||| Stepping ~*~*~tactically~*~*~ (outnumbered).
 16298 | D:5      | 16298 ||| Stepping ~*~*~tactically~*~*~ (outnumbered).
 16300 | D:5      | 16300 ||| Stepping ~*~*~tactically~*~*~ (outnumbered).
 16302 | D:5      | 16302 ||| Stepping ~*~*~tactically~*~*~ (outnumbered).
 16304 | D:5      | 16304 ||| Stepping ~*~*~tactically~*~*~ (outnumbered).
 16316 | D:5      | 16316 ||| Stepping ~*~*~tactically~*~*~ (outnumbered).
 16318 | D:5      | 16318 ||| Stepping ~*~*~tactically~*~*~ (outnumbered).
 16320 | D:5      | 16320 ||| Stepping ~*~*~tactically~*~*~ (outnumbered).
 16322 | D:5      | 16322 ||| Stepping ~*~*~tactically~*~*~ (outnumbered).
 16324 | D:5      | 16324 ||| Stepping ~*~*~tactically~*~*~ (outnumbered).
 16336 | D:5      | 16336 ||| Stepping ~*~*~tactically~*~*~ (outnumbered).
 16338 | D:5      | 16338 ||| Stepping ~*~*~tactically~*~*~ (outnumbered).
 16340 | D:5      | 16340 ||| Stepping ~*~*~tactically~*~*~ (outnumbered).
 16342 | D:5      | 16342 ||| Stepping ~*~*~tactically~*~*~ (outnumbered).
 16344 | D:5      | 16344 ||| Stepping ~*~*~tactically~*~*~ (outnumbered).
 16356 | D:5      | 16356 ||| Stepping ~*~*~tactically~*~*~ (outnumbered).
 16358 | D:5      | 16358 ||| Stepping ~*~*~tactically~*~*~ (outnumbered).
 16360 | D:5      | 16360 ||| Stepping ~*~*~tactically~*~*~ (outnumbered).
 16362 | D:5      | 16362 ||| Stepping ~*~*~tactically~*~*~ (outnumbered).
 16364 | D:5      | 16364 ||| Stepping ~*~*~tactically~*~*~ (outnumbered).
 16376 | D:5      | 16376 ||| Stepping ~*~*~tactically~*~*~ (outnumbered).
 16378 | D:5      | 16378 ||| Stepping ~*~*~tactically~*~*~ (outnumbered).
 16380 | D:5      | 16380 ||| Stepping ~*~*~tactically~*~*~ (outnumbered).
 16382 | D:5      | 16382 ||| Stepping ~*~*~tactically~*~*~ (outnumbered).
 16384 | D:5      | 16384 ||| Stepping ~*~*~tactically~*~*~ (outnumbered).
 16396 | D:5      | 16396 ||| Stepping ~*~*~tactically~*~*~ (outnumbered).
 16398 | D:5      | 16398 ||| Stepping ~*~*~tactically~*~*~ (outnumbered).
 16400 | D:5      | 16400 ||| Stepping ~*~*~tactically~*~*~ (outnumbered).
 16402 | D:5      | 16402 ||| Stepping ~*~*~tactically~*~*~ (outnumbered).
 16404 | D:5      | 16404 ||| Stepping ~*~*~tactically~*~*~ (outnumbered).
 16416 | D:5      | 16416 ||| Stepping ~*~*~tactically~*~*~ (outnumbered).
 16418 | D:5      | 16418 ||| Stepping ~*~*~tactically~*~*~ (outnumbered).
 16420 | D:5      | 16420 ||| Stepping ~*~*~tactically~*~*~ (outnumbered).
 16422 | D:5      | 16422 ||| Stepping ~*~*~tactically~*~*~ (outnumbered).
 16424 | D:5      | 16424 ||| Stepping ~*~*~tactically~*~*~ (outnumbered).
 16436 | D:5      | 16436 ||| Stepping ~*~*~tactically~*~*~ (outnumbered).
 16438 | D:5      | 16438 ||| Stepping ~*~*~tactically~*~*~ (outnumbered).
 16440 | D:5      | 16440 ||| Stepping ~*~*~tactically~*~*~ (outnumbered).
 16442 | D:5      | 16442 ||| Stepping ~*~*~tactically~*~*~ (outnumbered).
 16444 | D:5      | 16444 ||| Stepping ~*~*~tactically~*~*~ (outnumbered).
 16456 | D:5      | 16456 ||| Stepping ~*~*~tactically~*~*~ (outnumbered).
 16458 | D:5      | 16458 ||| Stepping ~*~*~tactically~*~*~ (outnumbered).
 16460 | D:5      | 16460 ||| Stepping ~*~*~tactically~*~*~ (outnumbered).
 16462 | D:5      | 16462 ||| Stepping ~*~*~tactically~*~*~ (outnumbered).
 16464 | D:5      | 16464 ||| Stepping ~*~*~tactically~*~*~ (outnumbered).
 16476 | D:5      | 16476 ||| Stepping ~*~*~tactically~*~*~ (outnumbered).
 16478 | D:5      | 16478 ||| Stepping ~*~*~tactically~*~*~ (outnumbered).
 16480 | D:5      | 16480 ||| Stepping ~*~*~tactically~*~*~ (outnumbered).
 16482 | D:5      | 16482 ||| Stepping ~*~*~tactically~*~*~ (outnumbered).
 16484 | D:5      | 16484 ||| Stepping ~*~*~tactically~*~*~ (outnumbered).
 16496 | D:5      | 16496 ||| Stepping ~*~*~tactically~*~*~ (outnumbered).
 16498 | D:5      | 16498 ||| Stepping ~*~*~tactically~*~*~ (outnumbered).
 16500 | D:5      | 16500 ||| Stepping ~*~*~tactically~*~*~ (outnumbered).
 16502 | D:5      | 16502 ||| Stepping ~*~*~tactically~*~*~ (outnumbered).
 16504 | D:5      | 16504 ||| Stepping ~*~*~tactically~*~*~ (outnumbered).
 16516 | D:5      | 16516 ||| Stepping ~*~*~tactically~*~*~ (outnumbered).
 16518 | D:5      | 16518 ||| Stepping ~*~*~tactically~*~*~ (outnumbered).
 16520 | D:5      | 16520 ||| Stepping ~*~*~tactically~*~*~ (outnumbered).
 16522 | D:5      | 16522 ||| Stepping ~*~*~tactically~*~*~ (outnumbered).
 16524 | D:5      | 16524 ||| Stepping ~*~*~tactically~*~*~ (outnumbered).
 16536 | D:5      | 16536 ||| Stepping ~*~*~tactically~*~*~ (outnumbered).
 16538 | D:5      | 16538 ||| Stepping ~*~*~tactically~*~*~ (outnumbered).
 16540 | D:5      | 16540 ||| Stepping ~*~*~tactically~*~*~ (outnumbered).
 16542 | D:5      | 16542 ||| Stepping ~*~*~tactically~*~*~ (outnumbered).
 16544 | D:5      | 16544 ||| Stepping ~*~*~tactically~*~*~ (outnumbered).
 16556 | D:5      | 16556 ||| Stepping ~*~*~tactically~*~*~ (outnumbered).
 16558 | D:5      | 16558 ||| Stepping ~*~*~tactically~*~*~ (outnumbered).
 16560 | D:5      | 16560 ||| Stepping ~*~*~tactically~*~*~ (outnumbered).
 16562 | D:5      | 16562 ||| Stepping ~*~*~tactically~*~*~ (outnumbered).
 16564 | D:5      | 16564 ||| Stepping ~*~*~tactically~*~*~ (outnumbered).
 16576 | D:5      | 16576 ||| Stepping ~*~*~tactically~*~*~ (outnumbered).
 16578 | D:5      | 16578 ||| Stepping ~*~*~tactically~*~*~ (outnumbered).
 16580 | D:5      | 16580 ||| Stepping ~*~*~tactically~*~*~ (outnumbered).
 16582 | D:5      | 16582 ||| Stepping ~*~*~tactically~*~*~ (outnumbered).
 16584 | D:5      | 16584 ||| Stepping ~*~*~tactically~*~*~ (outnumbered).
 16596 | D:5      | 16596 ||| Stepping ~*~*~tactically~*~*~ (outnumbered).
 16598 | D:5      | 16598 ||| Stepping ~*~*~tactically~*~*~ (outnumbered).
 16600 | D:5      | 16600 ||| Stepping ~*~*~tactically~*~*~ (outnumbered).
 16602 | D:5      | 16602 ||| Stepping ~*~*~tactically~*~*~ (outnumbered).
 16604 | D:5      | 16604 ||| Stepping ~*~*~tactically~*~*~ (outnumbered).
 16616 | D:5      | 16616 ||| Stepping ~*~*~tactically~*~*~ (outnumbered).
 16618 | D:5      | 16618 ||| Stepping ~*~*~tactically~*~*~ (outnumbered).
 16620 | D:5      | 16620 ||| Stepping ~*~*~tactically~*~*~ (outnumbered).
 16622 | D:5      | 16622 ||| Stepping ~*~*~tactically~*~*~ (outnumbered).
 16624 | D:5      | 16624 ||| Stepping ~*~*~tactically~*~*~ (outnumbered).
 16636 | D:5      | 16636 ||| Stepping ~*~*~tactically~*~*~ (outnumbered).
 16638 | D:5      | 16638 ||| Stepping ~*~*~tactically~*~*~ (outnumbered).
 16640 | D:5      | 16640 ||| Stepping ~*~*~tactically~*~*~ (outnumbered).
 16642 | D:5      | 16642 ||| Stepping ~*~*~tactically~*~*~ (outnumbered).
 16644 | D:5      | 16644 ||| Stepping ~*~*~tactically~*~*~ (outnumbered).
 16656 | D:5      | 16656 ||| Stepping ~*~*~tactically~*~*~ (outnumbered).
 16658 | D:5      | 16658 ||| Stepping ~*~*~tactically~*~*~ (outnumbered).
 16660 | D:5      | 16660 ||| Stepping ~*~*~tactically~*~*~ (outnumbered).
 16662 | D:5      | 16662 ||| Stepping ~*~*~tactically~*~*~ (outnumbered).
 16664 | D:5      | 16664 ||| Stepping ~*~*~tactically~*~*~ (outnumbered).
 16676 | D:5      | 16676 ||| Stepping ~*~*~tactically~*~*~ (outnumbered).
 16678 | D:5      | 16678 ||| Stepping ~*~*~tactically~*~*~ (outnumbered).
 16680 | D:5      | 16680 ||| Stepping ~*~*~tactically~*~*~ (outnumbered).
 16682 | D:5      | 16682 ||| Stepping ~*~*~tactically~*~*~ (outnumbered).
 16684 | D:5      | 16684 ||| Stepping ~*~*~tactically~*~*~ (outnumbered).
 16696 | D:5      | 16696 ||| Stepping ~*~*~tactically~*~*~ (outnumbered).
 16698 | D:5      | 16698 ||| Stepping ~*~*~tactically~*~*~ (outnumbered).
 16700 | D:5      | 16700 ||| Stepping ~*~*~tactically~*~*~ (outnumbered).
 16702 | D:5      | 16702 ||| Stepping ~*~*~tactically~*~*~ (outnumbered).
 16704 | D:5      | 16704 ||| Stepping ~*~*~tactically~*~*~ (outnumbered).
 16716 | D:5      | 16716 ||| Stepping ~*~*~tactically~*~*~ (outnumbered).
 16718 | D:5      | 16718 ||| Stepping ~*~*~tactically~*~*~ (outnumbered).
 16720 | D:5      | 16720 ||| Stepping ~*~*~tactically~*~*~ (outnumbered).
 16722 | D:5      | 16722 ||| Stepping ~*~*~tactically~*~*~ (outnumbered).
 16724 | D:5      | 16724 ||| Stepping ~*~*~tactically~*~*~ (outnumbered).
 16736 | D:5      | 16736 ||| Stepping ~*~*~tactically~*~*~ (outnumbered).
 16738 | D:5      | 16738 ||| Stepping ~*~*~tactically~*~*~ (outnumbered).
 16740 | D:5      | 16740 ||| Stepping ~*~*~tactically~*~*~ (outnumbered).
 16742 | D:5      | 16742 ||| Stepping ~*~*~tactically~*~*~ (outnumbered).
 16744 | D:5      | 16744 ||| Stepping ~*~*~tactically~*~*~ (outnumbered).
 16756 | D:5      | 16756 ||| Stepping ~*~*~tactically~*~*~ (outnumbered).
 16758 | D:5      | 16758 ||| Stepping ~*~*~tactically~*~*~ (outnumbered).
 16760 | D:5      | 16760 ||| Stepping ~*~*~tactically~*~*~ (outnumbered).
 16762 | D:5      | 16762 ||| Stepping ~*~*~tactically~*~*~ (outnumbered).
 16764 | D:5      | 16764 ||| Stepping ~*~*~tactically~*~*~ (outnumbered).
 16776 | D:5      | 16776 ||| Stepping ~*~*~tactically~*~*~ (outnumbered).
 16778 | D:5      | 16778 ||| Stepping ~*~*~tactically~*~*~ (outnumbered).
 16780 | D:5      | 16780 ||| Stepping ~*~*~tactically~*~*~ (outnumbered).
 16782 | D:5      | 16782 ||| Stepping ~*~*~tactically~*~*~ (outnumbered).
 16784 | D:5      | 16784 ||| Stepping ~*~*~tactically~*~*~ (outnumbered).
 16796 | D:5      | 16796 ||| Stepping ~*~*~tactically~*~*~ (outnumbered).
 16798 | D:5      | 16798 ||| Stepping ~*~*~tactically~*~*~ (outnumbered).
 16800 | D:5      | 16800 ||| Stepping ~*~*~tactically~*~*~ (outnumbered).
 16802 | D:5      | 16802 ||| Stepping ~*~*~tactically~*~*~ (outnumbered).
 16804 | D:5      | 16804 ||| Stepping ~*~*~tactically~*~*~ (outnumbered).
 16816 | D:5      | 16816 ||| Stepping ~*~*~tactically~*~*~ (outnumbered).
 16818 | D:5      | 16818 ||| Stepping ~*~*~tactically~*~*~ (outnumbered).
 16820 | D:5      | 16820 ||| Stepping ~*~*~tactically~*~*~ (outnumbered).
 16822 | D:5      | 16822 ||| Stepping ~*~*~tactically~*~*~ (outnumbered).
 16824 | D:5      | 16824 ||| Stepping ~*~*~tactically~*~*~ (outnumbered).
 16836 | D:5      | 16836 ||| Stepping ~*~*~tactically~*~*~ (outnumbered).
 16838 | D:5      | 16838 ||| Stepping ~*~*~tactically~*~*~ (outnumbered).
 16840 | D:5      | 16840 ||| Stepping ~*~*~tactically~*~*~ (outnumbered).
 16842 | D:5      | 16842 ||| Stepping ~*~*~tactically~*~*~ (outnumbered).
 16844 | D:5      | 16844 ||| Stepping ~*~*~tactically~*~*~ (outnumbered).
 16856 | D:5      | 16856 ||| Stepping ~*~*~tactically~*~*~ (outnumbered).
 16858 | D:5      | 16858 ||| Stepping ~*~*~tactically~*~*~ (outnumbered).
 16860 | D:5      | 16860 ||| Stepping ~*~*~tactically~*~*~ (outnumbered).
 16862 | D:5      | 16862 ||| Stepping ~*~*~tactically~*~*~ (outnumbered).
 16864 | D:5      | 16864 ||| Stepping ~*~*~tactically~*~*~ (outnumbered).
 16876 | D:5      | 16876 ||| Stepping ~*~*~tactically~*~*~ (outnumbered).
 16878 | D:5      | 16878 ||| Stepping ~*~*~tactically~*~*~ (outnumbered).
 16880 | D:5      | 16880 ||| Stepping ~*~*~tactically~*~*~ (outnumbered).
 16882 | D:5      | 16882 ||| Stepping ~*~*~tactically~*~*~ (outnumbered).
 16884 | D:5      | 16884 ||| Stepping ~*~*~tactically~*~*~ (outnumbered).
 16896 | D:5      | 16896 ||| Stepping ~*~*~tactically~*~*~ (outnumbered).
 16898 | D:5      | 16898 ||| Stepping ~*~*~tactically~*~*~ (outnumbered).
 16900 | D:5      | 16900 ||| Stepping ~*~*~tactically~*~*~ (outnumbered).
 16902 | D:5      | 16902 ||| Stepping ~*~*~tactically~*~*~ (outnumbered).
 16904 | D:5      | 16904 ||| Stepping ~*~*~tactically~*~*~ (outnumbered).
 16916 | D:5      | 16916 ||| Stepping ~*~*~tactically~*~*~ (outnumbered).
 16918 | D:5      | 16918 ||| Stepping ~*~*~tactically~*~*~ (outnumbered).
 16920 | D:5      | 16920 ||| Stepping ~*~*~tactically~*~*~ (outnumbered).
 16922 | D:5      | 16922 ||| Stepping ~*~*~tactically~*~*~ (outnumbered).
 16924 | D:5      | 16924 ||| Stepping ~*~*~tactically~*~*~ (outnumbered).
 16936 | D:5      | 16936 ||| Stepping ~*~*~tactically~*~*~ (outnumbered).
 16938 | D:5      | 16938 ||| Stepping ~*~*~tactically~*~*~ (outnumbered).
 16940 | D:5      | 16940 ||| Stepping ~*~*~tactically~*~*~ (outnumbered).
 16942 | D:5      | 16942 ||| Stepping ~*~*~tactically~*~*~ (outnumbered).
 16944 | D:5      | 16944 ||| Stepping ~*~*~tactically~*~*~ (outnumbered).
 16956 | D:5      | 16956 ||| Stepping ~*~*~tactically~*~*~ (outnumbered).
 16958 | D:5      | 16958 ||| Stepping ~*~*~tactically~*~*~ (outnumbered).
 16960 | D:5      | 16960 ||| Stepping ~*~*~tactically~*~*~ (outnumbered).
 16962 | D:5      | 16962 ||| Stepping ~*~*~tactically~*~*~ (outnumbered).
 16964 | D:5      | 16964 ||| Stepping ~*~*~tactically~*~*~ (outnumbered).
 16976 | D:5      | 16976 ||| Stepping ~*~*~tactically~*~*~ (outnumbered).
 16978 | D:5      | 16978 ||| Stepping ~*~*~tactically~*~*~ (outnumbered).
 16980 | D:5      | 16980 ||| Stepping ~*~*~tactically~*~*~ (outnumbered).
 16982 | D:5      | 16982 ||| Stepping ~*~*~tactically~*~*~ (outnumbered).
 16984 | D:5      | 16984 ||| Stepping ~*~*~tactically~*~*~ (outnumbered).
 16996 | D:5      | 16996 ||| Stepping ~*~*~tactically~*~*~ (outnumbered).
 16998 | D:5      | 16998 ||| Stepping ~*~*~tactically~*~*~ (outnumbered).
 17000 | D:5      | 17000 ||| Stepping ~*~*~tactically~*~*~ (outnumbered).
 17002 | D:5      | 17002 ||| Stepping ~*~*~tactically~*~*~ (outnumbered).
 17004 | D:5      | 17004 ||| Stepping ~*~*~tactically~*~*~ (outnumbered).
 17016 | D:5      | 17016 ||| Stepping ~*~*~tactically~*~*~ (outnumbered).
 17018 | D:5      | 17018 ||| Stepping ~*~*~tactically~*~*~ (outnumbered).
 17020 | D:5      | 17020 ||| Stepping ~*~*~tactically~*~*~ (outnumbered).
 17022 | D:5      | 17022 ||| Stepping ~*~*~tactically~*~*~ (outnumbered).
 17024 | D:5      | 17024 ||| Stepping ~*~*~tactically~*~*~ (outnumbered).
 17036 | D:5      | 17036 ||| Stepping ~*~*~tactically~*~*~ (outnumbered).
 17038 | D:5      | 17038 ||| Stepping ~*~*~tactically~*~*~ (outnumbered).
 17040 | D:5      | 17040 ||| Stepping ~*~*~tactically~*~*~ (outnumbered).
 17042 | D:5      | 17042 ||| Stepping ~*~*~tactically~*~*~ (outnumbered).
 17044 | D:5      | 17044 ||| Stepping ~*~*~tactically~*~*~ (outnumbered).
 17056 | D:5      | 17056 ||| Stepping ~*~*~tactically~*~*~ (outnumbered).
 17058 | D:5      | 17058 ||| Stepping ~*~*~tactically~*~*~ (outnumbered).
 17060 | D:5      | 17060 ||| Stepping ~*~*~tactically~*~*~ (outnumbered).
 17062 | D:5      | 17062 ||| Stepping ~*~*~tactically~*~*~ (outnumbered).
 17064 | D:5      | 17064 ||| Stepping ~*~*~tactically~*~*~ (outnumbered).
 17076 | D:5      | 17076 ||| Stepping ~*~*~tactically~*~*~ (outnumbered).
 17078 | D:5      | 17078 ||| Stepping ~*~*~tactically~*~*~ (outnumbered).
 17080 | D:5      | 17080 ||| Stepping ~*~*~tactically~*~*~ (outnumbered).
 17082 | D:5      | 17082 ||| Stepping ~*~*~tactically~*~*~ (outnumbered).
 17084 | D:5      | 17084 ||| Stepping ~*~*~tactically~*~*~ (outnumbered).
 17096 | D:5      | 17096 ||| Stepping ~*~*~tactically~*~*~ (outnumbered).
 17098 | D:5      | 17098 ||| Stepping ~*~*~tactically~*~*~ (outnumbered).
 17100 | D:5      | 17100 ||| Stepping ~*~*~tactically~*~*~ (outnumbered).
 17102 | D:5      | 17102 ||| Stepping ~*~*~tactically~*~*~ (outnumbered).
 17104 | D:5      | 17104 ||| Stepping ~*~*~tactically~*~*~ (outnumbered).
 17116 | D:5      | 17116 ||| Stepping ~*~*~tactically~*~*~ (outnumbered).
 17118 | D:5      | 17118 ||| Stepping ~*~*~tactically~*~*~ (outnumbered).
 17120 | D:5      | 17120 ||| Stepping ~*~*~tactically~*~*~ (outnumbered).
 17122 | D:5      | 17122 ||| Stepping ~*~*~tactically~*~*~ (outnumbered).
 17124 | D:5      | 17124 ||| Stepping ~*~*~tactically~*~*~ (outnumbered).
 17136 | D:5      | 17136 ||| Stepping ~*~*~tactically~*~*~ (outnumbered).
 17138 | D:5      | 17138 ||| Stepping ~*~*~tactically~*~*~ (outnumbered).
 17140 | D:5      | 17140 ||| Stepping ~*~*~tactically~*~*~ (outnumbered).
 17142 | D:5      | 17142 ||| Stepping ~*~*~tactically~*~*~ (outnumbered).
 17144 | D:5      | 17144 ||| Stepping ~*~*~tactically~*~*~ (outnumbered).
 17156 | D:5      | 17156 ||| Stepping ~*~*~tactically~*~*~ (outnumbered).
 17158 | D:5      | 17158 ||| Stepping ~*~*~tactically~*~*~ (outnumbered).
 17160 | D:5      | 17160 ||| Stepping ~*~*~tactically~*~*~ (outnumbered).
 17162 | D:5      | 17162 ||| Stepping ~*~*~tactically~*~*~ (outnumbered).
 17164 | D:5      | 17164 ||| Stepping ~*~*~tactically~*~*~ (outnumbered).
 17176 | D:5      | 17176 ||| Stepping ~*~*~tactically~*~*~ (outnumbered).
 17178 | D:5      | 17178 ||| Stepping ~*~*~tactically~*~*~ (outnumbered).
 17180 | D:5      | 17180 ||| Stepping ~*~*~tactically~*~*~ (outnumbered).
 17182 | D:5      | 17182 ||| Stepping ~*~*~tactically~*~*~ (outnumbered).
 17184 | D:5      | 17184 ||| Stepping ~*~*~tactically~*~*~ (outnumbered).
 17196 | D:5      | 17196 ||| Stepping ~*~*~tactically~*~*~ (outnumbered).
 17198 | D:5      | 17198 ||| Stepping ~*~*~tactically~*~*~ (outnumbered).
 17200 | D:5      | 17200 ||| Stepping ~*~*~tactically~*~*~ (outnumbered).
 17202 | D:5      | 17202 ||| Stepping ~*~*~tactically~*~*~ (outnumbered).
 17204 | D:5      | 17204 ||| Stepping ~*~*~tactically~*~*~ (outnumbered).
 17216 | D:5      | 17216 ||| Stepping ~*~*~tactically~*~*~ (outnumbered).
 17218 | D:5      | 17218 ||| Stepping ~*~*~tactically~*~*~ (outnumbered).
 17220 | D:5      | 17220 ||| Stepping ~*~*~tactically~*~*~ (outnumbered).
 17222 | D:5      | 17222 ||| Stepping ~*~*~tactically~*~*~ (outnumbered).
 17224 | D:5      | 17224 ||| Stepping ~*~*~tactically~*~*~ (outnumbered).
 17236 | D:5      | 17236 ||| Stepping ~*~*~tactically~*~*~ (outnumbered).
 17238 | D:5      | 17238 ||| Stepping ~*~*~tactically~*~*~ (outnumbered).
 17240 | D:5      | 17240 ||| Stepping ~*~*~tactically~*~*~ (outnumbered).
 17242 | D:5      | 17242 ||| Stepping ~*~*~tactically~*~*~ (outnumbered).
 17244 | D:5      | 17244 ||| Stepping ~*~*~tactically~*~*~ (outnumbered).
 17256 | D:5      | 17256 ||| Stepping ~*~*~tactically~*~*~ (outnumbered).
 17258 | D:5      | 17258 ||| Stepping ~*~*~tactically~*~*~ (outnumbered).
 17260 | D:5      | 17260 ||| Stepping ~*~*~tactically~*~*~ (outnumbered).
 17262 | D:5      | 17262 ||| Stepping ~*~*~tactically~*~*~ (outnumbered).
 17264 | D:5      | 17264 ||| Stepping ~*~*~tactically~*~*~ (outnumbered).
 17276 | D:5      | 17276 ||| Stepping ~*~*~tactically~*~*~ (outnumbered).
 17278 | D:5      | 17278 ||| Stepping ~*~*~tactically~*~*~ (outnumbered).
 17280 | D:5      | 17280 ||| Stepping ~*~*~tactically~*~*~ (outnumbered).
 17282 | D:5      | 17282 ||| Stepping ~*~*~tactically~*~*~ (outnumbered).
 17284 | D:5      | 17284 ||| Stepping ~*~*~tactically~*~*~ (outnumbered).
 17296 | D:5      | 17296 ||| Stepping ~*~*~tactically~*~*~ (outnumbered).
 17298 | D:5      | 17298 ||| Stepping ~*~*~tactically~*~*~ (outnumbered).
 17300 | D:5      | 17300 ||| Stepping ~*~*~tactically~*~*~ (outnumbered).
 17302 | D:5      | 17302 ||| Stepping ~*~*~tactically~*~*~ (outnumbered).
 17304 | D:5      | 17304 ||| Stepping ~*~*~tactically~*~*~ (outnumbered).
 17316 | D:5      | 17316 ||| Stepping ~*~*~tactically~*~*~ (outnumbered).
 17318 | D:5      | 17318 ||| Stepping ~*~*~tactically~*~*~ (outnumbered).
 17320 | D:5      | 17320 ||| Stepping ~*~*~tactically~*~*~ (outnumbered).
 17322 | D:5      | 17322 ||| Stepping ~*~*~tactically~*~*~ (outnumbered).
 17324 | D:5      | 17324 ||| Stepping ~*~*~tactically~*~*~ (outnumbered).
 17336 | D:5      | 17336 ||| Stepping ~*~*~tactically~*~*~ (outnumbered).
 17338 | D:5      | 17338 ||| Stepping ~*~*~tactically~*~*~ (outnumbered).
 17340 | D:5      | 17340 ||| Stepping ~*~*~tactically~*~*~ (outnumbered).
 17342 | D:5      | 17342 ||| Stepping ~*~*~tactically~*~*~ (outnumbered).
 17344 | D:5      | 17344 ||| Stepping ~*~*~tactically~*~*~ (outnumbered).
 17356 | D:5      | 17356 ||| Stepping ~*~*~tactically~*~*~ (outnumbered).
 17358 | D:5      | 17358 ||| Stepping ~*~*~tactically~*~*~ (outnumbered).
 17360 | D:5      | 17360 ||| Stepping ~*~*~tactically~*~*~ (outnumbered).
 17362 | D:5      | 17362 ||| Stepping ~*~*~tactically~*~*~ (outnumbered).
 17364 | D:5      | 17364 ||| Stepping ~*~*~tactically~*~*~ (outnumbered).
 17376 | D:5      | 17376 ||| Stepping ~*~*~tactically~*~*~ (outnumbered).
 17378 | D:5      | 17378 ||| Stepping ~*~*~tactically~*~*~ (outnumbered).
 17380 | D:5      | 17380 ||| Stepping ~*~*~tactically~*~*~ (outnumbered).
 17382 | D:5      | 17382 ||| Stepping ~*~*~tactically~*~*~ (outnumbered).
 17384 | D:5      | 17384 ||| Stepping ~*~*~tactically~*~*~ (outnumbered).
 17396 | D:5      | 17396 ||| Stepping ~*~*~tactically~*~*~ (outnumbered).
 17398 | D:5      | 17398 ||| Stepping ~*~*~tactically~*~*~ (outnumbered).
 17400 | D:5      | 17400 ||| Stepping ~*~*~tactically~*~*~ (outnumbered).
 17402 | D:5      | 17402 ||| Stepping ~*~*~tactically~*~*~ (outnumbered).
 17404 | D:5      | 17404 ||| Stepping ~*~*~tactically~*~*~ (outnumbered).
 17416 | D:5      | 17416 ||| Stepping ~*~*~tactically~*~*~ (outnumbered).
 17418 | D:5      | 17418 ||| Stepping ~*~*~tactically~*~*~ (outnumbered).
 17420 | D:5      | 17420 ||| Stepping ~*~*~tactically~*~*~ (outnumbered).
 17422 | D:5      | 17422 ||| Stepping ~*~*~tactically~*~*~ (outnumbered).
 17424 | D:5      | 17424 ||| Stepping ~*~*~tactically~*~*~ (outnumbered).
 17436 | D:5      | 17436 ||| Stepping ~*~*~tactically~*~*~ (outnumbered).
 17438 | D:5      | 17438 ||| Stepping ~*~*~tactically~*~*~ (outnumbered).
 17440 | D:5      | 17440 ||| Stepping ~*~*~tactically~*~*~ (outnumbered).
 17442 | D:5      | 17442 ||| Stepping ~*~*~tactically~*~*~ (outnumbered).
 17444 | D:5      | 17444 ||| Stepping ~*~*~tactically~*~*~ (outnumbered).
 17456 | D:5      | 17456 ||| Stepping ~*~*~tactically~*~*~ (outnumbered).
 17458 | D:5      | 17458 ||| Stepping ~*~*~tactically~*~*~ (outnumbered).
 17460 | D:5      | 17460 ||| Stepping ~*~*~tactically~*~*~ (outnumbered).
 17462 | D:5      | 17462 ||| Stepping ~*~*~tactically~*~*~ (outnumbered).
 17464 | D:5      | 17464 ||| Stepping ~*~*~tactically~*~*~ (outnumbered).
 17476 | D:5      | 17476 ||| Stepping ~*~*~tactically~*~*~ (outnumbered).
 17478 | D:5      | 17478 ||| Stepping ~*~*~tactically~*~*~ (outnumbered).
 17480 | D:5      | 17480 ||| Stepping ~*~*~tactically~*~*~ (outnumbered).
 17482 | D:5      | 17482 ||| Stepping ~*~*~tactically~*~*~ (outnumbered).
 17484 | D:5      | 17484 ||| Stepping ~*~*~tactically~*~*~ (outnumbered).
 17496 | D:5      | 17496 ||| Stepping ~*~*~tactically~*~*~ (outnumbered).
 17498 | D:5      | 17498 ||| Stepping ~*~*~tactically~*~*~ (outnumbered).
 17500 | D:5      | 17500 ||| Stepping ~*~*~tactically~*~*~ (outnumbered).
 17502 | D:5      | 17502 ||| Stepping ~*~*~tactically~*~*~ (outnumbered).
 17504 | D:5      | 17504 ||| Stepping ~*~*~tactically~*~*~ (outnumbered).
 17516 | D:5      | 17516 ||| Stepping ~*~*~tactically~*~*~ (outnumbered).
 17518 | D:5      | 17518 ||| Stepping ~*~*~tactically~*~*~ (outnumbered).
 17520 | D:5      | 17520 ||| Stepping ~*~*~tactically~*~*~ (outnumbered).
 17522 | D:5      | 17522 ||| Stepping ~*~*~tactically~*~*~ (outnumbered).
 17524 | D:5      | 17524 ||| Stepping ~*~*~tactically~*~*~ (outnumbered).
 17536 | D:5      | 17536 ||| Stepping ~*~*~tactically~*~*~ (outnumbered).
 17538 | D:5      | 17538 ||| Stepping ~*~*~tactically~*~*~ (outnumbered).
 17540 | D:5      | 17540 ||| Stepping ~*~*~tactically~*~*~ (outnumbered).
 17542 | D:5      | 17542 ||| Stepping ~*~*~tactically~*~*~ (outnumbered).
 17544 | D:5      | 17544 ||| Stepping ~*~*~tactically~*~*~ (outnumbered).
 17556 | D:5      | 17556 ||| Stepping ~*~*~tactically~*~*~ (outnumbered).
 17558 | D:5      | 17558 ||| Stepping ~*~*~tactically~*~*~ (outnumbered).
 17560 | D:5      | 17560 ||| Stepping ~*~*~tactically~*~*~ (outnumbered).
 17562 | D:5      | 17562 ||| Stepping ~*~*~tactically~*~*~ (outnumbered).
 17564 | D:5      | 17564 ||| Stepping ~*~*~tactically~*~*~ (outnumbered).
 17576 | D:5      | 17576 ||| Stepping ~*~*~tactically~*~*~ (outnumbered).
 17578 | D:5      | 17578 ||| Stepping ~*~*~tactically~*~*~ (outnumbered).
 17580 | D:5      | 17580 ||| Stepping ~*~*~tactically~*~*~ (outnumbered).
 17582 | D:5      | 17582 ||| Stepping ~*~*~tactically~*~*~ (outnumbered).
 17584 | D:5      | 17584 ||| Stepping ~*~*~tactically~*~*~ (outnumbered).
 17596 | D:5      | 17596 ||| Stepping ~*~*~tactically~*~*~ (outnumbered).
 17598 | D:5      | 17598 ||| Stepping ~*~*~tactically~*~*~ (outnumbered).
 17600 | D:5      | 17600 ||| Stepping ~*~*~tactically~*~*~ (outnumbered).
 17602 | D:5      | 17602 ||| Stepping ~*~*~tactically~*~*~ (outnumbered).
 17604 | D:5      | 17604 ||| Stepping ~*~*~tactically~*~*~ (outnumbered).
 17616 | D:5      | 17616 ||| Stepping ~*~*~tactically~*~*~ (outnumbered).
 17618 | D:5      | 17618 ||| Stepping ~*~*~tactically~*~*~ (outnumbered).
 17620 | D:5      | 17620 ||| Stepping ~*~*~tactically~*~*~ (outnumbered).
 17622 | D:5      | 17622 ||| Stepping ~*~*~tactically~*~*~ (outnumbered).
 17624 | D:5      | 17624 ||| Stepping ~*~*~tactically~*~*~ (outnumbered).
 17636 | D:5      | 17636 ||| Stepping ~*~*~tactically~*~*~ (outnumbered).
 17638 | D:5      | 17638 ||| Stepping ~*~*~tactically~*~*~ (outnumbered).
 17640 | D:5      | 17640 ||| Stepping ~*~*~tactically~*~*~ (outnumbered).
 17642 | D:5      | 17642 ||| Stepping ~*~*~tactically~*~*~ (outnumbered).
 17644 | D:5      | 17644 ||| Stepping ~*~*~tactically~*~*~ (outnumbered).
 17656 | D:5      | 17656 ||| Stepping ~*~*~tactically~*~*~ (outnumbered).
 17658 | D:5      | 17658 ||| Stepping ~*~*~tactically~*~*~ (outnumbered).
 17660 | D:5      | 17660 ||| Stepping ~*~*~tactically~*~*~ (outnumbered).
 17662 | D:5      | 17662 ||| Stepping ~*~*~tactically~*~*~ (outnumbered).
 17664 | D:5      | 17664 ||| Stepping ~*~*~tactically~*~*~ (outnumbered).
 17676 | D:5      | 17676 ||| Stepping ~*~*~tactically~*~*~ (outnumbered).
 17678 | D:5      | 17678 ||| Stepping ~*~*~tactically~*~*~ (outnumbered).
 17680 | D:5      | 17680 ||| Stepping ~*~*~tactically~*~*~ (outnumbered).
 17682 | D:5      | 17682 ||| Stepping ~*~*~tactically~*~*~ (outnumbered).
 17684 | D:5      | 17684 ||| Stepping ~*~*~tactically~*~*~ (outnumbered).
 17696 | D:5      | 17696 ||| Stepping ~*~*~tactically~*~*~ (outnumbered).
 17698 | D:5      | 17698 ||| Stepping ~*~*~tactically~*~*~ (outnumbered).
 17700 | D:5      | 17700 ||| Stepping ~*~*~tactically~*~*~ (outnumbered).
 17702 | D:5      | 17702 ||| Stepping ~*~*~tactically~*~*~ (outnumbered).
 17704 | D:5      | 17704 ||| Stepping ~*~*~tactically~*~*~ (outnumbered).
 17716 | D:5      | 17716 ||| Stepping ~*~*~tactically~*~*~ (outnumbered).
 17718 | D:5      | 17718 ||| Stepping ~*~*~tactically~*~*~ (outnumbered).
 17720 | D:5      | 17720 ||| Stepping ~*~*~tactically~*~*~ (outnumbered).
 17722 | D:5      | 17722 ||| Stepping ~*~*~tactically~*~*~ (outnumbered).
 17724 | D:5      | 17724 ||| Stepping ~*~*~tactically~*~*~ (outnumbered).
 17736 | D:5      | 17736 ||| Stepping ~*~*~tactically~*~*~ (outnumbered).
 17738 | D:5      | 17738 ||| Stepping ~*~*~tactically~*~*~ (outnumbered).
 17740 | D:5      | 17740 ||| Stepping ~*~*~tactically~*~*~ (outnumbered).
 17742 | D:5      | 17742 ||| Stepping ~*~*~tactically~*~*~ (outnumbered).
 17744 | D:5      | 17744 ||| Stepping ~*~*~tactically~*~*~ (outnumbered).
 17756 | D:5      | 17756 ||| Stepping ~*~*~tactically~*~*~ (outnumbered).
 17758 | D:5      | 17758 ||| Stepping ~*~*~tactically~*~*~ (outnumbered).
 17760 | D:5      | 17760 ||| Stepping ~*~*~tactically~*~*~ (outnumbered).
 17762 | D:5      | 17762 ||| Stepping ~*~*~tactically~*~*~ (outnumbered).
 17764 | D:5      | 17764 ||| Stepping ~*~*~tactically~*~*~ (outnumbered).
 17776 | D:5      | 17776 ||| Stepping ~*~*~tactically~*~*~ (outnumbered).
 17778 | D:5      | 17778 ||| Stepping ~*~*~tactically~*~*~ (outnumbered).
 17780 | D:5      | 17780 ||| Stepping ~*~*~tactically~*~*~ (outnumbered).
 17782 | D:5      | 17782 ||| Stepping ~*~*~tactically~*~*~ (outnumbered).
 17784 | D:5      | 17784 ||| Stepping ~*~*~tactically~*~*~ (outnumbered).
 17796 | D:5      | 17796 ||| Stepping ~*~*~tactically~*~*~ (outnumbered).
 17798 | D:5      | 17798 ||| Stepping ~*~*~tactically~*~*~ (outnumbered).
 17800 | D:5      | 17800 ||| Stepping ~*~*~tactically~*~*~ (outnumbered).
 17802 | D:5      | 17802 ||| Stepping ~*~*~tactically~*~*~ (outnumbered).
 17804 | D:5      | 17804 ||| Stepping ~*~*~tactically~*~*~ (outnumbered).
 17816 | D:5      | 17816 ||| Stepping ~*~*~tactically~*~*~ (outnumbered).
 17818 | D:5      | 17818 ||| Stepping ~*~*~tactically~*~*~ (outnumbered).
 17820 | D:5      | 17820 ||| Stepping ~*~*~tactically~*~*~ (outnumbered).
 17822 | D:5      | 17822 ||| Stepping ~*~*~tactically~*~*~ (outnumbered).
 17824 | D:5      | 17824 ||| Stepping ~*~*~tactically~*~*~ (outnumbered).
 17836 | D:5      | 17836 ||| Stepping ~*~*~tactically~*~*~ (outnumbered).
 17838 | D:5      | 17838 ||| Stepping ~*~*~tactically~*~*~ (outnumbered).
 17840 | D:5      | 17840 ||| Stepping ~*~*~tactically~*~*~ (outnumbered).
 17842 | D:5      | 17842 ||| Stepping ~*~*~tactically~*~*~ (outnumbered).
 17844 | D:5      | 17844 ||| Stepping ~*~*~tactically~*~*~ (outnumbered).
 17856 | D:5      | 17856 ||| Stepping ~*~*~tactically~*~*~ (outnumbered).
 17858 | D:5      | 17858 ||| Stepping ~*~*~tactically~*~*~ (outnumbered).
 17860 | D:5      | 17860 ||| Stepping ~*~*~tactically~*~*~ (outnumbered).
 17862 | D:5      | 17862 ||| Stepping ~*~*~tactically~*~*~ (outnumbered).
 17864 | D:5      | 17864 ||| Stepping ~*~*~tactically~*~*~ (outnumbered).
 17876 | D:5      | 17876 ||| Stepping ~*~*~tactically~*~*~ (outnumbered).
 17878 | D:5      | 17878 ||| Stepping ~*~*~tactically~*~*~ (outnumbered).
 17880 | D:5      | 17880 ||| Stepping ~*~*~tactically~*~*~ (outnumbered).
 17882 | D:5      | 17882 ||| Stepping ~*~*~tactically~*~*~ (outnumbered).
 17884 | D:5      | 17884 ||| Stepping ~*~*~tactically~*~*~ (outnumbered).
 17896 | D:5      | 17896 ||| Stepping ~*~*~tactically~*~*~ (outnumbered).
 17898 | D:5      | 17898 ||| Stepping ~*~*~tactically~*~*~ (outnumbered).
 17900 | D:5      | 17900 ||| Stepping ~*~*~tactically~*~*~ (outnumbered).
 17902 | D:5      | 17902 ||| Stepping ~*~*~tactically~*~*~ (outnumbered).
 17904 | D:5      | 17904 ||| Stepping ~*~*~tactically~*~*~ (outnumbered).
 17916 | D:5      | 17916 ||| Stepping ~*~*~tactically~*~*~ (outnumbered).
 17918 | D:5      | 17918 ||| Stepping ~*~*~tactically~*~*~ (outnumbered).
 17920 | D:5      | 17920 ||| Stepping ~*~*~tactically~*~*~ (outnumbered).
 17922 | D:5      | 17922 ||| Stepping ~*~*~tactically~*~*~ (outnumbered).
 17924 | D:5      | 17924 ||| Stepping ~*~*~tactically~*~*~ (outnumbered).
 17936 | D:5      | 17936 ||| Stepping ~*~*~tactically~*~*~ (outnumbered).
 17938 | D:5      | 17938 ||| Stepping ~*~*~tactically~*~*~ (outnumbered).
 17940 | D:5      | 17940 ||| Stepping ~*~*~tactically~*~*~ (outnumbered).
 17942 | D:5      | 17942 ||| Stepping ~*~*~tactically~*~*~ (outnumbered).
 17944 | D:5      | 17944 ||| Stepping ~*~*~tactically~*~*~ (outnumbered).
 17956 | D:5      | 17956 ||| Stepping ~*~*~tactically~*~*~ (outnumbered).
 17958 | D:5      | 17958 ||| Stepping ~*~*~tactically~*~*~ (outnumbered).
 17960 | D:5      | 17960 ||| Stepping ~*~*~tactically~*~*~ (outnumbered).
 17962 | D:5      | 17962 ||| Stepping ~*~*~tactically~*~*~ (outnumbered).
 17964 | D:5      | 17964 ||| Stepping ~*~*~tactically~*~*~ (outnumbered).
 17976 | D:5      | 17976 ||| Stepping ~*~*~tactically~*~*~ (outnumbered).
 17978 | D:5      | 17978 ||| Stepping ~*~*~tactically~*~*~ (outnumbered).
 17980 | D:5      | 17980 ||| Stepping ~*~*~tactically~*~*~ (outnumbered).
 17982 | D:5      | 17982 ||| Stepping ~*~*~tactically~*~*~ (outnumbered).
 17984 | D:5      | 17984 ||| Stepping ~*~*~tactically~*~*~ (outnumbered).
 17996 | D:5      | 17996 ||| Stepping ~*~*~tactically~*~*~ (outnumbered).
 17998 | D:5      | 17998 ||| Stepping ~*~*~tactically~*~*~ (outnumbered).
 18000 | D:5      | 18000 ||| Stepping ~*~*~tactically~*~*~ (outnumbered).
 18002 | D:5      | 18002 ||| Stepping ~*~*~tactically~*~*~ (outnumbered).
 18004 | D:5      | 18004 ||| Stepping ~*~*~tactically~*~*~ (outnumbered).
 18016 | D:5      | 18016 ||| Stepping ~*~*~tactically~*~*~ (outnumbered).
 18018 | D:5      | 18018 ||| Stepping ~*~*~tactically~*~*~ (outnumbered).
 18020 | D:5      | 18020 ||| Stepping ~*~*~tactically~*~*~ (outnumbered).
 18022 | D:5      | 18022 ||| Stepping ~*~*~tactically~*~*~ (outnumbered).
 18024 | D:5      | 18024 ||| Stepping ~*~*~tactically~*~*~ (outnumbered).
 18036 | D:5      | 18036 ||| Stepping ~*~*~tactically~*~*~ (outnumbered).
 18038 | D:5      | 18038 ||| Stepping ~*~*~tactically~*~*~ (outnumbered).
 18040 | D:5      | 18040 ||| Stepping ~*~*~tactically~*~*~ (outnumbered).
 18042 | D:5      | 18042 ||| Stepping ~*~*~tactically~*~*~ (outnumbered).
 18044 | D:5      | 18044 ||| Stepping ~*~*~tactically~*~*~ (outnumbered).
 18056 | D:5      | 18056 ||| Stepping ~*~*~tactically~*~*~ (outnumbered).
 18058 | D:5      | 18058 ||| Stepping ~*~*~tactically~*~*~ (outnumbered).
 18060 | D:5      | 18060 ||| Stepping ~*~*~tactically~*~*~ (outnumbered).
 18062 | D:5      | 18062 ||| Stepping ~*~*~tactically~*~*~ (outnumbered).
 18064 | D:5      | 18064 ||| Stepping ~*~*~tactically~*~*~ (outnumbered).
 18076 | D:5      | 18076 ||| Stepping ~*~*~tactically~*~*~ (outnumbered).
 18078 | D:5      | 18078 ||| Stepping ~*~*~tactically~*~*~ (outnumbered).
 18080 | D:5      | 18080 ||| Stepping ~*~*~tactically~*~*~ (outnumbered).
 18082 | D:5      | 18082 ||| Stepping ~*~*~tactically~*~*~ (outnumbered).
 18084 | D:5      | 18084 ||| Stepping ~*~*~tactically~*~*~ (outnumbered).
 18096 | D:5      | 18096 ||| Stepping ~*~*~tactically~*~*~ (outnumbered).
 18098 | D:5      | 18098 ||| Stepping ~*~*~tactically~*~*~ (outnumbered).
 18100 | D:5      | 18100 ||| Stepping ~*~*~tactically~*~*~ (outnumbered).
 18102 | D:5      | 18102 ||| Stepping ~*~*~tactically~*~*~ (outnumbered).
 18104 | D:5      | 18104 ||| Stepping ~*~*~tactically~*~*~ (outnumbered).
 18116 | D:5      | 18116 ||| Stepping ~*~*~tactically~*~*~ (outnumbered).
 18118 | D:5      | 18118 ||| Stepping ~*~*~tactically~*~*~ (outnumbered).
 18120 | D:5      | 18120 ||| Stepping ~*~*~tactically~*~*~ (outnumbered).
 18122 | D:5      | 18122 ||| Stepping ~*~*~tactically~*~*~ (outnumbered).
 18124 | D:5      | 18124 ||| Stepping ~*~*~tactically~*~*~ (outnumbered).
 18136 | D:5      | 18136 ||| Stepping ~*~*~tactically~*~*~ (outnumbered).
 18138 | D:5      | 18138 ||| Stepping ~*~*~tactically~*~*~ (outnumbered).
 18140 | D:5      | 18140 ||| Stepping ~*~*~tactically~*~*~ (outnumbered).
 18142 | D:5      | 18142 ||| Stepping ~*~*~tactically~*~*~ (outnumbered).
 18144 | D:5      | 18144 ||| Stepping ~*~*~tactically~*~*~ (outnumbered).
 18156 | D:5      | 18156 ||| Stepping ~*~*~tactically~*~*~ (outnumbered).
 18158 | D:5      | 18158 ||| Stepping ~*~*~tactically~*~*~ (outnumbered).
 18160 | D:5      | 18160 ||| Stepping ~*~*~tactically~*~*~ (outnumbered).
 18162 | D:5      | 18162 ||| Stepping ~*~*~tactically~*~*~ (outnumbered).
 18164 | D:5      | 18164 ||| Stepping ~*~*~tactically~*~*~ (outnumbered).
 18176 | D:5      | 18176 ||| Stepping ~*~*~tactically~*~*~ (outnumbered).
 18178 | D:5      | 18178 ||| Stepping ~*~*~tactically~*~*~ (outnumbered).
 18180 | D:5      | 18180 ||| Stepping ~*~*~tactically~*~*~ (outnumbered).
 18182 | D:5      | 18182 ||| Stepping ~*~*~tactically~*~*~ (outnumbered).
 18184 | D:5      | 18184 ||| Stepping ~*~*~tactically~*~*~ (outnumbered).
 18196 | D:5      | 18196 ||| Stepping ~*~*~tactically~*~*~ (outnumbered).
 18198 | D:5      | 18198 ||| Stepping ~*~*~tactically~*~*~ (outnumbered).
 18200 | D:5      | 18200 ||| Stepping ~*~*~tactically~*~*~ (outnumbered).
 18202 | D:5      | 18202 ||| Stepping ~*~*~tactically~*~*~ (outnumbered).
 18204 | D:5      | 18204 ||| Stepping ~*~*~tactically~*~*~ (outnumbered).
 18216 | D:5      | 18216 ||| Stepping ~*~*~tactically~*~*~ (outnumbered).
 18218 | D:5      | 18218 ||| Stepping ~*~*~tactically~*~*~ (outnumbered).
 18220 | D:5      | 18220 ||| Stepping ~*~*~tactically~*~*~ (outnumbered).
 18222 | D:5      | 18222 ||| Stepping ~*~*~tactically~*~*~ (outnumbered).
 18224 | D:5      | 18224 ||| Stepping ~*~*~tactically~*~*~ (outnumbered).
 18236 | D:5      | 18236 ||| Stepping ~*~*~tactically~*~*~ (outnumbered).
 18238 | D:5      | 18238 ||| Stepping ~*~*~tactically~*~*~ (outnumbered).
 18240 | D:5      | 18240 ||| Stepping ~*~*~tactically~*~*~ (outnumbered).
 18242 | D:5      | 18242 ||| Stepping ~*~*~tactically~*~*~ (outnumbered).
 18244 | D:5      | 18244 ||| Stepping ~*~*~tactically~*~*~ (outnumbered).
 18256 | D:5      | 18256 ||| Stepping ~*~*~tactically~*~*~ (outnumbered).
 18258 | D:5      | 18258 ||| Stepping ~*~*~tactically~*~*~ (outnumbered).
 18260 | D:5      | 18260 ||| Stepping ~*~*~tactically~*~*~ (outnumbered).
 18262 | D:5      | 18262 ||| Stepping ~*~*~tactically~*~*~ (outnumbered).
 18264 | D:5      | 18264 ||| Stepping ~*~*~tactically~*~*~ (outnumbered).
 18276 | D:5      | 18276 ||| Stepping ~*~*~tactically~*~*~ (outnumbered).
 18278 | D:5      | 18278 ||| Stepping ~*~*~tactically~*~*~ (outnumbered).
 18280 | D:5      | 18280 ||| Stepping ~*~*~tactically~*~*~ (outnumbered).
 18282 | D:5      | 18282 ||| Stepping ~*~*~tactically~*~*~ (outnumbered).
 18284 | D:5      | 18284 ||| Stepping ~*~*~tactically~*~*~ (outnumbered).
 18296 | D:5      | 18296 ||| Stepping ~*~*~tactically~*~*~ (outnumbered).
 18298 | D:5      | 18298 ||| Stepping ~*~*~tactically~*~*~ (outnumbered).
 18300 | D:5      | 18300 ||| Stepping ~*~*~tactically~*~*~ (outnumbered).
 18302 | D:5      | 18302 ||| Stepping ~*~*~tactically~*~*~ (outnumbered).
 18304 | D:5      | 18304 ||| Stepping ~*~*~tactically~*~*~ (outnumbered).
 18316 | D:5      | 18316 ||| Stepping ~*~*~tactically~*~*~ (outnumbered).
 18318 | D:5      | 18318 ||| Stepping ~*~*~tactically~*~*~ (outnumbered).
 18320 | D:5      | 18320 ||| Stepping ~*~*~tactically~*~*~ (outnumbered).
 18322 | D:5      | 18322 ||| Stepping ~*~*~tactically~*~*~ (outnumbered).
 18324 | D:5      | 18324 ||| Stepping ~*~*~tactically~*~*~ (outnumbered).
 18336 | D:5      | 18336 ||| Stepping ~*~*~tactically~*~*~ (outnumbered).
 18338 | D:5      | 18338 ||| Stepping ~*~*~tactically~*~*~ (outnumbered).
 18340 | D:5      | 18340 ||| Stepping ~*~*~tactically~*~*~ (outnumbered).
 18342 | D:5      | 18342 ||| Stepping ~*~*~tactically~*~*~ (outnumbered).
 18344 | D:5      | 18344 ||| Stepping ~*~*~tactically~*~*~ (outnumbered).
 18356 | D:5      | 18356 ||| Stepping ~*~*~tactically~*~*~ (outnumbered).
 18358 | D:5      | 18358 ||| Stepping ~*~*~tactically~*~*~ (outnumbered).
 18360 | D:5      | 18360 ||| Stepping ~*~*~tactically~*~*~ (outnumbered).
 18362 | D:5      | 18362 ||| Stepping ~*~*~tactically~*~*~ (outnumbered).
 18364 | D:5      | 18364 ||| Stepping ~*~*~tactically~*~*~ (outnumbered).
 18376 | D:5      | 18376 ||| Stepping ~*~*~tactically~*~*~ (outnumbered).
 18378 | D:5      | 18378 ||| Stepping ~*~*~tactically~*~*~ (outnumbered).
 18380 | D:5      | 18380 ||| Stepping ~*~*~tactically~*~*~ (outnumbered).
 18382 | D:5      | 18382 ||| Stepping ~*~*~tactically~*~*~ (outnumbered).
 18384 | D:5      | 18384 ||| Stepping ~*~*~tactically~*~*~ (outnumbered).
 18396 | D:5      | 18396 ||| Stepping ~*~*~tactically~*~*~ (outnumbered).
 18398 | D:5      | 18398 ||| Stepping ~*~*~tactically~*~*~ (outnumbered).
 18400 | D:5      | 18400 ||| Stepping ~*~*~tactically~*~*~ (outnumbered).
 18402 | D:5      | 18402 ||| Stepping ~*~*~tactically~*~*~ (outnumbered).
 18404 | D:5      | 18404 ||| Stepping ~*~*~tactically~*~*~ (outnumbered).
 18416 | D:5      | 18416 ||| Stepping ~*~*~tactically~*~*~ (outnumbered).
 18418 | D:5      | 18418 ||| Stepping ~*~*~tactically~*~*~ (outnumbered).
 18420 | D:5      | 18420 ||| Stepping ~*~*~tactically~*~*~ (outnumbered).
 18422 | D:5      | 18422 ||| Stepping ~*~*~tactically~*~*~ (outnumbered).
 18424 | D:5      | 18424 ||| Stepping ~*~*~tactically~*~*~ (outnumbered).
 18436 | D:5      | 18436 ||| Stepping ~*~*~tactically~*~*~ (outnumbered).
 18438 | D:5      | 18438 ||| Stepping ~*~*~tactically~*~*~ (outnumbered).
 18440 | D:5      | 18440 ||| Stepping ~*~*~tactically~*~*~ (outnumbered).
 18442 | D:5      | 18442 ||| Stepping ~*~*~tactically~*~*~ (outnumbered).
 18444 | D:5      | 18444 ||| Stepping ~*~*~tactically~*~*~ (outnumbered).
 18456 | D:5      | 18456 ||| Stepping ~*~*~tactically~*~*~ (outnumbered).
 18458 | D:5      | 18458 ||| Stepping ~*~*~tactically~*~*~ (outnumbered).
 18460 | D:5      | 18460 ||| Stepping ~*~*~tactically~*~*~ (outnumbered).
 18462 | D:5      | 18462 ||| Stepping ~*~*~tactically~*~*~ (outnumbered).
 18464 | D:5      | 18464 ||| Stepping ~*~*~tactically~*~*~ (outnumbered).
 18476 | D:5      | 18476 ||| Stepping ~*~*~tactically~*~*~ (outnumbered).
 18478 | D:5      | 18478 ||| Stepping ~*~*~tactically~*~*~ (outnumbered).
 18480 | D:5      | 18480 ||| Stepping ~*~*~tactically~*~*~ (outnumbered).
 18482 | D:5      | 18482 ||| Stepping ~*~*~tactically~*~*~ (outnumbered).
 18484 | D:5      | 18484 ||| Stepping ~*~*~tactically~*~*~ (outnumbered).
 18496 | D:5      | 18496 ||| Stepping ~*~*~tactically~*~*~ (outnumbered).
 18498 | D:5      | 18498 ||| Stepping ~*~*~tactically~*~*~ (outnumbered).
 18500 | D:5      | 18500 ||| Stepping ~*~*~tactically~*~*~ (outnumbered).
 18502 | D:5      | 18502 ||| Stepping ~*~*~tactically~*~*~ (outnumbered).
 18504 | D:5      | 18504 ||| Stepping ~*~*~tactically~*~*~ (outnumbered).
 18516 | D:5      | 18516 ||| Stepping ~*~*~tactically~*~*~ (outnumbered).
 18518 | D:5      | 18518 ||| Stepping ~*~*~tactically~*~*~ (outnumbered).
 18520 | D:5      | 18520 ||| Stepping ~*~*~tactically~*~*~ (outnumbered).
 18522 | D:5      | 18522 ||| Stepping ~*~*~tactically~*~*~ (outnumbered).
 18524 | D:5      | 18524 ||| Stepping ~*~*~tactically~*~*~ (outnumbered).
 18536 | D:5      | 18536 ||| Stepping ~*~*~tactically~*~*~ (outnumbered).
 18538 | D:5      | 18538 ||| Stepping ~*~*~tactically~*~*~ (outnumbered).
 18540 | D:5      | 18540 ||| Stepping ~*~*~tactically~*~*~ (outnumbered).
 18542 | D:5      | 18542 ||| Stepping ~*~*~tactically~*~*~ (outnumbered).
 18544 | D:5      | 18544 ||| Stepping ~*~*~tactically~*~*~ (outnumbered).
 18556 | D:5      | 18556 ||| Stepping ~*~*~tactically~*~*~ (outnumbered).
 18558 | D:5      | 18558 ||| Stepping ~*~*~tactically~*~*~ (outnumbered).
 18560 | D:5      | 18560 ||| Stepping ~*~*~tactically~*~*~ (outnumbered).
 18562 | D:5      | 18562 ||| Stepping ~*~*~tactically~*~*~ (outnumbered).
 18564 | D:5      | 18564 ||| Stepping ~*~*~tactically~*~*~ (outnumbered).
 18576 | D:5      | 18576 ||| Stepping ~*~*~tactically~*~*~ (outnumbered).
 18578 | D:5      | 18578 ||| Stepping ~*~*~tactically~*~*~ (outnumbered).
 18580 | D:5      | 18580 ||| Stepping ~*~*~tactically~*~*~ (outnumbered).
 18582 | D:5      | 18582 ||| Stepping ~*~*~tactically~*~*~ (outnumbered).
 18584 | D:5      | 18584 ||| Stepping ~*~*~tactically~*~*~ (outnumbered).
 18596 | D:5      | 18596 ||| Stepping ~*~*~tactically~*~*~ (outnumbered).
 18598 | D:5      | 18598 ||| Stepping ~*~*~tactically~*~*~ (outnumbered).
 18600 | D:5      | 18600 ||| Stepping ~*~*~tactically~*~*~ (outnumbered).
 18602 | D:5      | 18602 ||| Stepping ~*~*~tactically~*~*~ (outnumbered).
 18604 | D:5      | 18604 ||| Stepping ~*~*~tactically~*~*~ (outnumbered).
 18616 | D:5      | 18616 ||| Stepping ~*~*~tactically~*~*~ (outnumbered).
 18618 | D:5      | 18618 ||| Stepping ~*~*~tactically~*~*~ (outnumbered).
 18620 | D:5      | 18620 ||| Stepping ~*~*~tactically~*~*~ (outnumbered).
 18622 | D:5      | 18622 ||| Stepping ~*~*~tactically~*~*~ (outnumbered).
 18624 | D:5      | 18624 ||| Stepping ~*~*~tactically~*~*~ (outnumbered).
 18636 | D:5      | 18636 ||| Stepping ~*~*~tactically~*~*~ (outnumbered).
 18638 | D:5      | 18638 ||| Stepping ~*~*~tactically~*~*~ (outnumbered).
 18640 | D:5      | 18640 ||| Stepping ~*~*~tactically~*~*~ (outnumbered).
 18642 | D:5      | 18642 ||| Stepping ~*~*~tactically~*~*~ (outnumbered).
 18644 | D:5      | 18644 ||| Stepping ~*~*~tactically~*~*~ (outnumbered).
 18656 | D:5      | 18656 ||| Stepping ~*~*~tactically~*~*~ (outnumbered).
 18658 | D:5      | 18658 ||| Stepping ~*~*~tactically~*~*~ (outnumbered).
 18660 | D:5      | 18660 ||| Stepping ~*~*~tactically~*~*~ (outnumbered).
 18662 | D:5      | 18662 ||| Stepping ~*~*~tactically~*~*~ (outnumbered).
 18664 | D:5      | 18664 ||| Stepping ~*~*~tactically~*~*~ (outnumbered).
 18676 | D:5      | 18676 ||| Stepping ~*~*~tactically~*~*~ (outnumbered).
 18678 | D:5      | 18678 ||| Stepping ~*~*~tactically~*~*~ (outnumbered).
 18680 | D:5      | 18680 ||| Stepping ~*~*~tactically~*~*~ (outnumbered).
 18682 | D:5      | 18682 ||| Stepping ~*~*~tactically~*~*~ (outnumbered).
 18684 | D:5      | 18684 ||| Stepping ~*~*~tactically~*~*~ (outnumbered).
 18696 | D:5      | 18696 ||| Stepping ~*~*~tactically~*~*~ (outnumbered).
 18698 | D:5      | 18698 ||| Stepping ~*~*~tactically~*~*~ (outnumbered).
 18700 | D:5      | 18700 ||| Stepping ~*~*~tactically~*~*~ (outnumbered).
 18702 | D:5      | 18702 ||| Stepping ~*~*~tactically~*~*~ (outnumbered).
 18704 | D:5      | 18704 ||| Stepping ~*~*~tactically~*~*~ (outnumbered).
 18716 | D:5      | 18716 ||| Stepping ~*~*~tactically~*~*~ (outnumbered).
 18718 | D:5      | 18718 ||| Stepping ~*~*~tactically~*~*~ (outnumbered).
 18720 | D:5      | 18720 ||| Stepping ~*~*~tactically~*~*~ (outnumbered).
 18722 | D:5      | 18722 ||| Stepping ~*~*~tactically~*~*~ (outnumbered).
 18724 | D:5      | 18724 ||| Stepping ~*~*~tactically~*~*~ (outnumbered).
 18736 | D:5      | 18736 ||| Stepping ~*~*~tactically~*~*~ (outnumbered).
 18738 | D:5      | 18738 ||| Stepping ~*~*~tactically~*~*~ (outnumbered).
 18740 | D:5      | 18740 ||| Stepping ~*~*~tactically~*~*~ (outnumbered).
 18742 | D:5      | 18742 ||| Stepping ~*~*~tactically~*~*~ (outnumbered).
 18744 | D:5      | 18744 ||| Stepping ~*~*~tactically~*~*~ (outnumbered).
 18756 | D:5      | 18756 ||| Stepping ~*~*~tactically~*~*~ (outnumbered).
 18758 | D:5      | 18758 ||| Stepping ~*~*~tactically~*~*~ (outnumbered).
 18760 | D:5      | 18760 ||| Stepping ~*~*~tactically~*~*~ (outnumbered).
 18762 | D:5      | 18762 ||| Stepping ~*~*~tactically~*~*~ (outnumbered).
 18764 | D:5      | 18764 ||| Stepping ~*~*~tactically~*~*~ (outnumbered).
 18776 | D:5      | 18776 ||| Stepping ~*~*~tactically~*~*~ (outnumbered).
 18778 | D:5      | 18778 ||| Stepping ~*~*~tactically~*~*~ (outnumbered).
 18780 | D:5      | 18780 ||| Stepping ~*~*~tactically~*~*~ (outnumbered).
 18782 | D:5      | 18782 ||| Stepping ~*~*~tactically~*~*~ (outnumbered).
 18784 | D:5      | 18784 ||| Stepping ~*~*~tactically~*~*~ (outnumbered).
 18796 | D:5      | 18796 ||| Stepping ~*~*~tactically~*~*~ (outnumbered).
 18798 | D:5      | 18798 ||| Stepping ~*~*~tactically~*~*~ (outnumbered).
 18800 | D:5      | 18800 ||| Stepping ~*~*~tactically~*~*~ (outnumbered).
 18802 | D:5      | 18802 ||| Stepping ~*~*~tactically~*~*~ (outnumbered).
 18804 | D:5      | 18804 ||| Stepping ~*~*~tactically~*~*~ (outnumbered).
 18816 | D:5      | 18816 ||| Stepping ~*~*~tactically~*~*~ (outnumbered).
 18818 | D:5      | 18818 ||| Stepping ~*~*~tactically~*~*~ (outnumbered).
 18820 | D:5      | 18820 ||| Stepping ~*~*~tactically~*~*~ (outnumbered).
 18822 | D:5      | 18822 ||| Stepping ~*~*~tactically~*~*~ (outnumbered).
 18824 | D:5      | 18824 ||| Stepping ~*~*~tactically~*~*~ (outnumbered).
 18836 | D:5      | 18836 ||| Stepping ~*~*~tactically~*~*~ (outnumbered).
 18838 | D:5      | 18838 ||| Stepping ~*~*~tactically~*~*~ (outnumbered).
 18840 | D:5      | 18840 ||| Stepping ~*~*~tactically~*~*~ (outnumbered).
 18842 | D:5      | 18842 ||| Stepping ~*~*~tactically~*~*~ (outnumbered).
 18844 | D:5      | 18844 ||| Stepping ~*~*~tactically~*~*~ (outnumbered).
 18856 | D:5      | 18856 ||| Stepping ~*~*~tactically~*~*~ (outnumbered).
 18858 | D:5      | 18858 ||| Stepping ~*~*~tactically~*~*~ (outnumbered).
 18860 | D:5      | 18860 ||| Stepping ~*~*~tactically~*~*~ (outnumbered).
 18862 | D:5      | 18862 ||| Stepping ~*~*~tactically~*~*~ (outnumbered).
 18864 | D:5      | 18864 ||| Stepping ~*~*~tactically~*~*~ (outnumbered).
 18876 | D:5      | 18876 ||| Stepping ~*~*~tactically~*~*~ (outnumbered).
 18878 | D:5      | 18878 ||| Stepping ~*~*~tactically~*~*~ (outnumbered).
 18880 | D:5      | 18880 ||| Stepping ~*~*~tactically~*~*~ (outnumbered).
 18882 | D:5      | 18882 ||| Stepping ~*~*~tactically~*~*~ (outnumbered).
 18884 | D:5      | 18884 ||| Stepping ~*~*~tactically~*~*~ (outnumbered).
 18896 | D:5      | 18896 ||| Stepping ~*~*~tactically~*~*~ (outnumbered).
 18898 | D:5      | 18898 ||| Stepping ~*~*~tactically~*~*~ (outnumbered).
 18900 | D:5      | 18900 ||| Stepping ~*~*~tactically~*~*~ (outnumbered).
 18902 | D:5      | 18902 ||| Stepping ~*~*~tactically~*~*~ (outnumbered).
 18904 | D:5      | 18904 ||| Stepping ~*~*~tactically~*~*~ (outnumbered).
 18916 | D:5      | 18916 ||| Stepping ~*~*~tactically~*~*~ (outnumbered).
 18918 | D:5      | 18918 ||| Stepping ~*~*~tactically~*~*~ (outnumbered).
 18920 | D:5      | 18920 ||| Stepping ~*~*~tactically~*~*~ (outnumbered).
 18922 | D:5      | 18922 ||| Stepping ~*~*~tactically~*~*~ (outnumbered).
 18924 | D:5      | 18924 ||| Stepping ~*~*~tactically~*~*~ (outnumbered).
 18936 | D:5      | 18936 ||| Stepping ~*~*~tactically~*~*~ (outnumbered).
 18938 | D:5      | 18938 ||| Stepping ~*~*~tactically~*~*~ (outnumbered).
 18940 | D:5      | 18940 ||| Stepping ~*~*~tactically~*~*~ (outnumbered).
 18940 | D:5      | 18940 ||| PLANNING D:1-11
 18940 | D:5      | Quit the game

Levels and vault maps discovered:
D:1:      heliophobic_arrival_ceremonial_halls, layout_basic,
          ebering_ecumenical_altar_abandoned
D:2:      layout_basic, uniq_terence
D:3:      layout_loops_ring, nicolae_wu_jian_immortal_techniques,
          nicolae_qazlal_general_emergency, serial_shops,
          nicolae_shop_bloodbath_and_beyond, serial_bayou, serial_bayou_pond_c,
          serial_bayou_lake_a, serial_bayou_pond_a, serial_bayou_lagoon_a
D:4:      layout_layer_cave, nemelex_diamond_rough_becter, serial_glass,
          glass_columns_a, glass_columns_b, glass_columns_b, serial_shops, shop,
          uniq_menkaure
D:5:      layout_loops_ring, temple_doors_e, gammafunk_ghost_icy, minmay_holes,
          nicolae_shop_firing_range

Skill      XL: |  1  2  3  4  5  6  7 |
---------------+----------------------+-----
Unarmed Combat | 4 6 7 8 |  8.3
Throwing       | 1 |  1.0
Fighting       | 3 |  3.0
Spellcasting   | |  1.0
Fire Magic     | |  2.1

Action                   |  1- 3 |  4- 6 |  7- 9 || total
-------------------------+-------+-------+-------++-------
Melee: Unarmed           |    74 |   109 |    31 ||   214
       Punch             |     1 |     3 |     1 ||     5
Throw: Javelin           |    26 |    31 |     5 ||    62
       Boomerang         |       |    16 |     1 ||    17
Invok: Fiery Armour      |     1 |     1 |       ||     2
  Use: Potion            |     1 |     2 |       ||     3
       Scroll            |       |     8 |       ||     8
Armor: Robe              |    10 |       |       ||    10
       Troll leather arm |    14 |    39 |    19 ||    72
Dodge: Dodged            |    31 |    30 |     2 ||    63

Table legend:
 A = Non-vault XP
 B = Vault XP
 C = Vault XP percentage of total XP
 D = Non-vault monster count
 E = Vault monster count
 F = Vault count percentage of total count
                 A         B        C        D         E       F
            +---------+---------+-------+---------+---------+-------
      Total |     793 |     208 |  20.8 |      93 |       2 |   2.1
            +---------+---------+-------+---------+---------+-------
        D:1 |      36 |       0 |   0.0 |      17 |       0 |   0.0
        D:2 |      60 |      36 |  37.5 |      17 |       1 |   5.6
        D:3 |     107 |       0 |   0.0 |      22 |       0 |   0.0
        D:4 |      82 |     172 |  67.7 |      15 |       1 |   6.2
        D:5 |     508 |       0 |   0.0 |      22 |       0 |   0.0
            +---------+---------+-------+---------+---------+-------
